 Dungeon Crawl Stone Soup version 0.29-a0-340-g6efceafd81 (webtiles) character file.

Game seed: 7071425107282809842

625442 spaghetti the Ninja (level 27, -3/265 HPs)
             Began as an Octopode Delver on Apr 20, 2022.
             Was the Champion of Cheibriados.
             Slain by a death scarab (19 damage)
             ... on level 2 of the Tomb of the Ancients.
             The game lasted 04:20:20 (94245 turns).

spaghetti the Ninja (Octopode Delver)              Turns: 94245, Time: 04:20:21

Health: -3/265     AC: 30    Str: 30      XL:     27
Magic:  18/29      EV: 84    Int: 22 (25) God:    Cheibriados [******]
Gold:   3863       SH:  0    Dex: 80 (82) Spells: 6/35 levels left

rFire   + + .      SeeInvis .   F - +9 demon blade (elec) {long}
rCold   + + .      Faith    .   m - +8 tower shield {rC+}
rNeg    + . .      Spirit   .   p - +2 hat
rPois   ∞          Reflect  +   T - amulet of reflection
rElec   +          Harm     .   W - +6 ring of dexterity
rCorr   .          Rampage  .   S - +6 ring of dexterity
Will    ++...      Rage     1%  P - +6 ring of dexterity
Stlth   ++++++....              E - ring "Kiegelamn" {Fly Dex+6}
HPRegen 0.54/turn               f - ring "Koacrie" {rPois rF++ Int+2 Dex+6}
MPRegen 0.21/turn               e - ring "Unwyadube" {rC+ Dex+7}
                                u - +4 ring of slaying
                                Y - +6 ring of dexterity

@: confused, statue-form, ambrosia-drunk, flying, slowed, studying 3 skills,
unable to read, very slow
A: slow and powerful, torment resistance 1, boosted hp, almost no armour,
amphibious, 8 rings, camouflage 1, (gelatinous body 1), (nimble swimmer 1),
tentacles, (iridescent scales 1), berserk 1, dopey 2, robust 1, screaming 1,
inability to read while threatened
}: 4/15 runes: barnacled, slimy, silver, gossamer
a: End Transformation, Renounce Religion, Bend Time, Temporal Distortion,
Slouch, Step From Time


You were on level 2 of the Tomb of the Ancients.
You worshipped Cheibriados.
Cheibriados was exalted by your worship.
You were a living statue of rough stone.
You visited 13 branches of the dungeon, and saw 58 of its levels.
You visited the Abyss 5 times.

You collected 9644 gold pieces.
You spent 5781 gold pieces at shops.


Innate Abilities, Weirdness & Mutations

You are a living statue of rough stone.
Your actions are slow, but your melee attacks are powerful.
You are resistant to unholy torment.
Your maximum health is greatly increased.
You are immune to poison.
You cannot wear most types of armour.
You are amphibious.
You can wear up to eight rings at the same time.
Your skin changes colour to match your surroundings (Stealth+).
((Your rubbery body absorbs attacks. (AC +1, EV +1)))
((You are camouflaged when in or above water. (Stealth+)))
You have tentacles for arms and can constrict up to eight enemies at once.
((You are partially covered in iridescent scales. (AC +2)))
You tend to lose your temper in combat.
You are very dopey. (Int -4)
You are robust. (+10% HP)
You occasionally shout uncontrollably at your foes.
You sometimes lose the ability to read scrolls when taking damage.


   Skills:
 - Level 15.1 Fighting
 - Level 8.0 Short Blades
 - Level 2.5 Polearms
 - Level 23.3 Dodging
 O Level 27 Stealth
 + Level 20.9 Shields
 - Level 4.6 Spellcasting
 - Level 16.2 Necromancy
 - Level 11.8 Translocations
 - Level 16.7 Transmutations
 - Level 10.7 Ice Magic
 - Level 16.7 Earth Magic
 - Level 9.2 Invocations


You had 6 spell levels left.
You knew the following spells:

 Your Spells              Type           Power      Damage    Failure   Level
a - Ozocubu's Armour      Ice            51%        N/A       1%          3
b - Call Canine Familiar  Summ           5%         N/A       52%         3
c - Blink                 Tloc           100%       N/A       1%          2
d - Statue Form           Tmut/Erth      45%        N/A       3%          6
e - Passwall              Tmut/Erth      56%        N/A       1%          2
f - Manifold Assault      Tloc           54%        N/A       4%          5
g - Death Channel         Necr           33%        N/A       4%          6
h - Sublimation of Blood  Necr           66%        N/A       1%          2

Your spell library contained the following spells:

 Spells                   Type           Power      Damage    Failure   Level
 Animate Skeleton         Necr           100%       N/A       1%          1
 Apportation              Tloc           100%       N/A       1%          1
 Beastly Appendage        Tmut           100%       N/A       1%          1
 Freeze                   Ice            100%       1d11      1%          1
 Pain                     Necr           100%       1d9       1%          1
 Sandblast                Erth           100%       2d20      1%          1
 Frozen Ramparts          Ice            100%       1d12      1%          3
 Gell's Gravitas          Tloc           54%        N/A       1%          3
 Lesser Beckoning         Tloc           54%        N/A       1%          3
 Spider Form              Tmut/Pois      41%        N/A       1%          3
 Teleport Other           Tloc           54%        N/A       1%          3
 Vampiric Draining        Necr           66%        2d10      1%          3
 Animate Dead             Necr           33%        N/A       1%          4
 Dispel Undead            Necr           66%        3d23      1%          4
 Ice Form                 Ice/Tmut       60%        N/A       1%          4
 Petrify                  Tmut/Erth      68%        N/A       1%          4
 Agony                    Necr           66%        N/A       1%          5
 Borgnjor's Vile Clutch   Necr/Erth      33%        N/A       1%          5
 Excruciating Wounds      Necr           33%        N/A       1%          5
 Lee's Rapid Deconstruct  Erth           34%        3d18*     1%          5
 Ensorcelled Hibernation  Hex/Ice        56%        N/A       3%          2
 Portal Projectile        Hex/Tloc       62%        N/A       5%          3
 Ignite Poison            Fire/Tmut/Pois 29%        N/A       6%          3
 Leda's Liquefaction      Hex/Erth       20%        N/A       6%          4
 Anguish                  Hex/Necr       20%        N/A       7%          4
 Simulacrum               Ice/Necr       29%        N/A       12%         6
 Iskenderun's Mystic Bla  Conj/Tloc      31%        2d8       19%         4
 Alistair's Intoxication  Tmut/Pois      27%        N/A       19%         5
 Yara's Violent Unravell  Hex/Tmut       20%        3d9       19%         5
 Foxfire                  Conj/Fire      20%        2x1d5     21%         1
 Magic Dart               Conj           20%        1d4       21%         1
 Slow                     Hex            20%        N/A       21%         1
 Summon Ice Beast         Ice/Summ       28%        N/A       22%         4
 Dispersal                Tloc           27%        N/A       24%         6
 Call Imp                 Summ           5%         N/A       30%         2
 Scorch                   Fire           10%        2d6       30%         2
 Static Discharge         Conj/Air       5%         N/A       30%         2
 Summon Forest            Summ/Tloc      15%        N/A       45%         5
 Confusing Touch          Hex            5%         N/A       52%         3
 Conjure Flame            Conj/Fire      5%         6-21      52%         3
 Dazzling Flash           Conj/Hex       10%        N/A       52%         3
 Inner Flame              Hex/Fire       5%         N/A       52%         3
 Mephitic Cloud           Conj/Pois/Air  5%         N/A       52%         3
 Summon Guardian Golem    Hex/Summ       5%         N/A       52%         3
 Swiftness                Air            5%         N/A       52%         3
 Tukima's Dance           Hex            5%         N/A       52%         3
 Metabolic Englaciation   Hex/Ice        14%        N/A       52%         5
 Iron Shot                Conj/Erth      20%        9d5       69%         6
 Freezing Cloud           Conj/Ice/Air   10%        6-21      78%         5
 Airstrike                Air            2%         N/A       90%         4
 Cause Fear               Hex            2%         N/A       90%         4
 Flame Wave               Conj/Fire      5%         2d5       90%         4
 Fulminant Prism          Conj/Hex       2%         3d6       90%         4
 Sticky Flame             Conj/Fire      5%         2d3       90%         4
 Summon Lightning Spire   Summ/Air       5%         N/A       90%         4
 Fireball                 Conj/Fire      2%         3d4       99%         5
 Iskenderun's Battlesphe  Conj           5%         2d6       99%         5
 Lightning Bolt           Conj/Air       2%         1d14      99%         5
 Silence                  Hex/Air        2%         N/A       99%         5
 Summon Mana Viper        Hex/Summ       5%         N/A       99%         5
 Conjure Ball Lightning   Conj/Air       2%         3x3d6     100%        6
 Starburst                Conj/Fire      2%         6d3       100%        6
 Summon Cactus Giant      Summ           2%         N/A       100%        6
 Dragon Form              Tmut           34%        N/A       19%         7
 Necromutation            Tmut/Necr      33%        N/A       83%         8
 Borgnjor's Revivificati  Necr           33%        N/A       86%         8
 Infestation              Necr           33%        N/A       86%         8
 Ozocubu's Refrigeration  Ice            25%        4d10      90%         7
 Haunt                    Necr/Summ      20%        N/A       99%         7
 Storm Form               Tmut/Air       20%        N/A       99%         7
 Enfeeble                 Hex            2%         N/A       100%        7
 Monstrous Menagerie      Summ           2%         N/A       100%        7
 Orb of Destruction       Conj           2%         9d5       100%        7
 Spellforged Servitor     Conj/Summ      2%         N/A       100%        7
 Summon Hydra             Summ           2%         N/A       100%        7
 Discord                  Hex            2%         N/A       100%        8
 Disjunction              Tloc           27%        N/A       100%        8
 Ignition                 Fire           2%         3d3       100%        8
 Lehudib's Crystal Spear  Conj/Erth      20%        10d6      100%        8
 Maxwell's Capacitive Co  Air            2%         ∞         100%        8
 Death's Door             Necr           33%        N/A       100%        9
 Dragon's Call            Summ           2%         N/A       100%        9
 Polar Vortex             Ice            25%        N/A       100%        9
 Shatter                  Erth           34%        3d27*     100%        9

Inventory:

Hand Weapons
 F - a +9 demon blade of electrocution (weapon) {long}
   (You took it off a demonspawn black sun on level 4 of the Realm of Zot)
 G - a +9 spectral quick blade {shortrare=g}
   (You acquired it on level 2 of the Lair of Beasts)
 K - the +10 long sword of Emutemod {vamp, Str+3 Dex+8 Stlth-, long}
   (You found it on level 1 of the Crypt)

   It occasionally heals its wielder for a portion of the damage dealt when it
   wounds a living foe.
   Str:       It affects your strength (+3).
   Dex:       It affects your dexterity (+8).
   Stlth:     It makes you less stealthy.
Missiles
 h - 6 throwing nets {=f!fthrowing}
 k - 1484 stones (quivered) {throwing}
 n - 20 silver javelins {throwing}
 I - 3 curare-tipped darts {=fthrowing}
 L - 10 boomerangs {throwing}
 M - 18 javelins {throwing}
Armour
 m - a +8 tower shield of cold resistance (worn)
   (You found it on level 2 of the Depths)
 p - a +2 hat (worn)
   (You acquired it on level 2 of the Lair of Beasts)
Jewellery
 e - the ring "Unwyadube" (on tentacle) {rC+ Dex+7}
   (You took it off a vault warden on level 5 of the Vaults)

   [ring of protection from cold]

   Dex:       It affects your dexterity (+7).
   rC:        It protects you from cold.
 f - the ring "Koacrie" (on tentacle) {rPois rF++ Int+2 Dex+6}
   (You bought it in a shop on level 9 of the Dungeon)

   [ring of dexterity]

   Int:       It affects your intelligence (+2).
   Dex:       It affects your dexterity (+6).
   rF:        It greatly protects you from fire.
   rPois:     It protects you from poison.
 l - a +4 ring of protection
   (You bought it in a shop on level 9 of the Dungeon)
 r - a +4 ring of protection
   (You took it off a deep elf death mage on level 3 of the Elven Halls)
 u - a +4 ring of slaying (on tentacle)
   (You bought it in a shop on level 2 of the Orcish Mines)
 E - the ring "Kiegelamn" (on tentacle) {Fly Dex+6}
   (You took it off a vault guard on level 5 of the Vaults)

   [ring of flight]

   Dex:       It affects your dexterity (+6).
   Fly:       It grants you flight.
 P - a +6 ring of dexterity (on tentacle)
   (You took it off a deep elf blademaster on level 3 of the Elven Halls)
 S - a +6 ring of dexterity (right tentacle)
   (You bought it in a shop on level 10 of the Dungeon)
 T - an amulet of reflection (around mantle)
   (You found it on level 12 of the Dungeon)
 W - a +6 ring of dexterity (left tentacle)
   (You bought it in a shop on level 11 of the Dungeon)
 Y - a +6 ring of dexterity (on tentacle)
   (You found it on level 3 of the Spider Nest)
Wands
 t - a wand of paralysis (3)
   (You found it on level 2 of the Crypt)
Scrolls
 b - 5 scrolls of fog
 c - 13 scrolls of magic mapping {!r}
 g - 15 scrolls of teleportation {@r4}
 j - 13 scrolls of immolation {!r!r}
 o - 7 scrolls of amnesia
 v - 3 scrolls of silence {!r}
 y - a scroll of enchant armour
 z - 3 scrolls of enchant weapon
 B - 5 scrolls of holy word
 D - 8 scrolls of vulnerability {!r!r}
 X - 6 scrolls of fear
 Z - a scroll of blinking {!r}
Potions
 a - 9 potions of attraction {!q}
 d - 5 potions of resistance
 i - 6 potions of brilliance
 w - 9 potions of lignification {!q}
 x - 3 potions of invisibility
 C - a potion of haste {forbidden@q3}
 H - 7 potions of might
 N - a potion of magic
 O - 13 potions of ambrosia
 V - 21 potions of curing {@q1}
Miscellaneous
 q - a tin of tremorstones (2/2) {throwing}
   (You found it on level 2 of the Depths)
 s - a lightning rod (4/4)
   (You found it on level 15 of the Dungeon)
 R - a box of beasts
   (You found it on level 3 of the Crypt)
 U - a phantom mirror
   (You found it on level 1 of the Lair of Beasts)

Dungeon Overview and Level Annotations

Branches:
Dungeon (15/15)            Temple (1/1) D:6            Lair (6/6) D:10
 Shoals (4/4) Lair:4       Spider (4/4) Lair:4        Slime (5/5) Lair:6
    Orc (2/2) D:9             Elf (3/3) Orc:2        Vaults (5/5) D:14
  Crypt (3/3) Vaults:3       Tomb (2/3) Crypt:3      Depths (4/4) D:15
    Zot (4/5) Depths:4

Altars:
Cheibriados
Dithmenos
Elyvilon
Fedhas
Qazlal
Sif Muna
Vehumet
Xom
Yredelemnul
Zin
The Shining One
Beogh
Jiyva

Shops:
D:9 =   D:10 *   D:11 =(=   Orc:1 (   Orc:2 =(*[   Elf:3 *   Shoals:2 ?
Shoals:3 *   Vaults:1 [   Vaults:3 (   Vaults:5 [   Depths:1 [

Portals:
Hell: Depths:1 Depths:2 Depths:3 Depths:4
Abyss: Depths:1 Depths:3
Pandemonium: Depths:2
Ziggurat: Depths:3
Trove: D:14 (give horn of Geryon)

Annotations:
D:10 exclusion: orange crystal statue
D:14 exclusion: 2 ice statues
Spider:1 1 runed translucent door, Slifar's ghost, adept DrFE
Orc:1 1 runed translucent door
Depths:3 exclusions: obsidian statue and 1 more exclusion

......M.)....#
............M.....#
...M.#...#.......)#
M†........$Ms.....#
...§.......BBs....#
.B§.......BBMBBs..#
.........BMBsBBs..#
.........MBB8Bss..#
...).....ZsLBBB...#
..§......MssMMs...#
.........MBBss....#
.........Z.MB.....#
..................#
..............^..^#
..^^.#...#........#
........^......


You could see 3 royal mummies, 13 emperor scorpions, a lich, 2 guardian mummies,
19 death scarabs, 6 mummies, a seven-headed hydra zombie and a naga warrior
zombie.


Message History

The emperor scorpion stings you!
* * * LOW HITPOINT WARNING * * *
The emperor scorpion completely misses you. x2 😱 HP[-14]
You take 14 damage, and now have 25/204 hp.
Okay, then.
You cannot read scrolls in your current state!
Okay, then.
You cannot read scrolls in your current state!
Okay, then.
Casting: Manifold Assault (mildly dangerous; 4% risk of failure)
Confirm with . or Enter, or press ? or * to list all spells.
Space momentarily warps into an impossible shape!
You slice the death scarab!!
You hit the emperor scorpion but do no damage.
You slash the death scarab!
Lightning courses through the death scarab!!
You destroy the death scarab!
The death scarab's corpse disappears in a puff of smoke!
The death scarab disappears in a puff of smoke! x2
You block the death scarab's attack. x4
The death scarab completely misses you.
The emperor scorpion completely misses you.
The emperor scorpion misses you.
The emperor scorpion completely misses you.
You block the emperor scorpion's attack. x2
The emperor scorpion completely misses you.
Something completely misses you.
The royal mummy mumbles some strange words.
The death scarab completely misses you. The emperor scorpion barely misses you.
The emperor scorpion completely misses you.
The emperor scorpion barely misses you.
You block the emperor scorpion's attack.
The emperor scorpion completely misses you. x2
The death scarab waves its antennae.
A mummy comes into view.
The death scarab completely misses you.
The emperor scorpion completely misses you. x3
Something completely misses you.
The royal mummy gestures wildly while chanting.
The death scarab completely misses you.
The royal mummy mumbles some strange words.
The death scarab bites you!
* * * LOW HITPOINT WARNING * * *
The death scarab draws strength from your injuries!
The death scarab completely misses you.
The emperor scorpion completely misses you.
The emperor scorpion claws you.
* * * LOW HITPOINT WARNING * * *
The emperor scorpion completely misses you.
You block the emperor scorpion's attack.
The emperor scorpion completely misses you. x2 😱 HP[-16] MP[-4]
You take 16 damage, and now have 9/204 hp.
You lost 4 mp, and now have 12/29 mp.
Unknown command.
You cannot read scrolls in your current state!
Okay, then.
You cannot read scrolls in your current state!
Okay, then.
Casting: Manifold Assault (mildly dangerous; 4% risk of failure)
Confirm with . or Enter, or press ? or * to list all spells.
You turn into a living statue of rough stone.
The death scarab disappears in a puff of smoke!
The emperor scorpion disappears in a puff of smoke! x2
The death scarab disappears in a puff of smoke!
You block the death scarab's attack. x2
You hear a loud "Zot"!
The death scarab completely misses you. You block the death scarab's attack.
The death scarab completely misses you. x2
You block the death scarab's attack. x2; The death scarab bites you!
* * * LOW HITPOINT WARNING * * *
The death scarab drains your vigour!
You feel as though you will be slow longer.
The death scarab completely misses you. Something completely misses you.
You hear a loud "Zot"!
You block the emperor scorpion's attack.
The emperor scorpion completely misses you.
You block the emperor scorpion's attack.
Something touches you but does no damage.
You block the death scarab's attack. x2
The royal mummy calls on the powers of darkness!
The emperor scorpion convulses! x2; You feel a surge of unholy energy.
The emperor scorpion convulses! x11; The death scarab completely misses you.
The emperor scorpion completely misses you. x3
The death scarab completely misses you.
A mummy comes into view.
The death scarab completely misses you. x3; Something completely misses you.
The death scarab completely misses you. 😱 HP[-3] MP[-6]
You now have 265 max hp (+61).
You lost 6 mp, and now have 6/29 mp.
You cannot read scrolls in your current state!
You are confused.
You feel invigorated.
A lich appears from thin air!
Reactivating autopickup.
The lich is no longer moving quickly.
The death scarab completely misses you. x14
The lich misses you.
The emperor scorpion completely misses you. x3
The death scarab bites you!!
You die...

Skill      XL: |  1  2  3  4  5  6  7  8  9 10 11 12 13 14 15 16 17 18 19 20 21 22 23 24 25 26 27 |
---------------+----------------------------------------------------------------------------------+-----
Stealth        | 8 9 10 11 12 13 14 15 21 22 27 | 27.0
Dodging        | 3 5 7 8 10 11 13 15 18 19 21 23 | 23.3
Ice Magic      | 2 3 4 5 7 9 10 | 10.7
Polearms       | 2 |  2.5
Fighting       | 6 8 9 10 11 12 13 15 | 15.1
Transmutations | 8 11 13 14 15 16 | 16.7
Earth Magic    | 8 11 13 14 15 16 | 16.7
Short Blades   | 8 |  8.0
Invocations    | 4 9 |  9.2
Translocations | 3 8 10 11 | 11.8
Spellcasting   | 4 |  4.6
Shields        | 3 13 15 16 17 20 | 20.9
Necromancy     | 7 9 11 16 | 16.2

Action                   |  1- 3 |  4- 6 |  7- 9 | 10-12 | 13-15 | 16-18 | 19-21 | 22-24 | 25-27 || total
-------------------------+-------+-------+-------+-------+-------+-------+-------+-------+-------++-------
Melee: Short sword       |     3 |    51 |    32 |       |       |       |       |       |       ||    86
       Constrict         |     1 |     7 |    40 |    54 |   139 |   268 |   252 |   175 |   203 ||  1139
       Tentacles         |       |     7 |    54 |    90 |   265 |   435 |   375 |   507 |   692 ||  2425
       Punch             |       |     1 |     3 |    12 |    15 |    24 |    22 |    32 |    48 ||   157
       Dagger            |       |       |    57 |       |       |       |       |       |       ||    57
       Trident           |       |       |   123 |   383 |   896 |   569 |       |       |       ||  1971
       Kick              |       |       |       |       |   207 |    93 |       |       |       ||   300
       Unarmed           |       |       |       |       |    26 |       |       |       |       ||    26
       Quick blade       |       |       |       |       |       |   795 |  1072 |  1446 |  1438 ||  4751
       Knife             |       |       |       |       |       |       |       |       |   105 ||   105
       Demon blade       |       |       |       |       |       |       |       |       |   209 ||   209
Throw: Stone             |       |    27 |   273 |   202 |   519 |   446 |   165 |    44 |    46 ||  1722
       Dart              |       |       |       |       |       |       |     8 |     1 |       ||     9
       Javelin           |       |       |       |       |       |       |       |       |     1 ||     1
 Cast: Ozocubu's Armour  |       |       |     9 |    40 |   120 |    20 |       |       |     2 ||   191
       Statue Form       |       |       |       |       |       |   116 |   134 |   161 |   226 ||   637
       Passwall          |       |       |       |       |       |       |     1 |       |       ||     1
       Manifold Assault  |       |       |       |       |       |       |    28 |    59 |   116 ||   203
       Death Channel     |       |       |       |       |       |       |       |     8 |    36 ||    44
       Sublimation of Bl |       |       |       |       |       |       |       |       |     2 ||     2
Invok: Slouch            |       |       |       |       |       |       |     1 |     2 |     7 ||    10
Evoke: Phantom mirror    |       |       |       |       |       |     1 |     2 |     1 |     2 ||     6
       Box of beasts     |       |       |       |       |       |     1 |       |       |       ||     1
       Lightning rod     |       |       |       |       |       |       |     1 |       |       ||     1
  Use: Potion            |       |     1 |    10 |     1 |     5 |    13 |     1 |    11 |    21 ||    63
       Scroll            |       |       |     2 |    21 |     8 |     9 |     4 |    13 |    16 ||    73
 Stab: Sleeping          |     1 |     2 |     5 |     4 |     1 |     6 |    46 |    41 |    35 ||   141
       Distracted        |       |       |       |     1 |     1 |    19 |    24 |    81 |    97 ||   223
       Confused          |       |       |       |       |     2 |       |       |       |       ||     2
       Petrified         |       |       |       |       |       |     4 |       |       |       ||     4
       Invisible         |       |       |       |       |       |     2 |       |       |       ||     2
Armor: Skin              |       |     1 |     6 |    28 |    57 |   155 |   100 |   127 |   172 ||   646
Dodge: Dodged            |       |    30 |   187 |   431 |  1298 |  2234 |  1647 |  1162 |  1822 ||  8811
Block: Buckler           |       |       |       |   115 |   574 |  1164 |   924 |       |       ||  2777
       Reflection        |       |       |       |       |    95 |   131 |    24 |    95 |    70 ||   415
       Kite shield       |       |       |       |       |       |       |    39 |   827 |       ||   866
       Tower shield      |       |       |       |       |       |       |       |  1196 |  2738 ||  3934

Levels and vault maps discovered:
D:1:      lemuel_arrival_behind_the_door_small, layout_basic
D:2:      layout_basic, hellmonk_ecumenical_altar_leap_of_faith, uniq_jessica,
          uniq_terence
D:3:      layout_loops_cross, minmay_misc_feat_four_crosses
D:4:      wad_lake_hut, layout_basic, slow_altar_1, overflow_temple_1_default
D:5:      layout_basic
D:6:      layout_basic, temple_statues
D:7:      layout_basic, nicolae_qazlal_general_emergency, kennysheep_mini_moat,
          biasface_ghost_orc_armoury
D:8:      layout_gridville, uniq_maurice, uniq_psyche
D:9:      layout_irregular_city, kennysheep_little_box,
          nicolae_elyvilon_temple_path, orc_0_dummy, serial_shops,
          shop_fountains, item_on_display_a
D:10:     layout_basic, mainiacjoe_overflow_tiny_flanked,
          gammafunk_temple_overflow_claw, erik_lair_orcish_takeover,
          serial_shops, nicolae_lakefront_shop, serial_rivers,
          chequers_serial_rivers_small_a, chequers_serial_rivers_micro_d,
          chequers_serial_rivers_small_b, chequers_serial_rivers_room_b,
          minivault_16
D:11:     layout_cave_pools, serial_shops, shop, shop, minmay_misc_feat_chi,
          kennysheep_windowed_goal
D:12:     layout_irregular_city, blue_anna_alchemist
D:13:     layout_roguey, hangedman_decor_push
D:14:     layout_loops_corners, erik_vaults_1,
          portal_ice_cave_entry_ice_statue_two, nicolae_trove_entry_columns
D:15:     gammafunk_enter_depths_forms, layout_loops_ring, hex_tiny,
          uniq_jorgrun
Temple:   ebering_untended_altars
Lair:1:   layout_loops_ring, beast_lair_carwin_2, grunt_megastairs_2
Lair:2:   layout_small_grid, basic_altar, nicolae_volcano_entry_batcave
Lair:3:   layout_gridlike
Lair:4:   layout_regular_city, elwin_shoals_entry_rocks,
          spider_nest_entry_rubble, st_stairs_9, patterned_corridor,
          serial_bayou_shore_b
Lair:5:   layout_layer_cave, wad_woods_road_01, lemuel_fruit_tree
Lair:6:   hangedman_lair_tendril_chambers, layout_regular_city,
          hangedman_lair_caniforms_friends, slime_altar_2, pond,
          infiniplex_staircase_pool_2, uniq_kirke
Shoals:1: layout_shoals, uniq_josephine
Shoals:2: layout_shoals, serial_shops, nicolae_take_the_stairs
Shoals:3: layout_shoals, nicolae_shop_clearance, uniq_mlioglotl, uniq_ilsuiw,
          uniq_mara
Shoals:4: shoals_end_simple, layout_shoals
Spider:1: layout_spider_delve, ebering_ghost_xom
Spider:2: spiders_nest_scorpion_pit
Spider:3: layout_cave_pods, special_room [special_room_bee], uniq_arachne,
          uniq_agnes
Spider:4: hellmonk_spider_rune_endless_swarm, drop_trap, hellmonk_spider_spawner
Slime:1:  layout_caves
Slime:2:  layout_caves
Slime:3:  layout_caves
Slime:4:  layout_caves, cheibrodos_slime_lost_civilization_6
Slime:5
Orc:1:    layout_caves, basic_altar, serial_shops, shop, lightli_church_of_beogh
Orc:2:    grunt_orc_gardens, layout_caves, grunt_orc_garden, grunt_orc_garden,
          grunt_orc_garden, grunt_orc_garden, mines_bat_river, uniq_azrael
Elf:1:    layout_rooms, basic_altar, special_room [special_room_orc],
          minmay_elf_demonology, uniq_frances, uniq_aizul, uniq_zenata
Elf:2:    nicolae_elf_blades_crystal_corner, layout_gridlike, special_room
          [special_room_orc], nicolae_elf_shapeshifter_party
Elf:3:    minmay_elf_hall_statues, layout_geoelf_grid, serial_shops, shop
Vaults:1: nicolae_vaults_ring_of_whatevers, nicolae_vaults_mini_display_case,
          v_misc_9, nicolae_vaults_bisected_exclaves, vaults_dpeg_doors,
          vaults_room_pool, ontoclasm_vaults_fault, vaults_room_pools,
          vaults_room_fours, vaults_room_pool, layout_vaults_maze_snakey,
          serial_shops, shop_coins
Vaults:2: nicolae_vaults_stairing_the_circle, ontoclasm_vaults_gateway,
          hangedman_vaults_trim, dpeg_vaults_monster_row, vaults_dpeg_hooks,
          hangedman_vaults_impose, v_misc_10, vaults_dpeg_diagonal,
          ontoclasm_vaults_ligature, nicolae_vaults_rhombus_5,
          layout_vaults_omnigrid
Vaults:3: nicolae_vaults_ring_of_whatevers, nicolae_vaults_ring_of_whatevers,
          hangedman_vaults_nodes, minmay_crypt_entry_simple_box, v_misc_23,
          nicolae_vaults_diagonal_hallway_8, ontoclasm_vaults_ring_small,
          v_misc_9, ontoclasm_vaults_ring_square, ontoclasm_vaults_ring_square,
          ontoclasm_vaults_loading_screen, hangedman_vaults_maws,
          layout_vaults_ring, serial_shops, shop
Vaults:4: portal_desolation_entry_garden, vaults_room_fancy_cross,
          nicolae_vaults_murderbox, v_misc_12, v_rooms_5, ontoclasm_vaults_eye,
          ontoclasm_vaults_shuriken, nicolae_vaults_network_star,
          ontoclasm_vaults_idyll, layout_vaults_omnicross
Vaults:5: serial_shops, uniq_saint_roka
Crypt:1:  layout_misc_corridors, grunt_crypt_arrival_split
Crypt:2:  layout_gridlike, uniq_donald
Crypt:3:  due_elkab, layout_chaotic_city, nicolae_tomb_entry_grand_gallery
Tomb:1
Tomb:2
Depths:1: layout_twisted_cross, hangedman_abyss_entry_splay, serial_shops,
          nicolae_shop_hallway_plus, lightli_too_deep,
          minmay_guarded_unrand_curses
Depths:2: minmay_haunted_quarter, layout_basic, rand_demon_pan_entry_1,
          chequers_jeans, pf_vacation_house_of_asmodeus,
          grunt_dithmenos_smoke_and_mirrors, infiniplex_staircase_star,
          roderic_lattice_octagonal_star, uniq_sojobo
Depths:3: minmay_tri_stars, layout_cave_pools, enter_ziggurat_a, hell_entry,
          hangedman_decor_slide_cut, abyss_entry_crystal,
          hangedman_devilish_allure, uniq_margery
Depths:4: grunt_twist_and_shout, layout_gridlike, serial_bayou_pond_a,
          hell_entry, infiniplex_enter_wizlab_spiral,
          gammafunk_ghost_tricky_traps
Zot:1:    layout_cathedral_of_symmetry
Zot:2:    circus_mu, layout_twisted_circle
Zot:3:    layout_cathedral_of_symmetry
Zot:4:    dreamdust_black_sun_cult, layout_basic

Notes
Turn   | Place    | Note
-------+----------+-------------------------------------------
     0 | D:5      | spaghetti the Octopode Delver began the quest for the Orb.
     0 | D:5      | Reached XP level 1. HP: 16/16 MP: 1/1
     0 | D:5      | magus.rc [v1.9.6]
    21 | D:5      | Noticed a scorpion
    26 | D:5      | HP: 1/16 [scorpion (7)]
    27 | D:5      | Killed a scorpion
    28 | D:5      | Reached skill level 8 in Stealth
    28 | D:5      | Reached XP level 2. HP: 1/21 MP: 2/2
    28 | D:5      | Reached XP level 3. HP: 2/26 MP: 3/3
    28 | D:5      | Reached XP level 4. HP: 2/31 MP: 4/4
   336 | D:6      | Reached skill level 9 in Stealth
   449 | D:5      | You add the spells Conjure Flame, Ignite Poison and Sticky
                  | Flame to your library.
   523 | D:5      | Reached XP level 5. HP: 19/36 MP: 5/5
   802 | D:5      | Noticed an ice beast
   809 | D:5      | Killed an ice beast
   810 | D:5      | Reached skill level 10 in Stealth
   995 | D:4      | Reached XP level 6. HP: 42/42 MP: 6/6
  1037 | D:4      | Found a shimmering blue altar of Sif Muna.
  1407 | D:4      | Reached skill level 11 in Stealth
  1500 | D:4      | Found a snail-covered altar of Cheibriados.
  1517 | D:4      | Became a worshipper of Cheibriados the Contemplative
  1753 | D:3      | Noticed a sky beast
  1765 | D:3      | Killed a sky beast
  1766 | D:3      | Reached XP level 7. HP: 15/46 MP: 7/7
  1862 | D:3      | Reached skill level 12 in Stealth
  2320 | D:2      | Noticed Jessica
  2328 | D:2      | Killed Jessica
  2535 | D:2      | Noticed Terence
  2541 | D:2      | Killed Terence
  2651 | D:2      | Reached * piety under Cheibriados
  2685 | D:2      | You add the spells Ozocubu's Armour and Ozocubu's
                  | Refrigeration to your library.
  2882 | D:2      | Found a faded altar of an unknown god.
  2901 | D:2      | Learned a level 3 spell: Ozocubu's Armour
  3520 | D:1      | You pick up a book of the Hunter and begin reading...
  3520 | D:1      | You add the spells Call Canine Familiar, Portal Projectile
                  | and Leda's Liquefaction to your library.
  3525 | D:1      | Learned a level 3 spell: Call Canine Familiar
  3973 | D:3      | Reached ** piety under Cheibriados
  4033 | D:3      | You pick up a book of Dreams and begin reading...
  4033 | D:3      | You add the spells Ensorcelled Hibernation, Spider Form and
                  | Anguish to your library.
  4792 | D:5      | Noticed a wyvern
  4805 | D:5      | Killed a wyvern
  4806 | D:5      | Reached skill level 3 in Dodging
  4806 | D:5      | Reached skill level 1 in Ice Magic
  5010 | D:5      | Reached skill level 2 in Ice Magic
  5010 | D:5      | Reached XP level 8. HP: 51/52 MP: 8/8
  5015 | D:5      | Identified the +9 trident of Grandeur {venom, Str+2}
  5107 | D:5      | Reached skill level 13 in Stealth
  5240 | D:5      | Reached skill level 1 in Polearms
  5240 | D:5      | Reached skill level 4 in Dodging
  5546 | D:6      | Noticed a wyvern
  5553 | D:6      | Killed a wyvern
  5853 | D:6      | Reached skill level 2 in Polearms
  6254 | D:6      | Reached skill level 5 in Dodging
  6254 | D:6      | Reached skill level 3 in Ice Magic
  6602 | D:6      | Reached XP level 9. HP: 58/58 MP: 9/9
  6628 | D:6      | Found a staircase to the Ecumenical Temple.
  6722 | D:6      | Reached skill level 4 in Fighting
  7043 | D:7      | Reached *** piety under Cheibriados
  7233 | D:7      | You pick up a book of Spatial Translocations and begin
                  | reading...
  7233 | D:7      | You add the spells Blink, Lesser Beckoning and Manifold
                  | Assault to your library.
  7503 | D:7      | Found a stormy altar of Qazlal.
  7556 | D:7      | Reached skill level 6 in Dodging
  7671 | D:7      | Found a runed translucent gate.
  7671 | D:7      | Found a runed translucent gate.
  7673 | D:7      | Found a runed translucent gate.
  7675 | D:7      | Noticed brightshaft's ghost (novice DjFE)
  7675 | D:7      | Identified the +1 plate armour of Hoov {rCorr Int+2}
  7880 | D:7      | Noticed a manticore
  7891 | D:7      | HP: 12/59 [manticore (4)]
  7897 | D:7      | Killed a manticore
  7898 | D:7      | Reached skill level 5 in Fighting
  7898 | D:7      | Reached skill level 4 in Ice Magic
  8274 | D:7      | Found a basalt altar of Yredelemnul.
  8368 | D:8      | Noticed Psyche
  8373 | D:7      | HP: 14/61 [killer bee (4)]
  8378 | D:7      | HP: 9/61 [poisoned by a killer bee]
  8782 | D:7      | Reached skill level 14 in Stealth
  9561 | D:8      | You pick up a book of Minor Magic and begin reading...
  9561 | D:8      | You add the spells Magic Dart, Call Imp and Mephitic Cloud
                  | to your library.
  9642 | D:8      | Reached skill level 7 in Dodging
  9707 | D:8      | Reached **** piety under Cheibriados
  9729 | D:8      | Killed Psyche
  9730 | D:8      | Reached skill level 6 in Fighting
  9730 | D:8      | Reached XP level 10. HP: 68/68 MP: 2/10
  9974 | D:8      | Noticed Maurice
  9983 | D:8      | Killed Maurice
 10200 | D:8      | Reached skill level 5 in Ice Magic
 10348 | D:9      | Found a staircase to the Orcish Mines.
 10368 | D:9      | Reached skill level 8 in Dodging
 10427 | D:9      | Found Plog's Jewellery Boutique.
 10654 | D:9      | Identified the +0 pair of boots of the Oily Barracuda
                  | {Rampage +Blink +Inv Int+4}
 10775 | D:9      | Found a white marble altar of Elyvilon.
 10883 | D:9      | Reached skill level 7 in Fighting
 11214 | D:9      | Noticed a kobold demonologist
 11216 | D:9      | Noticed a kobold demonologist
 11225 | D:9      | Killed a kobold demonologist
 11288 | D:9      | Reached ***** piety under Cheibriados
 11354 | D:9      | You fall into a shaft and drop 1 floor!
 11354 | D:10     | Entered Level 10 of the Dungeon
 11380 | D:10     | Noticed an orange crystal statue
 11493 | D:10     | Killed an unseen horror
 11632 | D:10     | Found a staircase to the Lair.
 11902 | D:10     | Found a blossoming altar of Fedhas.
 12070 | D:10     | Found Ucvoj's Assorted Antiques.
 12083 | D:10     | Reached skill level 8 in Fighting
 12083 | D:10     | Reached XP level 11. HP: 77/77 MP: 11/11
 12199 | D:10     | Found a shadowy altar of Dithmenos.
 12199 | D:10     | Found a glowing silver altar of Zin.
 12200 | D:10     | Found a glowing golden altar of the Shining One.
 12210 | D:10     | Reached skill level 9 in Dodging
 12210 | D:10     | Reached skill level 15 in Stealth
 12322 | D:10     | Reached skill level 6 in Ice Magic
 12490 | D:10     | Bought a gilded ring for 165 gold pieces
 12772 | Lair:1   | Entered Level 1 of the Lair of Beasts
 12831 | Lair:1   | Noticed a five-headed hydra
 12839 | Lair:1   | Killed a five-headed hydra
 13318 | Lair:1   | You pick up a book of Winter and begin reading...
 13318 | Lair:1   | You add the spells Metabolic Englaciation and Simulacrum to
                  | your library.
 13322 | Lair:1   | Learned a level 2 spell: Blink
 13563 | Lair:1   | Reached skill level 9 in Fighting
 13841 | Lair:1   | Reached skill level 10 in Dodging
 13888 | Lair:1   | Reached skill level 7 in Ice Magic
 14443 | Lair:2   | Reached XP level 12. HP: 56/87 MP: 9/12
 14694 | Lair:2   | Found a radiant altar of Vehumet.
 14727 | Lair:2   | Reached skill level 10 in Fighting
 14748 | Lair:2   | Reached skill level 16 in Stealth
 15009 | Lair:2   | Reached skill level 11 in Dodging
 15371 | Lair:3   | Identified 4 scrolls of acquirement
 15509 | Lair:2   | Acquired a +1 hat
 15511 | Lair:2   | Acquired a +2 buckler of poison resistance
 15529 | Lair:2   | Acquired a +7 quick blade
 15530 | Lair:2   | G - a +7 quick blade {shortrare=g}
 15531 | Lair:2   | Acquired a manual of Stealth
 15533 | Lair:2   | your +7 quick blade {shortrare=g} glows red for a moment.
 15534 | Lair:2   | your +8 quick blade {shortrare=g} glows red for a moment.
 15646 | Lair:3   | Noticed a six-headed hydra
 15654 | Lair:3   | Killed a six-headed hydra
 15655 | Lair:3   | Reached skill level 17 in Stealth
 15857 | Lair:3   | Reached ****** piety under Cheibriados
 15967 | Lair:3   | Reached skill level 18 in Stealth
 16057 | Lair:3   | Reached skill level 19 in Stealth
 16158 | Lair:3   | Noticed a seven-headed hydra
 16162 | Lair:3   | Noticed a five-headed hydra
 16167 | Lair:3   | Killed a seven-headed hydra
 16173 | Lair:3   | Killed a five-headed hydra
 16174 | Lair:3   | Reached skill level 20 in Stealth
 16776 | Lair:4   | Reached skill level 21 in Stealth
 17011 | Lair:4   | Reached XP level 13. HP: 84/93 MP: 13/13
 17052 | Lair:4   | Reached skill level 22 in Stealth
 17274 | Lair:4   | Found a hole to the Spider Nest.
 17610 | Lair:4   | Found a staircase to the Shoals.
 17765 | Lair:4   | Reached skill level 8 in Ice Magic
 18529 | Lair:5   | Reached skill level 12 in Dodging
 18546 | Lair:5   | Reached skill level 11 in Fighting
 19231 | Lair:5   | Reached skill level 9 in Ice Magic
 19832 | Lair:5   | Reached skill level 13 in Dodging
 20407 | Lair:6   | Entered Level 6 of the Lair of Beasts
 20419 | Lair:6   | Reached XP level 14. HP: 86/101 MP: 14/14
 20483 | Lair:6   | Noticed Kirke
 20523 | Lair:6   | Killed Kirke
 20871 | Lair:6   | Found a runed translucent door.
 20872 | Lair:6   | Found a viscous altar of Jiyva.
 20872 | Lair:6   | Noticed an azure jelly
 20874 | Lair:6   | Noticed an azure jelly
 21018 | Lair:6   | Reached skill level 12 in Fighting
 21035 | Lair:6   | Reached skill level 14 in Dodging
 21212 | Lair:6   | Reached skill level 10 in Ice Magic
 21780 | Lair:6   | You add the spells Freeze, Flame Wave and Lightning Bolt to
                  | your library.
 21780 | Lair:6   | Got the Compendium of the Lethal Snowflakes
 21951 | Lair:6   | Gained mutation: One of your tentacles bears a spike.
                  | [potion of mutation]
 21951 | Lair:6   | Gained mutation: A frigid envelope surrounds you and
                  | freezes all who hurt you. [potion of mutation]
 21954 | Lair:6   | HP: 25/104 [dream sheep (13)]
 22858 | Lair:6   | Reached skill level 15 in Dodging
 22995 | Lair:6   | You add the spells Gell's Gravitas, Teleport Other and
                  | Dispersal to your library.
 22995 | Lair:6   | You pick up a book of Storms and begin reading...
 22995 | Lair:6   | You add the spells Airstrike and Summon Lightning Spire to
                  | your library.
 23055 | Lair:6   | You pick up a book of the Earth and begin reading...
 23055 | Lair:6   | You add the spells Lee's Rapid Deconstruction and Statue
                  | Form to your library.
 23112 | Lair:6   | Reached XP level 15. HP: 109/109 MP: 15/15
 23144 | Lair:6   | Reached skill level 1 in Transmutations
 23144 | Lair:6   | Reached skill level 1 in Earth Magic
 23457 | Lair:6   | Reached skill level 2 in Transmutations
 23457 | Lair:6   | Reached skill level 2 in Earth Magic
 23464 | Lair:6   | Learned a level 6 spell: Statue Form
 23804 | Lair:6   | Found a staircase to the Slime Pits.
 24140 | D:11     | your +9 quick blade {shortrare=g} is engulfed in flames!
 24140 | D:11     | G - a +9 quick blade of flaming {shortrare=g}
 24226 | D:11     | Reached skill level 3 in Transmutations
 24226 | D:11     | Reached skill level 3 in Earth Magic
 24257 | D:11     | Found Hapi Uje's Antique Weapon Shoppe.
 24341 | D:11     | Found Puojeut's Jewellery Boutique.
 24582 | D:11     | Bought a +6 ring of dexterity for 760 gold pieces
 24645 | D:11     | Found Xesih's Jewellery Shoppe.
 24730 | D:11     | Reached skill level 4 in Transmutations
 24730 | D:11     | Reached skill level 4 in Earth Magic
 24960 | D:12     | Identified the +6 broad axe of Yregosin {speed, Fragile rC+
                  | rCorr Int+3}
 26036 | D:13     | Reached skill level 5 in Transmutations
 26036 | D:13     | Reached skill level 5 in Earth Magic
 27201 | D:14     | Reached skill level 6 in Transmutations
 27201 | D:14     | Reached skill level 6 in Earth Magic
 27652 | D:14     | You pick up a book of Sloth and begin reading...
 27673 | D:14     | Found a gate to the Vaults.
 27866 | D:14     | Reached skill level 7 in Transmutations
 27866 | D:14     | Reached skill level 7 in Earth Magic
 28281 | D:14     | Found a portal to a secret trove of treasure.
 28796 | D:15     | Entered Level 15 of the Dungeon
 28856 | D:15     | Noticed Jorgrun
 28866 | D:15     | Killed Jorgrun
 28867 | D:15     | Reached skill level 8 in Transmutations
 28867 | D:15     | Reached skill level 8 in Earth Magic
 28867 | D:15     | Reached XP level 16. HP: 64/116 MP: 14/16
 29764 | D:15     | Reached skill level 9 in Transmutations
 29764 | D:15     | Reached skill level 9 in Earth Magic
 29822 | D:15     | Found a staircase to the Depths.
 30354 | D:11     | Bought a +4 ring of evasion for 504 gold pieces
 30463 | D:9      | Found a radiant altar of Vehumet.
 30547 | Orc:1    | Entered Level 1 of the Orcish Mines
 30744 | Orc:1    | Found Tutuinixt's Weapon Shop.
 31166 | Orc:1    | Found a runed translucent door.
 31375 | Orc:2    | Entered Level 2 of the Orcish Mines
 31536 | Orc:2    | Found Itoida Ucziw's General Store.
 31550 | Orc:2    | Bought 2 potions of mutation for 192 gold pieces
 31550 | Orc:2    | Lost mutation: One of your tentacles bears a spike. [potion
                  | of mutation]
 31550 | Orc:2    | Lost mutation: A frigid envelope surrounds you and freezes
                  | all who hurt you. [potion of mutation]
 31550 | Orc:2    | Gained mutation: Your mind is acute. (Int +2) [potion of
                  | mutation]
 31550 | Orc:2    | Gained mutation: You do not regenerate when monsters are
                  | visible. [potion of mutation]
 31551 | Orc:2    | Lost mutation: You do not regenerate when monsters are
                  | visible. [potion of mutation]
 31551 | Orc:2    | Lost mutation: Your mind is acute. (Int +2) [potion of
                  | mutation]
 31551 | Orc:2    | Gained mutation: Your mind is acute. (Int +2) [potion of
                  | mutation]
 31551 | Orc:2    | Gained mutation: You have hidden genetic defects. [potion
                  | of mutation]
 31551 | Orc:2    | Gained mutation: Your flesh is heat resistant. (rF+)
                  | [potion of mutation]
 31551 | Orc:2    | Gained mutation: You are partially covered in iridescent
                  | scales. (AC +2) [potion of mutation]
 31608 | Orc:2    | Found a staircase to the Elven Halls.
 31629 | Orc:2    | Found Toveth's Antique Armour Shoppe.
 31662 | Orc:2    | Noticed Azrael
 31676 | Orc:2    | Killed Azrael
 31702 | Orc:2    | Reached skill level 10 in Earth Magic
 31726 | Orc:2    | Reached skill level 10 in Transmutations
 32095 | Orc:2    | Found Pimuwar's Antique Weapon Emporium.
 32413 | Orc:2    | Gained mutation: Your body sometimes deteriorates upon
                  | taking damage. [mutagenic glow]
 32498 | Orc:2    | Found Gaus's Jewellery Emporium.
 32908 | Elf:1    | Entered Level 1 of the Elven Halls
 32917 | Elf:1    | Gained mutation: You occasionally shout uncontrollably at
                  | your foes. [hidden defects]
 32944 | Elf:1    | Reached skill level 11 in Earth Magic
 32946 | Elf:1    | Reached skill level 11 in Transmutations
 33037 | Elf:1    | Gained mutation: Your body often deteriorates upon taking
                  | damage. [hidden defects]
 33037 | Elf:1    | Lost mutation: You have hidden genetic defects. [hidden
                  | defects expressed]
 33068 | Elf:1    | Lost mutation: You are partially covered in iridescent
                  | scales. (AC +2) [potion of mutation]
 33068 | Elf:1    | Lost mutation: Your flesh is heat resistant. (rF+) [potion
                  | of mutation]
 33068 | Elf:1    | Gained mutation: Your flesh is heat resistant. (rF+)
                  | [potion of mutation]
 33069 | Elf:1    | Lost mutation: You occasionally shout uncontrollably at
                  | your foes. [potion of mutation]
 33069 | Elf:1    | Lost mutation: Your body often deteriorates upon taking
                  | damage. [potion of mutation]
 33069 | Elf:1    | Lost mutation: Your flesh is heat resistant. (rF+) [potion
                  | of mutation]
 33070 | Elf:1    | Lost mutation: Your body sometimes deteriorates upon taking
                  | damage. [potion of mutation]
 33070 | Elf:1    | Lost mutation: Your mind is acute. (Int +2) [potion of
                  | mutation]
 33070 | Elf:1    | Gained mutation: Your system is resistant to poisons.
                  | (rPois) [potion of mutation]
 33070 | Elf:1    | Lost mutation: Your system is resistant to poisons. (rPois)
                  | [potion of mutation]
 33070 | Elf:1    | Gained mutation: A frigid envelope surrounds you and
                  | freezes all who hurt you. [potion of mutation]
 33231 | Elf:1    | Reached XP level 17. HP: 121/121 MP: 13/17
 33329 | Elf:1    | You add the spells Summon Guardian Golem, Summon Mana Viper
                  | and Spellforged Servitor to your library.
 33329 | Elf:1    | Got the Compendium of Creation
 33390 | Elf:1    | Noticed Aizul
 33406 | Elf:1    | Killed Aizul
 33566 | Elf:1    | Noticed Frances
 33574 | Elf:1    | Killed Frances
 33694 | Elf:1    | Found a radiant altar of Vehumet.
 33891 | Elf:1    | Noticed Zenata
 33919 | Elf:1    | Killed Zenata
 33920 | Elf:1    | Reached skill level 12 in Earth Magic
 33923 | Elf:1    | Reached skill level 12 in Transmutations
 34107 | Elf:1    | Could not pick up a +2 executioner's axe {axerare=g} here;
                  | ([A]lways) ignore it?
 34107 | Elf:1    | Could not pick up a +2 executioner's axe {axerare=g} here;
                  | ([A]lways) ignore it?
 34107 | Elf:1    | Could not pick up a +2 executioner's axe {axerare=g} here;
                  | ([A]lways) ignore it?
 34107 | Elf:1    | Could not pick up a +2 executioner's axe {axerare=g} here;
                  | ([A]lways) ignore it?
 34107 | Elf:1    | Could not pick up a +2 executioner's axe {axerare=g} here;
                  | ([A]lways) ignore it?
 34107 | Elf:1    | Could not pick up a +2 executioner's axe {axerare=g} here;
                  | ([A]lways) ignore it?
 34107 | Elf:1    | Could not pick up a +2 executioner's axe {axerare=g} here;
                  | ([A]lways) ignore it?
 34107 | Elf:1    | Could not pick up a +2 executioner's axe {axerare=g} here;
                  | ([A]lways) ignore it?
 34107 | Elf:1    | Search for what [Enter for "amu", or ? for help]? rare
 34107 | Elf:1    | Could not pick up a +2 executioner's axe {axerare=g} here;
                  | ([A]lways) ignore it?
 34107 | Elf:1    | Could not pick up a +2 executioner's axe {axerare=g} here;
                  | ([A]lways) ignore it?
 34107 | Elf:1    | Could not pick up a +2 executioner's axe {axerare=g} here;
                  | ([A]lways) ignore it?
 34107 | Elf:1    | Could not pick up a +2 executioner's axe {axerare=g} here;
                  | ([A]lways) ignore it?
 34107 | Elf:1    | Could not pick up a +2 executioner's axe {axerare=g} here;
                  | ([A]lways) ignore it?
 34107 | Elf:1    | Could not pick up a +2 executioner's axe {axerare=g} here;
                  | ([A]lways) ignore it?
 34107 | Elf:1    | Could not pick up a +2 executioner's axe {axerare=g} here;
                  | ([A]lways) ignore it?
 34107 | Elf:1    | Could not pick up a +2 executioner's axe {axerare=g} here;
                  | ([A]lways) ignore it?
 34107 | Elf:1    | Could not pick up a +2 executioner's axe {axerare=g} here;
                  | ([A]lways) ignore it?
 34107 | Elf:1    | Could not pick up a +2 executioner's axe {axerare=g} here;
                  | ([A]lways) ignore it?
 34110 | Elf:1    | r - a +2 executioner's axe {axerare=g}
 34466 | Elf:3    | Entered Level 3 of the Elven Halls
 35273 | Elf:3    | Found Kaufrar's Assorted Antiques.
 35393 | Elf:3    | You are cast into the Abyss!
 35393 | Elf:3    | Cast into level 2 of the Abyss (a ghostly deep elf
                  | sorcerer)
 35442 | Abyss:2  | Paralysed by accursed screaming for 2 turns
 35447 | Abyss:2  | Lost mutation: A frigid envelope surrounds you and freezes
                  | all who hurt you. [potion of mutation]
 35447 | Abyss:2  | Gained mutation: Your flesh is cold resistant. (rC+)
                  | [potion of mutation]
 35447 | Abyss:2  | Gained mutation: Your muscles are strong. (Str +2) [potion
                  | of mutation]
 35448 | Abyss:2  | Paralysed by accursed screaming for 2 turns
 35451 | Abyss:2  | your +9 quick blade of flaming {shortrare=g} bursts into
                  | flame!
 35451 | Abyss:2  | G - a +9 quick blade of flaming (weapon) {shortrare=g}
 35459 | Abyss:2  | Paralysed by accursed screaming for 1 turns
 35459 | Abyss:2  | HP: 39/157 [starcursed mass (1)]
 35463 | Abyss:2  | HP: 14/157 [starcursed mass/accursed screaming (7)]
 35464 | Abyss:2  | HP: 6/157 [starcursed mass/accursed screaming (8)]
 35465 | Abyss:2  | HP: 1/157 [starcursed mass/accursed screaming (5)]
 35493 | Abyss:2  | Noticed a bone dragon
 35501 | Abyss:2  | HP: 14/157 [bone dragon (4)]
 35509 | Abyss:2  | Killed a bone dragon
 35736 | Abyss:2  | Noticed a lich
 35780 | Abyss:2  | Noticed a tentacled starspawn
 35972 | Abyss:2  | Noticed a lich
 35983 | Abyss:2  | Killed a lich
 35984 | Abyss:2  | Noticed a bone dragon
 36051 | Abyss:2  | Killed a bone dragon
 36125 | Abyss:2  | Noticed a tentacled starspawn
 36135 | Abyss:2  | Killed a tentacled starspawn
 36193 | Elf:3    | You pass through the gate.
 36193 | Elf:3    | Escaped the Abyss
 36204 | Elf:3    | Reached skill level 13 in Earth Magic
 36209 | Elf:3    | Reached skill level 13 in Transmutations
 36755 | Elf:2    | Found a runed translucent gate.
 36756 | Elf:2    | Found a runed translucent gate.
 36756 | Elf:2    | Found a runed translucent gate.
 37206 | Elf:2    | You pick up a book of Unlife and begin reading...
 37206 | Elf:2    | You add the spells Animate Dead, Borgnjor's Vile Clutch and
                  | Death Channel to your library.
 37319 | Elf:2    | your +9 quick blade of flaming {shortrare=g} acquires a
                  | faint afterimage.
 37319 | Elf:2    | G - a +9 spectral quick blade (weapon) {shortrare=g}
 37322 | Elf:2    | your +9 spectral quick blade {shortrare=g} hits the deep
                  | elf zephyrmancer!
 37366 | Elf:2    | your +9 spectral quick blade {shortrare=g} hits the +0
                  | falchion!
 37432 | Elf:2    | your +9 spectral quick blade {shortrare=g} hits the polar
                  | bear!
 37439 | Elf:2    | your +9 spectral quick blade {shortrare=g} hits the
                  | yaktaur.
 37442 | Elf:2    | your +9 spectral quick blade {shortrare=g} hits the water
                  | moccasin!
 37443 | Elf:2    | your +9 spectral quick blade {shortrare=g} hits the human!
 37443 | Elf:2    | the human barely misses your +9 spectral quick blade
                  | {shortrare=g}.
 37445 | Elf:2    | Reached XP level 18. HP: 127/127 MP: 14/18
 37467 | Elf:2    | your +9 spectral quick blade {shortrare=g} hits the worm!
 37520 | Elf:2    | You drop a +2 executioner's axe {axerare=g}.
 37523 | Elf:2    | r - a +2 executioner's axe {axerare=g}
 37579 | Elf:2    | your +9 spectral quick blade {shortrare=g} hits the +4
                  | trident of venom.
 37580 | Elf:2    | your +9 spectral quick blade {shortrare=g} barely misses
                  | the +4 trident of venom.
 37821 | Elf:2    | your +9 spectral quick blade {shortrare=g} hits the deep
                  | elf zephyrmancer.
 37822 | Elf:2    | your +9 spectral quick blade {shortrare=g} hits the deep
                  | elf zephyrmancer.
 37828 | Elf:2    | your +9 spectral quick blade {shortrare=g} hits the deep
                  | elf zephyrmancer!
 37829 | Elf:2    | Reached skill level 3 in Short Blades
 37829 | Elf:2    | your +9 spectral quick blade {shortrare=g} hits the +0
                  | vorpal long sword!
 37832 | Elf:2    | your +9 spectral quick blade {shortrare=g} hits the deep
                  | elf zephyrmancer!
 37833 | Elf:2    | your +9 spectral quick blade {shortrare=g} hits the deep
                  | elf zephyrmancer!
 37834 | Elf:2    | your +9 spectral quick blade {shortrare=g} hits the deep
                  | elf knight.
 37835 | Elf:2    | the deep elf knight blocks your +9 spectral quick blade
                  | {shortrare=g}'s attack.
 37836 | Elf:2    | your +9 spectral quick blade {shortrare=g} hits the deep
                  | elf knight.
 37838 | Elf:2    | Reached skill level 4 in Short Blades
 37838 | Elf:2    | your +9 spectral quick blade {shortrare=g} hits the fire
                  | elemental!
 37843 | Elf:2    | your +9 spectral quick blade {shortrare=g} hits the fire
                  | elemental!
 37844 | Elf:2    | your +9 spectral quick blade {shortrare=g} hits the +2
                  | battleaxe of flaming!
 37844 | Elf:2    | the +2 battleaxe of flaming hits your +9 spectral quick
                  | blade {shortrare=g}!
 37844 | Elf:2    | the +2 battleaxe of flaming burns your +9 spectral quick
                  | blade {shortrare=g}.
 37855 | Elf:2    | HP: 36/165 [+5 glaive of flaming (19)]
 37855 | Elf:2    | HP: 17/165 [+3 vorpal glaive (2)]
 38227 | Elf:2    | your +9 spectral quick blade {shortrare=g} hits the +3
                  | vorpal glaive.
 38229 | Elf:2    | your +9 spectral quick blade {shortrare=g} hits the deep
                  | elf pyromancer!
 38623 | Elf:2    | your +9 spectral quick blade {shortrare=g} hits the deep
                  | elf knight!
 38625 | Elf:2    | your +9 spectral quick blade {shortrare=g} hits something.
 38626 | Elf:2    | your +9 spectral quick blade {shortrare=g} hits something!
 38627 | Elf:2    | your +9 spectral quick blade {shortrare=g} closely misses
                  | something.
 38629 | Elf:2    | Reached skill level 5 in Short Blades
 38633 | Elf:2    | your +9 spectral quick blade {shortrare=g} hits the +2
                  | halberd of protection.
 38634 | Elf:2    | your +9 spectral quick blade {shortrare=g} hits the +2
                  | halberd of protection but does no damage.
 38693 | Elf:2    | the deep elf knight blocks your +9 spectral quick blade
                  | {shortrare=g}'s attack.
 38694 | Elf:2    | your +9 spectral quick blade {shortrare=g} hits the deep
                  | elf knight.
 38695 | Elf:2    | your +9 spectral quick blade {shortrare=g} hits the deep
                  | elf knight!
 38696 | Elf:2    | your +9 spectral quick blade {shortrare=g} hits the deep
                  | elf knight.
 38696 | Elf:2    | the arrow misses your +9 spectral quick blade
                  | {shortrare=g}.
 38697 | Elf:2    | your +9 spectral quick blade {shortrare=g} hits the +4
                  | antimagic eveningstar!
 38698 | Elf:2    | your +9 spectral quick blade {shortrare=g} hits the +4
                  | antimagic eveningstar!
 38699 | Elf:2    | your +9 spectral quick blade {shortrare=g} hits the +4
                  | antimagic eveningstar.
 38699 | Elf:2    | the +4 antimagic eveningstar hits your +9 spectral quick
                  | blade {shortrare=g}!
 38700 | Elf:2    | your +9 spectral quick blade {shortrare=g} hits the +4
                  | antimagic eveningstar!
 38701 | Elf:2    | your +9 spectral quick blade {shortrare=g} closely misses
                  | something.
 38702 | Elf:2    | your +9 spectral quick blade {shortrare=g} misses
                  | something.
 38703 | Elf:2    | your +9 spectral quick blade {shortrare=g} closely misses
                  | something.
 38704 | Elf:2    | your +9 spectral quick blade {shortrare=g} misses
                  | something.
 38705 | Elf:2    | your +9 spectral quick blade {shortrare=g} misses
                  | something.
 38706 | Elf:2    | your +9 spectral quick blade {shortrare=g} hits something!
 38707 | Elf:2    | your +9 spectral quick blade {shortrare=g} hits the +1
                  | battleaxe of venom!
 38707 | Elf:2    | the +1 battleaxe of venom completely misses your +9
                  | spectral quick blade {shortrare=g}.
 38708 | Elf:2    | your +9 spectral quick blade {shortrare=g} hits the +1
                  | battleaxe of venom!
 38758 | Elf:2    | Reached skill level 6 in Short Blades
 38787 | Elf:2    | your +9 spectral quick blade {shortrare=g} hits the +1
                  | halberd of flaming!
 38788 | Elf:2    | your +9 spectral quick blade {shortrare=g} hits the +1
                  | halberd of flaming!
 38792 | Elf:2    | your +9 spectral quick blade {shortrare=g} hits the deep
                  | elf zephyrmancer!
 38795 | Elf:2    | your +9 spectral quick blade {shortrare=g} completely
                  | misses the +1 flail of draining.
 38796 | Elf:2    | your +9 spectral quick blade {shortrare=g} hits the deep
                  | elf zephyrmancer.
 38797 | Elf:2    | your +9 spectral quick blade {shortrare=g} hits the deep
                  | elf zephyrmancer!
 38798 | Elf:2    | your +9 spectral quick blade {shortrare=g} hits the +1
                  | flail of draining.
 38831 | Elf:2    | your +9 spectral quick blade {shortrare=g} closely misses
                  | the +0 antimagic glaive.
 39019 | Elf:2    | Reached skill level 7 in Short Blades
 39214 | Elf:3    | You are cast into the Abyss!
 39214 | Elf:3    | Cast into level 3 of the Abyss (a deep elf demonologist)
 39221 | Abyss:3  | your +9 spectral quick blade {shortrare=g} hits the orange
                  | demon!
 39223 | Abyss:3  | Gained mutation: Your system is resistant to poisons.
                  | (rPois) [a cacodemon]
 39224 | Abyss:3  | your +9 spectral quick blade {shortrare=g} barely misses
                  | the cacodemon.
 39225 | Abyss:3  | your +9 spectral quick blade {shortrare=g} hits the
                  | cacodemon!
 39226 | Abyss:3  | your +9 spectral quick blade {shortrare=g} hits the
                  | cacodemon.
 39227 | Abyss:3  | your +9 spectral quick blade {shortrare=g} hits the
                  | cacodemon but does no damage.
 39228 | Abyss:3  | your +9 spectral quick blade {shortrare=g} hits the
                  | cacodemon!
 39230 | Abyss:3  | your +9 spectral quick blade {shortrare=g} barely misses
                  | the orange demon.
 39277 | Abyss:3  | your +9 spectral quick blade {shortrare=g} hits the cyan
                  | very ugly thing!
 39277 | Abyss:3  | something completely misses your +9 spectral quick blade
                  | {shortrare=g}.
 39278 | Abyss:3  | your +9 spectral quick blade {shortrare=g} hits the cyan
                  | very ugly thing!
 39279 | Abyss:3  | your +9 spectral quick blade {shortrare=g} hits the cyan
                  | very ugly thing!
 39279 | Abyss:3  | something punches your +9 spectral quick blade
                  | {shortrare=g}!
 39280 | Abyss:3  | your +9 spectral quick blade {shortrare=g} hits the cyan
                  | very ugly thing!
 39280 | Abyss:3  | something punches your +9 spectral quick blade
                  | {shortrare=g}!
 39280 | Abyss:3  | the cyan very ugly thing completely misses your +9 spectral
                  | quick blade {shortrare=g}.
 39285 | Abyss:3  | your +9 spectral quick blade {shortrare=g} hits the purple
                  | ugly thing!
 39286 | Abyss:3  | your +9 spectral quick blade {shortrare=g} hits the purple
                  | ugly thing!
 39300 | Abyss:3  | your +9 spectral quick blade {shortrare=g} hits the ancient
                  | zyme.
 39301 | Abyss:3  | your +9 spectral quick blade {shortrare=g} hits the ancient
                  | zyme!
 39370 | Abyss:3  | your +9 spectral quick blade {shortrare=g} hits the large
                  | abomination!
 39371 | Abyss:3  | your +9 spectral quick blade {shortrare=g} barely misses
                  | the large abomination.
 39372 | Abyss:3  | your +9 spectral quick blade {shortrare=g} hits the large
                  | abomination.
 39374 | Abyss:3  | your +9 spectral quick blade {shortrare=g} barely misses
                  | the blizzard demon.
 39375 | Abyss:3  | your +9 spectral quick blade {shortrare=g} closely misses
                  | the blizzard demon.
 39377 | Abyss:3  | your +9 spectral quick blade {shortrare=g} hits the large
                  | abomination.
 39378 | Abyss:3  | your +9 spectral quick blade {shortrare=g} hits the large
                  | abomination!
 39379 | Abyss:3  | your +9 spectral quick blade {shortrare=g} hits the large
                  | abomination.
 39379 | Abyss:3  | the large abomination misses your +9 spectral quick blade
                  | {shortrare=g}.
 39398 | Abyss:3  | your +9 spectral quick blade {shortrare=g} hits the small
                  | abomination.
 39408 | Abyss:3  | your +9 spectral quick blade {shortrare=g} hits the small
                  | abomination!
 39411 | Abyss:3  | your +9 spectral quick blade {shortrare=g} hits the small
                  | abomination!
 39417 | Abyss:3  | your +9 spectral quick blade {shortrare=g} hits the ice
                  | devil but does no damage.
 39421 | Abyss:3  | your +9 spectral quick blade {shortrare=g} hits the smoke
                  | demon.
 39422 | Abyss:3  | your +9 spectral quick blade {shortrare=g} hits the smoke
                  | demon.
 39439 | Abyss:3  | your +9 spectral quick blade {shortrare=g} hits the
                  | wretched star!
 39440 | Abyss:3  | your +9 spectral quick blade {shortrare=g} barely misses
                  | the wretched star.
 39440 | Abyss:3  | The lance of force hits your +9 spectral quick blade
                  | {shortrare=g}!!
 39440 | Abyss:3  | your +9 spectral quick blade {shortrare=g} is knocked back
                  | by the lance of force.
 39441 | Abyss:3  | your +9 spectral quick blade {shortrare=g} hits the
                  | wretched star!
 39443 | Abyss:3  | your +9 spectral quick blade {shortrare=g} hits the
                  | wretched star.
 39444 | Abyss:3  | your +9 spectral quick blade {shortrare=g} hits the
                  | wretched star.
 39445 | Abyss:3  | your +9 spectral quick blade {shortrare=g} hits the
                  | wretched star.
 39446 | Abyss:3  | your +9 spectral quick blade {shortrare=g} hits the
                  | wretched star.
 39447 | Abyss:3  | your +9 spectral quick blade {shortrare=g} hits the
                  | wretched star.
 39448 | Abyss:3  | your +9 spectral quick blade {shortrare=g} closely misses
                  | the wretched star.
 39449 | Abyss:3  | your +9 spectral quick blade {shortrare=g} hits the
                  | wretched star.
 39450 | Abyss:3  | your +9 spectral quick blade {shortrare=g} hits the
                  | wretched star.
 39454 | Abyss:3  | your +9 spectral quick blade {shortrare=g} hits the wind
                  | drake!
 39455 | Abyss:3  | your +9 spectral quick blade {shortrare=g} hits the wind
                  | drake!
 39455 | Abyss:3  | the wind drake bites your +9 spectral quick blade
                  | {shortrare=g} but does no damage.
 39466 | Elf:3    | You pass through the gate.
 39466 | Elf:3    | Escaped the Abyss
 39467 | Elf:3    | Noticed a Hell Sentinel
 39468 | Elf:3    | your +9 spectral quick blade {shortrare=g} hits the deep
                  | elf demonologist.
 39469 | Elf:3    | your +9 spectral quick blade {shortrare=g} hits the deep
                  | elf demonologist!!
 39585 | Elf:3    | your +9 spectral quick blade {shortrare=g} closely misses
                  | the deep elf annihilator.
 39586 | Elf:3    | your +9 spectral quick blade {shortrare=g} hits the deep
                  | elf annihilator.
 39587 | Elf:3    | your +9 spectral quick blade {shortrare=g} hits the deep
                  | elf annihilator!
 39588 | Elf:3    | You are cast into the Abyss!
 39588 | Elf:3    | Cast into level 2 of the Abyss (a deep elf sorcerer)
 39673 | Abyss:2  | your +9 spectral quick blade {shortrare=g} hits the ancient
                  | zyme.
 39730 | Abyss:2  | your +9 spectral quick blade {shortrare=g} hits the large
                  | abomination.
 39737 | Abyss:2  | your +9 spectral quick blade {shortrare=g} hits the
                  | starcursed mass.
 39738 | Abyss:2  | your +9 spectral quick blade {shortrare=g} hits the
                  | starcursed mass.
 39739 | Abyss:2  | your +9 spectral quick blade {shortrare=g} hits the
                  | starcursed mass!
 39740 | Abyss:2  | your +9 spectral quick blade {shortrare=g} hits the
                  | starcursed mass!
 39740 | Abyss:2  | your +9 spectral quick blade {shortrare=g} writhes in pain
                  | as voices assail its mind.
 39753 | Abyss:2  | your +9 spectral quick blade {shortrare=g} closely misses
                  | the wretched star.
 39754 | Abyss:2  | your +9 spectral quick blade {shortrare=g} hits the
                  | wretched star.
 39755 | Abyss:2  | your +9 spectral quick blade {shortrare=g} hits the
                  | wretched star but does no damage.
 39756 | Abyss:2  | your +9 spectral quick blade {shortrare=g} hits the
                  | wretched star.
 39757 | Abyss:2  | your +9 spectral quick blade {shortrare=g} hits the
                  | wretched star.
 39758 | Abyss:2  | your +9 spectral quick blade {shortrare=g} hits the
                  | wretched star.
 39759 | Abyss:2  | your +9 spectral quick blade {shortrare=g} closely misses
                  | the wretched star.
 39760 | Abyss:2  | your +9 spectral quick blade {shortrare=g} hits the
                  | wretched star!
 39775 | Abyss:2  | your +9 spectral quick blade {shortrare=g} hits the
                  | ufetubus!
 39781 | Abyss:2  | your +9 spectral quick blade {shortrare=g} hits the large
                  | abomination!
 39782 | Abyss:2  | your +9 spectral quick blade {shortrare=g} hits the large
                  | abomination.
 39783 | Abyss:2  | your +9 spectral quick blade {shortrare=g} hits the large
                  | abomination!
 39790 | Abyss:2  | your +9 spectral quick blade {shortrare=g} hits the
                  | starcursed mass!
 39791 | Abyss:2  | your +9 spectral quick blade {shortrare=g} hits the raiju.
 39792 | Abyss:2  | your +9 spectral quick blade {shortrare=g} hits the raiju!
 39792 | Abyss:2  | The puff of frost hits your +9 spectral quick blade
                  | {shortrare=g} but does no damage.
 39794 | Abyss:2  | your +9 spectral quick blade {shortrare=g} hits the
                  | starcursed mass.
 39796 | Abyss:2  | your +9 spectral quick blade {shortrare=g} hits the
                  | starcursed mass!
 39797 | Abyss:2  | your +9 spectral quick blade {shortrare=g} hits the
                  | starcursed mass!
 39798 | Abyss:2  | your +9 spectral quick blade {shortrare=g} hits the
                  | starcursed mass.
 39799 | Abyss:2  | your +9 spectral quick blade {shortrare=g} hits the
                  | starcursed mass but does no damage.
 39800 | Abyss:2  | your +9 spectral quick blade {shortrare=g} hits the
                  | starcursed mass!
 39803 | Abyss:2  | your +9 spectral quick blade {shortrare=g} hits the large
                  | abomination!
 39806 | Abyss:2  | your +9 spectral quick blade {shortrare=g} hits the large
                  | abomination.
 39807 | Abyss:2  | your +9 spectral quick blade {shortrare=g} hits the large
                  | abomination!
 39809 | Abyss:2  | your +9 spectral quick blade {shortrare=g} hits the ice
                  | devil.
 39810 | Abyss:2  | your +9 spectral quick blade {shortrare=g} hits the ice
                  | devil but does no damage.
 39811 | Abyss:2  | your +9 spectral quick blade {shortrare=g} hits the ice
                  | devil.
 39812 | Abyss:2  | your +9 spectral quick blade {shortrare=g} hits the
                  | starcursed mass.
 39813 | Abyss:2  | your +9 spectral quick blade {shortrare=g} completely
                  | misses the starcursed mass.
 39815 | Abyss:2  | your +9 spectral quick blade {shortrare=g} hits the
                  | starcursed mass!
 39816 | Abyss:2  | your +9 spectral quick blade {shortrare=g} hits the
                  | starcursed mass!
 39816 | Abyss:2  | the starcursed mass barely misses your +9 spectral quick
                  | blade {shortrare=g}.
 39817 | Abyss:2  | your +9 spectral quick blade {shortrare=g} hits the ice
                  | devil!
 39817 | Abyss:2  | the starcursed mass touches your +9 spectral quick blade
                  | {shortrare=g} but does no damage.
 39817 | Abyss:2  | the starcursed mass completely misses your +9 spectral
                  | quick blade {shortrare=g}.
 39821 | Abyss:2  | your +9 spectral quick blade {shortrare=g} hits the
                  | starcursed mass.
 39824 | Abyss:2  | your +9 spectral quick blade {shortrare=g} hits the demonic
                  | crawler.
 39825 | Abyss:2  | your +9 spectral quick blade {shortrare=g} hits the demonic
                  | crawler!
 39826 | Abyss:2  | your +9 spectral quick blade {shortrare=g} hits the demonic
                  | crawler.
 39829 | Abyss:2  | Noticed a Hell Sentinel
 40107 | Abyss:2  | your +9 spectral quick blade {shortrare=g} hits the
                  | rakshasa!
 40107 | Abyss:2  | the rakshasa hits your +9 spectral quick blade
                  | {shortrare=g} with a +0 whip!
 40131 | Abyss:2  | your +9 spectral quick blade {shortrare=g} hits the smoke
                  | demon!
 40144 | Abyss:2  | your +9 spectral quick blade {shortrare=g} hits the
                  | hellion.
 40144 | Abyss:2  | the hellion hits your +9 spectral quick blade {shortrare=g}
                  | but does no damage.
 40146 | Abyss:2  | your +9 spectral quick blade {shortrare=g} hits the stone
                  | giant zombie.
 40147 | Abyss:2  | your +9 spectral quick blade {shortrare=g} hits the stone
                  | giant zombie.
 40148 | Abyss:2  | your +9 spectral quick blade {shortrare=g} hits the stone
                  | giant zombie!
 40149 | Abyss:2  | your +9 spectral quick blade {shortrare=g} completely
                  | misses the stone giant zombie.
 40150 | Abyss:2  | your +9 spectral quick blade {shortrare=g} hits the stone
                  | giant zombie.
 40151 | Abyss:2  | your +9 spectral quick blade {shortrare=g} hits the stone
                  | giant zombie.
 40152 | Abyss:2  | your +9 spectral quick blade {shortrare=g} hits the stone
                  | giant zombie!
 40184 | Abyss:2  | your +9 spectral quick blade {shortrare=g} misses the
                  | sixfirhy.
 40185 | Abyss:2  | your +9 spectral quick blade {shortrare=g} hits the
                  | sixfirhy!
 40191 | Abyss:2  | your +9 spectral quick blade {shortrare=g} closely misses
                  | the shadow demon.
 40214 | Abyss:2  | your +9 spectral quick blade {shortrare=g} hits the
                  | ufetubus!
 40217 | Abyss:2  | your +9 spectral quick blade {shortrare=g} hits the golden
                  | eye.
 40238 | Abyss:2  | your +9 spectral quick blade {shortrare=g} hits the ice
                  | devil!
 40240 | Abyss:2  | your +9 spectral quick blade {shortrare=g} hits the ice
                  | devil.
 40240 | Abyss:2  | the ice devil closely misses your +9 spectral quick blade
                  | {shortrare=g}.
 40246 | Abyss:2  | your +9 spectral quick blade {shortrare=g} hits the ancient
                  | zyme.
 40246 | Abyss:2  | the ancient zyme hits your +9 spectral quick blade
                  | {shortrare=g}.
 40246 | Abyss:2  | the ancient zyme closely misses your +9 spectral quick
                  | blade {shortrare=g}.
 40247 | Abyss:2  | your +9 spectral quick blade {shortrare=g} closely misses
                  | the raiju.
 40248 | Abyss:2  | your +9 spectral quick blade {shortrare=g} hits the raiju!
 40249 | Abyss:2  | your +9 spectral quick blade {shortrare=g} hits the ancient
                  | zyme!
 40249 | Abyss:2  | the ancient zyme barely misses your +9 spectral quick blade
                  | {shortrare=g}.
 40249 | Abyss:2  | the ancient zyme barely misses your +9 spectral quick blade
                  | {shortrare=g}.
 40252 | Abyss:2  | your +9 spectral quick blade {shortrare=g} hits the
                  | ufetubus!
 40253 | Abyss:2  | your +9 spectral quick blade {shortrare=g} hits the
                  | ufetubus!
 40255 | Abyss:2  | your +9 spectral quick blade {shortrare=g} hits the
                  | ynoxinul!
 40260 | Abyss:2  | your +9 spectral quick blade {shortrare=g} barely misses
                  | the worldbinder.
 40261 | Abyss:2  | your +9 spectral quick blade {shortrare=g} hits the
                  | worldbinder but does no damage.
 40263 | Abyss:2  | your +9 spectral quick blade {shortrare=g} hits the
                  | worldbinder but does no damage.
 40265 | Abyss:2  | your +9 spectral quick blade {shortrare=g} hits the orange
                  | demon!
 40275 | Abyss:2  | your +9 spectral quick blade {shortrare=g} hits the large
                  | abomination.
 40276 | Abyss:2  | your +9 spectral quick blade {shortrare=g} hits the large
                  | abomination.
 40277 | Abyss:2  | your +9 spectral quick blade {shortrare=g} hits the large
                  | abomination!
 40277 | Abyss:2  | the raiju barely misses your +9 spectral quick blade
                  | {shortrare=g}.
 40279 | Abyss:2  | your +9 spectral quick blade {shortrare=g} hits the ancient
                  | zyme!
 40281 | Abyss:2  | your +9 spectral quick blade {shortrare=g} misses the
                  | raiju.
 40283 | Abyss:2  | your +9 spectral quick blade {shortrare=g} hits the small
                  | abomination!
 40330 | Abyss:3  | your +9 spectral quick blade {shortrare=g} hits the raiju!
 40331 | Abyss:3  | The living lightning hits your +9 spectral quick blade
                  | {shortrare=g}.
 40331 | Abyss:3  | your +9 spectral quick blade {shortrare=g} resists.
 40336 | Abyss:3  | your +9 spectral quick blade {shortrare=g} hits the raiju!
 40384 | Abyss:3  | your +9 spectral quick blade {shortrare=g} hits the golden
                  | eye.
 40385 | Abyss:3  | your +9 spectral quick blade {shortrare=g} hits the golden
                  | eye.
 40449 | Abyss:3  | your +9 spectral quick blade {shortrare=g} hits the
                  | ynoxinul!
 40451 | Abyss:3  | your +9 spectral quick blade {shortrare=g} hits the orange
                  | demon.
 40452 | Abyss:3  | your +9 spectral quick blade {shortrare=g} hits the orange
                  | demon!
 40463 | Abyss:3  | your +9 spectral quick blade {shortrare=g} completely
                  | misses the golden eye.
 40485 | Abyss:3  | your +9 spectral quick blade {shortrare=g} hits the large
                  | abomination but does no damage.
 40485 | Abyss:3  | the fire bat bites your +9 spectral quick blade
                  | {shortrare=g} but does no damage.
 40485 | Abyss:3  | the fire bat barely misses your +9 spectral quick blade
                  | {shortrare=g}.
 40486 | Abyss:3  | your +9 spectral quick blade {shortrare=g} hits the large
                  | abomination but does no damage.
 40487 | Abyss:3  | your +9 spectral quick blade {shortrare=g} hits the large
                  | abomination.
 40487 | Abyss:3  | the raiju barely misses your +9 spectral quick blade
                  | {shortrare=g}.
 40488 | Abyss:3  | Found a corrupted altar of Lugonu.
 40490 | Elf:3    | You pass through the gate.
 40490 | Elf:3    | Escaped the Abyss
 40492 | Elf:3    | your +9 spectral quick blade {shortrare=g} hits the flying
                  | skull!
 40493 | Elf:3    | your +9 spectral quick blade {shortrare=g} hits the deep
                  | elf annihilator!
 40494 | Elf:3    | your +9 spectral quick blade {shortrare=g} hits the deep
                  | elf annihilator!
 40495 | Elf:3    | your +9 spectral quick blade {shortrare=g} hits the deep
                  | elf annihilator!
 40495 | Elf:3    | the deep elf annihilator hits your +9 spectral quick blade
                  | {shortrare=g} with a +0 long sword!
 40495 | Elf:3    | the raiju closely misses your +9 spectral quick blade
                  | {shortrare=g}.
 40497 | Elf:3    | your +9 spectral quick blade {shortrare=g} hits the raiju!
 40497 | Elf:3    | the raiju misses your +9 spectral quick blade
                  | {shortrare=g}.
 40499 | Elf:3    | your +9 spectral quick blade {shortrare=g} hits the raiju!
 40499 | Elf:3    | the fire bat misses your +9 spectral quick blade
                  | {shortrare=g}.
 40499 | Elf:3    | the fire bat closely misses your +9 spectral quick blade
                  | {shortrare=g}.
 40500 | Elf:3    | your +9 spectral quick blade {shortrare=g} hits the raiju!
 40500 | Elf:3    | the fire bat bites your +9 spectral quick blade
                  | {shortrare=g} but does no damage.
 40501 | Elf:3    | your +9 spectral quick blade {shortrare=g} hits the fire
                  | bat!
 40501 | Elf:3    | the fire bat bites your +9 spectral quick blade
                  | {shortrare=g} but does no damage.
 40504 | Elf:3    | your +9 spectral quick blade {shortrare=g} hits the deep
                  | elf high priest but does no damage.
 40505 | Elf:3    | your +9 spectral quick blade {shortrare=g} hits the deep
                  | elf high priest.
 40505 | Elf:3    | the deep elf sorcerer closely misses your +9 spectral quick
                  | blade {shortrare=g}.
 40506 | Elf:3    | your +9 spectral quick blade {shortrare=g} hits the deep
                  | elf sorcerer!
 40507 | Elf:3    | your +9 spectral quick blade {shortrare=g} hits the deep
                  | elf sorcerer!
 40508 | Elf:3    | Reached skill level 8 in Short Blades
 40508 | Elf:3    | Reached skill level 14 in Earth Magic
 40509 | Elf:3    | Reached skill level 14 in Transmutations
 40509 | Elf:3    | your +9 spectral quick blade {shortrare=g} hits the fire
                  | bat!
 40512 | Elf:3    | your +9 spectral quick blade {shortrare=g} hits the deep
                  | elf sorcerer!
 40513 | Elf:3    | your +9 spectral quick blade {shortrare=g} hits the deep
                  | elf sorcerer but does no damage.
 40516 | Elf:3    | your +9 spectral quick blade {shortrare=g} hits the deep
                  | elf annihilator.
 40517 | Elf:3    | your +9 spectral quick blade {shortrare=g} hits the deep
                  | elf annihilator!
 40521 | Elf:3    | your +9 spectral quick blade {shortrare=g} hits the deep
                  | elf high priest but does no damage.
 40522 | Elf:3    | your +9 spectral quick blade {shortrare=g} hits the deep
                  | elf high priest!
 40525 | Elf:3    | Identified the +8 shortbow "Miwyq" {vorpal, Will+ Int+4}
 40526 | Elf:3    | your +9 spectral quick blade {shortrare=g} hits the deep
                  | elf pyromancer.
 40532 | Elf:3    | your +9 spectral quick blade {shortrare=g} hits the +2
                  | flail of protection!
 40533 | Elf:3    | your +9 spectral quick blade {shortrare=g} hits the +2
                  | flail of protection!
 40536 | Elf:3    | your +9 spectral quick blade {shortrare=g} hits the deep
                  | elf zephyrmancer!
 40537 | Elf:3    | your +9 spectral quick blade {shortrare=g} hits the deep
                  | elf zephyrmancer!
 40541 | Elf:3    | your +9 spectral quick blade {shortrare=g} hits the deep
                  | elf archer.
 40542 | Elf:3    | your +9 spectral quick blade {shortrare=g} hits the deep
                  | elf archer!
 40542 | Elf:3    | the arrow closely misses your +9 spectral quick blade
                  | {shortrare=g}.
 40545 | Elf:3    | your +9 spectral quick blade {shortrare=g} hits the deep
                  | elf annihilator!
 40546 | Elf:3    | your +9 spectral quick blade {shortrare=g} hits the deep
                  | elf annihilator!
 40566 | Elf:3    | Identified the +10 mace of Zoolu {vamp, rN+ Str+6}
 40593 | Elf:3    | your +9 spectral quick blade {shortrare=g} hits the deep
                  | elf death mage!
 40594 | Elf:3    | your +9 spectral quick blade {shortrare=g} hits the deep
                  | elf death mage.
 40595 | Elf:3    | your +9 spectral quick blade {shortrare=g} hits the deep
                  | elf death mage!
 40618 | Elf:3    | your +9 spectral quick blade {shortrare=g} hits the deep
                  | elf sorcerer!
 40619 | Elf:3    | your +9 spectral quick blade {shortrare=g} hits the deep
                  | elf sorcerer!
 40620 | Elf:3    | the deep elf sorcerer blocks your +9 spectral quick blade
                  | {shortrare=g}'s attack.
 40634 | Elf:3    | Noticed a deep elf blademaster
 40635 | Elf:3    | Noticed a deep elf blademaster
 40637 | Elf:3    | Noticed a deep elf master archer
 40638 | Elf:3    | your +9 spectral quick blade {shortrare=g} hits the water
                  | elemental.
 40639 | Elf:3    | your +9 spectral quick blade {shortrare=g} hits the deep
                  | elf blademaster!
 40640 | Elf:3    | your +9 spectral quick blade {shortrare=g} hits the deep
                  | elf blademaster!
 40641 | Elf:3    | your +9 spectral quick blade {shortrare=g} hits the deep
                  | elf blademaster!
 40642 | Elf:3    | your +9 spectral quick blade {shortrare=g} hits the deep
                  | elf blademaster!
 40643 | Elf:3    | your +9 spectral quick blade {shortrare=g} hits the deep
                  | elf blademaster!
 40643 | Elf:3    | Killed a deep elf blademaster
 40644 | Elf:3    | your +9 spectral quick blade {shortrare=g} barely misses
                  | the water elemental.
 40646 | Elf:3    | Identified the +1 scimitar of Roatsat {vorpal, rElec rN+
                  | rCorr Str+4}
 40648 | Elf:3    | your +9 spectral quick blade {shortrare=g} hits the deep
                  | elf blademaster.
 40649 | Elf:3    | your +9 spectral quick blade {shortrare=g} hits the deep
                  | elf blademaster!
 40650 | Elf:3    | your +9 spectral quick blade {shortrare=g} hits the deep
                  | elf blademaster!
 40650 | Elf:3    | Killed a deep elf blademaster
 40652 | Elf:3    | your +9 spectral quick blade {shortrare=g} misses the deep
                  | elf death mage.
 40652 | Elf:3    | the arrow hits your +9 spectral quick blade {shortrare=g}!!
 40653 | Elf:3    | your +9 spectral quick blade {shortrare=g} hits the deep
                  | elf death mage.
 40653 | Elf:3    | the arrow hits your +9 spectral quick blade {shortrare=g}!!
 40654 | Elf:3    | your +9 spectral quick blade {shortrare=g} hits the deep
                  | elf death mage.
 40654 | Elf:3    | the arrow hits your +9 spectral quick blade {shortrare=g}!
 40655 | Elf:3    | your +9 spectral quick blade {shortrare=g} hits the deep
                  | elf death mage!
 40656 | Elf:3    | your +9 spectral quick blade {shortrare=g} hits the ghostly
                  | deep elf death mage!
 40656 | Elf:3    | the arrow hits your +9 spectral quick blade {shortrare=g}!!
 40656 | Elf:3    | Noticed a deep elf blademaster
 40657 | Elf:3    | your +9 spectral quick blade {shortrare=g} hits the ghostly
                  | deep elf death mage!
 40657 | Elf:3    | the arrow hits your +9 spectral quick blade {shortrare=g}!!
 40659 | Elf:3    | your +9 spectral quick blade {shortrare=g} closely misses
                  | the deep elf master archer.
 40660 | Elf:3    | your +9 spectral quick blade {shortrare=g} hits the deep
                  | elf master archer!
 40661 | Elf:3    | your +9 spectral quick blade {shortrare=g} hits the deep
                  | elf high priest!
 40661 | Elf:3    | Killed a deep elf master archer
 40662 | Elf:3    | your +9 spectral quick blade {shortrare=g} hits the deep
                  | elf high priest!
 40663 | Elf:3    | your +9 spectral quick blade {shortrare=g} hits the deep
                  | elf annihilator.
 40664 | Elf:3    | your +9 spectral quick blade {shortrare=g} hits the deep
                  | elf annihilator!
 40665 | Elf:3    | Noticed a deep elf blademaster
 40666 | Elf:3    | your +9 spectral quick blade {shortrare=g} hits the deep
                  | elf blademaster!
 40667 | Elf:3    | your +9 spectral quick blade {shortrare=g} completely
                  | misses the deep elf blademaster.
 40668 | Elf:3    | your +9 spectral quick blade {shortrare=g} hits the deep
                  | elf blademaster!
 40669 | Elf:3    | your +9 spectral quick blade {shortrare=g} hits the deep
                  | elf blademaster!
 40669 | Elf:3    | the deep elf blademaster hits your +9 spectral quick blade
                  | {shortrare=g} with a +0 rapier!
 40669 | Elf:3    | the deep elf blademaster hits your +9 spectral quick blade
                  | {shortrare=g} with a +0 rapier!!
 40670 | Elf:3    | Killed a deep elf blademaster
 40671 | Elf:3    | your +9 spectral quick blade {shortrare=g} hits the deep
                  | elf blademaster.
 40671 | Elf:3    | the deep elf blademaster hits your +9 spectral quick blade
                  | {shortrare=g} with a +0 rapier!!
 40671 | Elf:3    | the deep elf blademaster hits your +9 spectral quick blade
                  | {shortrare=g} with a +0 rapier!
 40672 | Elf:3    | your +9 spectral quick blade {shortrare=g} hits the deep
                  | elf blademaster!
 40673 | Elf:3    | your +9 spectral quick blade {shortrare=g} hits the deep
                  | elf blademaster!
 40673 | Elf:3    | the deep elf blademaster misses your +9 spectral quick
                  | blade {shortrare=g}.
 40673 | Elf:3    | the deep elf blademaster hits your +9 spectral quick blade
                  | {shortrare=g} with a +0 rapier!!
 40674 | Elf:3    | your +9 spectral quick blade {shortrare=g} hits the deep
                  | elf blademaster.
 40675 | Elf:3    | Killed a deep elf blademaster
 40689 | Elf:3    | You add the spells Sublimation of Blood, Inner Flame and
                  | Infestation to your library.
 40689 | Elf:3    | Got Zuoptuss's Incunabulum of Enthralling Necromancy
 40693 | Elf:3    | Got Rydues's Last Handbook of Boris
 40699 | Elf:3    | You add the spells Sandblast, Vampiric Draining, Agony and
                  | Iron Shot to your library.
 40699 | Elf:3    | Got the Disquisition on Earthen Evil Rituals
 40705 | Elf:3    | Identified the amulet "Tuegoc" {Spirit Fly Str+3}
 40718 | Elf:3    | Noticed a deep elf master archer
 40719 | Elf:3    | Noticed a deep elf master archer
 40723 | Elf:3    | Killed a deep elf master archer
 40836 | Elf:3    | your +9 spectral quick blade {shortrare=g} hits the deep
                  | elf sorcerer!
 40864 | Elf:3    | your +9 spectral quick blade {shortrare=g} hits the deep
                  | elf master archer!
 40864 | Elf:3    | Killed a deep elf master archer
 40902 | Elf:3    | You drop a +2 executioner's axe {axerare=g}.
 40908 | Elf:3    | C - a +2 executioner's axe {axerare=g}
 40945 | Elf:3    | You drop a +2 executioner's axe {axerare=g}.
 40955 | Elf:3    | Search for what [Enter for "rare", or ? for help]?
 40955 | Elf:3    | Search for what [Enter for "rare", or ? for help]?
 40955 | Elf:3    | Search for what [Enter for "rare", or ? for help]? prot
 40956 | Elf:3    | C - a +2 executioner's axe {axerare=g}
 40967 | Elf:3    | You drop a +2 executioner's axe {axerare=g}.
 40970 | Elf:3    | C - a +2 executioner's axe {axerare=g}
 40982 | Elf:3    | your +9 spectral quick blade {shortrare=g} hits the deep
                  | elf elementalist!
 40982 | Elf:3    | the deep elf elementalist misses your +9 spectral quick
                  | blade {shortrare=g}.
 40983 | Elf:3    | your +9 spectral quick blade {shortrare=g} hits the deep
                  | elf elementalist!
 41511 | Shoals:1 | Entered Level 1 of the Shoals
 41514 | Shoals:1 | your +9 spectral quick blade {shortrare=g} hits the
                  | manticore!
 41572 | Shoals:1 | your +9 spectral quick blade {shortrare=g} hits the
                  | merfolk.
 41573 | Shoals:1 | your +9 spectral quick blade {shortrare=g} hits the
                  | merfolk!
 41576 | Shoals:1 | your +9 spectral quick blade {shortrare=g} hits the wind
                  | drake.
 41578 | Shoals:1 | your +9 spectral quick blade {shortrare=g} closely misses
                  | the wind drake.
 41578 | Shoals:1 | the boomerang hits your +9 spectral quick blade
                  | {shortrare=g}!
 41581 | Shoals:1 | your +9 spectral quick blade {shortrare=g} barely misses
                  | the sea snake.
 41582 | Shoals:1 | your +9 spectral quick blade {shortrare=g} hits the sea
                  | snake!
 41588 | Shoals:1 | your +9 spectral quick blade {shortrare=g} closely misses
                  | the wind drake.
 41590 | Shoals:1 | your +9 spectral quick blade {shortrare=g} hits the
                  | merfolk!
 41591 | Shoals:1 | your +9 spectral quick blade {shortrare=g} hits the water
                  | elemental.
 41595 | Shoals:1 | your +9 spectral quick blade {shortrare=g} hits the merfolk
                  | aquamancer but does no damage.
 41597 | Shoals:1 | your +9 spectral quick blade {shortrare=g} hits the merfolk
                  | aquamancer!
 41597 | Shoals:1 | the boomerang hits your +9 spectral quick blade
                  | {shortrare=g}!
 41599 | Shoals:1 | your +9 spectral quick blade {shortrare=g} hits the
                  | manticore.
 41601 | Shoals:1 | your +9 spectral quick blade {shortrare=g} hits the water
                  | elemental!
 41601 | Shoals:1 | the wind drake barely misses your +9 spectral quick blade
                  | {shortrare=g}.
 41603 | Shoals:1 | your +9 spectral quick blade {shortrare=g} hits the water
                  | elemental!
 41604 | Shoals:1 | your +9 spectral quick blade {shortrare=g} hits the wind
                  | drake!
 41609 | Shoals:1 | your +9 spectral quick blade {shortrare=g} hits the water
                  | elemental!
 41611 | Shoals:1 | your +9 spectral quick blade {shortrare=g} hits the water
                  | elemental.
 41614 | Shoals:1 | your +9 spectral quick blade {shortrare=g} hits the wind
                  | drake!
 41618 | Shoals:1 | your +9 spectral quick blade {shortrare=g} hits the
                  | manticore!
 41619 | Shoals:1 | your +9 spectral quick blade {shortrare=g} hits the
                  | manticore!
 41623 | Shoals:1 | your +9 spectral quick blade {shortrare=g} hits the merfolk
                  | avatar!
 41624 | Shoals:1 | your +9 spectral quick blade {shortrare=g} hits the merfolk
                  | avatar!
 41625 | Shoals:1 | your +9 spectral quick blade {shortrare=g} hits the merfolk
                  | avatar!
 41628 | Shoals:1 | your +9 spectral quick blade {shortrare=g} hits the
                  | merfolk!
 41631 | Shoals:1 | your +9 spectral quick blade {shortrare=g} hits the
                  | merfolk!
 41633 | Shoals:1 | your +9 spectral quick blade {shortrare=g} hits the
                  | merfolk!!
 41634 | Shoals:1 | your +9 spectral quick blade {shortrare=g} hits the
                  | merfolk!
 41640 | Shoals:1 | your +9 spectral quick blade {shortrare=g} hits the
                  | snapping turtle but does no damage.
 41640 | Shoals:1 | the sling bullet hits your +9 spectral quick blade
                  | {shortrare=g} but does no damage.
 41641 | Shoals:1 | your +9 spectral quick blade {shortrare=g} hits the
                  | snapping turtle.
 41644 | Shoals:1 | your +9 spectral quick blade {shortrare=g} hits the faun!
 41765 | Shoals:1 | your +9 spectral quick blade {shortrare=g} hits the faun!
 41771 | Shoals:1 | your +9 spectral quick blade {shortrare=g} hits the merfolk
                  | siren!
 41779 | Shoals:1 | your +9 spectral quick blade {shortrare=g} hits the merfolk
                  | avatar!
 41780 | Shoals:1 | your +9 spectral quick blade {shortrare=g} hits the merfolk
                  | avatar.
 41781 | Shoals:1 | your +9 spectral quick blade {shortrare=g} hits the merfolk
                  | avatar!
 41819 | Shoals:1 | your +9 spectral quick blade {shortrare=g} hits the harpy!
 41823 | Shoals:1 | your +9 spectral quick blade {shortrare=g} hits the harpy!
 41916 | Shoals:1 | your +9 spectral quick blade {shortrare=g} hits the wraith
                  | but does no damage.
 41917 | Shoals:1 | your +9 spectral quick blade {shortrare=g} hits the wraith.
 41938 | Shoals:1 | Noticed Josephine
 41944 | Shoals:1 | your +9 spectral quick blade {shortrare=g} hits the wraith.
 41946 | Shoals:1 | your +9 spectral quick blade {shortrare=g} hits Josephine
                  | but does no damage.
 41947 | Shoals:1 | your +9 spectral quick blade {shortrare=g} hits Josephine.
 41947 | Shoals:1 | the wraith closely misses your +9 spectral quick blade
                  | {shortrare=g}.
 41948 | Shoals:1 | your +9 spectral quick blade {shortrare=g} hits Josephine.
 41948 | Shoals:1 | Killed Josephine
 41950 | Shoals:1 | your +9 spectral quick blade {shortrare=g} hits the wraith!
 41950 | Shoals:1 | the wraith completely misses your +9 spectral quick blade
                  | {shortrare=g}.
 41957 | Shoals:1 | your +9 spectral quick blade {shortrare=g} hits the
                  | manticore.
 41958 | Shoals:1 | your +9 spectral quick blade {shortrare=g} hits the
                  | manticore!
 42036 | Shoals:1 | your +9 spectral quick blade {shortrare=g} hits the wind
                  | drake.
 42036 | Shoals:1 | your +9 spectral quick blade {shortrare=g} is blown away by
                  | the wind.
 42071 | Shoals:1 | your +9 spectral quick blade {shortrare=g} hits the
                  | merfolk.
 42072 | Shoals:1 | your +9 spectral quick blade {shortrare=g} hits the
                  | merfolk!
 42092 | Shoals:1 | your +9 spectral quick blade {shortrare=g} hits the
                  | merfolk.
 42094 | Shoals:1 | your +9 spectral quick blade {shortrare=g} hits the
                  | merfolk!
 42097 | Shoals:1 | your +9 spectral quick blade {shortrare=g} hits the faun!
 42120 | Shoals:1 | your +9 spectral quick blade {shortrare=g} hits the
                  | merfolk!
 42121 | Shoals:1 | your +9 spectral quick blade {shortrare=g} hits the
                  | merfolk!
 42123 | Shoals:1 | Reached XP level 19. HP: 131/131 MP: 19/19
 42126 | Shoals:1 | your +9 spectral quick blade {shortrare=g} hits the merfolk
                  | impaler!
 42127 | Shoals:1 | your +9 spectral quick blade {shortrare=g} hits the merfolk
                  | impaler.
 42128 | Shoals:1 | Reached skill level 16 in Dodging
 42129 | Shoals:1 | your +9 spectral quick blade {shortrare=g} hits the
                  | merfolk!
 42129 | Shoals:1 | the boomerang barely misses your +9 spectral quick blade
                  | {shortrare=g}.
 42129 | Shoals:1 | the merfolk hits your +9 spectral quick blade {shortrare=g}
                  | with a +0 spear!!
 42133 | Shoals:1 | your +9 spectral quick blade {shortrare=g} hits the
                  | merfolk!
 42134 | Shoals:1 | your +9 spectral quick blade {shortrare=g} hits the
                  | merfolk!
 42199 | Shoals:1 | your +9 spectral quick blade {shortrare=g} hits the merfolk
                  | siren.
 42258 | Shoals:2 | Found Zeteduog's Magic Scroll Shoppe.
 42297 | Shoals:2 | You drop a +2 executioner's axe {axerare=g}.
 42302 | Shoals:2 | C - a +2 executioner's axe {axerare=g}
 42304 | Shoals:2 | You drop a +2 executioner's axe {axerare=g}.
 42305 | Shoals:2 | C - a +2 executioner's axe {axerare=g}
 42386 | Shoals:2 | your +9 spectral quick blade {shortrare=g} hits the sea
                  | snake!
 42387 | Shoals:2 | your +9 spectral quick blade {shortrare=g} completely
                  | misses the sea snake.
 42418 | Shoals:2 | your +9 spectral quick blade {shortrare=g} hits the
                  | manticore!
 42421 | Shoals:2 | your +9 spectral quick blade {shortrare=g} hits the
                  | manticore.
 42429 | Shoals:2 | your +9 spectral quick blade {shortrare=g} hits the merfolk
                  | siren.
 42430 | Shoals:2 | your +9 spectral quick blade {shortrare=g} hits the merfolk
                  | siren!
 42503 | Shoals:2 | You pick up a book of Burglary and begin reading...
 42503 | Shoals:2 | You add the spells Passwall and Swiftness to your library.
 42510 | Shoals:2 | your +9 spectral quick blade {shortrare=g} hits the water
                  | elemental!
 42511 | Shoals:2 | your +9 spectral quick blade {shortrare=g} hits the water
                  | elemental!
 42569 | Shoals:2 | Learned a level 2 spell: Passwall
 42577 | Shoals:2 | your +9 spectral quick blade {shortrare=g} hits the
                  | merfolk!
 42578 | Shoals:2 | your +9 spectral quick blade {shortrare=g} hits the
                  | merfolk!
 42581 | Shoals:2 | your +9 spectral quick blade {shortrare=g} hits the merfolk
                  | siren.
 42582 | Shoals:2 | your +9 spectral quick blade {shortrare=g} hits the merfolk
                  | siren!
 42583 | Shoals:2 | your +9 spectral quick blade {shortrare=g} hits the merfolk
                  | siren!
 42821 | Shoals:2 | your +9 spectral quick blade {shortrare=g} completely
                  | misses the snapping turtle.
 42825 | Shoals:2 | your +9 spectral quick blade {shortrare=g} hits the
                  | snapping turtle but does no damage.
 42886 | Shoals:2 | your +9 spectral quick blade {shortrare=g} hits the
                  | snapping turtle.
 42887 | Shoals:2 | your +9 spectral quick blade {shortrare=g} hits the
                  | snapping turtle but does no damage.
 42893 | Shoals:2 | your +9 spectral quick blade {shortrare=g} hits the
                  | snapping turtle but does no damage.
 42893 | Shoals:2 | the snapping turtle barely misses your +9 spectral quick
                  | blade {shortrare=g}.
 42996 | Shoals:3 | your +9 spectral quick blade {shortrare=g} hits the
                  | manticore!
 42997 | Shoals:3 | your +9 spectral quick blade {shortrare=g} completely
                  | misses the manticore.
 43037 | Shoals:3 | Found Niuliuxt's CLEARANCE SALE!.
 43045 | Shoals:3 | Bought a scroll of blinking for 15 gold pieces
 43135 | Shoals:3 | your +9 spectral quick blade {shortrare=g} hits the merfolk
                  | siren!
 43136 | Shoals:3 | your +9 spectral quick blade {shortrare=g} hits the merfolk
                  | siren.
 43138 | Shoals:3 | Noticed Ilsuiw
 43139 | Shoals:3 | your +9 spectral quick blade {shortrare=g} misses the
                  | merfolk siren.
 43141 | Shoals:3 | your +9 spectral quick blade {shortrare=g} hits the merfolk
                  | siren!
 43144 | Shoals:3 | your +9 spectral quick blade {shortrare=g} hits the water
                  | elemental.
 43150 | Shoals:3 | your +9 spectral quick blade {shortrare=g} hits the merfolk
                  | javelineer!
 43151 | Shoals:3 | your +9 spectral quick blade {shortrare=g} hits the merfolk
                  | javelineer!
 43152 | Shoals:3 | your +9 spectral quick blade {shortrare=g} hits the merfolk
                  | javelineer!
 43154 | Shoals:3 | your +9 spectral quick blade {shortrare=g} hits the water
                  | elemental!
 43156 | Shoals:3 | your +9 spectral quick blade {shortrare=g} hits the water
                  | elemental!
 43158 | Shoals:3 | Noticed Mara
 43166 | Shoals:3 | your +9 spectral quick blade {shortrare=g} hits the water
                  | elemental!
 43167 | Shoals:3 | your +9 spectral quick blade {shortrare=g} hits the water
                  | elemental.
 43171 | Shoals:3 | your +9 spectral quick blade {shortrare=g} hits Mara but
                  | does no damage.
 43172 | Shoals:3 | your +9 spectral quick blade {shortrare=g} hits Mara but
                  | does no damage.
 43173 | Shoals:3 | your +9 spectral quick blade {shortrare=g} hits Mara but
                  | does no damage.
 43173 | Shoals:3 | The shard of ice misses your +9 spectral quick blade
                  | {shortrare=g}.
 43174 | Shoals:3 | your +9 spectral quick blade {shortrare=g} hits Mara.
 43175 | Shoals:3 | your +9 spectral quick blade {shortrare=g} hits Mara.
 43176 | Shoals:3 | your +9 spectral quick blade {shortrare=g} hits Mara.
 43177 | Shoals:3 | your +9 spectral quick blade {shortrare=g} hits Mara.
 43178 | Shoals:3 | your +9 spectral quick blade {shortrare=g} barely misses
                  | Mara.
 43179 | Shoals:3 | Killed Mara
 43182 | Shoals:3 | your +9 spectral quick blade {shortrare=g} hits the water
                  | elemental!
 43183 | Shoals:3 | your +9 spectral quick blade {shortrare=g} hits the water
                  | elemental!
 43186 | Shoals:3 | your +9 spectral quick blade {shortrare=g} hits Ilsuiw!
 43187 | Shoals:3 | your +9 spectral quick blade {shortrare=g} hits Ilsuiw.
 43188 | Shoals:3 | your +9 spectral quick blade {shortrare=g} hits Ilsuiw!
 43189 | Shoals:3 | your +9 spectral quick blade {shortrare=g} hits Ilsuiw!
 43191 | Shoals:3 | your +9 spectral quick blade {shortrare=g} barely misses
                  | Ilsuiw.
 43196 | Shoals:3 | your +9 spectral quick blade {shortrare=g} hits Ilsuiw.
 43197 | Shoals:3 | your +9 spectral quick blade {shortrare=g} hits Ilsuiw.
 43198 | Shoals:3 | your +9 spectral quick blade {shortrare=g} hits Ilsuiw.
 43200 | Shoals:3 | your +9 spectral quick blade {shortrare=g} barely misses
                  | Ilsuiw.
 43200 | Shoals:3 | Killed Ilsuiw
 43201 | Shoals:3 | Reached skill level 17 in Dodging
 43328 | Shoals:3 | your +9 spectral quick blade {shortrare=g} hits the sea
                  | snake!
 43329 | Shoals:3 | your +9 spectral quick blade {shortrare=g} hits the sea
                  | snake.
 43330 | Shoals:3 | your +9 spectral quick blade {shortrare=g} hits the sea
                  | snake.
 43512 | Shoals:3 | your +9 spectral quick blade {shortrare=g} completely
                  | misses the kraken.
 43513 | Shoals:3 | your +9 spectral quick blade {shortrare=g} hits the kraken.
 43735 | Shoals:3 | your +9 spectral quick blade {shortrare=g} hits the wind
                  | drake.
 43736 | Shoals:3 | your +9 spectral quick blade {shortrare=g} hits the wind
                  | drake!
 43737 | Shoals:3 | your +9 spectral quick blade {shortrare=g} hits the wind
                  | drake!
 43738 | Shoals:3 | your +9 spectral quick blade {shortrare=g} hits the wind
                  | drake!
 43794 | Shoals:3 | your +9 spectral quick blade {shortrare=g} hits the merfolk
                  | impaler!
 43795 | Shoals:3 | your +9 spectral quick blade {shortrare=g} hits the merfolk
                  | impaler.
 43796 | Shoals:3 | your +9 spectral quick blade {shortrare=g} hits the merfolk
                  | impaler!
 43796 | Shoals:3 | the merfolk impaler hits your +9 spectral quick blade
                  | {shortrare=g} from afar with a +2 antimagic demon trident!!
 43997 | Shoals:3 | Noticed Mlioglotl
 44003 | Shoals:3 | your +9 spectral quick blade {shortrare=g} hits Mlioglotl
                  | but does no damage.
 44003 | Shoals:3 | Mlioglotl barely misses your +9 spectral quick blade
                  | {shortrare=g}.
 44003 | Shoals:3 | Mlioglotl tramples your +9 spectral quick blade
                  | {shortrare=g}.
 44003 | Shoals:3 | your +9 spectral quick blade {shortrare=g} is shoved
                  | backwards!
 44005 | Shoals:3 | your +9 spectral quick blade {shortrare=g} hits Mlioglotl.
 44006 | Shoals:3 | your +9 spectral quick blade {shortrare=g} hits Mlioglotl
                  | but does no damage.
 44007 | Shoals:3 | your +9 spectral quick blade {shortrare=g} hits Mlioglotl.
 44008 | Shoals:3 | your +9 spectral quick blade {shortrare=g} hits Mlioglotl.
 44009 | Shoals:3 | Killed Mlioglotl
 44062 | Shoals:4 | Entered Level 4 of the Shoals
 44079 | Shoals:4 | your +9 spectral quick blade {shortrare=g} hits the wind
                  | drake!
 44080 | Shoals:4 | your +9 spectral quick blade {shortrare=g} misses the wind
                  | drake.
 44102 | Shoals:4 | your +9 spectral quick blade {shortrare=g} hits the harpy.
 44102 | Shoals:4 | the harpy claws your +9 spectral quick blade {shortrare=g}.
 44102 | Shoals:4 | the harpy claws your +9 spectral quick blade {shortrare=g}!
 44102 | Shoals:4 | the harpy completely misses your +9 spectral quick blade
                  | {shortrare=g}.
 44102 | Shoals:4 | the harpy claws your +9 spectral quick blade {shortrare=g}.
 44103 | Shoals:4 | your +9 spectral quick blade {shortrare=g} hits the harpy.
 44103 | Shoals:4 | the harpy claws your +9 spectral quick blade {shortrare=g}.
 44103 | Shoals:4 | the harpy misses your +9 spectral quick blade
                  | {shortrare=g}.
 44104 | Shoals:4 | your +9 spectral quick blade {shortrare=g} hits the harpy.
 44104 | Shoals:4 | the harpy claws your +9 spectral quick blade {shortrare=g}!
 44104 | Shoals:4 | the harpy claws your +9 spectral quick blade {shortrare=g}
                  | but does no damage.
 44108 | Shoals:4 | your +9 spectral quick blade {shortrare=g} hits the harpy.
 44108 | Shoals:4 | the harpy claws your +9 spectral quick blade {shortrare=g}!
 44108 | Shoals:4 | the harpy misses your +9 spectral quick blade
                  | {shortrare=g}.
 44109 | Shoals:4 | your +9 spectral quick blade {shortrare=g} hits the sea
                  | snake!
 44111 | Shoals:4 | your +9 spectral quick blade {shortrare=g} hits the sea
                  | snake.
 44153 | Shoals:4 | your +9 spectral quick blade {shortrare=g} hits the sea
                  | snake!
 44154 | Shoals:4 | your +9 spectral quick blade {shortrare=g} hits the sea
                  | snake!
 44154 | Shoals:4 | your +9 spectral quick blade {shortrare=g} hits the plant!
 44201 | Shoals:4 | your +9 spectral quick blade {shortrare=g} hits the sea
                  | snake!
 44206 | Shoals:4 | your +9 spectral quick blade {shortrare=g} hits the
                  | manticore.
 44260 | Shoals:4 | your +9 spectral quick blade {shortrare=g} hits the faun!
 44260 | Shoals:4 | the sling bullet hits your +9 spectral quick blade
                  | {shortrare=g}!
 44260 | Shoals:4 | the sling bullet closely misses your +9 spectral quick
                  | blade {shortrare=g}.
 44260 | Shoals:4 | the sling bullet hits your +9 spectral quick blade
                  | {shortrare=g}!!
 44261 | Shoals:4 | your +9 spectral quick blade {shortrare=g} hits the faun!
 44263 | Shoals:4 | your +9 spectral quick blade {shortrare=g} hits the faun
                  | but does no damage.
 44263 | Shoals:4 | the satyr barely misses your +9 spectral quick blade
                  | {shortrare=g}.
 44264 | Shoals:4 | your +9 spectral quick blade {shortrare=g} hits the faun.
 44266 | Shoals:4 | your +9 spectral quick blade {shortrare=g} hits the sea
                  | snake!
 44268 | Shoals:4 | your +9 spectral quick blade {shortrare=g} hits the sea
                  | snake!
 44270 | Shoals:4 | your +9 spectral quick blade {shortrare=g} hits the satyr.
 44270 | Shoals:4 | the sling bullet hits your +9 spectral quick blade
                  | {shortrare=g}!!
 44271 | Shoals:4 | your +9 spectral quick blade {shortrare=g} hits the satyr!
 44318 | Shoals:4 | your +9 spectral quick blade {shortrare=g} hits the sea
                  | snake.
 44319 | Shoals:4 | your +9 spectral quick blade {shortrare=g} hits the sea
                  | snake!
 44410 | Shoals:4 | your +9 spectral quick blade {shortrare=g} hits the water
                  | elemental!
 44411 | Shoals:4 | your +9 spectral quick blade {shortrare=g} hits the merfolk
                  | javelineer.
 44412 | Shoals:4 | your +9 spectral quick blade {shortrare=g} hits the merfolk
                  | javelineer!
 44413 | Shoals:4 | your +9 spectral quick blade {shortrare=g} hits the merfolk
                  | javelineer!
 44413 | Shoals:4 | the javelin pierces through your +9 spectral quick blade
                  | {shortrare=g}!!
 44418 | Shoals:4 | your +9 spectral quick blade {shortrare=g} completely
                  | misses the merfolk aquamancer.
 44418 | Shoals:4 | the merfolk aquamancer completely misses your +9 spectral
                  | quick blade {shortrare=g}.
 44419 | Shoals:4 | your +9 spectral quick blade {shortrare=g} hits the merfolk
                  | aquamancer!
 44420 | Shoals:4 | your +9 spectral quick blade {shortrare=g} completely
                  | misses the merfolk aquamancer.
 44421 | Shoals:4 | your +9 spectral quick blade {shortrare=g} hits the merfolk
                  | aquamancer!
 44422 | Shoals:4 | your +9 spectral quick blade {shortrare=g} hits the merfolk
                  | aquamancer.
 44423 | Shoals:4 | your +9 spectral quick blade {shortrare=g} hits the merfolk
                  | aquamancer!
 44433 | Shoals:4 | your +9 spectral quick blade {shortrare=g} hits the merfolk
                  | aquamancer!
 44437 | Shoals:4 | Reached skill level 18 in Dodging
 44438 | Shoals:4 | your +9 spectral quick blade {shortrare=g} hits the merfolk
                  | impaler!
 44439 | Shoals:4 | your +9 spectral quick blade {shortrare=g} hits the merfolk
                  | siren!
 44440 | Shoals:4 | your +9 spectral quick blade {shortrare=g} completely
                  | misses the merfolk.
 44441 | Shoals:4 | your +9 spectral quick blade {shortrare=g} hits the merfolk
                  | impaler!
 44441 | Shoals:4 | the merfolk impaler hits your +9 spectral quick blade
                  | {shortrare=g} from afar with a +3 vampiric trident!
 44442 | Shoals:4 | your +9 spectral quick blade {shortrare=g} hits the
                  | merfolk!
 44442 | Shoals:4 | the merfolk impaler hits your +9 spectral quick blade
                  | {shortrare=g} with a +3 vampiric trident!
 44447 | Shoals:4 | your +9 spectral quick blade {shortrare=g} hits the
                  | merfolk!
 44447 | Shoals:4 | the merfolk closely misses your +9 spectral quick blade
                  | {shortrare=g}.
 44616 | Shoals:4 | your +9 spectral quick blade {shortrare=g} hits the water
                  | elemental!
 44623 | Shoals:4 | your +9 spectral quick blade {shortrare=g} hits the wind
                  | drake!
 44624 | Shoals:4 | your +9 spectral quick blade {shortrare=g} barely misses
                  | the wind drake.
 44626 | Shoals:4 | your +9 spectral quick blade {shortrare=g} hits the wind
                  | drake.
 44626 | Shoals:4 | the wind drake barely misses your +9 spectral quick blade
                  | {shortrare=g}.
 44732 | Shoals:4 | your +9 spectral quick blade {shortrare=g} hits the sea
                  | snake!
 44733 | Shoals:4 | your +9 spectral quick blade {shortrare=g} hits the sea
                  | snake!
 44735 | Shoals:4 | your +9 spectral quick blade {shortrare=g} barely misses
                  | the wind drake.
 44736 | Shoals:4 | your +9 spectral quick blade {shortrare=g} hits the wind
                  | drake!
 44736 | Shoals:4 | the water nymph completely misses your +9 spectral quick
                  | blade {shortrare=g}.
 44743 | Shoals:4 | your +9 spectral quick blade {shortrare=g} hits the water
                  | nymph!
 44744 | Shoals:4 | your +9 spectral quick blade {shortrare=g} barely misses
                  | the wind drake.
 44745 | Shoals:4 | your +9 spectral quick blade {shortrare=g} hits the wind
                  | drake!
 44746 | Shoals:4 | your +9 spectral quick blade {shortrare=g} hits the merfolk
                  | impaler.
 44746 | Shoals:4 | the wind drake closely misses your +9 spectral quick blade
                  | {shortrare=g}.
 44746 | Shoals:4 | the merfolk impaler barely misses your +9 spectral quick
                  | blade {shortrare=g}.
 44887 | Shoals:4 | your +9 spectral quick blade {shortrare=g} barely misses
                  | the merfolk.
 44888 | Shoals:4 | your +9 spectral quick blade {shortrare=g} hits the
                  | merfolk.
 44888 | Shoals:4 | the merfolk aquamancer hits your +9 spectral quick blade
                  | {shortrare=g} with a +0 rapier.
 44891 | Shoals:4 | your +9 spectral quick blade {shortrare=g} hits the
                  | snapping turtle!
 44892 | Shoals:4 | your +9 spectral quick blade {shortrare=g} hits the
                  | merfolk.
 44894 | Shoals:4 | your +9 spectral quick blade {shortrare=g} hits the merfolk
                  | aquamancer!
 44897 | Shoals:4 | your +9 spectral quick blade {shortrare=g} hits the water
                  | nymph!
 44898 | Shoals:4 | your +9 spectral quick blade {shortrare=g} hits the merfolk
                  | aquamancer.
 44899 | Shoals:4 | your +9 spectral quick blade {shortrare=g} hits the merfolk
                  | aquamancer!
 44903 | Shoals:4 | your +9 spectral quick blade {shortrare=g} hits the merfolk
                  | impaler!
 44905 | Shoals:4 | your +9 spectral quick blade {shortrare=g} hits the
                  | merfolk!
 44906 | Shoals:4 | your +9 spectral quick blade {shortrare=g} hits the
                  | snapping turtle!
 44911 | Shoals:4 | your +9 spectral quick blade {shortrare=g} hits the
                  | merfolk.
 44912 | Shoals:4 | your +9 spectral quick blade {shortrare=g} hits the
                  | merfolk.
 44912 | Shoals:4 | the merfolk hits your +9 spectral quick blade {shortrare=g}
                  | with a +0 trident!!
 44915 | Shoals:4 | your +9 spectral quick blade {shortrare=g} hits the
                  | merfolk.
 44917 | Shoals:4 | your +9 spectral quick blade {shortrare=g} hits the
                  | merfolk!
 44919 | Shoals:4 | your +9 spectral quick blade {shortrare=g} misses the
                  | merfolk impaler.
 44921 | Shoals:4 | your +9 spectral quick blade {shortrare=g} hits the merfolk
                  | impaler!
 44921 | Shoals:4 | the merfolk impaler barely misses your +9 spectral quick
                  | blade {shortrare=g}.
 45018 | Shoals:4 | your +9 spectral quick blade {shortrare=g} hits the
                  | snapping turtle.
 45020 | Shoals:4 | your +9 spectral quick blade {shortrare=g} hits the
                  | snapping turtle!
 45021 | Shoals:4 | your +9 spectral quick blade {shortrare=g} hits the
                  | snapping turtle!
 45092 | Shoals:4 | your +9 spectral quick blade {shortrare=g} hits the water
                  | nymph!
 45099 | Shoals:4 | your +9 spectral quick blade {shortrare=g} hits the wind
                  | drake!
 45099 | Shoals:4 | your +9 spectral quick blade {shortrare=g} is blown away by
                  | the wind.
 45102 | Shoals:4 | your +9 spectral quick blade {shortrare=g} misses the
                  | merfolk aquamancer.
 45104 | Shoals:4 | your +9 spectral quick blade {shortrare=g} closely misses
                  | the wind drake.
 45105 | Shoals:4 | your +9 spectral quick blade {shortrare=g} hits the wind
                  | drake.
 45105 | Shoals:4 | The ball of steam misses your +9 spectral quick blade
                  | {shortrare=g}.
 45108 | Shoals:4 | your +9 spectral quick blade {shortrare=g} hits the merfolk
                  | javelineer!
 45108 | Shoals:4 | the silver javelin pierces through your +9 spectral quick
                  | blade {shortrare=g}!
 45112 | Shoals:4 | your +9 spectral quick blade {shortrare=g} hits the merfolk
                  | aquamancer!
 45112 | Shoals:4 | The volley of spikes misses your +9 spectral quick blade
                  | {shortrare=g}.
 45112 | Shoals:4 | your +9 spectral quick blade {shortrare=g} is blown away by
                  | the wind.
 45113 | Shoals:4 | your +9 spectral quick blade {shortrare=g} hits the sea
                  | snake!
 45113 | Shoals:4 | The volley of spikes hits your +9 spectral quick blade
                  | {shortrare=g}!
 45114 | Shoals:4 | your +9 spectral quick blade {shortrare=g} hits the merfolk
                  | aquamancer!
 45115 | Shoals:4 | your +9 spectral quick blade {shortrare=g} hits the wind
                  | drake but does no damage.
 45115 | Shoals:4 | your +9 spectral quick blade {shortrare=g} is blown away by
                  | the wind.
 45116 | Shoals:4 | your +9 spectral quick blade {shortrare=g} hits the wind
                  | drake!
 45117 | Shoals:4 | your +9 spectral quick blade {shortrare=g} hits the wind
                  | drake!
 45121 | Shoals:4 | your +9 spectral quick blade {shortrare=g} hits the merfolk
                  | siren.
 45123 | Shoals:4 | your +9 spectral quick blade {shortrare=g} hits the
                  | cyclops.
 45124 | Shoals:4 | your +9 spectral quick blade {shortrare=g} hits the
                  | cyclops!
 45125 | Shoals:4 | your +9 spectral quick blade {shortrare=g} hits the
                  | cyclops!
 45126 | Shoals:4 | your +9 spectral quick blade {shortrare=g} hits the sea
                  | snake!
 45127 | Shoals:4 | your +9 spectral quick blade {shortrare=g} hits the sea
                  | snake.
 45128 | Shoals:4 | your +9 spectral quick blade {shortrare=g} hits the sea
                  | snake!
 45128 | Shoals:4 | The volley of spikes hits your +9 spectral quick blade
                  | {shortrare=g}.
 45128 | Shoals:4 | the manticore bites your +9 spectral quick blade
                  | {shortrare=g}!
 45128 | Shoals:4 | the manticore closely misses your +9 spectral quick blade
                  | {shortrare=g}.
 45128 | Shoals:4 | the manticore closely misses your +9 spectral quick blade
                  | {shortrare=g}.
 45134 | Shoals:4 | your +9 spectral quick blade {shortrare=g} hits the
                  | manticore!
 45139 | Shoals:4 | your +9 spectral quick blade {shortrare=g} hits the
                  | snapping turtle but does no damage.
 45140 | Shoals:4 | your +9 spectral quick blade {shortrare=g} hits the
                  | snapping turtle but does no damage.
 45141 | Shoals:4 | your +9 spectral quick blade {shortrare=g} hits the
                  | snapping turtle.
 45141 | Shoals:4 | the snapping turtle bites your +9 spectral quick blade
                  | {shortrare=g}!!
 45142 | Shoals:4 | your +9 spectral quick blade {shortrare=g} hits the
                  | snapping turtle.
 45466 | Shoals:4 | Got a barnacled rune of Zot
 45553 | Shoals:4 | your +9 spectral quick blade {shortrare=g} hits the merfolk
                  | javelineer.
 45554 | Shoals:4 | your +9 spectral quick blade {shortrare=g} hits the merfolk
                  | javelineer.
 45558 | Shoals:4 | your +9 spectral quick blade {shortrare=g} hits the
                  | merfolk!
 45559 | Shoals:4 | your +9 spectral quick blade {shortrare=g} hits the
                  | merfolk.
 45739 | Shoals:4 | your +9 spectral quick blade {shortrare=g} barely misses
                  | the tentacle.
 45740 | Shoals:4 | your +9 spectral quick blade {shortrare=g} hits the
                  | tentacle.
 45740 | Shoals:4 | the tentacle closely misses your +9 spectral quick blade
                  | {shortrare=g}.
 45742 | Shoals:4 | your +9 spectral quick blade {shortrare=g} hits the
                  | tentacle!
 45744 | Shoals:4 | your +9 spectral quick blade {shortrare=g} hits the
                  | tentacle!
 45744 | Shoals:4 | the tentacle barely misses your +9 spectral quick blade
                  | {shortrare=g}.
 46228 | Spider:1 | Entered Level 1 of the Spider Nest
 46230 | Spider:1 | your +9 spectral quick blade {shortrare=g} hits the jumping
                  | spider.
 46233 | Spider:1 | your +9 spectral quick blade {shortrare=g} hits the jumping
                  | spider!
 46235 | Spider:1 | your +9 spectral quick blade {shortrare=g} hits the entropy
                  | weaver but does no damage.
 46237 | Spider:1 | your +9 spectral quick blade {shortrare=g} hits the entropy
                  | weaver.
 46237 | Spider:1 | the entropy weaver hits your +9 spectral quick blade
                  | {shortrare=g}!
 46237 | Spider:1 | the entropy weaver hits your +9 spectral quick blade
                  | {shortrare=g}.
 46237 | Spider:1 | the entropy weaver hits your +9 spectral quick blade
                  | {shortrare=g}!
 46239 | Spider:1 | Reached skill level 1 in Invocations
 46242 | Spider:1 | Reached skill level 1 in Translocations
 46242 | Spider:1 | your +9 spectral quick blade {shortrare=g} hits the jumping
                  | spider.
 46243 | Spider:1 | your +9 spectral quick blade {shortrare=g} hits the jumping
                  | spider!
 46243 | Spider:1 | something closely misses your +9 spectral quick blade
                  | {shortrare=g}.
 46243 | Spider:1 | something bites your +9 spectral quick blade {shortrare=g}
                  | but does no damage.
 46245 | Spider:1 | your +9 spectral quick blade {shortrare=g} hits the wolf
                  | spider!
 46246 | Spider:1 | your +9 spectral quick blade {shortrare=g} hits the wolf
                  | spider!
 46251 | Spider:1 | your +9 spectral quick blade {shortrare=g} closely misses
                  | the culicivora.
 46252 | Spider:1 | your +9 spectral quick blade {shortrare=g} hits the
                  | culicivora!
 46257 | Spider:1 | your +9 spectral quick blade {shortrare=g} hits the demonic
                  | crawler!
 46259 | Spider:1 | your +9 spectral quick blade {shortrare=g} hits the demonic
                  | crawler but does no damage.
 46260 | Spider:1 | your +9 spectral quick blade {shortrare=g} hits the demonic
                  | crawler.
 46267 | Spider:1 | your +9 spectral quick blade {shortrare=g} hits the
                  | culicivora!
 46268 | Spider:1 | your +9 spectral quick blade {shortrare=g} hits the
                  | culicivora!
 46268 | Spider:1 | the culicivora bites your +9 spectral quick blade
                  | {shortrare=g} but does no damage.
 46270 | Spider:1 | your +9 spectral quick blade {shortrare=g} hits the
                  | culicivora!
 46270 | Spider:1 | the culicivora closely misses your +9 spectral quick blade
                  | {shortrare=g}.
 46270 | Spider:1 | the culicivora misses your +9 spectral quick blade
                  | {shortrare=g}.
 46272 | Spider:1 | Reached skill level 2 in Invocations
 46272 | Spider:1 | your +9 spectral quick blade {shortrare=g} hits the jumping
                  | spider!
 46273 | Spider:1 | your +9 spectral quick blade {shortrare=g} hits the
                  | culicivora!
 46273 | Spider:1 | the tarantella misses your +9 spectral quick blade
                  | {shortrare=g}.
 46273 | Spider:1 | the wolf spider misses your +9 spectral quick blade
                  | {shortrare=g}.
 46273 | Spider:1 | the wolf spider bites your +9 spectral quick blade
                  | {shortrare=g} but does no damage.
 46275 | Spider:1 | your +9 spectral quick blade {shortrare=g} hits the wolf
                  | spider!
 46278 | Spider:1 | your +9 spectral quick blade {shortrare=g} hits the
                  | tarantella!
 46279 | Spider:1 | Reached skill level 2 in Translocations
 46280 | Spider:1 | your +9 spectral quick blade {shortrare=g} barely misses
                  | the pharaoh ant.
 46281 | Spider:1 | your +9 spectral quick blade {shortrare=g} hits the pharaoh
                  | ant!
 46281 | Spider:1 | the steelbarb worm closely misses your +9 spectral quick
                  | blade {shortrare=g}.
 46282 | Spider:1 | your +9 spectral quick blade {shortrare=g} closely misses
                  | the pharaoh ant.
 46282 | Spider:1 | the steelbarb worm barely misses your +9 spectral quick
                  | blade {shortrare=g}.
 46285 | Spider:1 | your +9 spectral quick blade {shortrare=g} hits the
                  | steelbarb worm.
 46285 | Spider:1 | the culicivora bites your +9 spectral quick blade
                  | {shortrare=g} but does no damage.
 46286 | Spider:1 | your +9 spectral quick blade {shortrare=g} hits the jumping
                  | spider.
 46287 | Spider:1 | your +9 spectral quick blade {shortrare=g} hits the
                  | steelbarb worm.
 46287 | Spider:1 | the steelbarb worm hits your +9 spectral quick blade
                  | {shortrare=g} but does no damage.
 46297 | Spider:1 | your +9 spectral quick blade {shortrare=g} hits the
                  | steelbarb worm simulacrum!
 46298 | Spider:1 | your +9 spectral quick blade {shortrare=g} hits the jumping
                  | spider!
 46317 | Spider:1 | your +9 spectral quick blade {shortrare=g} hits the pharaoh
                  | ant!
 46323 | Spider:1 | your +9 spectral quick blade {shortrare=g} barely misses
                  | the redback.
 46326 | Spider:1 | your +9 spectral quick blade {shortrare=g} hits the redback
                  | simulacrum!
 46400 | Spider:1 | your +9 spectral quick blade {shortrare=g} hits the
                  | redback!
 46401 | Spider:1 | your +9 spectral quick blade {shortrare=g} hits the
                  | tarantella!
 46401 | Spider:1 | the tarantella touches your +9 spectral quick blade
                  | {shortrare=g}!
 46401 | Spider:1 | your +9 spectral quick blade {shortrare=g} appears
                  | confused.
 46402 | Spider:1 | your +9 spectral quick blade {shortrare=g} hits the wolf
                  | spider!
 46404 | Spider:1 | your +9 spectral quick blade {shortrare=g} hits the wolf
                  | spider!
 46405 | Spider:1 | Reached skill level 3 in Invocations
 46406 | Spider:1 | your +9 spectral quick blade {shortrare=g} barely misses
                  | the culicivora.
 46406 | Spider:1 | the tarantella barely misses your +9 spectral quick blade
                  | {shortrare=g}.
 46407 | Spider:1 | your +9 spectral quick blade {shortrare=g} hits the moth of
                  | wrath!
 46408 | Spider:1 | your +9 spectral quick blade {shortrare=g} hits the
                  | tarantella!
 46421 | Spider:1 | your +9 spectral quick blade {shortrare=g} hits the jumping
                  | spider!
 46423 | Spider:1 | your +9 spectral quick blade {shortrare=g} hits the
                  | redback.
 46423 | Spider:1 | the redback bites your +9 spectral quick blade
                  | {shortrare=g}!
 46428 | Spider:1 | Reached skill level 3 in Translocations
 46428 | Spider:1 | your +9 spectral quick blade {shortrare=g} hits the
                  | redback!
 46436 | Spider:1 | your +9 spectral quick blade {shortrare=g} hits the
                  | culicivora.
 46469 | Spider:1 | your +9 spectral quick blade {shortrare=g} hits the
                  | culicivora!
 46470 | Spider:1 | your +9 spectral quick blade {shortrare=g} hits the
                  | culicivora.
 46472 | Spider:1 | your +9 spectral quick blade {shortrare=g} hits the demonic
                  | crawler.
 46473 | Spider:1 | your +9 spectral quick blade {shortrare=g} hits the demonic
                  | crawler!
 46474 | Spider:1 | your +9 spectral quick blade {shortrare=g} hits the demonic
                  | crawler.
 46474 | Spider:1 | the demonic crawler hits your +9 spectral quick blade
                  | {shortrare=g}.
 46474 | Spider:1 | the demonic crawler closely misses your +9 spectral quick
                  | blade {shortrare=g}.
 46474 | Spider:1 | the demonic crawler hits your +9 spectral quick blade
                  | {shortrare=g}!
 46481 | Spider:1 | your +9 spectral quick blade {shortrare=g} hits the
                  | broodmother.
 46482 | Spider:1 | your +9 spectral quick blade {shortrare=g} hits the
                  | broodmother!
 46483 | Spider:1 | your +9 spectral quick blade {shortrare=g} hits the
                  | broodmother!
 46484 | Spider:1 | your +9 spectral quick blade {shortrare=g} hits the
                  | broodmother!
 46489 | Spider:1 | your +9 spectral quick blade {shortrare=g} hits the
                  | tarantella!
 46491 | Spider:1 | your +9 spectral quick blade {shortrare=g} hits the
                  | redback!
 46493 | Spider:1 | your +9 spectral quick blade {shortrare=g} hits the jumping
                  | spider!
 46494 | Spider:1 | your +9 spectral quick blade {shortrare=g} hits the jumping
                  | spider!
 46498 | Spider:1 | your +9 spectral quick blade {shortrare=g} hits the jumping
                  | spider!
 46500 | Spider:1 | your +9 spectral quick blade {shortrare=g} hits the jumping
                  | spider!
 46521 | Spider:1 | your +9 spectral quick blade {shortrare=g} hits the moth of
                  | wrath!
 46521 | Spider:1 | the moth of wrath misses your +9 spectral quick blade
                  | {shortrare=g}.
 46522 | Spider:1 | your +9 spectral quick blade {shortrare=g} barely misses
                  | the moth of wrath.
 46541 | Spider:1 | your +9 spectral quick blade {shortrare=g} hits the
                  | redback!
 46541 | Spider:1 | the redback bites your +9 spectral quick blade
                  | {shortrare=g}.
 46583 | Spider:1 | your +9 spectral quick blade {shortrare=g} hits the sun
                  | moth.
 46585 | Spider:1 | Reached skill level 4 in Invocations
 46586 | Spider:1 | your +9 spectral quick blade {shortrare=g} hits the wolf
                  | spider!
 46587 | Spider:1 | your +9 spectral quick blade {shortrare=g} hits the wolf
                  | spider.
 46824 | Spider:1 | your +9 spectral quick blade {shortrare=g} hits the
                  | redback!
 46824 | Spider:1 | the redback bites your +9 spectral quick blade
                  | {shortrare=g} but does no damage.
 46851 | Spider:1 | your +9 spectral quick blade {shortrare=g} barely misses
                  | the redback.
 46852 | Spider:1 | your +9 spectral quick blade {shortrare=g} hits the
                  | redback!
 47217 | Spider:1 | Found a runed translucent door.
 47218 | Spider:1 | Found a shimmering altar of Xom.
 47218 | Spider:1 | Noticed Slifar's ghost (adept DrFE)
 47250 | Spider:2 | your +9 spectral quick blade {shortrare=g} hits the pharaoh
                  | ant.
 47252 | Spider:2 | Reached XP level 20. HP: 139/139 MP: 17/23
 47252 | Spider:2 | your +9 spectral quick blade {shortrare=g} hits the jumping
                  | spider but does no damage.
 47253 | Spider:2 | your +9 spectral quick blade {shortrare=g} hits the jumping
                  | spider!
 47254 | Spider:2 | your +9 spectral quick blade {shortrare=g} hits the
                  | tarantella!
 47254 | Spider:2 | the tarantella completely misses your +9 spectral quick
                  | blade {shortrare=g}.
 47254 | Spider:2 | the jumping spider completely misses your +9 spectral quick
                  | blade {shortrare=g}.
 47254 | Spider:2 | the jumping spider barely misses your +9 spectral quick
                  | blade {shortrare=g}.
 47256 | Spider:2 | your +9 spectral quick blade {shortrare=g} hits the jumping
                  | spider!
 47256 | Spider:2 | the jumping spider barely misses your +9 spectral quick
                  | blade {shortrare=g}.
 47256 | Spider:2 | the jumping spider completely misses your +9 spectral quick
                  | blade {shortrare=g}.
 47261 | Spider:2 | your +9 spectral quick blade {shortrare=g} hits the
                  | culicivora!
 47262 | Spider:2 | your +9 spectral quick blade {shortrare=g} hits the
                  | redback!
 47263 | Spider:2 | Reached skill level 4 in Translocations
 47263 | Spider:2 | your +9 spectral quick blade {shortrare=g} hits the
                  | redback!
 47264 | Spider:2 | your +9 spectral quick blade {shortrare=g} barely misses
                  | the redback.
 47266 | Spider:2 | your +9 spectral quick blade {shortrare=g} hits the redback
                  | simulacrum.
 47273 | Spider:2 | your +9 spectral quick blade {shortrare=g} hits the wolf
                  | spider.
 47274 | Spider:2 | your +9 spectral quick blade {shortrare=g} hits the wolf
                  | spider!
 47274 | Spider:2 | the tarantella simulacrum closely misses your +9 spectral
                  | quick blade {shortrare=g}.
 47275 | Spider:2 | your +9 spectral quick blade {shortrare=g} barely misses
                  | the jumping spider.
 47276 | Spider:2 | your +9 spectral quick blade {shortrare=g} hits the jumping
                  | spider.
 47278 | Spider:2 | Reached skill level 1 in Spellcasting
 47278 | Spider:2 | your +9 spectral quick blade {shortrare=g} hits the wolf
                  | spider simulacrum!
 47280 | Spider:2 | your +9 spectral quick blade {shortrare=g} hits the redback
                  | simulacrum!
 47282 | Spider:2 | your +9 spectral quick blade {shortrare=g} hits the
                  | broodmother!
 47283 | Spider:2 | your +9 spectral quick blade {shortrare=g} hits the
                  | broodmother!
 47283 | Spider:2 | your +9 spectral quick blade {shortrare=g} is engulfed in
                  | freezing vapours.
 47284 | Spider:2 | your +9 spectral quick blade {shortrare=g} hits the jumping
                  | spider simulacrum!
 47285 | Spider:2 | your +9 spectral quick blade {shortrare=g} hits the
                  | broodmother.
 47285 | Spider:2 | the tarantella barely misses your +9 spectral quick blade
                  | {shortrare=g}.
 47286 | Spider:2 | your +9 spectral quick blade {shortrare=g} hits the
                  | broodmother!
 47287 | Spider:2 | your +9 spectral quick blade {shortrare=g} hits the jumping
                  | spider simulacrum!
 47287 | Spider:2 | the steelbarb worm hits your +9 spectral quick blade
                  | {shortrare=g}!
 47288 | Spider:2 | your +9 spectral quick blade {shortrare=g} closely misses
                  | the culicivora simulacrum.
 47289 | Spider:2 | your +9 spectral quick blade {shortrare=g} hits the jumping
                  | spider simulacrum!
 47290 | Spider:2 | your +9 spectral quick blade {shortrare=g} hits the jumping
                  | spider!!
 47290 | Spider:2 | the jumping spider closely misses your +9 spectral quick
                  | blade {shortrare=g}.
 47290 | Spider:2 | the jumping spider bites your +9 spectral quick blade
                  | {shortrare=g}.
 47291 | Spider:2 | your +9 spectral quick blade {shortrare=g} hits the jumping
                  | spider!
 47291 | Spider:2 | the jumping spider pounces on your +9 spectral quick blade
                  | {shortrare=g}!
 47291 | Spider:2 | the jumping spider bites your +9 spectral quick blade
                  | {shortrare=g}.
 47291 | Spider:2 | the jumping spider pounces on your +9 spectral quick blade
                  | {shortrare=g} but does no damage.
 47291 | Spider:2 | the jumping spider barely misses your +9 spectral quick
                  | blade {shortrare=g}.
 47292 | Spider:2 | your +9 spectral quick blade {shortrare=g} hits the
                  | steelbarb worm.
 47292 | Spider:2 | the jumping spider misses your +9 spectral quick blade
                  | {shortrare=g}.
 47292 | Spider:2 | the jumping spider completely misses your +9 spectral quick
                  | blade {shortrare=g}.
 47293 | Spider:2 | your +9 spectral quick blade {shortrare=g} hits the jumping
                  | spider!
 47293 | Spider:2 | your +9 spectral quick blade {shortrare=g} is engulfed in
                  | freezing vapours.
 47293 | Spider:2 | the jumping spider pounces on your +9 spectral quick blade
                  | {shortrare=g}!!
 47293 | Spider:2 | the jumping spider closely misses your +9 spectral quick
                  | blade {shortrare=g}.
 47296 | Spider:2 | your +9 spectral quick blade {shortrare=g} hits the
                  | steelbarb worm but does no damage.
 47539 | Spider:2 | your +9 spectral quick blade {shortrare=g} hits the
                  | redback!
 47541 | Spider:2 | your +9 spectral quick blade {shortrare=g} hits the jumping
                  | spider.
 47542 | Spider:2 | your +9 spectral quick blade {shortrare=g} closely misses
                  | the jumping spider.
 47543 | Spider:2 | your +9 spectral quick blade {shortrare=g} barely misses
                  | the jumping spider.
 47546 | Spider:2 | your +9 spectral quick blade {shortrare=g} completely
                  | misses the jumping spider.
 48166 | Spider:1 | Learned a level 5 spell: Manifold Assault
 48171 | Spider:1 | your +9 spectral quick blade {shortrare=g} hits the torpor
                  | snail.
 48172 | Spider:1 | your +9 spectral quick blade {shortrare=g} hits the torpor
                  | snail!
 48172 | Spider:1 | the torpor snail barely misses your +9 spectral quick blade
                  | {shortrare=g}.
 48483 | Spider:2 | your +9 spectral quick blade {shortrare=g} completely
                  | misses the redback.
 48486 | Spider:2 | your +9 spectral quick blade {shortrare=g} hits the
                  | redback.
 48487 | Spider:2 | your +9 spectral quick blade {shortrare=g} hits the
                  | redback!
 48488 | Spider:2 | your +9 spectral quick blade {shortrare=g} hits the
                  | redback!
 48495 | Spider:2 | HP: 15/180 [disintegration (48)]
 48867 | Spider:2 | your +9 spectral quick blade {shortrare=g} hits the jumping
                  | spider!
 49490 | Spider:2 | your +9 spectral quick blade {shortrare=g} hits the demonic
                  | crawler but does no damage.
 49491 | Spider:2 | your +9 spectral quick blade {shortrare=g} hits the demonic
                  | crawler but does no damage.
 49494 | Spider:2 | your +9 spectral quick blade {shortrare=g} barely misses
                  | the hornet.
 49496 | Spider:2 | Reached skill level 5 in Invocations
 49691 | Spider:2 | your +9 spectral quick blade {shortrare=g} hits the hornet.
 49691 | Spider:2 | the hornet misses your +9 spectral quick blade
                  | {shortrare=g}.
 49695 | Spider:2 | your +9 spectral quick blade {shortrare=g} barely misses
                  | the tarantella.
 50303 | Spider:2 | your +9 spectral quick blade {shortrare=g} hits the jumping
                  | spider!
 50304 | Spider:2 | your +9 spectral quick blade {shortrare=g} hits the jumping
                  | spider!
 50305 | Spider:2 | your +9 spectral quick blade {shortrare=g} hits the jumping
                  | spider!
 50306 | Spider:2 | your +9 spectral quick blade {shortrare=g} hits the jumping
                  | spider.
 50413 | Spider:2 | your +9 spectral quick blade {shortrare=g} hits the hornet.
 50459 | Spider:2 | You pick up a book of Chaos and begin reading...
 50459 | Spider:2 | You add the spells Conjure Ball Lightning, Disjunction and
                  | Discord to your library.
 50469 | Spider:2 | your +9 spectral quick blade {shortrare=g} hits the hornet!
 50469 | Spider:2 | the hornet stings your +9 spectral quick blade
                  | {shortrare=g}!
 50512 | Spider:2 | your +9 spectral quick blade {shortrare=g} hits the hornet!
 50513 | Spider:2 | your +9 spectral quick blade {shortrare=g} hits the hornet!
 50519 | Spider:2 | your +9 spectral quick blade {shortrare=g} hits the
                  | redback.
 50520 | Spider:2 | your +9 spectral quick blade {shortrare=g} hits the
                  | redback!
 50571 | Spider:2 | your +9 spectral quick blade {shortrare=g} hits the emperor
                  | scorpion.
 50572 | Spider:2 | your +9 spectral quick blade {shortrare=g} hits the emperor
                  | scorpion but does no damage.
 50572 | Spider:2 | the emperor scorpion stings your +9 spectral quick blade
                  | {shortrare=g}!!
 50572 | Spider:2 | the emperor scorpion claws your +9 spectral quick blade
                  | {shortrare=g}.
 50572 | Spider:2 | the emperor scorpion claws your +9 spectral quick blade
                  | {shortrare=g}.
 50573 | Spider:2 | your +9 spectral quick blade {shortrare=g} barely misses
                  | the emperor scorpion.
 50574 | Spider:2 | your +9 spectral quick blade {shortrare=g} completely
                  | misses the emperor scorpion.
 50575 | Spider:2 | your +9 spectral quick blade {shortrare=g} barely misses
                  | the emperor scorpion.
 50576 | Spider:2 | your +9 spectral quick blade {shortrare=g} completely
                  | misses the emperor scorpion.
 50578 | Spider:2 | your +9 spectral quick blade {shortrare=g} hits the emperor
                  | scorpion!
 50579 | Spider:2 | your +9 spectral quick blade {shortrare=g} hits the emperor
                  | scorpion but does no damage.
 50580 | Spider:2 | your +9 spectral quick blade {shortrare=g} hits the emperor
                  | scorpion but does no damage.
 50581 | Spider:2 | your +9 spectral quick blade {shortrare=g} hits the emperor
                  | scorpion.
 50582 | Spider:2 | your +9 spectral quick blade {shortrare=g} hits the emperor
                  | scorpion!
 50583 | Spider:2 | your +9 spectral quick blade {shortrare=g} hits the emperor
                  | scorpion but does no damage.
 50584 | Spider:2 | your +9 spectral quick blade {shortrare=g} hits the emperor
                  | scorpion but does no damage.
 50585 | Spider:2 | your +9 spectral quick blade {shortrare=g} hits the emperor
                  | scorpion but does no damage.
 50587 | Spider:2 | Reached skill level 2 in Spellcasting
 50587 | Spider:2 | Reached skill level 5 in Translocations
 50634 | Spider:2 | your +9 spectral quick blade {shortrare=g} hits the hornet!
 50642 | Spider:2 | your +9 spectral quick blade {shortrare=g} hits the jumping
                  | spider.
 50744 | Spider:2 | your +9 spectral quick blade {shortrare=g} hits the hornet!
 50922 | Spider:2 | your +9 spectral quick blade {shortrare=g} hits the demonic
                  | crawler.
 50923 | Spider:2 | your +9 spectral quick blade {shortrare=g} completely
                  | misses the demonic crawler.
 50924 | Spider:2 | your +9 spectral quick blade {shortrare=g} hits the demonic
                  | crawler.
 50956 | Spider:2 | You pick up a book of Spectacle and begin reading...
 50956 | Spider:2 | You add the spells Dazzling Flash, Iskenderun's Mystic
                  | Blast and Starburst to your library.
 51062 | Spider:2 | your +9 spectral quick blade {shortrare=g} hits the wolf
                  | spider!
 51063 | Spider:2 | your +9 spectral quick blade {shortrare=g} hits the wolf
                  | spider.
 51064 | Spider:2 | your +9 spectral quick blade {shortrare=g} hits the wolf
                  | spider!
 51421 | Spider:3 | your +9 spectral quick blade {shortrare=g} hits the
                  | steelbarb worm!
 51422 | Spider:3 | your +9 spectral quick blade {shortrare=g} hits the
                  | steelbarb worm!
 51423 | Spider:3 | your +9 spectral quick blade {shortrare=g} hits the
                  | steelbarb worm.
 51424 | Spider:3 | your +9 spectral quick blade {shortrare=g} hits the
                  | steelbarb worm.
 51424 | Spider:3 | the steelbarb worm hits your +9 spectral quick blade
                  | {shortrare=g}!
 51426 | Spider:3 | your +9 spectral quick blade {shortrare=g} hits the
                  | culicivora!
 51432 | Spider:3 | your +9 spectral quick blade {shortrare=g} hits the wolf
                  | spider!
 51433 | Spider:3 | your +9 spectral quick blade {shortrare=g} hits the wolf
                  | spider!
 51434 | Spider:3 | Reached skill level 6 in Invocations
 51434 | Spider:3 | your +9 spectral quick blade {shortrare=g} hits the pharaoh
                  | ant!
 51436 | Spider:3 | your +9 spectral quick blade {shortrare=g} hits the
                  | culicivora.
 51439 | Spider:3 | your +9 spectral quick blade {shortrare=g} hits the meliai!
 51440 | Spider:3 | your +9 spectral quick blade {shortrare=g} hits the
                  | redback!
 51441 | Spider:3 | your +9 spectral quick blade {shortrare=g} hits the
                  | steelbarb worm!
 51442 | Spider:3 | your +9 spectral quick blade {shortrare=g} hits the
                  | steelbarb worm!
 51442 | Spider:3 | the steelbarb worm hits your +9 spectral quick blade
                  | {shortrare=g}!
 51446 | Spider:3 | your +9 spectral quick blade {shortrare=g} hits the
                  | culicivora simulacrum!
 51447 | Spider:3 | your +9 spectral quick blade {shortrare=g} hits the redback
                  | simulacrum!
 51448 | Spider:3 | your +9 spectral quick blade {shortrare=g} hits the
                  | steelbarb worm simulacrum!
 51448 | Spider:3 | your +9 spectral quick blade {shortrare=g} is engulfed in
                  | freezing vapours.
 51449 | Spider:3 | your +9 spectral quick blade {shortrare=g} is engulfed in
                  | freezing vapours.
 51449 | Spider:3 | your +9 spectral quick blade {shortrare=g} is engulfed in
                  | freezing vapours.
 51450 | Spider:3 | your +9 spectral quick blade {shortrare=g} is engulfed in
                  | freezing vapours.
 51451 | Spider:3 | your +9 spectral quick blade {shortrare=g} barely misses
                  | the radroach.
 51451 | Spider:3 | the radroach bites your +9 spectral quick blade
                  | {shortrare=g}!!
 51452 | Spider:3 | your +9 spectral quick blade {shortrare=g} hits the
                  | radroach.
 51452 | Spider:3 | the redback bites your +9 spectral quick blade
                  | {shortrare=g}!
 51452 | Spider:3 | the radroach bites your +9 spectral quick blade
                  | {shortrare=g} but does no damage.
 51452 | Spider:3 | the radroach misses your +9 spectral quick blade
                  | {shortrare=g}.
 51456 | Spider:3 | your +9 spectral quick blade {shortrare=g} hits the
                  | radroach!
 51456 | Spider:3 | the radroach bites your +9 spectral quick blade
                  | {shortrare=g} but does no damage.
 51456 | Spider:3 | the radroach barely misses your +9 spectral quick blade
                  | {shortrare=g}.
 51562 | Spider:3 | You pick up a book of Death and begin reading...
 51569 | Spider:3 | You pick up a book of the Hunter and begin reading...
 51603 | Spider:3 | your +9 spectral quick blade {shortrare=g} hits the wolf
                  | spider.
 51604 | Spider:3 | your +9 spectral quick blade {shortrare=g} hits the wolf
                  | spider!
 51606 | Spider:3 | your +9 spectral quick blade {shortrare=g} completely
                  | misses the tarantella.
 51607 | Spider:3 | your +9 spectral quick blade {shortrare=g} hits the wolf
                  | spider!
 51610 | Spider:3 | your +9 spectral quick blade {shortrare=g} hits the
                  | tarantella!
 51754 | Spider:3 | your +9 spectral quick blade {shortrare=g} hits the wolf
                  | spider.
 51755 | Spider:3 | your +9 spectral quick blade {shortrare=g} hits the wolf
                  | spider!
 51775 | Spider:3 | your +9 spectral quick blade {shortrare=g} hits the
                  | culicivora!
 51777 | Spider:3 | your +9 spectral quick blade {shortrare=g} hits the wolf
                  | spider.
 51779 | Spider:3 | Reached skill level 6 in Translocations
 51779 | Spider:3 | your +9 spectral quick blade {shortrare=g} hits the
                  | culicivora!
 51780 | Spider:3 | your +9 spectral quick blade {shortrare=g} hits the wolf
                  | spider!
 51781 | Spider:3 | your +9 spectral quick blade {shortrare=g} hits the wolf
                  | spider.
 51781 | Spider:3 | the jumping spider pounces on your +9 spectral quick blade
                  | {shortrare=g}!
 51781 | Spider:3 | the jumping spider bites your +9 spectral quick blade
                  | {shortrare=g} but does no damage.
 51782 | Spider:3 | your +9 spectral quick blade {shortrare=g} hits the wolf
                  | spider!
 51782 | Spider:3 | the jumping spider barely misses your +9 spectral quick
                  | blade {shortrare=g}.
 51782 | Spider:3 | the jumping spider barely misses your +9 spectral quick
                  | blade {shortrare=g}.
 51783 | Spider:3 | your +9 spectral quick blade {shortrare=g} hits the wolf
                  | spider.
 51784 | Spider:3 | your +9 spectral quick blade {shortrare=g} hits the wolf
                  | spider!
 51784 | Spider:3 | the wolf spider hits your +9 spectral quick blade
                  | {shortrare=g}.
 51784 | Spider:3 | the wolf spider bites your +9 spectral quick blade
                  | {shortrare=g} but does no damage.
 51788 | Spider:3 | your +9 spectral quick blade {shortrare=g} hits the
                  | tarantella!
 51791 | Spider:3 | your +9 spectral quick blade {shortrare=g} hits the
                  | culicivora!
 51792 | Spider:3 | your +9 spectral quick blade {shortrare=g} hits the
                  | tarantella!
 51941 | Spider:3 | Reached skill level 3 in Spellcasting
 52249 | Spider:3 | your +9 spectral quick blade {shortrare=g} hits the
                  | tarantella.
 52249 | Spider:3 | the tarantella touches your +9 spectral quick blade
                  | {shortrare=g}!
 52249 | Spider:3 | your +9 spectral quick blade {shortrare=g} appears
                  | confused.
 52251 | Spider:3 | your +9 spectral quick blade {shortrare=g} hits the jumping
                  | spider.
 52252 | Spider:3 | your +9 spectral quick blade {shortrare=g} hits the jumping
                  | spider!
 52253 | Spider:3 | your +9 spectral quick blade {shortrare=g} hits the
                  | broodmother!
 52254 | Spider:3 | your +9 spectral quick blade {shortrare=g} hits the
                  | broodmother!
 52255 | Spider:3 | your +9 spectral quick blade {shortrare=g} hits the
                  | broodmother!
 52255 | Spider:3 | the broodmother bites your +9 spectral quick blade
                  | {shortrare=g}!!
 52257 | Spider:3 | Reached skill level 7 in Invocations
 52301 | Spider:3 | Noticed Agnes
 52308 | Spider:3 | Noticed Arachne
 52309 | Spider:3 | Killed Agnes
 52314 | Spider:3 | your +9 spectral quick blade {shortrare=g} hits Arachne.
 52315 | Spider:3 | your +9 spectral quick blade {shortrare=g} hits Arachne!
 52316 | Spider:3 | your +9 spectral quick blade {shortrare=g} hits Arachne!
 52318 | Spider:3 | your +9 spectral quick blade {shortrare=g} barely misses
                  | Arachne.
 52319 | Spider:3 | your +9 spectral quick blade {shortrare=g} closely misses
                  | Arachne.
 52320 | Spider:3 | your +9 spectral quick blade {shortrare=g} hits Arachne!
 52321 | Spider:3 | your +9 spectral quick blade {shortrare=g} hits Arachne!
 52321 | Spider:3 | Arachne closely misses your +9 spectral quick blade
                  | {shortrare=g}.
 52322 | Spider:3 | Killed Arachne
 52511 | Spider:3 | your +9 spectral quick blade {shortrare=g} hits the
                  | steelbarb worm!
 52512 | Spider:3 | your +9 spectral quick blade {shortrare=g} hits the
                  | steelbarb worm but does no damage.
 52513 | Spider:3 | your +9 spectral quick blade {shortrare=g} hits the
                  | steelbarb worm but does no damage.
 52514 | Spider:3 | your +9 spectral quick blade {shortrare=g} hits the
                  | steelbarb worm.
 52514 | Spider:3 | the culicivora barely misses your +9 spectral quick blade
                  | {shortrare=g}.
 52515 | Spider:3 | your +9 spectral quick blade {shortrare=g} hits the
                  | steelbarb worm but does no damage.
 52515 | Spider:3 | the culicivora closely misses your +9 spectral quick blade
                  | {shortrare=g}.
 52517 | Spider:3 | your +9 spectral quick blade {shortrare=g} hits the
                  | redback!
 52519 | Spider:3 | your +9 spectral quick blade {shortrare=g} hits the
                  | culicivora!
 52519 | Spider:3 | the culicivora barely misses your +9 spectral quick blade
                  | {shortrare=g}.
 52521 | Spider:3 | your +9 spectral quick blade {shortrare=g} hits the
                  | redback!
 52523 | Spider:3 | your +9 spectral quick blade {shortrare=g} completely
                  | misses the redback.
 52524 | Spider:3 | your +9 spectral quick blade {shortrare=g} hits the
                  | redback!
 52760 | Spider:3 | your +9 spectral quick blade {shortrare=g} hits the emperor
                  | scorpion.
 52761 | Spider:3 | your +9 spectral quick blade {shortrare=g} hits the emperor
                  | scorpion.
 52762 | Spider:3 | your +9 spectral quick blade {shortrare=g} hits the emperor
                  | scorpion but does no damage.
 52763 | Spider:3 | your +9 spectral quick blade {shortrare=g} hits the emperor
                  | scorpion but does no damage.
 52764 | Spider:3 | your +9 spectral quick blade {shortrare=g} hits the emperor
                  | scorpion but does no damage.
 52765 | Spider:3 | your +9 spectral quick blade {shortrare=g} hits the emperor
                  | scorpion but does no damage.
 52766 | Spider:3 | your +9 spectral quick blade {shortrare=g} barely misses
                  | the emperor scorpion.
 52767 | Spider:3 | your +9 spectral quick blade {shortrare=g} hits the emperor
                  | scorpion.
 52768 | Spider:3 | your +9 spectral quick blade {shortrare=g} hits the emperor
                  | scorpion.
 52770 | Spider:3 | your +9 spectral quick blade {shortrare=g} hits the demonic
                  | crawler!
 52770 | Spider:3 | the demonic crawler hits your +9 spectral quick blade
                  | {shortrare=g}.
 52770 | Spider:3 | the demonic crawler misses your +9 spectral quick blade
                  | {shortrare=g}.
 52770 | Spider:3 | the demonic crawler misses your +9 spectral quick blade
                  | {shortrare=g}.
 52771 | Spider:3 | your +9 spectral quick blade {shortrare=g} hits the emperor
                  | scorpion but does no damage.
 52772 | Spider:3 | your +9 spectral quick blade {shortrare=g} barely misses
                  | the emperor scorpion.
 52773 | Spider:3 | your +9 spectral quick blade {shortrare=g} closely misses
                  | the emperor scorpion.
 52774 | Spider:3 | your +9 spectral quick blade {shortrare=g} hits the emperor
                  | scorpion!
 52775 | Spider:3 | your +9 spectral quick blade {shortrare=g} hits the demonic
                  | crawler.
 52776 | Spider:3 | your +9 spectral quick blade {shortrare=g} hits the demonic
                  | crawler!
 52777 | Spider:3 | your +9 spectral quick blade {shortrare=g} hits the emperor
                  | scorpion but does no damage.
 52780 | Spider:3 | your +9 spectral quick blade {shortrare=g} hits the demonic
                  | crawler.
 52781 | Spider:3 | your +9 spectral quick blade {shortrare=g} hits the demonic
                  | crawler!
 52782 | Spider:3 | your +9 spectral quick blade {shortrare=g} hits the demonic
                  | crawler!
 52800 | Spider:3 | HP: 38/180 [disintegration (42)]
 52832 | Spider:3 | HP: 34/139 [poisoned by an emperor scorpion]
 52837 | Spider:3 | HP: 24/139 [poisoned by an emperor scorpion]
 52842 | Spider:3 | HP: 20/139 [poisoned by an emperor scorpion]
 52847 | Spider:3 | HP: 18/139 [poisoned by an emperor scorpion]
 53446 | Spider:4 | Entered Level 4 of the Spider Nest
 53542 | Spider:4 | your +9 spectral quick blade {shortrare=g} barely misses
                  | the redback.
 53542 | Spider:4 | the redback bites your +9 spectral quick blade
                  | {shortrare=g}!
 53543 | Spider:4 | your +9 spectral quick blade {shortrare=g} hits the
                  | redback!
 53544 | Spider:4 | your +9 spectral quick blade {shortrare=g} closely misses
                  | the redback.
 53546 | Spider:4 | your +9 spectral quick blade {shortrare=g} hits the
                  | redback!
 53644 | Spider:4 | Reached skill level 7 in Translocations
 53645 | Spider:4 | your +9 spectral quick blade {shortrare=g} hits the
                  | tarantella!
 53645 | Spider:4 | the tarantella barely misses your +9 spectral quick blade
                  | {shortrare=g}.
 53648 | Spider:4 | your +9 spectral quick blade {shortrare=g} hits the wolf
                  | spider.
 53649 | Spider:4 | your +9 spectral quick blade {shortrare=g} hits the wolf
                  | spider.
 53650 | Spider:4 | your +9 spectral quick blade {shortrare=g} hits the wolf
                  | spider.
 53668 | Spider:4 | your +9 spectral quick blade {shortrare=g} barely misses
                  | the culicivora.
 53669 | Spider:4 | your +9 spectral quick blade {shortrare=g} hits the
                  | culicivora!
 53694 | Spider:4 | your +9 spectral quick blade {shortrare=g} hits the
                  | tarantella.
 53695 | Spider:4 | your +9 spectral quick blade {shortrare=g} hits the
                  | tarantella!
 53700 | Spider:4 | your +9 spectral quick blade {shortrare=g} hits the
                  | redback!
 53936 | Spider:4 | your +9 spectral quick blade {shortrare=g} barely misses
                  | the steelbarb worm.
 53937 | Spider:4 | your +9 spectral quick blade {shortrare=g} hits the
                  | steelbarb worm!
 53937 | Spider:4 | the meliai misses your +9 spectral quick blade
                  | {shortrare=g}.
 53937 | Spider:4 | the meliai stings your +9 spectral quick blade
                  | {shortrare=g} but does no damage.
 53938 | Spider:4 | your +9 spectral quick blade {shortrare=g} hits the
                  | steelbarb worm!
 53939 | Spider:4 | your +9 spectral quick blade {shortrare=g} hits the
                  | steelbarb worm!
 53939 | Spider:4 | the meliai barely misses your +9 spectral quick blade
                  | {shortrare=g}.
 53940 | Spider:4 | your +9 spectral quick blade {shortrare=g} hits the demonic
                  | crawler.
 53941 | Spider:4 | your +9 spectral quick blade {shortrare=g} hits the demonic
                  | crawler!
 53942 | Spider:4 | your +9 spectral quick blade {shortrare=g} hits the demonic
                  | crawler but does no damage.
 53953 | Spider:4 | your +9 spectral quick blade {shortrare=g} hits the
                  | radroach but does no damage.
 53954 | Spider:4 | your +9 spectral quick blade {shortrare=g} hits the
                  | radroach.
 53955 | Spider:4 | your +9 spectral quick blade {shortrare=g} hits the
                  | radroach!
 53956 | Spider:4 | your +9 spectral quick blade {shortrare=g} hits the
                  | radroach.
 53957 | Spider:4 | your +9 spectral quick blade {shortrare=g} hits the
                  | radroach.
 53958 | Spider:4 | your +9 spectral quick blade {shortrare=g} hits the
                  | radroach.
 53958 | Spider:4 | the radroach bites your +9 spectral quick blade
                  | {shortrare=g}!
 53958 | Spider:4 | the radroach claws your +9 spectral quick blade
                  | {shortrare=g} but does no damage.
 53960 | Spider:4 | Reached skill level 8 in Invocations
 53962 | Spider:4 | your +9 spectral quick blade {shortrare=g} hits the demonic
                  | crawler but does no damage.
 53963 | Spider:4 | your +9 spectral quick blade {shortrare=g} hits the demonic
                  | crawler.
 53964 | Spider:4 | your +9 spectral quick blade {shortrare=g} hits the demonic
                  | crawler.
 53965 | Spider:4 | your +9 spectral quick blade {shortrare=g} hits the demonic
                  | crawler.
 53965 | Spider:4 | the demonic crawler closely misses your +9 spectral quick
                  | blade {shortrare=g}.
 53965 | Spider:4 | the demonic crawler hits your +9 spectral quick blade
                  | {shortrare=g} but does no damage.
 53965 | Spider:4 | the demonic crawler barely misses your +9 spectral quick
                  | blade {shortrare=g}.
 53966 | Spider:4 | your +9 spectral quick blade {shortrare=g} hits the demonic
                  | crawler.
 54090 | Spider:4 | your +9 spectral quick blade {shortrare=g} hits the wolf
                  | spider!
 54091 | Spider:4 | your +9 spectral quick blade {shortrare=g} hits the wolf
                  | spider.
 54091 | Spider:4 | the culicivora bites your +9 spectral quick blade
                  | {shortrare=g}!
 54092 | Spider:4 | your +9 spectral quick blade {shortrare=g} hits the
                  | redback!
 54092 | Spider:4 | the culicivora misses your +9 spectral quick blade
                  | {shortrare=g}.
 54094 | Spider:4 | your +9 spectral quick blade {shortrare=g} hits the
                  | redback!
 54095 | Spider:4 | your +9 spectral quick blade {shortrare=g} hits the
                  | culicivora!
 54120 | Spider:4 | Reached skill level 4 in Spellcasting
 54120 | Spider:4 | your +9 spectral quick blade {shortrare=g} hits the pharaoh
                  | ant.
 54120 | Spider:4 | the pharaoh ant closely misses your +9 spectral quick blade
                  | {shortrare=g}.
 54130 | Spider:4 | your +9 spectral quick blade {shortrare=g} hits the jumping
                  | spider!
 54139 | Spider:4 | your +9 spectral quick blade {shortrare=g} hits the
                  | steelbarb worm but does no damage.
 54140 | Spider:4 | your +9 spectral quick blade {shortrare=g} hits the
                  | steelbarb worm.
 54141 | Spider:4 | your +9 spectral quick blade {shortrare=g} hits the
                  | steelbarb worm.
 54141 | Spider:4 | your +9 spectral quick blade {shortrare=g} passes through a
                  | web.
 54142 | Spider:4 | your +9 spectral quick blade {shortrare=g} hits the
                  | steelbarb worm but does no damage.
 54146 | Spider:4 | your +9 spectral quick blade {shortrare=g} hits the
                  | redback!
 54155 | Spider:4 | your +9 spectral quick blade {shortrare=g} hits the emperor
                  | scorpion but does no damage.
 54156 | Spider:4 | your +9 spectral quick blade {shortrare=g} hits the emperor
                  | scorpion but does no damage.
 54157 | Spider:4 | your +9 spectral quick blade {shortrare=g} hits the emperor
                  | scorpion but does no damage.
 54158 | Spider:4 | your +9 spectral quick blade {shortrare=g} hits the emperor
                  | scorpion!
 54159 | Spider:4 | your +9 spectral quick blade {shortrare=g} hits the emperor
                  | scorpion but does no damage.
 54160 | Spider:4 | your +9 spectral quick blade {shortrare=g} closely misses
                  | the emperor scorpion.
 54161 | Spider:4 | your +9 spectral quick blade {shortrare=g} hits the emperor
                  | scorpion.
 54162 | Spider:4 | your +9 spectral quick blade {shortrare=g} hits the emperor
                  | scorpion!
 54163 | Spider:4 | your +9 spectral quick blade {shortrare=g} hits the
                  | tarantella!
 54164 | Spider:4 | your +9 spectral quick blade {shortrare=g} hits the
                  | tarantella!
 54169 | Spider:4 | your +9 spectral quick blade {shortrare=g} hits the wolf
                  | spider!
 54170 | Spider:4 | your +9 spectral quick blade {shortrare=g} hits the wolf
                  | spider!
 54170 | Spider:4 | the wolf spider hits your +9 spectral quick blade
                  | {shortrare=g}.
 54170 | Spider:4 | the wolf spider bites your +9 spectral quick blade
                  | {shortrare=g} but does no damage.
 54398 | Spider:4 | your +9 spectral quick blade {shortrare=g} hits the
                  | broodmother.
 54399 | Spider:4 | your +9 spectral quick blade {shortrare=g} hits the
                  | broodmother.
 54400 | Spider:4 | your +9 spectral quick blade {shortrare=g} hits the
                  | broodmother!
 54401 | Spider:4 | your +9 spectral quick blade {shortrare=g} hits the
                  | broodmother!
 54401 | Spider:4 | the tarantella touches your +9 spectral quick blade
                  | {shortrare=g}.
 54402 | Spider:4 | your +9 spectral quick blade {shortrare=g} hits the
                  | broodmother.
 54402 | Spider:4 | the tarantella touches your +9 spectral quick blade
                  | {shortrare=g}.
 54404 | Spider:4 | your +9 spectral quick blade {shortrare=g} completely
                  | misses the redback.
 54404 | Spider:4 | the tarantella touches your +9 spectral quick blade
                  | {shortrare=g}!
 54404 | Spider:4 | your +9 spectral quick blade {shortrare=g} appears
                  | confused.
 54405 | Spider:4 | your +9 spectral quick blade {shortrare=g} hits the
                  | redback!
 54406 | Spider:4 | your +9 spectral quick blade {shortrare=g} barely misses
                  | the tarantella.
 54406 | Spider:4 | your +9 spectral quick blade {shortrare=g} completely
                  | misses you.
 54407 | Spider:4 | your +9 spectral quick blade {shortrare=g} hits the
                  | tarantella.
 54407 | Spider:4 | your +9 spectral quick blade {shortrare=g} hits the
                  | tarantella!
 54407 | Spider:4 | the tarantella touches your +9 spectral quick blade
                  | {shortrare=g}!
 54507 | Spider:4 | your +9 spectral quick blade {shortrare=g} hits the
                  | redback!
 54507 | Spider:4 | the redback barely misses your +9 spectral quick blade
                  | {shortrare=g}.
 54509 | Spider:4 | your +9 spectral quick blade {shortrare=g} hits the
                  | tarantella!
 54539 | Spider:4 | your +9 spectral quick blade {shortrare=g} hits the jumping
                  | spider!
 54540 | Spider:4 | your +9 spectral quick blade {shortrare=g} hits the
                  | redback!
 54541 | Spider:4 | your +9 spectral quick blade {shortrare=g} hits the wolf
                  | spider.
 54543 | Spider:4 | your +9 spectral quick blade {shortrare=g} hits the sun
                  | moth!
 54544 | Spider:4 | your +9 spectral quick blade {shortrare=g} hits the sun
                  | moth!
 54545 | Spider:4 | your +9 spectral quick blade {shortrare=g} hits the
                  | redback!
 54547 | Spider:4 | your +9 spectral quick blade {shortrare=g} hits the sun
                  | moth!
 54548 | Spider:4 | your +9 spectral quick blade {shortrare=g} hits the sun
                  | moth!
 54549 | Spider:4 | Reached skill level 8 in Translocations
 54549 | Spider:4 | your +9 spectral quick blade {shortrare=g} hits the jumping
                  | spider but does no damage.
 54550 | Spider:4 | your +9 spectral quick blade {shortrare=g} hits the
                  | tarantella.
 54593 | Spider:4 | your +9 spectral quick blade {shortrare=g} closely misses
                  | the culicivora.
 54601 | Spider:4 | your +9 spectral quick blade {shortrare=g} hits the jumping
                  | spider.
 54671 | Spider:4 | your +9 spectral quick blade {shortrare=g} hits the jumping
                  | spider.
 54681 | Spider:4 | Reached skill level 9 in Invocations
 54698 | Spider:4 | your +9 spectral quick blade {shortrare=g} hits the
                  | culicivora!
 54699 | Spider:4 | your +9 spectral quick blade {shortrare=g} hits the
                  | culicivora!
 54850 | Spider:4 | Identified a potion of experience
 54863 | Spider:4 | Got a gossamer rune of Zot
 54867 | Spider:4 | You drop a +2 executioner's axe {axerare=g}.
 54872 | Spider:4 | Reached skill level 13 in Fighting
 54872 | Spider:4 | Reached XP level 21. HP: 146/146 MP: 27/27
 54883 | Spider:4 | C - a +2 executioner's axe {axerare=g}
 54901 | Spider:4 | your +9 spectral quick blade {shortrare=g} hits the jumping
                  | spider.
 54901 | Spider:4 | the jumping spider barely misses your +9 spectral quick
                  | blade {shortrare=g}.
 54901 | Spider:4 | the jumping spider barely misses your +9 spectral quick
                  | blade {shortrare=g}.
 54902 | Spider:4 | your +9 spectral quick blade {shortrare=g} hits the jumping
                  | spider!
 54902 | Spider:4 | the tarantella touches your +9 spectral quick blade
                  | {shortrare=g} but does no damage.
 54904 | Spider:4 | your +9 spectral quick blade {shortrare=g} hits the
                  | tarantella!
 55206 | D:9      | Bought the ring "Koacrie" {rPois rF++ Int+2 Dex+6} for 1462
                  | gold pieces
 55224 | D:9      | Bought a +4 ring of protection for 576 gold pieces
 55390 | Vaults:1 | Entered Level 1 of the Vaults
 55433 | Vaults:1 | Found Voluq's Armour Emporium.
 55470 | Vaults:1 | m - a +0 quick blade {shortrare=g}
 55476 | Vaults:1 | Bought the +2 kite shield "Ucoqoal" {rF+} for 570 gold
                  | pieces
 55552 | Vaults:1 | your +9 spectral quick blade {shortrare=g} hits the
                  | ironbound frostheart!
 55552 | Vaults:1 | the yaktaur captain hits your +9 spectral quick blade
                  | {shortrare=g} but does no damage.
 55553 | Vaults:1 | your +9 spectral quick blade {shortrare=g} hits the
                  | ironbound frostheart.
 55554 | Vaults:1 | your +9 spectral quick blade {shortrare=g} hits the
                  | ironbound frostheart!
 55554 | Vaults:1 | the yaktaur captain hits your +9 spectral quick blade
                  | {shortrare=g}!!
 55556 | Vaults:1 | your +9 spectral quick blade {shortrare=g} hits the yaktaur
                  | captain!
 55557 | Vaults:1 | your +9 spectral quick blade {shortrare=g} hits the yaktaur
                  | captain.
 55557 | Vaults:1 | the yaktaur captain hits your +9 spectral quick blade
                  | {shortrare=g}.
 55559 | Vaults:1 | Reached skill level 1 in Shields
 55628 | Vaults:1 | your +9 spectral quick blade {shortrare=g} hits the white
                  | very ugly thing but does no damage.
 55629 | Vaults:1 | your +9 spectral quick blade {shortrare=g} hits the white
                  | very ugly thing!
 55630 | Vaults:1 | your +9 spectral quick blade {shortrare=g} hits the white
                  | very ugly thing!
 55631 | Vaults:1 | Reached skill level 2 in Shields
 55632 | Vaults:1 | your +9 spectral quick blade {shortrare=g} hits the brown
                  | very ugly thing!
 55633 | Vaults:1 | your +9 spectral quick blade {shortrare=g} hits the brown
                  | very ugly thing!
 55634 | Vaults:1 | your +9 spectral quick blade {shortrare=g} hits the brown
                  | very ugly thing!
 55636 | Vaults:1 | your +9 spectral quick blade {shortrare=g} hits the white
                  | very ugly thing.
 55637 | Vaults:1 | your +9 spectral quick blade {shortrare=g} hits the white
                  | very ugly thing!
 55638 | Vaults:1 | your +9 spectral quick blade {shortrare=g} hits the
                  | ironbound thunderhulk!
 55639 | Vaults:1 | your +9 spectral quick blade {shortrare=g} barely misses
                  | the ironbound thunderhulk.
 55640 | Vaults:1 | your +9 spectral quick blade {shortrare=g} hits the
                  | ironbound thunderhulk.
 55641 | Vaults:1 | your +9 spectral quick blade {shortrare=g} hits the
                  | ironbound thunderhulk!
 55642 | Vaults:1 | your +9 spectral quick blade {shortrare=g} hits the vault
                  | sentinel!
 55643 | Vaults:1 | your +9 spectral quick blade {shortrare=g} hits the white
                  | very ugly thing but does no damage.
 55643 | Vaults:1 | the ironbound convoker misses your +9 spectral quick blade
                  | {shortrare=g}.
 55645 | Vaults:1 | your +9 spectral quick blade {shortrare=g} hits the
                  | ironbound thunderhulk!
 55646 | Vaults:1 | your +9 spectral quick blade {shortrare=g} hits the
                  | ironbound convoker but does no damage.
 55648 | Vaults:1 | Reached skill level 3 in Shields
 55649 | Vaults:1 | your +9 spectral quick blade {shortrare=g} hits the deep
                  | troll.
 55650 | Vaults:1 | your +9 spectral quick blade {shortrare=g} hits the
                  | ironbound preserver!
 55651 | Vaults:1 | your +9 spectral quick blade {shortrare=g} hits the deep
                  | troll.
 55652 | Vaults:1 | your +9 spectral quick blade {shortrare=g} hits the deep
                  | troll!
 55652 | Vaults:1 | the deep troll barely misses your +9 spectral quick blade
                  | {shortrare=g}.
 55652 | Vaults:1 | the deep troll claws your +9 spectral quick blade
                  | {shortrare=g}.
 55652 | Vaults:1 | the deep troll misses your +9 spectral quick blade
                  | {shortrare=g}.
 55653 | Vaults:1 | your +9 spectral quick blade {shortrare=g} hits the deep
                  | troll!
 55653 | Vaults:1 | the deep troll barely misses your +9 spectral quick blade
                  | {shortrare=g}.
 55653 | Vaults:1 | the deep troll closely misses your +9 spectral quick blade
                  | {shortrare=g}.
 55653 | Vaults:1 | the deep troll completely misses your +9 spectral quick
                  | blade {shortrare=g}.
 55655 | Vaults:1 | your +9 spectral quick blade {shortrare=g} barely misses
                  | the vault sentinel.
 55656 | Vaults:1 | your +9 spectral quick blade {shortrare=g} hits the vault
                  | sentinel!
 55656 | Vaults:1 | the vault warden hits your +9 spectral quick blade
                  | {shortrare=g} with a +2 vampiric battleaxe!!
 55657 | Vaults:1 | your +9 spectral quick blade {shortrare=g} hits the vault
                  | warden but does no damage.
 55657 | Vaults:1 | the vault warden closely misses your +9 spectral quick
                  | blade {shortrare=g}.
 55659 | Vaults:1 | the vault warden closely misses your +9 spectral quick
                  | blade {shortrare=g}.
 55661 | Vaults:1 | Reached XP level 22. HP: 153/153 MP: 28/28
 55661 | Vaults:1 | your +9 spectral quick blade {shortrare=g} barely misses
                  | the vault warden.
 55661 | Vaults:1 | the vault warden hits your +9 spectral quick blade
                  | {shortrare=g} with a +2 vampiric battleaxe!!!
 55664 | Vaults:1 | your +9 spectral quick blade {shortrare=g} hits the
                  | lindwurm.
 55664 | Vaults:1 | the vault warden misses your +9 spectral quick blade
                  | {shortrare=g}.
 55665 | Vaults:1 | the vault warden hits your +9 spectral quick blade
                  | {shortrare=g} with a +2 vampiric battleaxe!
 55668 | Vaults:1 | Reached skill level 4 in Shields
 55668 | Vaults:1 | your +9 spectral quick blade {shortrare=g} hits the deep
                  | troll.
 55668 | Vaults:1 | the vault warden hits your +9 spectral quick blade
                  | {shortrare=g} with a +2 vampiric battleaxe!!
 55668 | Vaults:1 | the vault sentinel hits your +9 spectral quick blade
                  | {shortrare=g} with a +0 long sword!
 55669 | Vaults:1 | your +9 spectral quick blade {shortrare=g} barely misses
                  | the lindwurm.
 55669 | Vaults:1 | the vault warden hits your +9 spectral quick blade
                  | {shortrare=g} with a +2 vampiric battleaxe!!
 55670 | Vaults:1 | your +9 spectral quick blade {shortrare=g} hits the
                  | lindwurm!
 55672 | Vaults:1 | your +9 spectral quick blade {shortrare=g} hits the vault
                  | warden but does no damage.
 55673 | Vaults:1 | your +9 spectral quick blade {shortrare=g} hits the vault
                  | sentinel.
 55674 | Vaults:1 | your +9 spectral quick blade {shortrare=g} hits the vault
                  | sentinel!
 55691 | Vaults:1 | your +9 spectral quick blade {shortrare=g} hits the
                  | ironbound frostheart.
 55963 | Vaults:1 | your +9 spectral quick blade {shortrare=g} hits the slime
                  | creature!
 55964 | Vaults:1 | your +9 spectral quick blade {shortrare=g} hits the slime
                  | creature!
 55964 | Vaults:1 | the slime creature hits your +9 spectral quick blade
                  | {shortrare=g}!
 55965 | Vaults:1 | your +9 spectral quick blade {shortrare=g} hits the slime
                  | creature!
 55965 | Vaults:1 | the slime creature barely misses your +9 spectral quick
                  | blade {shortrare=g}.
 55965 | Vaults:1 | the slime creature misses your +9 spectral quick blade
                  | {shortrare=g}.
 55968 | Vaults:1 | your +9 spectral quick blade {shortrare=g} hits the slime
                  | creature!
 55969 | Vaults:1 | your +9 spectral quick blade {shortrare=g} hits the slime
                  | creature!
 55970 | Vaults:1 | your +9 spectral quick blade {shortrare=g} hits the slime
                  | creature!
 55971 | Vaults:1 | your +9 spectral quick blade {shortrare=g} hits the slime
                  | creature!
 56119 | Vaults:1 | Reached skill level 5 in Shields
 56132 | Vaults:1 | your +9 spectral quick blade {shortrare=g} closely misses
                  | the deep troll.
 56132 | Vaults:1 | the deep troll completely misses your +9 spectral quick
                  | blade {shortrare=g}.
 56132 | Vaults:1 | the deep troll closely misses your +9 spectral quick blade
                  | {shortrare=g}.
 56132 | Vaults:1 | the deep troll misses your +9 spectral quick blade
                  | {shortrare=g}.
 56132 | Vaults:1 | the deep troll closely misses your +9 spectral quick blade
                  | {shortrare=g}.
 56132 | Vaults:1 | the deep troll claws your +9 spectral quick blade
                  | {shortrare=g}.
 56132 | Vaults:1 | the deep troll closely misses your +9 spectral quick blade
                  | {shortrare=g}.
 56132 | Vaults:1 | the deep troll misses your +9 spectral quick blade
                  | {shortrare=g}.
 56132 | Vaults:1 | the deep troll completely misses your +9 spectral quick
                  | blade {shortrare=g}.
 56132 | Vaults:1 | the deep troll claws your +9 spectral quick blade
                  | {shortrare=g}!
 56133 | Vaults:1 | your +9 spectral quick blade {shortrare=g} closely misses
                  | the deep troll.
 56133 | Vaults:1 | the deep troll barely misses your +9 spectral quick blade
                  | {shortrare=g}.
 56133 | Vaults:1 | the deep troll misses your +9 spectral quick blade
                  | {shortrare=g}.
 56133 | Vaults:1 | the deep troll barely misses your +9 spectral quick blade
                  | {shortrare=g}.
 56133 | Vaults:1 | the deep troll completely misses your +9 spectral quick
                  | blade {shortrare=g}.
 56133 | Vaults:1 | the deep troll claws your +9 spectral quick blade
                  | {shortrare=g} but does no damage.
 56133 | Vaults:1 | the deep troll claws your +9 spectral quick blade
                  | {shortrare=g}!!
 56144 | Vaults:1 | your +9 spectral quick blade {shortrare=g} hits the deep
                  | troll!
 56144 | Vaults:1 | the deep troll closely misses your +9 spectral quick blade
                  | {shortrare=g}.
 56144 | Vaults:1 | the deep troll claws your +9 spectral quick blade
                  | {shortrare=g}!
 56144 | Vaults:1 | the deep troll closely misses your +9 spectral quick blade
                  | {shortrare=g}.
 56144 | Vaults:1 | the deep troll bites your +9 spectral quick blade
                  | {shortrare=g}!
 56144 | Vaults:1 | the deep troll closely misses your +9 spectral quick blade
                  | {shortrare=g}.
 56144 | Vaults:1 | the deep troll claws your +9 spectral quick blade
                  | {shortrare=g}!
 56145 | Vaults:1 | Reached skill level 6 in Shields
 56147 | Vaults:1 | your +9 spectral quick blade {shortrare=g} barely misses
                  | the deep troll.
 56151 | Vaults:1 | your +9 spectral quick blade {shortrare=g} hits the deep
                  | troll but does no damage.
 56152 | Vaults:1 | your +9 spectral quick blade {shortrare=g} hits the deep
                  | troll but does no damage.
 56152 | Vaults:1 | the deep troll completely misses your +9 spectral quick
                  | blade {shortrare=g}.
 56152 | Vaults:1 | the deep troll claws your +9 spectral quick blade
                  | {shortrare=g}.
 56152 | Vaults:1 | the deep troll claws your +9 spectral quick blade
                  | {shortrare=g}!
 56154 | Vaults:1 | your +9 spectral quick blade {shortrare=g} closely misses
                  | the deep troll.
 56156 | Vaults:1 | your +9 spectral quick blade {shortrare=g} hits the deep
                  | troll.
 56157 | Vaults:1 | your +9 spectral quick blade {shortrare=g} barely misses
                  | the deep troll.
 56207 | Vaults:1 | your +9 spectral quick blade {shortrare=g} hits the vault
                  | guard!
 56208 | Vaults:1 | your +9 spectral quick blade {shortrare=g} hits the vault
                  | guard but does no damage.
 56211 | Vaults:1 | your +9 spectral quick blade {shortrare=g} hits the tengu
                  | reaver but does no damage.
 56212 | Vaults:1 | your +9 spectral quick blade {shortrare=g} hits the tengu
                  | reaver.
 56212 | Vaults:1 | the tengu reaver barely misses your +9 spectral quick blade
                  | {shortrare=g}.
 56212 | Vaults:1 | the tengu reaver pecks your +9 spectral quick blade
                  | {shortrare=g}!
 56212 | Vaults:1 | the tengu reaver claws your +9 spectral quick blade
                  | {shortrare=g}.
 56212 | Vaults:1 | the bolt hits your +9 spectral quick blade {shortrare=g}.
 56220 | Vaults:1 | your +9 spectral quick blade {shortrare=g} barely misses
                  | the ironbound preserver.
 56221 | Vaults:1 | your +9 spectral quick blade {shortrare=g} hits the
                  | ironbound preserver.
 56353 | Vaults:1 | your +9 spectral quick blade {shortrare=g} hits the slime
                  | creature!
 56353 | Vaults:1 | the slime creature hits your +9 spectral quick blade
                  | {shortrare=g}!
 56356 | Vaults:1 | your +9 spectral quick blade {shortrare=g} hits the yaktaur
                  | captain.
 56357 | Vaults:1 | your +9 spectral quick blade {shortrare=g} hits the yaktaur
                  | captain!
 56357 | Vaults:1 | the yaktaur captain hits your +9 spectral quick blade
                  | {shortrare=g}!!
 56510 | Vaults:1 | Reached skill level 7 in Shields
 56653 | Vaults:2 | your +9 spectral quick blade {shortrare=g} hits the
                  | ironbound thunderhulk.
 56654 | Vaults:2 | your +9 spectral quick blade {shortrare=g} barely misses
                  | the ironbound thunderhulk.
 56655 | Vaults:2 | your +9 spectral quick blade {shortrare=g} hits the
                  | ironbound thunderhulk!
 56657 | Vaults:2 | your +9 spectral quick blade {shortrare=g} hits the
                  | ironbound preserver!
 56658 | Vaults:2 | your +9 spectral quick blade {shortrare=g} hits the
                  | ironbound preserver!
 56661 | Vaults:2 | your +9 spectral quick blade {shortrare=g} hits the vault
                  | warden!
 56662 | Vaults:2 | your +9 spectral quick blade {shortrare=g} hits the vault
                  | warden!
 56663 | Vaults:2 | your +9 spectral quick blade {shortrare=g} hits the vault
                  | warden.
 56750 | Vaults:2 | You pick up a book of Dangerous Friends and begin
                  | reading...
 56766 | Vaults:2 | your +9 spectral quick blade {shortrare=g} hits the
                  | yaktaur!
 56768 | Vaults:2 | your +9 spectral quick blade {shortrare=g} hits the vault
                  | warden but does no damage.
 56769 | Vaults:2 | your +9 spectral quick blade {shortrare=g} hits the vault
                  | warden.
 56770 | Vaults:2 | your +9 spectral quick blade {shortrare=g} hits the vault
                  | warden.
 56770 | Vaults:2 | the yaktaur barely misses your +9 spectral quick blade
                  | {shortrare=g}.
 56771 | Vaults:2 | your +9 spectral quick blade {shortrare=g} hits the vault
                  | warden.
 56772 | Vaults:2 | your +9 spectral quick blade {shortrare=g} hits the vault
                  | warden but does no damage.
 56772 | Vaults:2 | the yaktaur misses your +9 spectral quick blade
                  | {shortrare=g}.
 56774 | Vaults:2 | your +9 spectral quick blade {shortrare=g} hits the
                  | yaktaur!
 56818 | Vaults:2 | your +9 spectral quick blade {shortrare=g} completely
                  | misses the ettin.
 56819 | Vaults:2 | your +9 spectral quick blade {shortrare=g} hits the ettin!
 56819 | Vaults:2 | the ettin hits your +9 spectral quick blade {shortrare=g}
                  | with a +5 dire flail!!!
 56880 | Vaults:2 | your +9 spectral quick blade {shortrare=g} hits the deep
                  | elf sorcerer skeleton!
 56880 | Vaults:2 | the hell knight zombie hits your +9 spectral quick blade
                  | {shortrare=g} but does no damage.
 56881 | Vaults:2 | your +9 spectral quick blade {shortrare=g} hits the deep
                  | elf sorcerer skeleton.
 56882 | Vaults:2 | your +9 spectral quick blade {shortrare=g} hits the deep
                  | elf sorcerer skeleton!
 56882 | Vaults:2 | the hell knight zombie misses your +9 spectral quick blade
                  | {shortrare=g}.
 56883 | Vaults:2 | Reached skill level 8 in Shields
 56884 | Vaults:2 | your +9 spectral quick blade {shortrare=g} hits the hell
                  | knight zombie!
 56885 | Vaults:2 | your +9 spectral quick blade {shortrare=g} hits the hell
                  | knight zombie!
 56984 | Vaults:2 | your +9 spectral quick blade {shortrare=g} hits the vault
                  | warden!
 56984 | Vaults:2 | the bolt hits your +9 spectral quick blade {shortrare=g}.
 56985 | Vaults:2 | your +9 spectral quick blade {shortrare=g} hits the vault
                  | warden.
 56985 | Vaults:2 | the bolt hits your +9 spectral quick blade {shortrare=g}!!
 56986 | Vaults:2 | your +9 spectral quick blade {shortrare=g} barely misses
                  | the yaktaur.
 56986 | Vaults:2 | the yaktaur barely misses your +9 spectral quick blade
                  | {shortrare=g}.
 56986 | Vaults:2 | the bolt hits your +9 spectral quick blade {shortrare=g}!!
 56987 | Vaults:2 | your +9 spectral quick blade {shortrare=g} hits the
                  | yaktaur.
 56987 | Vaults:2 | the yaktaur misses your +9 spectral quick blade
                  | {shortrare=g}.
 56990 | Vaults:2 | your +9 spectral quick blade {shortrare=g} hits the
                  | yaktaur!
 56991 | Vaults:2 | your +9 spectral quick blade {shortrare=g} hits the
                  | yaktaur!
 56993 | Vaults:2 | your +9 spectral quick blade {shortrare=g} hits the
                  | yaktaur.
 56994 | Vaults:2 | your +9 spectral quick blade {shortrare=g} hits the
                  | yaktaur.
 57041 | Vaults:2 | your +9 spectral quick blade {shortrare=g} hits the red
                  | very ugly thing!
 57042 | Vaults:2 | your +9 spectral quick blade {shortrare=g} hits the red
                  | very ugly thing!
 57042 | Vaults:2 | the white very ugly thing barely misses your +9 spectral
                  | quick blade {shortrare=g}.
 57043 | Vaults:2 | your +9 spectral quick blade {shortrare=g} hits the red
                  | very ugly thing.
 57045 | Vaults:2 | your +9 spectral quick blade {shortrare=g} misses the white
                  | very ugly thing.
 57046 | Vaults:2 | your +9 spectral quick blade {shortrare=g} barely misses
                  | the white very ugly thing.
 57047 | Vaults:2 | your +9 spectral quick blade {shortrare=g} hits the white
                  | very ugly thing.
 57048 | Vaults:2 | your +9 spectral quick blade {shortrare=g} hits the white
                  | very ugly thing!
 57049 | Vaults:2 | your +9 spectral quick blade {shortrare=g} barely misses
                  | the white very ugly thing.
 57198 | Vaults:2 | your +9 spectral quick blade {shortrare=g} hits the orc
                  | knight.
 57199 | Vaults:2 | your +9 spectral quick blade {shortrare=g} hits the orc
                  | knight but does no damage.
 57199 | Vaults:2 | the orc knight hits your +9 spectral quick blade
                  | {shortrare=g} with a +0 great sword of protection!!!
 57201 | Vaults:2 | your +9 spectral quick blade {shortrare=g} hits the orc
                  | warlord.
 57202 | Vaults:2 | your +9 spectral quick blade {shortrare=g} completely
                  | misses the orc warlord.
 57203 | Vaults:2 | your +9 spectral quick blade {shortrare=g} hits the orc
                  | warlord!
 57204 | Vaults:2 | your +9 spectral quick blade {shortrare=g} hits the orc
                  | warlord but does no damage.
 57205 | Vaults:2 | your +9 spectral quick blade {shortrare=g} hits the orc
                  | warlord.
 57205 | Vaults:2 | the orc warlord hits your +9 spectral quick blade
                  | {shortrare=g} with a +1 dire flail of draining!
 57207 | Vaults:2 | your +9 spectral quick blade {shortrare=g} hits the orc
                  | knight!
 57208 | Vaults:2 | your +9 spectral quick blade {shortrare=g} hits the orc
                  | knight.
 57208 | Vaults:2 | the orc knight hits your +9 spectral quick blade
                  | {shortrare=g} with a +0 battleaxe!!!
 57322 | Vaults:2 | your +9 spectral quick blade {shortrare=g} hits the orc
                  | warlord.
 57322 | Vaults:2 | the orc warlord closely misses your +9 spectral quick blade
                  | {shortrare=g}.
 57323 | Vaults:2 | your +9 spectral quick blade {shortrare=g} closely misses
                  | the orc warlord.
 57324 | Vaults:2 | your +9 spectral quick blade {shortrare=g} hits the orc
                  | warlord but does no damage.
 57324 | Vaults:2 | the orc warlord hits your +9 spectral quick blade
                  | {shortrare=g} with a +2 long sword of draining!!
 57325 | Vaults:2 | your +9 spectral quick blade {shortrare=g} hits the orc
                  | warlord but does no damage.
 57326 | Vaults:2 | your +9 spectral quick blade {shortrare=g} hits the orc
                  | warlord but does no damage.
 57326 | Vaults:2 | something misses your +9 spectral quick blade
                  | {shortrare=g}.
 57326 | Vaults:2 | something closely misses your +9 spectral quick blade
                  | {shortrare=g}.
 57326 | Vaults:2 | something completely misses your +9 spectral quick blade
                  | {shortrare=g}.
 57326 | Vaults:2 | the deep troll bites your +9 spectral quick blade
                  | {shortrare=g} but does no damage.
 57326 | Vaults:2 | the deep troll barely misses your +9 spectral quick blade
                  | {shortrare=g}.
 57326 | Vaults:2 | the deep troll misses your +9 spectral quick blade
                  | {shortrare=g}.
 57326 | Vaults:2 | the great orb of eyes misses your +9 spectral quick blade
                  | {shortrare=g}.
 57327 | Vaults:2 | something bites your +9 spectral quick blade {shortrare=g}
                  | but does no damage.
 57327 | Vaults:2 | something claws your +9 spectral quick blade {shortrare=g}!
 57327 | Vaults:2 | something barely misses your +9 spectral quick blade
                  | {shortrare=g}.
 57327 | Vaults:2 | the deep troll bites your +9 spectral quick blade
                  | {shortrare=g}!
 57327 | Vaults:2 | the deep troll closely misses your +9 spectral quick blade
                  | {shortrare=g}.
 57327 | Vaults:2 | the deep troll claws your +9 spectral quick blade
                  | {shortrare=g}!
 57327 | Vaults:2 | Paralysed by a great orb of eyes for 4 turns
 57333 | Vaults:2 | your +9 spectral quick blade {shortrare=g} hits the great
                  | orb of eyes but does no damage.
 57336 | Vaults:2 | your +9 spectral quick blade {shortrare=g} hits the great
                  | orb of eyes but does no damage.
 57338 | Vaults:2 | Reached skill level 9 in Shields
 57338 | Vaults:2 | your +9 spectral quick blade {shortrare=g} hits the deep
                  | troll!
 57340 | Vaults:2 | your +9 spectral quick blade {shortrare=g} hits the deep
                  | troll!
 57341 | Vaults:2 | your +9 spectral quick blade {shortrare=g} barely misses
                  | the deep troll.
 57342 | Vaults:2 | your +9 spectral quick blade {shortrare=g} hits the deep
                  | troll but does no damage.
 57343 | Vaults:2 | your +9 spectral quick blade {shortrare=g} hits the deep
                  | troll!
 57344 | Vaults:2 | your +9 spectral quick blade {shortrare=g} hits the
                  | ironbound preserver.
 57345 | Vaults:2 | your +9 spectral quick blade {shortrare=g} hits the
                  | ironbound preserver!
 57349 | Vaults:2 | your +9 spectral quick blade {shortrare=g} hits the orc
                  | knight!
 57361 | Vaults:2 | your +9 spectral quick blade {shortrare=g} hits the orc
                  | knight but does no damage.
 57362 | Vaults:2 | your +9 spectral quick blade {shortrare=g} hits the orc
                  | knight.
 57362 | Vaults:2 | the orc knight closely misses your +9 spectral quick blade
                  | {shortrare=g}.
 57364 | Vaults:2 | your +9 spectral quick blade {shortrare=g} hits the deep
                  | troll!
 57365 | Vaults:2 | your +9 spectral quick blade {shortrare=g} hits the deep
                  | troll.
 57366 | Vaults:2 | your +9 spectral quick blade {shortrare=g} hits the deep
                  | troll!
 57366 | Vaults:2 | the deep troll misses your +9 spectral quick blade
                  | {shortrare=g}.
 57366 | Vaults:2 | the deep troll barely misses your +9 spectral quick blade
                  | {shortrare=g}.
 57366 | Vaults:2 | the deep troll claws your +9 spectral quick blade
                  | {shortrare=g}!
 57525 | Vaults:2 | your +9 spectral quick blade {shortrare=g} hits the harpy.
 57525 | Vaults:2 | the harpy misses your +9 spectral quick blade
                  | {shortrare=g}.
 57525 | Vaults:2 | the harpy claws your +9 spectral quick blade {shortrare=g}!
 57525 | Vaults:2 | the harpy barely misses your +9 spectral quick blade
                  | {shortrare=g}.
 57525 | Vaults:2 | the harpy claws your +9 spectral quick blade {shortrare=g}.
 57525 | Vaults:2 | the harpy closely misses your +9 spectral quick blade
                  | {shortrare=g}.
 57525 | Vaults:2 | the harpy claws your +9 spectral quick blade {shortrare=g}!
 57525 | Vaults:2 | the harpy claws your +9 spectral quick blade {shortrare=g}!
 57526 | Vaults:2 | your +9 spectral quick blade {shortrare=g} hits the harpy!
 57526 | Vaults:2 | the harpy misses your +9 spectral quick blade
                  | {shortrare=g}.
 57526 | Vaults:2 | the harpy claws your +9 spectral quick blade {shortrare=g}.
 57529 | Vaults:2 | your +9 spectral quick blade {shortrare=g} completely
                  | misses the harpy.
 57531 | Vaults:2 | your +9 spectral quick blade {shortrare=g} hits the harpy!
 57568 | Vaults:2 | your +9 spectral quick blade {shortrare=g} hits the
                  | yaktaur.
 57568 | Vaults:2 | the yaktaur hits your +9 spectral quick blade
                  | {shortrare=g}!
 57598 | Vaults:2 | your +9 spectral quick blade {shortrare=g} hits the dire
                  | elephant but does no damage.
 57599 | Vaults:2 | your +9 spectral quick blade {shortrare=g} hits the dire
                  | elephant!
 57600 | Vaults:2 | your +9 spectral quick blade {shortrare=g} hits the dire
                  | elephant!
 57602 | Vaults:2 | your +9 spectral quick blade {shortrare=g} hits the dire
                  | elephant but does no damage.
 57603 | Vaults:2 | your +9 spectral quick blade {shortrare=g} hits the dire
                  | elephant.
 57604 | Vaults:2 | your +9 spectral quick blade {shortrare=g} hits the dire
                  | elephant.
 57605 | Vaults:2 | your +9 spectral quick blade {shortrare=g} hits the dire
                  | elephant!
 57605 | Vaults:2 | the bolt hits your +9 spectral quick blade {shortrare=g}!
 57607 | Vaults:2 | your +9 spectral quick blade {shortrare=g} hits the dire
                  | elephant but does no damage.
 57608 | Vaults:2 | your +9 spectral quick blade {shortrare=g} hits the dire
                  | elephant but does no damage.
 57609 | Vaults:2 | your +9 spectral quick blade {shortrare=g} hits the dire
                  | elephant but does no damage.
 57610 | Vaults:2 | your +9 spectral quick blade {shortrare=g} hits the dire
                  | elephant.
 57611 | Vaults:2 | your +9 spectral quick blade {shortrare=g} hits the dire
                  | elephant.
 57611 | Vaults:2 | the dire elephant tramples your +9 spectral quick blade
                  | {shortrare=g}!
 57611 | Vaults:2 | your +9 spectral quick blade {shortrare=g} is shoved
                  | backwards!
 57613 | Vaults:2 | Reached skill level 10 in Shields
 57615 | Vaults:2 | your +9 spectral quick blade {shortrare=g} hits the vault
                  | sentinel.
 57616 | Vaults:2 | your +9 spectral quick blade {shortrare=g} hits the vault
                  | sentinel.
 57632 | Vaults:2 | your +9 spectral quick blade {shortrare=g} hits the
                  | ironbound thunderhulk!
 57633 | Vaults:2 | your +9 spectral quick blade {shortrare=g} hits the
                  | ironbound thunderhulk!
 57694 | Vaults:2 | your +9 spectral quick blade {shortrare=g} hits the
                  | ironbound thunderhulk!
 57695 | Vaults:2 | your +9 spectral quick blade {shortrare=g} closely misses
                  | the ironbound thunderhulk.
 57696 | Vaults:2 | your +9 spectral quick blade {shortrare=g} hits the
                  | ironbound thunderhulk!
 57697 | Vaults:2 | your +9 spectral quick blade {shortrare=g} hits the
                  | ironbound convoker!
 57699 | Vaults:2 | your +9 spectral quick blade {shortrare=g} hits the vault
                  | guard!
 57699 | Vaults:2 | the vault guard hits your +9 spectral quick blade
                  | {shortrare=g} with a +0 long sword!
 57700 | Vaults:2 | your +9 spectral quick blade {shortrare=g} hits the vault
                  | guard.
 57700 | Vaults:2 | the vault guard hits your +9 spectral quick blade
                  | {shortrare=g} with a +0 long sword!!
 57701 | Vaults:2 | your +9 spectral quick blade {shortrare=g} hits the vault
                  | guard!
 57707 | Vaults:2 | your +9 spectral quick blade {shortrare=g} hits the vault
                  | warden!
 57708 | Vaults:2 | your +9 spectral quick blade {shortrare=g} hits the vault
                  | warden but does no damage.
 57708 | Vaults:2 | the vault guard hits your +9 spectral quick blade
                  | {shortrare=g} with a +0 long sword.
 57709 | Vaults:2 | your +9 spectral quick blade {shortrare=g} hits the vault
                  | warden!
 57709 | Vaults:2 | the vault guard hits your +9 spectral quick blade
                  | {shortrare=g} with a +0 long sword.
 57712 | Vaults:2 | your +9 spectral quick blade {shortrare=g} hits the vault
                  | guard!
 57712 | Vaults:2 | the vault guard hits your +9 spectral quick blade
                  | {shortrare=g} with a +0 long sword.
 57713 | Vaults:2 | your +9 spectral quick blade {shortrare=g} hits the vault
                  | guard.
 57713 | Vaults:2 | the vault guard closely misses your +9 spectral quick blade
                  | {shortrare=g}.
 57713 | Vaults:2 | the vault guard hits your +9 spectral quick blade
                  | {shortrare=g} with a +0 long sword.
 57857 | Vaults:2 | your +9 spectral quick blade {shortrare=g} hits the vault
                  | warden but does no damage.
 57858 | Vaults:2 | your +9 spectral quick blade {shortrare=g} hits the vault
                  | warden but does no damage.
 57858 | Vaults:2 | the vault warden hits your +9 spectral quick blade
                  | {shortrare=g} with a +2 great mace of protection.
 57860 | Vaults:2 | your +9 spectral quick blade {shortrare=g} hits the
                  | ironbound convoker but does no damage.
 57861 | Vaults:2 | your +9 spectral quick blade {shortrare=g} hits the
                  | ironbound convoker.
 57873 | Vaults:2 | your +9 spectral quick blade {shortrare=g} hits the shadow
                  | dragon.
 57874 | Vaults:2 | your +9 spectral quick blade {shortrare=g} hits the shadow
                  | dragon.
 57875 | Vaults:2 | your +9 spectral quick blade {shortrare=g} closely misses
                  | the shadow dragon.
 57876 | Vaults:2 | your +9 spectral quick blade {shortrare=g} hits the shadow
                  | dragon!
 57877 | Vaults:2 | your +9 spectral quick blade {shortrare=g} hits the shadow
                  | dragon!
 57878 | Vaults:2 | your +9 spectral quick blade {shortrare=g} hits the shadow
                  | dragon!
 57879 | Vaults:2 | your +9 spectral quick blade {shortrare=g} hits the shadow
                  | dragon but does no damage.
 58086 | Vaults:2 | Reached skill level 11 in Shields
 58091 | Vaults:2 | your +9 spectral quick blade {shortrare=g} hits the cyan
                  | ugly thing!
 58092 | Vaults:2 | your +9 spectral quick blade {shortrare=g} hits the cyan
                  | ugly thing.
 58092 | Vaults:2 | the wizard closely misses your +9 spectral quick blade
                  | {shortrare=g}.
 58095 | Vaults:2 | your +9 spectral quick blade {shortrare=g} hits the wizard!
 58096 | Vaults:2 | your +9 spectral quick blade {shortrare=g} hits the wizard.
 58097 | Vaults:2 | your +9 spectral quick blade {shortrare=g} hits the wizard!
 58099 | Vaults:2 | your +9 spectral quick blade {shortrare=g} hits the purple
                  | ugly thing.
 58100 | Vaults:2 | your +9 spectral quick blade {shortrare=g} hits the purple
                  | ugly thing.
 58101 | Vaults:2 | your +9 spectral quick blade {shortrare=g} hits the purple
                  | ugly thing!
 58103 | Vaults:2 | your +9 spectral quick blade {shortrare=g} hits the purple
                  | ugly thing!
 58104 | Vaults:2 | your +9 spectral quick blade {shortrare=g} hits the purple
                  | ugly thing.
 58105 | Vaults:2 | your +9 spectral quick blade {shortrare=g} hits the purple
                  | ugly thing.
 58105 | Vaults:2 | the purple ugly thing completely misses your +9 spectral
                  | quick blade {shortrare=g}.
 58536 | Vaults:3 | your +9 spectral quick blade {shortrare=g} hits the vault
                  | warden.
 58537 | Vaults:3 | your +9 spectral quick blade {shortrare=g} hits the vault
                  | warden!
 58537 | Vaults:3 | the vault sentinel hits your +9 spectral quick blade
                  | {shortrare=g} with a +0 war axe!
 58538 | Vaults:3 | your +9 spectral quick blade {shortrare=g} hits the vault
                  | warden.
 58540 | Vaults:3 | your +9 spectral quick blade {shortrare=g} hits the white
                  | very ugly thing!
 58541 | Vaults:3 | your +9 spectral quick blade {shortrare=g} hits the white
                  | very ugly thing!
 58543 | Vaults:3 | your +9 spectral quick blade {shortrare=g} hits the white
                  | very ugly thing!
 58544 | Vaults:3 | your +9 spectral quick blade {shortrare=g} hits the white
                  | very ugly thing.
 58545 | Vaults:3 | your +9 spectral quick blade {shortrare=g} hits the white
                  | very ugly thing.
 58546 | Vaults:3 | your +9 spectral quick blade {shortrare=g} hits the white
                  | very ugly thing!
 58548 | Vaults:3 | your +9 spectral quick blade {shortrare=g} hits the vault
                  | guard!
 58548 | Vaults:3 | the vault sentinel hits your +9 spectral quick blade
                  | {shortrare=g} with a +0 war axe!
 58548 | Vaults:3 | the vault guard misses your +9 spectral quick blade
                  | {shortrare=g}.
 58549 | Vaults:3 | your +9 spectral quick blade {shortrare=g} hits the vault
                  | guard.
 58550 | Vaults:3 | your +9 spectral quick blade {shortrare=g} hits the vault
                  | guard!
 58551 | Vaults:3 | your +9 spectral quick blade {shortrare=g} hits the white
                  | very ugly thing but does no damage.
 58551 | Vaults:3 | the peacekeeper misses your +9 spectral quick blade
                  | {shortrare=g}.
 58551 | Vaults:3 | the peacekeeper closely misses your +9 spectral quick blade
                  | {shortrare=g}.
 58552 | Vaults:3 | your +9 spectral quick blade {shortrare=g} hits the white
                  | very ugly thing!
 58552 | Vaults:3 | the peacekeeper bites your +9 spectral quick blade
                  | {shortrare=g}!
 58552 | Vaults:3 | the peacekeeper claws your +9 spectral quick blade
                  | {shortrare=g} but does no damage.
 58552 | Vaults:3 | the vault sentinel hits your +9 spectral quick blade
                  | {shortrare=g} with a +0 war axe!
 58553 | Vaults:3 | your +9 spectral quick blade {shortrare=g} hits the vault
                  | sentinel!
 58553 | Vaults:3 | the peacekeeper bites your +9 spectral quick blade
                  | {shortrare=g}!
 58553 | Vaults:3 | the peacekeeper barely misses your +9 spectral quick blade
                  | {shortrare=g}.
 58558 | Vaults:3 | your +9 spectral quick blade {shortrare=g} hits the green
                  | very ugly thing!
 58559 | Vaults:3 | your +9 spectral quick blade {shortrare=g} hits the
                  | peacekeeper!!
 58559 | Vaults:3 | the peacekeeper bites your +9 spectral quick blade
                  | {shortrare=g}!
 58559 | Vaults:3 | the peacekeeper claws your +9 spectral quick blade
                  | {shortrare=g}.
 58559 | Vaults:3 | The crystal bolt freezes your +9 spectral quick blade
                  | {shortrare=g}!!
 58559 | Vaults:3 | your +9 spectral quick blade {shortrare=g} resists.
 58560 | Vaults:3 | your +9 spectral quick blade {shortrare=g} completely
                  | misses the crystal guardian.
 58562 | Vaults:3 | your +9 spectral quick blade {shortrare=g} hits the crystal
                  | guardian.
 58563 | Vaults:3 | your +9 spectral quick blade {shortrare=g} hits the crystal
                  | guardian.
 58564 | Vaults:3 | your +9 spectral quick blade {shortrare=g} hits the crystal
                  | guardian but does no damage.
 58565 | Vaults:3 | your +9 spectral quick blade {shortrare=g} hits the crystal
                  | guardian!
 58567 | Vaults:3 | your +9 spectral quick blade {shortrare=g} hits the crystal
                  | guardian but does no damage.
 58568 | Vaults:3 | your +9 spectral quick blade {shortrare=g} hits the crystal
                  | guardian but does no damage.
 58568 | Vaults:3 | the crystal guardian hits your +9 spectral quick blade
                  | {shortrare=g}!!
 58856 | Vaults:3 | You pick up a book of Maledictions and begin reading...
 58856 | Vaults:3 | You add the spells Tukima's Dance and Enfeeble to your
                  | library.
 58885 | Vaults:3 | Found a staircase to the Crypt.
 58971 | Vaults:3 | your +9 spectral quick blade {shortrare=g} hits the great
                  | orb of eyes!
 58971 | Vaults:3 | the great orb of eyes closely misses your +9 spectral quick
                  | blade {shortrare=g}.
 58972 | Vaults:3 | your +9 spectral quick blade {shortrare=g} hits the great
                  | orb of eyes but does no damage.
 58974 | Vaults:3 | Reached skill level 12 in Shields
 59024 | Vaults:3 | your +9 spectral quick blade {shortrare=g} hits the
                  | ironbound preserver!
 59025 | Vaults:3 | your +9 spectral quick blade {shortrare=g} hits the
                  | ironbound preserver.
 59026 | Vaults:3 | your +9 spectral quick blade {shortrare=g} hits the
                  | ironbound preserver.
 59027 | Vaults:3 | your +9 spectral quick blade {shortrare=g} hits the
                  | ironbound preserver!
 59033 | Vaults:3 | your +9 spectral quick blade {shortrare=g} hits the deep
                  | troll.
 59035 | Vaults:3 | your +9 spectral quick blade {shortrare=g} hits the deep
                  | troll!
 59037 | Vaults:3 | your +9 spectral quick blade {shortrare=g} hits the
                  | ironbound convoker.
 59038 | Vaults:3 | your +9 spectral quick blade {shortrare=g} hits the
                  | ironbound convoker.
 59039 | Vaults:3 | your +9 spectral quick blade {shortrare=g} hits the
                  | ironbound convoker.
 59042 | Vaults:3 | something hits your +9 spectral quick blade {shortrare=g}!!
 59047 | Vaults:3 | your +9 spectral quick blade {shortrare=g} hits the
                  | ironbound convoker.
 59052 | Vaults:3 | your +9 spectral quick blade {shortrare=g} hits the deep
                  | troll!
 59054 | Vaults:3 | your +9 spectral quick blade {shortrare=g} hits the
                  | ironbound convoker!
 59062 | Vaults:3 | your +9 spectral quick blade {shortrare=g} hits the deep
                  | troll.
 59064 | Vaults:3 | your +9 spectral quick blade {shortrare=g} hits the vault
                  | guard but does no damage.
 59087 | Vaults:3 | the tengu reaver blocks your +9 spectral quick blade
                  | {shortrare=g}'s attack.
 59087 | Vaults:3 | the tengu reaver hits your +9 spectral quick blade
                  | {shortrare=g} with a +0 broad axe!
 59088 | Vaults:3 | your +9 spectral quick blade {shortrare=g} hits the tengu
                  | reaver.
 59088 | Vaults:3 | the tengu reaver closely misses your +9 spectral quick
                  | blade {shortrare=g}.
 59089 | Vaults:3 | the tengu reaver blocks your +9 spectral quick blade
                  | {shortrare=g}'s attack.
 59094 | Vaults:3 | your +9 spectral quick blade {shortrare=g} hits the vault
                  | warden.
 59094 | Vaults:3 | the vault warden closely misses your +9 spectral quick
                  | blade {shortrare=g}.
 59115 | Vaults:3 | your +9 spectral quick blade {shortrare=g} barely misses
                  | the ironbound thunderhulk.
 59116 | Vaults:3 | your +9 spectral quick blade {shortrare=g} closely misses
                  | the ironbound thunderhulk.
 59117 | Vaults:3 | your +9 spectral quick blade {shortrare=g} barely misses
                  | the ironbound thunderhulk.
 59118 | Vaults:3 | your +9 spectral quick blade {shortrare=g} hits the
                  | ironbound thunderhulk.
 59138 | Vaults:3 | your +9 spectral quick blade {shortrare=g} hits the yaktaur
                  | captain!
 59139 | Vaults:3 | your +9 spectral quick blade {shortrare=g} completely
                  | misses the yaktaur captain.
 59141 | Vaults:3 | your +9 spectral quick blade {shortrare=g} barely misses
                  | the yaktaur captain.
 59142 | Vaults:3 | your +9 spectral quick blade {shortrare=g} hits the yaktaur
                  | captain.
 59381 | Vaults:3 | Reached skill level 13 in Shields
 59386 | Vaults:3 | your +9 spectral quick blade {shortrare=g} hits the
                  | ironbound preserver!
 59387 | Vaults:3 | your +9 spectral quick blade {shortrare=g} hits the
                  | ironbound preserver!
 59388 | Vaults:3 | your +9 spectral quick blade {shortrare=g} hits the
                  | ironbound preserver!
 59389 | Vaults:3 | your +9 spectral quick blade {shortrare=g} hits the
                  | ironbound preserver!
 59391 | Vaults:3 | your +9 spectral quick blade {shortrare=g} hits the deep
                  | troll!
 59392 | Vaults:3 | your +9 spectral quick blade {shortrare=g} hits the deep
                  | troll.
 59393 | Vaults:3 | your +9 spectral quick blade {shortrare=g} barely misses
                  | the deep troll.
 59457 | Vaults:3 | your +9 spectral quick blade {shortrare=g} hits the
                  | ironbound thunderhulk.
 59458 | Vaults:3 | your +9 spectral quick blade {shortrare=g} hits the
                  | ironbound thunderhulk!
 59460 | Vaults:3 | your +9 spectral quick blade {shortrare=g} hits the
                  | ironbound frostheart.
 59460 | Vaults:3 | the ironbound convoker hits your +9 spectral quick blade
                  | {shortrare=g} with a +1 dire flail of protection!!
 59463 | Vaults:3 | your +9 spectral quick blade {shortrare=g} hits the
                  | ironbound convoker.
 59464 | Vaults:3 | your +9 spectral quick blade {shortrare=g} hits the
                  | ironbound convoker but does no damage.
 59465 | Vaults:3 | your +9 spectral quick blade {shortrare=g} hits the
                  | ironbound convoker!
 59466 | Vaults:3 | your +9 spectral quick blade {shortrare=g} hits the vault
                  | sentinel.
 59467 | Vaults:3 | your +9 spectral quick blade {shortrare=g} hits the vault
                  | sentinel!
 59467 | Vaults:3 | the vault sentinel completely misses your +9 spectral quick
                  | blade {shortrare=g}.
 59469 | Vaults:3 | your +9 spectral quick blade {shortrare=g} hits the vault
                  | sentinel!
 59470 | Vaults:3 | your +9 spectral quick blade {shortrare=g} completely
                  | misses the vault sentinel.
 59471 | Vaults:3 | your +9 spectral quick blade {shortrare=g} hits the vault
                  | sentinel!
 59612 | Vaults:3 | You drop a +0 quick blade {shortrare=g}.
 59613 | Vaults:3 | You drop a +2 executioner's axe {axerare=g}.
 59614 | Vaults:3 | C - a +2 executioner's axe {axerare=g}
 59614 | Vaults:3 | m - a +0 quick blade {shortrare=g}
 59619 | Vaults:3 | You pick up a book of Necromancy and begin reading...
 59619 | Vaults:3 | You add the spells Pain and Animate Skeleton to your
                  | library.
 59677 | Vaults:3 | Found Venen's Weapon Emporium.
 59680 | Vaults:3 | your +9 spectral quick blade {shortrare=g} hits the dire
                  | elephant.
 59681 | Vaults:3 | your +9 spectral quick blade {shortrare=g} hits the dire
                  | elephant.
 59682 | Vaults:3 | your +9 spectral quick blade {shortrare=g} hits the dire
                  | elephant but does no damage.
 59683 | Vaults:3 | your +9 spectral quick blade {shortrare=g} hits the dire
                  | elephant.
 59683 | Vaults:3 | the dire elephant tramples your +9 spectral quick blade
                  | {shortrare=g}!!
 59683 | Vaults:3 | your +9 spectral quick blade {shortrare=g} is shoved
                  | backwards!
 59686 | Vaults:3 | your +9 spectral quick blade {shortrare=g} hits the dire
                  | elephant.
 59687 | Vaults:3 | your +9 spectral quick blade {shortrare=g} hits the dire
                  | elephant!
 59688 | Vaults:3 | your +9 spectral quick blade {shortrare=g} hits the dire
                  | elephant.
 59689 | Vaults:3 | your +9 spectral quick blade {shortrare=g} hits the dire
                  | elephant!
 59690 | Vaults:3 | your +9 spectral quick blade {shortrare=g} hits the dire
                  | elephant.
 59691 | Vaults:3 | your +9 spectral quick blade {shortrare=g} completely
                  | misses the dire elephant.
 59692 | Vaults:3 | your +9 spectral quick blade {shortrare=g} hits the dire
                  | elephant but does no damage.
 59693 | Vaults:3 | your +9 spectral quick blade {shortrare=g} barely misses
                  | the dire elephant.
 59694 | Vaults:3 | your +9 spectral quick blade {shortrare=g} hits the dire
                  | elephant!
 59695 | Vaults:3 | your +9 spectral quick blade {shortrare=g} hits the dire
                  | elephant.
 59697 | Vaults:3 | your +9 spectral quick blade {shortrare=g} hits the dire
                  | elephant.
 59698 | Vaults:3 | your +9 spectral quick blade {shortrare=g} hits the dire
                  | elephant.
 59754 | Vaults:3 | You drop a +0 quick blade {shortrare=g}.
 59755 | Vaults:3 | You drop a +2 executioner's axe {axerare=g}.
 59794 | Vaults:4 | your +9 spectral quick blade {shortrare=g} hits the
                  | ironbound convoker.
 59796 | Vaults:4 | Reached XP level 23. HP: 158/158 MP: 29/29
 59826 | Vaults:4 | your +9 spectral quick blade {shortrare=g} hits the
                  | yaktaur!
 59851 | Vaults:4 | your +9 spectral quick blade {shortrare=g} hits the glowing
                  | orange brain!
 59894 | Vaults:4 | your +9 spectral quick blade {shortrare=g} hits something!
 59896 | Vaults:4 | Found a crumbling gateway.
 59948 | Vaults:4 | your +9 spectral quick blade {shortrare=g} hits the yaktaur
                  | captain.
 60032 | Vaults:4 | your +9 spectral quick blade {shortrare=g} hits the sea
                  | snake!
 60033 | Vaults:4 | your +9 spectral quick blade {shortrare=g} hits the sea
                  | snake!
 60050 | Vaults:4 | your +9 spectral quick blade {shortrare=g} hits the vault
                  | sentinel.
 60051 | Vaults:4 | your +9 spectral quick blade {shortrare=g} hits the vault
                  | sentinel.
 60051 | Vaults:4 | the vault sentinel closely misses your +9 spectral quick
                  | blade {shortrare=g}.
 60059 | Vaults:4 | your +9 spectral quick blade {shortrare=g} hits the boulder
                  | beetle but does no damage.
 60060 | Vaults:4 | your +9 spectral quick blade {shortrare=g} hits the boulder
                  | beetle.
 60061 | Vaults:4 | your +9 spectral quick blade {shortrare=g} barely misses
                  | the boulder beetle.
 60062 | Vaults:4 | your +9 spectral quick blade {shortrare=g} hits the boulder
                  | beetle but does no damage.
 60063 | Vaults:4 | your +9 spectral quick blade {shortrare=g} hits the boulder
                  | beetle but does no damage.
 60065 | Vaults:4 | Reached skill level 14 in Shields
 60100 | Vaults:4 | your +9 spectral quick blade {shortrare=g} hits the
                  | ironbound convoker!
 60102 | Vaults:4 | your +9 spectral quick blade {shortrare=g} hits the
                  | ironbound preserver!
 60103 | Vaults:4 | your +9 spectral quick blade {shortrare=g} hits the
                  | ironbound preserver!
 60103 | Vaults:4 | the yaktaur barely misses your +9 spectral quick blade
                  | {shortrare=g}.
 60103 | Vaults:4 | the bolt closely misses your +9 spectral quick blade
                  | {shortrare=g}.
 60107 | Vaults:4 | your +9 spectral quick blade {shortrare=g} hits the
                  | yaktaur!
 60107 | Vaults:4 | the vault guard barely misses your +9 spectral quick blade
                  | {shortrare=g}.
 60108 | Vaults:4 | the vault guard blocks your +9 spectral quick blade
                  | {shortrare=g}'s attack.
 60109 | Vaults:4 | your +9 spectral quick blade {shortrare=g} closely misses
                  | the vault guard.
 60109 | Vaults:4 | the vault guard misses your +9 spectral quick blade
                  | {shortrare=g}.
 60110 | Vaults:4 | the vault guard blocks your +9 spectral quick blade
                  | {shortrare=g}'s attack.
 60111 | Vaults:4 | your +9 spectral quick blade {shortrare=g} hits the vault
                  | guard but does no damage.
 60111 | Vaults:4 | the vault guard closely misses your +9 spectral quick blade
                  | {shortrare=g}.
 60122 | Vaults:4 | Learned a level 6 spell: Death Channel
 60172 | Vaults:4 | your +9 spectral quick blade {shortrare=g} completely
                  | misses the large slime creature.
 60173 | Vaults:4 | your +9 spectral quick blade {shortrare=g} hits the large
                  | slime creature!
 60174 | Vaults:4 | your +9 spectral quick blade {shortrare=g} hits the large
                  | slime creature!
 60175 | Vaults:4 | your +9 spectral quick blade {shortrare=g} hits the large
                  | slime creature!
 60175 | Vaults:4 | the slime creature misses your +9 spectral quick blade
                  | {shortrare=g}.
 60176 | Vaults:4 | Reached skill level 1 in Necromancy
 60177 | Vaults:4 | your +9 spectral quick blade {shortrare=g} hits the slime
                  | creature.
 60397 | Vaults:4 | your +9 spectral quick blade {shortrare=g} hits the brown
                  | ugly thing.
 60397 | Vaults:4 | the brown ugly thing gores your +9 spectral quick blade
                  | {shortrare=g} but does no damage.
 60544 | Vaults:4 | Identified the +1 robe of a bazaar {Rampage Will+}
 60589 | Vaults:4 | your +9 spectral quick blade {shortrare=g} hits the red
                  | ugly thing!
 60589 | Vaults:4 | the red ugly thing bites your +9 spectral quick blade
                  | {shortrare=g}!
 60589 | Vaults:4 | your +9 spectral quick blade {shortrare=g} is engulfed in
                  | flames!
 60589 | Vaults:4 | your +9 spectral quick blade {shortrare=g} resists.
 60592 | Vaults:4 | your +9 spectral quick blade {shortrare=g} hits the white
                  | ugly thing!
 60593 | Vaults:4 | your +9 spectral quick blade {shortrare=g} barely misses
                  | the white ugly thing.
 60594 | Vaults:4 | your +9 spectral quick blade {shortrare=g} hits the white
                  | ugly thing.
 60663 | Vaults:4 | your +9 spectral quick blade {shortrare=g} hits the vault
                  | warden.
 60664 | Vaults:4 | your +9 spectral quick blade {shortrare=g} hits the vault
                  | warden.
 60665 | Vaults:4 | your +9 spectral quick blade {shortrare=g} hits the vault
                  | warden.
 60665 | Vaults:4 | the vault warden hits your +9 spectral quick blade
                  | {shortrare=g} with a +0 long sword!!
 60666 | Vaults:4 | your +9 spectral quick blade {shortrare=g} hits the vault
                  | guard.
 60666 | Vaults:4 | the vault warden barely misses your +9 spectral quick blade
                  | {shortrare=g}.
 60668 | Vaults:4 | your +9 spectral quick blade {shortrare=g} hits the vault
                  | warden.
 60668 | Vaults:4 | the vault warden barely misses your +9 spectral quick blade
                  | {shortrare=g}.
 60668 | Vaults:4 | the vault warden hits your +9 spectral quick blade
                  | {shortrare=g} with a +0 long sword!!
 60669 | Vaults:4 | your +9 spectral quick blade {shortrare=g} hits the vault
                  | guard.
 60670 | Vaults:4 | your +9 spectral quick blade {shortrare=g} hits the vault
                  | guard.
 60671 | Vaults:4 | your +9 spectral quick blade {shortrare=g} hits the vault
                  | warden but does no damage.
 60672 | Vaults:4 | Reached skill level 2 in Necromancy
 60672 | Vaults:4 | your +9 spectral quick blade {shortrare=g} hits the vault
                  | warden but does no damage.
 60674 | Vaults:4 | your +9 spectral quick blade {shortrare=g} hits the vault
                  | warden.
 60675 | Vaults:4 | your +9 spectral quick blade {shortrare=g} hits the vault
                  | warden.
 60827 | Vaults:4 | your +9 spectral quick blade {shortrare=g} hits the harpy!
 60829 | Vaults:4 | your +9 spectral quick blade {shortrare=g} hits the harpy!
 60846 | Vaults:4 | your +9 spectral quick blade {shortrare=g} hits the
                  | ironbound frostheart.
 60847 | Vaults:4 | your +9 spectral quick blade {shortrare=g} hits the
                  | ironbound frostheart!
 60848 | Vaults:4 | your +9 spectral quick blade {shortrare=g} hits the
                  | ironbound frostheart!
 60850 | Vaults:4 | your +9 spectral quick blade {shortrare=g} hits the storm
                  | dragon but does no damage.
 60851 | Vaults:4 | your +9 spectral quick blade {shortrare=g} hits the storm
                  | dragon!
 60852 | Vaults:4 | your +9 spectral quick blade {shortrare=g} hits the storm
                  | dragon.
 60853 | Vaults:4 | your +9 spectral quick blade {shortrare=g} barely misses
                  | the storm dragon.
 60854 | Vaults:4 | your +9 spectral quick blade {shortrare=g} hits the storm
                  | dragon.
 60855 | Vaults:4 | your +9 spectral quick blade {shortrare=g} hits the storm
                  | dragon.
 60857 | Vaults:4 | your +9 spectral quick blade {shortrare=g} hits the
                  | necromancer!
 60859 | Vaults:4 | your +9 spectral quick blade {shortrare=g} hits the
                  | ironbound preserver.
 60860 | Vaults:4 | your +9 spectral quick blade {shortrare=g} hits the
                  | ironbound preserver.
 60861 | Vaults:4 | your +9 spectral quick blade {shortrare=g} hits the
                  | ironbound preserver.
 60861 | Vaults:4 | the ironbound preserver hits your +9 spectral quick blade
                  | {shortrare=g} with a +0 dire flail!
 61473 | Depths:1 | Entered Level 1 of the Depths
 61477 | Depths:1 | your +9 spectral quick blade {shortrare=g} hits the tengu
                  | warrior.
 61477 | Depths:1 | the tengu warrior hits your +9 spectral quick blade
                  | {shortrare=g} with a +0 broad axe of flaming.
 61478 | Depths:1 | your +9 spectral quick blade {shortrare=g} hits the tengu
                  | warrior.
 61480 | Depths:1 | Reached skill level 3 in Necromancy
 61504 | Depths:1 | Found a one-way gate to the infinite horrors of the Abyss.
 61558 | Depths:1 | your +9 spectral quick blade {shortrare=g} hits the
                  | spriggan rider!
 61558 | Depths:1 | the spriggan rider hits your +9 spectral quick blade
                  | {shortrare=g} with a +0 hand axe!
 61559 | Depths:1 | your +9 spectral quick blade {shortrare=g} hits the
                  | spriggan rider!
 61561 | Depths:1 | your +9 spectral quick blade {shortrare=g} hits the
                  | spriggan berserker.
 61562 | Depths:1 | your +9 spectral quick blade {shortrare=g} hits the
                  | spriggan berserker!
 61562 | Depths:1 | the spriggan berserker hits your +9 spectral quick blade
                  | {shortrare=g} with a +0 falchion!!
 61564 | Depths:1 | your +9 spectral quick blade {shortrare=g} hits the
                  | spriggan berserker.
 61565 | Depths:1 | your +9 spectral quick blade {shortrare=g} hits the
                  | spriggan berserker!
 61571 | Depths:1 | your +9 spectral quick blade {shortrare=g} hits the stone
                  | giant.
 61644 | Depths:1 | your +9 spectral quick blade {shortrare=g} hits the
                  | guardian mummy.
 61645 | Depths:1 | your +9 spectral quick blade {shortrare=g} hits the
                  | guardian mummy but does no damage.
 61646 | Depths:1 | your +9 spectral quick blade {shortrare=g} hits the
                  | guardian mummy!
 61647 | Depths:1 | your +9 spectral quick blade {shortrare=g} hits the
                  | guardian mummy but does no damage.
 61722 | Depths:1 | your +9 spectral quick blade {shortrare=g} hits the fire
                  | giant.
 61723 | Depths:1 | your +9 spectral quick blade {shortrare=g} hits the fire
                  | giant.
 61724 | Depths:1 | your +9 spectral quick blade {shortrare=g} hits the fire
                  | giant but does no damage.
 61725 | Depths:1 | your +9 spectral quick blade {shortrare=g} hits the fire
                  | giant.
 61728 | Depths:1 | your +9 spectral quick blade {shortrare=g} hits the tengu
                  | conjurer.
 61730 | Depths:1 | Reached skill level 4 in Necromancy
 61731 | Depths:1 | your +9 spectral quick blade {shortrare=g} hits the ice
                  | dragon!
 61731 | Depths:1 | the ice dragon bites your +9 spectral quick blade
                  | {shortrare=g}.
 61731 | Depths:1 | the ice dragon closely misses your +9 spectral quick blade
                  | {shortrare=g}.
 61731 | Depths:1 | the ice dragon closely misses your +9 spectral quick blade
                  | {shortrare=g}.
 61889 | Depths:1 | your +9 spectral quick blade {shortrare=g} hits the deep
                  | troll!
 61965 | Depths:1 | your +9 spectral quick blade {shortrare=g} hits the tengu
                  | warrior.
 61976 | Depths:1 | your +9 spectral quick blade {shortrare=g} hits the tengu
                  | conjurer!
 62116 | Depths:1 | Found a gateway to Hell.
 62117 | Depths:1 | your +9 spectral quick blade {shortrare=g} hits the balrug.
 62122 | Depths:1 | your +9 spectral quick blade {shortrare=g} hits the smoke
                  | demon.
 62123 | Depths:1 | your +9 spectral quick blade {shortrare=g} hits the smoke
                  | demon.
 62443 | Depths:1 | Found Adigg's Armour Shop.
 62475 | Depths:1 | You pick up a book of the Hunter and begin reading...
 62698 | Depths:2 | Noticed Sojobo
 62702 | Depths:2 | your +9 spectral quick blade {shortrare=g} barely misses
                  | the tengu reaver.
 62703 | Depths:2 | your +9 spectral quick blade {shortrare=g} hits the tengu
                  | reaver!
 62703 | Depths:2 | Found a shadowy altar of Dithmenos.
 62705 | Depths:2 | your +9 spectral quick blade {shortrare=g} hits the tengu
                  | reaver but does no damage.
 62705 | Depths:2 | the tengu reaver hits your +9 spectral quick blade
                  | {shortrare=g} with a +2 vorpal battleaxe.
 62706 | Depths:2 | your +9 spectral quick blade {shortrare=g} hits the tengu
                  | reaver!
 62706 | Depths:2 | the tengu reaver hits your +9 spectral quick blade
                  | {shortrare=g} with a +2 vorpal battleaxe!
 62708 | Depths:2 | your +9 spectral quick blade {shortrare=g} hits Sojobo but
                  | does no damage.
 62709 | Depths:2 | your +9 spectral quick blade {shortrare=g} hits Sojobo.
 62710 | Depths:2 | your +9 spectral quick blade {shortrare=g} hits Sojobo.
 62711 | Depths:2 | your +9 spectral quick blade {shortrare=g} hits Sojobo.
 62712 | Depths:2 | your +9 spectral quick blade {shortrare=g} hits Sojobo.
 62713 | Depths:2 | Killed Sojobo
 62714 | Depths:2 | Reached skill level 5 in Necromancy
 62751 | Depths:2 | your +9 spectral quick blade {shortrare=g} hits the tengu
                  | conjurer!
 62752 | Depths:2 | your +9 spectral quick blade {shortrare=g} hits the tengu
                  | conjurer!
 62753 | Depths:2 | Reached skill level 15 in Shields
 62754 | Depths:2 | your +9 spectral quick blade {shortrare=g} hits the tengu
                  | conjurer!
 62758 | Depths:2 | your +9 spectral quick blade {shortrare=g} hits the
                  | rakshasa!
 62759 | Depths:2 | your +9 spectral quick blade {shortrare=g} hits the
                  | rakshasa.
 62759 | Depths:2 | the rakshasa hits your +9 spectral quick blade
                  | {shortrare=g} with a +0 whip!
 62812 | Depths:2 | your +9 spectral quick blade {shortrare=g} hits the wizard.
 62813 | Depths:2 | your +9 spectral quick blade {shortrare=g} hits the wizard!
 62828 | Depths:2 | your +9 spectral quick blade {shortrare=g} hits the spark
                  | wasp!
 62828 | Depths:2 | the spark wasp stings your +9 spectral quick blade
                  | {shortrare=g}!
 62828 | Depths:2 | the spark wasp shocks your +9 spectral quick blade
                  | {shortrare=g}.
 62828 | Depths:2 | your +9 spectral quick blade {shortrare=g} resists.
 62829 | Depths:2 | your +9 spectral quick blade {shortrare=g} hits the spark
                  | wasp.
 62829 | Depths:2 | the spark wasp barely misses your +9 spectral quick blade
                  | {shortrare=g}.
 62829 | Depths:2 | the spark wasp stings your +9 spectral quick blade
                  | {shortrare=g}!!
 62831 | Depths:2 | your +9 spectral quick blade {shortrare=g} hits the spark
                  | wasp!
 62831 | Depths:2 | the spark wasp stings your +9 spectral quick blade
                  | {shortrare=g}!!
 62831 | Depths:2 | the spark wasp shocks your +9 spectral quick blade
                  | {shortrare=g}.
 62831 | Depths:2 | your +9 spectral quick blade {shortrare=g} resists.
 62832 | Depths:2 | your +9 spectral quick blade {shortrare=g} hits the
                  | spriggan air mage!
 62837 | Depths:2 | your +9 spectral quick blade {shortrare=g} hits the spark
                  | wasp!
 62837 | Depths:2 | something hits your +9 spectral quick blade {shortrare=g}!
 62838 | Depths:2 | something misses your +9 spectral quick blade
                  | {shortrare=g}.
 62839 | Depths:2 | something misses your +9 spectral quick blade
                  | {shortrare=g}.
 62840 | Depths:2 | something completely misses your +9 spectral quick blade
                  | {shortrare=g}.
 62841 | Depths:2 | something hits your +9 spectral quick blade {shortrare=g}!
 62843 | Depths:2 | your +9 spectral quick blade {shortrare=g} hits something.
 62844 | Depths:2 | your +9 spectral quick blade {shortrare=g} barely misses
                  | something.
 62844 | Depths:2 | something hits your +9 spectral quick blade {shortrare=g}!
 62845 | Depths:2 | your +9 spectral quick blade {shortrare=g} hits something
                  | but does no damage.
 62845 | Depths:2 | something hits your +9 spectral quick blade {shortrare=g}!!
 62846 | Depths:2 | your +9 spectral quick blade {shortrare=g} hits something.
 62846 | Depths:2 | something hits your +9 spectral quick blade {shortrare=g}!
 62848 | Depths:2 | your +9 spectral quick blade {shortrare=g} barely misses
                  | the spark wasp.
 63072 | Depths:2 | your +9 spectral quick blade {shortrare=g} hits the torpor
                  | snail but does no damage.
 63073 | Depths:2 | your +9 spectral quick blade {shortrare=g} hits the torpor
                  | snail but does no damage.
 63285 | Depths:2 | your +9 spectral quick blade {shortrare=g} hits something.
 63286 | Depths:2 | your +9 spectral quick blade {shortrare=g} hits something.
 63286 | Depths:2 | something barely misses your +9 spectral quick blade
                  | {shortrare=g}.
 63287 | Depths:2 | your +9 spectral quick blade {shortrare=g} barely misses
                  | something.
 63293 | Depths:2 | your +9 spectral quick blade {shortrare=g} hits the merfolk
                  | javelineer!
 63295 | Depths:2 | your +9 spectral quick blade {shortrare=g} hits the merfolk
                  | javelineer!
 63358 | Depths:2 | your +9 spectral quick blade {shortrare=g} hits the ettin.
 63359 | Depths:2 | your +9 spectral quick blade {shortrare=g} completely
                  | misses the ettin.
 63360 | Depths:2 | your +9 spectral quick blade {shortrare=g} hits the ettin!
 63362 | Depths:2 | Reached skill level 6 in Necromancy
 63362 | Depths:2 | your +9 spectral quick blade {shortrare=g} hits the flayed
                  | ghost!
 63366 | Depths:2 | your +9 spectral quick blade {shortrare=g} hits the flayed
                  | ghost!
 63366 | Depths:2 | the flayed ghost hits your +9 spectral quick blade
                  | {shortrare=g}!!
 63368 | Depths:2 | your +9 spectral quick blade {shortrare=g} barely misses
                  | the flayed ghost.
 63369 | Depths:2 | your +9 spectral quick blade {shortrare=g} hits the flayed
                  | ghost!
 63369 | Depths:2 | something completely misses your +9 spectral quick blade
                  | {shortrare=g}.
 63396 | Depths:2 | your +9 spectral quick blade {shortrare=g} hits something.
 63398 | Depths:2 | your +9 spectral quick blade {shortrare=g} hits something!
 63398 | Depths:2 | something misses your +9 spectral quick blade
                  | {shortrare=g}.
 63431 | Depths:2 | your +9 spectral quick blade {shortrare=g} completely
                  | misses the water elemental.
 63433 | Depths:2 | your +9 spectral quick blade {shortrare=g} hits the water
                  | elemental!
 63446 | Depths:2 | your +9 spectral quick blade {shortrare=g} hits the
                  | phantasmal warrior.
 63450 | Depths:2 | your +9 spectral quick blade {shortrare=g} hits the
                  | phantasmal warrior but does no damage.
 63454 | Depths:2 | your +9 spectral quick blade {shortrare=g} hits the
                  | phantasmal warrior but does no damage.
 63455 | Depths:2 | your +9 spectral quick blade {shortrare=g} hits the
                  | phantasmal warrior!
 63455 | Depths:2 | the phantasmal warrior hits your +9 spectral quick blade
                  | {shortrare=g}!!
 63458 | Depths:2 | your +9 spectral quick blade {shortrare=g} hits the water
                  | elemental!
 63509 | Depths:2 | your +9 spectral quick blade {shortrare=g} hits the water
                  | elemental!
 63510 | Depths:2 | your +9 spectral quick blade {shortrare=g} hits the water
                  | elemental!
 63514 | Depths:2 | your +9 spectral quick blade {shortrare=g} hits the water
                  | elemental!
 63516 | Depths:2 | your +9 spectral quick blade {shortrare=g} barely misses
                  | the water elemental.
 63518 | Depths:2 | your +9 spectral quick blade {shortrare=g} hits the water
                  | elemental!
 63551 | Depths:2 | your +9 spectral quick blade {shortrare=g} hits the water
                  | elemental.
 63553 | Depths:2 | your +9 spectral quick blade {shortrare=g} hits the water
                  | elemental.
 63553 | Depths:2 | something hits your +9 spectral quick blade {shortrare=g}!
 63553 | Depths:2 | something drains your +9 spectral quick blade
                  | {shortrare=g}'s vigour!
 63553 | Depths:2 | your +9 spectral quick blade {shortrare=g} seems to slow
                  | down.
 63554 | Depths:2 | your +9 spectral quick blade {shortrare=g} hits the water
                  | elemental.
 63558 | Depths:2 | your +9 spectral quick blade {shortrare=g} hits the water
                  | elemental.
 63559 | Depths:2 | your +9 spectral quick blade {shortrare=g} hits the water
                  | elemental.
 63560 | Depths:2 | your +9 spectral quick blade {shortrare=g} hits the water
                  | elemental.
 63561 | Depths:2 | your +9 spectral quick blade {shortrare=g} barely misses
                  | the water elemental.
 63565 | Depths:2 | your +9 spectral quick blade {shortrare=g} hits something.
 63566 | Depths:2 | your +9 spectral quick blade {shortrare=g} barely misses
                  | something.
 63568 | Depths:2 | your +9 spectral quick blade {shortrare=g} hits something!
 63602 | Depths:2 | Found the +12 glaive of Prune {vorpal}
 63631 | Depths:2 | You pick up a book of Beasts and begin reading...
 63631 | Depths:2 | You add the spells Summon Ice Beast and Monstrous Menagerie
                  | to your library.
 63635 | Depths:2 | Got the Grimoire of Shifting Beguiling
 63638 | Depths:2 | You pick up a book of Rime and begin reading...
 63638 | Depths:2 | You add the spells Frozen Ramparts and Ice Form to your
                  | library.
 63821 | Depths:2 | your +9 spectral quick blade {shortrare=g} hits the sun
                  | demon.
 63822 | Depths:2 | your +9 spectral quick blade {shortrare=g} hits the sun
                  | demon but does no damage.
 63845 | Depths:2 | Found a one-way gate leading to the halls of Pandemonium.
 63846 | Depths:2 | your +9 spectral quick blade {shortrare=g} hits the rust
                  | devil.
 63846 | Depths:2 | the cacodemon completely misses your +9 spectral quick
                  | blade {shortrare=g}.
 63846 | Depths:2 | the cacodemon hits your +9 spectral quick blade
                  | {shortrare=g}!
 63855 | Depths:2 | Gained mutation: Your magical capacity is low. (-10% MP) [a
                  | cacodemon]
 63857 | Depths:2 | your +9 spectral quick blade {shortrare=g} hits the
                  | neqoxec.
 63860 | Depths:2 | your +9 spectral quick blade {shortrare=g} hits the red
                  | devil!
 63863 | Depths:2 | You pick up a book of the Sky and begin reading...
 63863 | Depths:2 | You add the spells Storm Form and Maxwell's Capacitive
                  | Coupling to your library.
 63928 | Depths:2 | your +9 spectral quick blade {shortrare=g} closely misses
                  | something.
 63961 | Depths:2 | your +9 spectral quick blade {shortrare=g} hits the stone
                  | giant.
 63961 | Depths:2 | the frost giant hits your +9 spectral quick blade
                  | {shortrare=g} with a +1 battleaxe of freezing!
 63961 | Depths:2 | the frost giant freezes your +9 spectral quick blade
                  | {shortrare=g}.
 63962 | Depths:2 | your +9 spectral quick blade {shortrare=g} hits the stone
                  | giant.
 63962 | Depths:2 | The bolt of cold hits your +9 spectral quick blade
                  | {shortrare=g}!!
 63962 | Depths:2 | your +9 spectral quick blade {shortrare=g} resists.
 63964 | Depths:2 | your +9 spectral quick blade {shortrare=g} hits the frost
                  | giant!
 63965 | Depths:2 | your +9 spectral quick blade {shortrare=g} hits the frost
                  | giant!
 63965 | Depths:2 | the frost giant hits your +9 spectral quick blade
                  | {shortrare=g} with a +1 battleaxe of freezing!
 63965 | Depths:2 | the frost giant freezes your +9 spectral quick blade
                  | {shortrare=g}.
 63976 | Depths:2 | your +9 spectral quick blade {shortrare=g} hits the
                  | rakshasa.
 63979 | Depths:2 | your +9 spectral quick blade {shortrare=g} hits the
                  | rakshasa!
 63979 | Depths:2 | the rakshasa gestures at your +9 spectral quick blade
                  | {shortrare=g}.
 63979 | Depths:2 | The lance of force hits your +9 spectral quick blade
                  | {shortrare=g}!
 63979 | Depths:2 | your +9 spectral quick blade {shortrare=g} is knocked back
                  | by the lance of force.
 64155 | Depths:3 | Found a one-way gateway to a ziggurat.
 64158 | Depths:3 | Reached skill level 7 in Necromancy
 64187 | Depths:3 | your +9 spectral quick blade {shortrare=g} completely
                  | misses the stone giant.
 64188 | Depths:3 | your +9 spectral quick blade {shortrare=g} hits the stone
                  | giant!
 64189 | Depths:3 | your +9 spectral quick blade {shortrare=g} hits the stone
                  | giant!
 64192 | Depths:3 | your +9 spectral quick blade {shortrare=g} hits the ettin
                  | but does no damage.
 64192 | Depths:3 | the ettin barely misses your +9 spectral quick blade
                  | {shortrare=g}.
 64192 | Depths:3 | the ettin misses your +9 spectral quick blade
                  | {shortrare=g}.
 64195 | Depths:3 | your +9 spectral quick blade {shortrare=g} hits the ettin
                  | but does no damage.
 64196 | Depths:3 | your +9 spectral quick blade {shortrare=g} hits the ettin
                  | but does no damage.
 64197 | Depths:3 | your +9 spectral quick blade {shortrare=g} hits the ettin!
 64198 | Depths:3 | your +9 spectral quick blade {shortrare=g} hits the ettin.
 64199 | Depths:3 | You are cast into the Abyss!
 64199 | Depths:3 | Cast into level 2 of the Abyss (a wizard)
 64311 | Depths:3 | You pass through the gate.
 64311 | Depths:3 | Escaped the Abyss
 64313 | Depths:3 | your +9 spectral quick blade {shortrare=g} hits the wizard!
 64314 | Depths:3 | your +9 spectral quick blade {shortrare=g} hits the wizard!
 64327 | Depths:3 | your +9 spectral quick blade {shortrare=g} hits the tengu
                  | warrior!
 64327 | Depths:3 | the tengu warrior hits your +9 spectral quick blade
                  | {shortrare=g} with a +0 battleaxe!!
 64327 | Depths:3 | the tengu warrior barely misses your +9 spectral quick
                  | blade {shortrare=g}.
 64327 | Depths:3 | the tengu warrior claws your +9 spectral quick blade
                  | {shortrare=g}.
 64382 | Depths:3 | your +9 spectral quick blade {shortrare=g} hits the deep
                  | troll.
 64383 | Depths:3 | your +9 spectral quick blade {shortrare=g} hits the deep
                  | troll!
 64385 | Depths:3 | your +9 spectral quick blade {shortrare=g} hits the deep
                  | troll earth mage!
 64387 | Depths:3 | your +9 spectral quick blade {shortrare=g} barely misses
                  | the iron troll.
 64388 | Depths:3 | your +9 spectral quick blade {shortrare=g} hits the iron
                  | troll but does no damage.
 64388 | Depths:3 | the deep troll closely misses your +9 spectral quick blade
                  | {shortrare=g}.
 64388 | Depths:3 | the deep troll claws your +9 spectral quick blade
                  | {shortrare=g}!
 64388 | Depths:3 | the deep troll claws your +9 spectral quick blade
                  | {shortrare=g}!!
 64389 | Depths:3 | your +9 spectral quick blade {shortrare=g} hits the iron
                  | troll but does no damage.
 64390 | Depths:3 | your +9 spectral quick blade {shortrare=g} hits the iron
                  | troll!
 64391 | Depths:3 | your +9 spectral quick blade {shortrare=g} hits the deep
                  | troll.
 64392 | Depths:3 | your +9 spectral quick blade {shortrare=g} hits the deep
                  | troll.
 64395 | Depths:3 | your +9 spectral quick blade {shortrare=g} hits the deep
                  | troll.
 64396 | Depths:3 | your +9 spectral quick blade {shortrare=g} hits the fire
                  | dragon!
 64397 | Depths:3 | your +9 spectral quick blade {shortrare=g} hits the fire
                  | dragon.
 64398 | Depths:3 | your +9 spectral quick blade {shortrare=g} hits the fire
                  | dragon!
 64399 | Depths:3 | your +9 spectral quick blade {shortrare=g} hits the deep
                  | troll.
 64402 | Depths:3 | your +9 spectral quick blade {shortrare=g} hits the deep
                  | troll.
 64402 | Depths:3 | the deep troll bites your +9 spectral quick blade
                  | {shortrare=g}.
 64402 | Depths:3 | the deep troll claws your +9 spectral quick blade
                  | {shortrare=g}.
 64402 | Depths:3 | the deep troll claws your +9 spectral quick blade
                  | {shortrare=g}!
 64407 | Depths:3 | your +9 spectral quick blade {shortrare=g} hits something.
 64409 | Depths:3 | your +9 spectral quick blade {shortrare=g} hits the deep
                  | elf zephyrmancer!
 64414 | Depths:3 | your +9 spectral quick blade {shortrare=g} hits the deep
                  | troll!
 64415 | Depths:3 | your +9 spectral quick blade {shortrare=g} hits the deep
                  | troll earth mage but does no damage.
 64417 | Depths:3 | your +9 spectral quick blade {shortrare=g} hits the deep
                  | troll!
 64418 | Depths:3 | your +9 spectral quick blade {shortrare=g} hits the deep
                  | troll!
 64419 | Depths:3 | your +9 spectral quick blade {shortrare=g} hits the deep
                  | troll.
 64419 | Depths:3 | the deep troll bites your +9 spectral quick blade
                  | {shortrare=g}!!
 64419 | Depths:3 | the deep troll claws your +9 spectral quick blade
                  | {shortrare=g}!
 64420 | Depths:3 | your +9 spectral quick blade {shortrare=g} hits the deep
                  | troll.
 64421 | Depths:3 | your +9 spectral quick blade {shortrare=g} hits the deep
                  | troll shaman!
 64423 | Depths:3 | your +9 spectral quick blade {shortrare=g} hits the deep
                  | troll.
 64425 | Depths:3 | your +9 spectral quick blade {shortrare=g} barely misses
                  | the deep troll.
 64426 | Depths:3 | your +9 spectral quick blade {shortrare=g} hits the deep
                  | troll.
 64427 | Depths:3 | the deep troll bites your +9 spectral quick blade
                  | {shortrare=g} but does no damage.
 64427 | Depths:3 | the deep troll claws your +9 spectral quick blade
                  | {shortrare=g}.
 64427 | Depths:3 | the deep troll closely misses your +9 spectral quick blade
                  | {shortrare=g}.
 64428 | Depths:3 | your +9 spectral quick blade {shortrare=g} hits the stone
                  | giant but does no damage.
 64431 | Depths:3 | your +9 spectral quick blade {shortrare=g} barely misses
                  | the deep troll.
 64435 | Depths:3 | your +9 spectral quick blade {shortrare=g} closely misses
                  | the deep troll shaman.
 64438 | Depths:3 | your +9 spectral quick blade {shortrare=g} closely misses
                  | the deep troll shaman.
 64439 | Depths:3 | your +9 spectral quick blade {shortrare=g} hits the deep
                  | troll shaman.
 64567 | Depths:3 | your +9 spectral quick blade {shortrare=g} hits the stone
                  | giant but does no damage.
 64568 | Depths:3 | your +9 spectral quick blade {shortrare=g} hits the stone
                  | giant.
 64569 | Depths:3 | your +9 spectral quick blade {shortrare=g} hits the stone
                  | giant but does no damage.
 64569 | Depths:3 | the stone giant hits your +9 spectral quick blade
                  | {shortrare=g}!!
 64571 | Depths:3 | your +9 spectral quick blade {shortrare=g} hits the frost
                  | giant but does no damage.
 64572 | Depths:3 | your +9 spectral quick blade {shortrare=g} hits the frost
                  | giant.
 64573 | Depths:3 | your +9 spectral quick blade {shortrare=g} hits the stone
                  | giant.
 64573 | Depths:3 | the stone giant hits your +9 spectral quick blade
                  | {shortrare=g}.
 64574 | Depths:3 | your +9 spectral quick blade {shortrare=g} hits the stone
                  | giant.
 64575 | Depths:3 | your +9 spectral quick blade {shortrare=g} hits the frost
                  | giant!
 64575 | Depths:3 | the frost giant hits your +9 spectral quick blade
                  | {shortrare=g} with a +2 battleaxe of freezing!
 64575 | Depths:3 | the frost giant freezes your +9 spectral quick blade
                  | {shortrare=g}.
 64577 | Depths:3 | your +9 spectral quick blade {shortrare=g} hits the tengu
                  | conjurer!
 64578 | Depths:3 | your +9 spectral quick blade {shortrare=g} hits the tengu
                  | conjurer!
 64579 | Depths:3 | your +9 spectral quick blade {shortrare=g} barely misses
                  | something.
 64636 | Depths:3 | your +9 spectral quick blade {shortrare=g} hits the wizard!
 64637 | Depths:3 | your +9 spectral quick blade {shortrare=g} hits the wizard!
 64679 | Depths:3 | Identified the amulet of Nowkoset {RegenMP Int+6}
 64684 | Depths:3 | your +9 spectral quick blade {shortrare=g} hits the wizard!
 64685 | Depths:3 | your +9 spectral quick blade {shortrare=g} hits the wizard!
 64851 | Depths:3 | your +9 spectral quick blade {shortrare=g} hits the deep
                  | elf sorcerer!
 64851 | Depths:3 | the deep elf sorcerer closely misses your +9 spectral quick
                  | blade {shortrare=g}.
 64855 | Depths:3 | Noticed Margery
 64862 | Depths:3 | Reached skill level 15 in Earth Magic
 64864 | Depths:3 | Killed Margery
 64867 | Depths:3 | a +2 war axe {axe}; +0 shadow dragon scales {rare}
 64871 | Depths:3 | your +9 spectral quick blade {shortrare=g} hits the hell
                  | knight!
 64872 | Depths:3 | your +9 spectral quick blade {shortrare=g} hits the hell
                  | knight!
 64872 | Depths:3 | the hell knight hits your +9 spectral quick blade
                  | {shortrare=g} with a +5 war axe of draining.
 64874 | Depths:3 | Reached skill level 15 in Transmutations
 64874 | Depths:3 | your +9 spectral quick blade {shortrare=g} hits the fire
                  | giant!
 64875 | Depths:3 | your +9 spectral quick blade {shortrare=g} hits the fire
                  | giant!
 64875 | Depths:3 | the fire giant hits your +9 spectral quick blade
                  | {shortrare=g} with a +1 great sword of flaming!!!
 64875 | Depths:3 | the fire giant burns your +9 spectral quick blade
                  | {shortrare=g}.
 64876 | Depths:3 | your +9 spectral quick blade {shortrare=g} hits the fire
                  | giant!
 64878 | Depths:3 | your +9 spectral quick blade {shortrare=g} hits the orc
                  | sorcerer but does no damage.
 64881 | Depths:3 | your +9 spectral quick blade {shortrare=g} hits the wizard!
 64896 | Depths:3 | a +2 war axe {axe}; +0 shadow dragon scales {rare}
 65092 | Depths:3 | your +9 spectral quick blade {shortrare=g} hits the wizard!
 65312 | Depths:4 | Entered Level 4 of the Depths
 65364 | Depths:4 | your +9 spectral quick blade {shortrare=g} hits the ice
                  | dragon but does no damage.
 65365 | Depths:4 | your +9 spectral quick blade {shortrare=g} hits the ice
                  | dragon.
 65366 | Depths:4 | your +9 spectral quick blade {shortrare=g} hits the ice
                  | dragon!
 65367 | Depths:4 | your +9 spectral quick blade {shortrare=g} hits the ice
                  | dragon!
 65367 | Depths:4 | the ice dragon bites your +9 spectral quick blade
                  | {shortrare=g}.
 65367 | Depths:4 | the ice dragon claws your +9 spectral quick blade
                  | {shortrare=g}!
 65367 | Depths:4 | the ice dragon tramples your +9 spectral quick blade
                  | {shortrare=g} but does no damage.
 65369 | Depths:4 | your +9 spectral quick blade {shortrare=g} hits the white
                  | draconian.
 65372 | Depths:4 | your +9 spectral quick blade {shortrare=g} hits the white
                  | draconian.
 65373 | Depths:4 | your +9 spectral quick blade {shortrare=g} hits the white
                  | draconian.
 65374 | Depths:4 | your +9 spectral quick blade {shortrare=g} hits the white
                  | draconian.
 65374 | Depths:4 | the white draconian barely misses your +9 spectral quick
                  | blade {shortrare=g}.
 65376 | Depths:4 | your +9 spectral quick blade {shortrare=g} hits the white
                  | draconian!
 65377 | Depths:4 | your +9 spectral quick blade {shortrare=g} hits the white
                  | draconian.
 65378 | Depths:4 | your +9 spectral quick blade {shortrare=g} hits the white
                  | draconian!
 65379 | Depths:4 | your +9 spectral quick blade {shortrare=g} hits the white
                  | draconian!
 65380 | Depths:4 | your +9 spectral quick blade {shortrare=g} hits the white
                  | draconian.
 65381 | Depths:4 | your +9 spectral quick blade {shortrare=g} hits the white
                  | draconian.
 65382 | Depths:4 | your +9 spectral quick blade {shortrare=g} hits the white
                  | draconian but does no damage.
 65383 | Depths:4 | your +9 spectral quick blade {shortrare=g} hits the white
                  | draconian but does no damage.
 65385 | Depths:4 | your +9 spectral quick blade {shortrare=g} hits the deep
                  | troll!
 65386 | Depths:4 | your +9 spectral quick blade {shortrare=g} hits the deep
                  | troll.
 65402 | Depths:4 | Reached XP level 24. HP: 164/164 MP: 18/26
 65500 | Depths:4 | your +9 spectral quick blade {shortrare=g} hits the deep
                  | troll shaman!
 65500 | Depths:4 | the deep troll shaman bites your +9 spectral quick blade
                  | {shortrare=g}.
 65500 | Depths:4 | the deep troll shaman completely misses your +9 spectral
                  | quick blade {shortrare=g}.
 65500 | Depths:4 | the deep troll shaman misses your +9 spectral quick blade
                  | {shortrare=g}.
 65503 | Depths:4 | your +9 spectral quick blade {shortrare=g} hits the
                  | spriggan berserker.
 65503 | Depths:4 | the spriggan berserker hits your +9 spectral quick blade
                  | {shortrare=g} with a +0 war axe.
 65504 | Depths:4 | your +9 spectral quick blade {shortrare=g} hits the
                  | spriggan berserker!
 65505 | Depths:4 | Reached skill level 9 in Translocations
 65505 | Depths:4 | your +9 spectral quick blade {shortrare=g} hits the iron
                  | troll!
 65506 | Depths:4 | your +9 spectral quick blade {shortrare=g} hits the iron
                  | troll but does no damage.
 65507 | Depths:4 | your +9 spectral quick blade {shortrare=g} hits the iron
                  | troll!
 65510 | Depths:4 | your +9 spectral quick blade {shortrare=g} hits the stone
                  | giant but does no damage.
 65511 | Depths:4 | your +9 spectral quick blade {shortrare=g} hits the stone
                  | giant!
 65511 | Depths:4 | the stone giant misses your +9 spectral quick blade
                  | {shortrare=g}.
 65556 | Depths:4 | Reached skill level 16 in Shields
 65567 | Depths:4 | your +9 spectral quick blade {shortrare=g} hits the purple
                  | very ugly thing.
 65568 | Depths:4 | your +9 spectral quick blade {shortrare=g} hits the purple
                  | very ugly thing!
 65569 | Depths:4 | your +9 spectral quick blade {shortrare=g} hits the purple
                  | very ugly thing.
 65571 | Depths:4 | your +9 spectral quick blade {shortrare=g} misses the
                  | spriggan air mage.
 65572 | Depths:4 | your +9 spectral quick blade {shortrare=g} closely misses
                  | the spriggan air mage.
 65573 | Depths:4 | your +9 spectral quick blade {shortrare=g} hits the
                  | spriggan air mage!
 65574 | Depths:4 | your +9 spectral quick blade {shortrare=g} hits the deep
                  | troll but does no damage.
 65574 | Depths:4 | the deep troll misses your +9 spectral quick blade
                  | {shortrare=g}.
 65574 | Depths:4 | the deep troll claws your +9 spectral quick blade
                  | {shortrare=g}!
 65574 | Depths:4 | the deep troll closely misses your +9 spectral quick blade
                  | {shortrare=g}.
 65577 | Depths:4 | your +9 spectral quick blade {shortrare=g} hits the green
                  | very ugly thing!
 65578 | Depths:4 | your +9 spectral quick blade {shortrare=g} barely misses
                  | the green very ugly thing.
 65579 | Depths:4 | your +9 spectral quick blade {shortrare=g} hits the green
                  | very ugly thing!
 65579 | Depths:4 | the green very ugly thing kicks your +9 spectral quick
                  | blade {shortrare=g}!!
 65580 | Depths:4 | your +9 spectral quick blade {shortrare=g} hits the green
                  | very ugly thing.
 65581 | Depths:4 | your +9 spectral quick blade {shortrare=g} hits the purple
                  | very ugly thing.
 65582 | Depths:4 | your +9 spectral quick blade {shortrare=g} hits the green
                  | very ugly thing.
 65583 | Depths:4 | your +9 spectral quick blade {shortrare=g} hits the purple
                  | very ugly thing!
 65584 | Depths:4 | your +9 spectral quick blade {shortrare=g} closely misses
                  | the green very ugly thing.
 65585 | Depths:4 | your +9 spectral quick blade {shortrare=g} hits the purple
                  | very ugly thing.
 65587 | Depths:4 | your +9 spectral quick blade {shortrare=g} hits the deep
                  | troll.
 65587 | Depths:4 | the deep troll bites your +9 spectral quick blade
                  | {shortrare=g}!!
 65587 | Depths:4 | the deep troll barely misses your +9 spectral quick blade
                  | {shortrare=g}.
 65587 | Depths:4 | the deep troll claws your +9 spectral quick blade
                  | {shortrare=g}!
 65588 | Depths:4 | your +9 spectral quick blade {shortrare=g} hits the purple
                  | very ugly thing.
 65588 | Depths:4 | the deep troll bites your +9 spectral quick blade
                  | {shortrare=g}.
 65588 | Depths:4 | the deep troll claws your +9 spectral quick blade
                  | {shortrare=g}.
 65588 | Depths:4 | the deep troll claws your +9 spectral quick blade
                  | {shortrare=g}.
 65589 | Depths:4 | your +9 spectral quick blade {shortrare=g} hits the white
                  | ugly thing!
 65590 | Depths:4 | your +9 spectral quick blade {shortrare=g} barely misses
                  | the purple very ugly thing.
 65590 | Depths:4 | the deep troll closely misses your +9 spectral quick blade
                  | {shortrare=g}.
 65590 | Depths:4 | the deep troll claws your +9 spectral quick blade
                  | {shortrare=g}.
 65590 | Depths:4 | the deep troll claws your +9 spectral quick blade
                  | {shortrare=g}!
 65592 | Depths:4 | Reached skill level 8 in Necromancy
 65592 | Depths:4 | your +9 spectral quick blade {shortrare=g} hits the white
                  | ugly thing.
 65594 | Depths:4 | your +9 spectral quick blade {shortrare=g} hits the
                  | spriggan rider!
 65596 | Depths:4 | your +9 spectral quick blade {shortrare=g} hits the deep
                  | troll.
 65597 | Depths:4 | your +9 spectral quick blade {shortrare=g} hits the
                  | spriggan rider!
 65598 | Depths:4 | your +9 spectral quick blade {shortrare=g} hits the
                  | spriggan!
 65775 | Depths:4 | Noticed a caustic shrike
 65775 | Depths:4 | Noticed a caustic shrike
 65775 | Depths:4 | Noticed a caustic shrike
 65775 | Depths:4 | Noticed a caustic shrike
 65775 | Depths:4 | Noticed a caustic shrike
 65784 | Depths:4 | Killed a caustic shrike
 65785 | Depths:4 | Reached skill level 19 in Dodging
 65789 | Depths:4 | Killed a caustic shrike
 65794 | Depths:4 | Killed a caustic shrike
 65802 | Depths:4 | Killed a caustic shrike
 65803 | Depths:4 | your +9 spectral quick blade {shortrare=g} hits the caustic
                  | shrike.
 65804 | Depths:4 | your +9 spectral quick blade {shortrare=g} hits the caustic
                  | shrike!
 65805 | Depths:4 | your +9 spectral quick blade {shortrare=g} completely
                  | misses the caustic shrike.
 65806 | Depths:4 | your +9 spectral quick blade {shortrare=g} hits the caustic
                  | shrike.
 65807 | Depths:4 | your +9 spectral quick blade {shortrare=g} hits the caustic
                  | shrike!
 65807 | Depths:4 | the caustic shrike claws your +9 spectral quick blade
                  | {shortrare=g}!
 65807 | Depths:4 | your +9 spectral quick blade {shortrare=g} is splashed with
                  | acid.
 65807 | Depths:4 | the caustic shrike claws your +9 spectral quick blade
                  | {shortrare=g}!!
 65808 | Depths:4 | Killed a caustic shrike
 65810 | Depths:4 | your +9 spectral quick blade {shortrare=g} hits the yellow
                  | draconian but does no damage.
 65811 | Depths:4 | your +9 spectral quick blade {shortrare=g} hits the yellow
                  | draconian but does no damage.
 65812 | Depths:4 | your +9 spectral quick blade {shortrare=g} hits the yellow
                  | draconian!
 65813 | Depths:4 | your +9 spectral quick blade {shortrare=g} hits the yellow
                  | draconian!
 65961 | Depths:4 | Found a runed translucent gate.
 65961 | Depths:4 | Found a runed translucent gate.
 65961 | Depths:4 | Found a runed translucent gate.
 66088 | Depths:4 | your +9 spectral quick blade {shortrare=g} hits the white
                  | draconian but does no damage.
 66089 | Depths:4 | your +9 spectral quick blade {shortrare=g} hits the white
                  | draconian!
 66090 | Depths:4 | your +9 spectral quick blade {shortrare=g} hits the white
                  | draconian.
 66092 | Depths:4 | your +9 spectral quick blade {shortrare=g} hits the stone
                  | giant.
 66093 | Depths:4 | your +9 spectral quick blade {shortrare=g} hits the stone
                  | giant.
 66094 | Depths:4 | your +9 spectral quick blade {shortrare=g} hits the stone
                  | giant.
 66095 | Depths:4 | your +9 spectral quick blade {shortrare=g} hits the stone
                  | giant.
 66096 | Depths:4 | your +9 spectral quick blade {shortrare=g} hits the stone
                  | giant but does no damage.
 66097 | Depths:4 | your +9 spectral quick blade {shortrare=g} hits the stone
                  | giant but does no damage.
 66097 | Depths:4 | the stone giant hits your +9 spectral quick blade
                  | {shortrare=g}!!
 66299 | Depths:4 | Found a gate to the Realm of Zot.
 66308 | Depths:4 | your +9 spectral quick blade {shortrare=g} hits the bone
                  | dragon!
 66309 | Depths:4 | your +9 spectral quick blade {shortrare=g} hits the bone
                  | dragon but does no damage.
 66310 | Depths:4 | your +9 spectral quick blade {shortrare=g} hits the bone
                  | dragon but does no damage.
 66310 | Depths:4 | The bolt of negative energy hits your +9 spectral quick
                  | blade {shortrare=g}.
 66310 | Depths:4 | your +9 spectral quick blade {shortrare=g} completely
                  | resists.
 66311 | Depths:4 | your +9 spectral quick blade {shortrare=g} hits the bone
                  | dragon but does no damage.
 66312 | Depths:4 | your +9 spectral quick blade {shortrare=g} hits the bone
                  | dragon!
 66313 | Depths:4 | your +9 spectral quick blade {shortrare=g} hits the bone
                  | dragon!
 66314 | Depths:4 | your +9 spectral quick blade {shortrare=g} hits the bone
                  | dragon but does no damage.
 66314 | Depths:4 | the bone dragon misses your +9 spectral quick blade
                  | {shortrare=g}.
 66314 | Depths:4 | the bone dragon barely misses your +9 spectral quick blade
                  | {shortrare=g}.
 66314 | Depths:4 | the bone dragon tramples your +9 spectral quick blade
                  | {shortrare=g}!
 66314 | Depths:4 | your +9 spectral quick blade {shortrare=g} holds its
                  | ground!
 66331 | Depths:4 | your +9 spectral quick blade {shortrare=g} hits the bone
                  | dragon but does no damage.
 66332 | Depths:4 | your +9 spectral quick blade {shortrare=g} hits the bone
                  | dragon.
 66333 | Depths:4 | your +9 spectral quick blade {shortrare=g} hits the bone
                  | dragon but does no damage.
 66334 | Depths:4 | your +9 spectral quick blade {shortrare=g} hits the bone
                  | dragon.
 66338 | Depths:4 | your +9 spectral quick blade {shortrare=g} hits the bone
                  | dragon but does no damage.
 66339 | Depths:4 | your +9 spectral quick blade {shortrare=g} hits the bone
                  | dragon but does no damage.
 66340 | Depths:4 | your +9 spectral quick blade {shortrare=g} hits the bone
                  | dragon but does no damage.
 66341 | Depths:4 | your +9 spectral quick blade {shortrare=g} hits the bone
                  | dragon.
 66341 | Depths:4 | the bone dragon bites your +9 spectral quick blade
                  | {shortrare=g}!!
 66341 | Depths:4 | the bone dragon claws your +9 spectral quick blade
                  | {shortrare=g}!!
 66343 | Depths:4 | your +9 spectral quick blade {shortrare=g} hits the storm
                  | dragon.
 66344 | Depths:4 | your +9 spectral quick blade {shortrare=g} hits the storm
                  | dragon.
 66345 | Depths:4 | your +9 spectral quick blade {shortrare=g} hits the storm
                  | dragon.
 66599 | Depths:4 | Identified the ring "Fuysuos" {rPois rF+ Int+6}
 66599 | Depths:4 | Noticed Oleutuy's ghost (veteran SpVM)
 66878 | Depths:4 | your +9 spectral quick blade {shortrare=g} hits the spark
                  | wasp!
 66879 | Depths:4 | your +9 spectral quick blade {shortrare=g} hits the spark
                  | wasp!
 66879 | Depths:4 | the spark wasp stings your +9 spectral quick blade
                  | {shortrare=g}!
 66879 | Depths:4 | the spark wasp shocks your +9 spectral quick blade
                  | {shortrare=g}.
 66879 | Depths:4 | your +9 spectral quick blade {shortrare=g} resists.
 66882 | Depths:4 | your +9 spectral quick blade {shortrare=g} hits the stone
                  | giant!
 66883 | Depths:4 | your +9 spectral quick blade {shortrare=g} hits the stone
                  | giant.
 66886 | Depths:4 | your +9 spectral quick blade {shortrare=g} hits the death
                  | yak.
 66888 | Depths:4 | your +9 spectral quick blade {shortrare=g} barely misses
                  | the spriggan air mage.
 66890 | Depths:4 | your +9 spectral quick blade {shortrare=g} hits the sphinx!
 66892 | Depths:4 | your +9 spectral quick blade {shortrare=g} hits the
                  | spriggan berserker.
 66892 | Depths:4 | the spriggan berserker hits your +9 spectral quick blade
                  | {shortrare=g} with a +0 hand axe!
 66893 | Depths:4 | your +9 spectral quick blade {shortrare=g} hits the
                  | spriggan berserker.
 66894 | Depths:4 | your +9 spectral quick blade {shortrare=g} hits the walking
                  | divine tome!
 66905 | Depths:4 | Killed Oleutuy's ghost
 67080 | Depths:4 | You pick up a book of Fire and begin reading...
 67080 | Depths:4 | You add the spells Fireball and Ignition to your library.
 67083 | Depths:4 | Identified the +0 pair of gloves of Time Monsters {Str+2}
 67437 | Vaults:5 | Entered Level 5 of the Vaults
 67446 | Vaults:4 | your +9 spectral quick blade {shortrare=g} hits the vault
                  | guard.
 67447 | Vaults:4 | your +9 spectral quick blade {shortrare=g} hits the vault
                  | guard.
 67447 | Vaults:4 | the vault guard hits your +9 spectral quick blade
                  | {shortrare=g} with a +0 great mace!!
 67449 | Vaults:4 | your +9 spectral quick blade {shortrare=g} hits the vault
                  | guard!
 67449 | Vaults:4 | the vault guard hits your +9 spectral quick blade
                  | {shortrare=g} with a +2 long sword of holy wrath!
 67449 | Vaults:4 | the vault warden hits your +9 spectral quick blade
                  | {shortrare=g} with a +2 war axe of electrocution!
 67450 | Vaults:4 | your +9 spectral quick blade {shortrare=g} hits the vault
                  | guard!
 67450 | Vaults:4 | the vault warden hits your +9 spectral quick blade
                  | {shortrare=g} with a +2 war axe of electrocution.
 67451 | Vaults:4 | your +9 spectral quick blade {shortrare=g} hits the vault
                  | guard!
 67451 | Vaults:4 | the vault warden hits your +9 spectral quick blade
                  | {shortrare=g} with a +2 war axe of electrocution!
 67452 | Vaults:4 | your +9 spectral quick blade {shortrare=g} hits the vault
                  | warden!
 67453 | Vaults:4 | your +9 spectral quick blade {shortrare=g} hits the vault
                  | warden!
 67453 | Vaults:4 | the vault warden completely misses your +9 spectral quick
                  | blade {shortrare=g}.
 67455 | Vaults:4 | your +9 spectral quick blade {shortrare=g} hits the vault
                  | guard!
 67456 | Vaults:4 | your +9 spectral quick blade {shortrare=g} hits the vault
                  | guard.
 67459 | Vaults:4 | your +9 spectral quick blade {shortrare=g} misses the vault
                  | warden.
 67460 | Vaults:4 | your +9 spectral quick blade {shortrare=g} hits the vault
                  | warden but does no damage.
 67460 | Vaults:4 | the vault guard closely misses your +9 spectral quick blade
                  | {shortrare=g}.
 67461 | Vaults:4 | your +9 spectral quick blade {shortrare=g} hits the vault
                  | warden!
 67462 | Vaults:4 | your +9 spectral quick blade {shortrare=g} hits the vault
                  | guard but does no damage.
 67462 | Vaults:4 | the vault guard misses your +9 spectral quick blade
                  | {shortrare=g}.
 67724 | Vaults:5 | Noticed an ancient lich
 67740 | Vaults:5 | your +9 spectral quick blade {shortrare=g} hits the vault
                  | warden but does no damage.
 67740 | Vaults:5 | the yaktaur hits your +9 spectral quick blade
                  | {shortrare=g}!
 67741 | Vaults:5 | your +9 spectral quick blade {shortrare=g} hits the vault
                  | guard!
 67741 | Vaults:5 | the bolt hits your +9 spectral quick blade {shortrare=g}!!
 67742 | Vaults:5 | your +9 spectral quick blade {shortrare=g} hits the vault
                  | guard!
 67742 | Vaults:5 | the culicivora bites your +9 spectral quick blade
                  | {shortrare=g} but does no damage.
 67742 | Vaults:5 | the yaktaur hits your +9 spectral quick blade {shortrare=g}
                  | but does no damage.
 67742 | Vaults:5 | the bolt barely misses your +9 spectral quick blade
                  | {shortrare=g}.
 67743 | Vaults:5 | your +9 spectral quick blade {shortrare=g} hits the frost
                  | giant but does no damage.
 67743 | Vaults:5 | the culicivora bites your +9 spectral quick blade
                  | {shortrare=g}!!
 67743 | Vaults:5 | the frost giant closely misses your +9 spectral quick blade
                  | {shortrare=g}.
 67743 | Vaults:5 | the yaktaur hits your +9 spectral quick blade
                  | {shortrare=g}!
 67747 | Vaults:5 | your +9 spectral quick blade {shortrare=g} hits the vault
                  | guard!
 67747 | Vaults:5 | the vault guard completely misses your +9 spectral quick
                  | blade {shortrare=g}.
 67753 | Vaults:5 | Noticed a dread lich
 67759 | Vaults:5 | your +9 spectral quick blade {shortrare=g} hits the
                  | culicivora!
 67760 | Vaults:5 | your +9 spectral quick blade {shortrare=g} hits the raiju!
 67830 | Vaults:5 | your +9 spectral quick blade {shortrare=g} hits the
                  | phantasmal warrior but does no damage.
 67831 | Vaults:5 | your +9 spectral quick blade {shortrare=g} closely misses
                  | the phantasmal warrior.
 67870 | Vaults:5 | your +9 spectral quick blade {shortrare=g} hits the vault
                  | guard.
 67871 | Vaults:5 | your +9 spectral quick blade {shortrare=g} hits the vault
                  | guard!
 67876 | Vaults:5 | your +9 spectral quick blade {shortrare=g} barely misses
                  | the orc warrior.
 67881 | Vaults:5 | your +9 spectral quick blade {shortrare=g} hits the
                  | freezing wraith!
 67882 | Vaults:5 | your +9 spectral quick blade {shortrare=g} hits the ogre!
 67883 | Vaults:5 | your +9 spectral quick blade {shortrare=g} completely
                  | misses the freezing wraith.
 67884 | Vaults:5 | your +9 spectral quick blade {shortrare=g} hits the
                  | freezing wraith but does no damage.
 67885 | Vaults:5 | your +9 spectral quick blade {shortrare=g} hits the
                  | freezing wraith but does no damage.
 67886 | Vaults:5 | your +9 spectral quick blade {shortrare=g} hits the
                  | freezing wraith!
 67968 | Vaults:5 | Identified the ring of Neurosis {rPois rN++ MP+9 Dex+2
                  | Stlth+}
 67968 | Vaults:5 | an ironbound convoker comes into view. It is wielding a +0
                  | great mace, wearing the +4 skin of Zhor {*Englaciate rC+++
                  | SInv}, wearing the ring of Neurosis {rPois rN++ MP+9 Dex+2
                  | Stlth+} and carrying a wand of iceblast (5).
 67973 | Vaults:5 | Noticed Saint Roka
 67973 | Vaults:5 | your +9 spectral quick blade {shortrare=g} hits the yaktaur
                  | captain!
 67974 | Vaults:5 | your +9 spectral quick blade {shortrare=g} hits the yaktaur
                  | captain.
 67976 | Vaults:5 | your +9 spectral quick blade {shortrare=g} hits the
                  | ironbound convoker!
 67977 | Vaults:5 | your +9 spectral quick blade {shortrare=g} hits the
                  | ironbound convoker!
 67977 | Vaults:5 | the ironbound convoker hits your +9 spectral quick blade
                  | {shortrare=g} with a +0 great mace!
 67982 | Vaults:5 | your +9 spectral quick blade {shortrare=g} hits the vault
                  | warden.
 67983 | Vaults:5 | your +9 spectral quick blade {shortrare=g} hits the vault
                  | warden but does no damage.
 67983 | Vaults:5 | the vault warden hits your +9 spectral quick blade
                  | {shortrare=g} with a +2 great sword of holy wrath!!
 67986 | Vaults:5 | Reached skill level 9 in Necromancy
 67986 | Vaults:5 | your +9 spectral quick blade {shortrare=g} hits Saint Roka.
 67989 | Vaults:5 | your +9 spectral quick blade {shortrare=g} hits the deep
                  | elf annihilator!
 67990 | Vaults:5 | your +9 spectral quick blade {shortrare=g} hits Saint Roka.
 67991 | Vaults:5 | your +9 spectral quick blade {shortrare=g} hits Saint Roka.
 67995 | Vaults:5 | Killed Saint Roka
 67996 | Vaults:5 | Reached skill level 10 in Translocations
 68017 | Vaults:5 | your +9 spectral quick blade {shortrare=g} hits the vault
                  | guard.
 68018 | Vaults:5 | your +9 spectral quick blade {shortrare=g} hits the vault
                  | guard!
 68018 | Vaults:5 | the vault guard closely misses your +9 spectral quick blade
                  | {shortrare=g}.
 68022 | Vaults:5 | your +9 spectral quick blade {shortrare=g} hits the ancient
                  | lich but does no damage.
 68026 | Vaults:5 | your +9 spectral quick blade {shortrare=g} hits the ancient
                  | lich.
 68026 | Vaults:5 | the ancient lich touches your +9 spectral quick blade
                  | {shortrare=g}!
 68027 | Vaults:5 | your +9 spectral quick blade {shortrare=g} hits the ancient
                  | lich but does no damage.
 68028 | Vaults:5 | Killed an ancient lich
 68031 | Vaults:5 | your +9 spectral quick blade {shortrare=g} hits the storm
                  | dragon but does no damage.
 68032 | Vaults:5 | your +9 spectral quick blade {shortrare=g} hits the
                  | tentacled monstrosity!
 68033 | Vaults:5 | your +9 spectral quick blade {shortrare=g} closely misses
                  | the tentacled monstrosity.
 68038 | Vaults:5 | your +9 spectral quick blade {shortrare=g} hits the storm
                  | dragon!
 68039 | Vaults:5 | your +9 spectral quick blade {shortrare=g} hits the storm
                  | dragon.
 68040 | Vaults:5 | your +9 spectral quick blade {shortrare=g} hits the storm
                  | dragon.
 68040 | Vaults:5 | the storm dragon breathes lightning at your +9 spectral
                  | quick blade {shortrare=g}.
 68040 | Vaults:5 | The bolt of lightning hits your +9 spectral quick blade
                  | {shortrare=g}!
 68040 | Vaults:5 | your +9 spectral quick blade {shortrare=g} resists.
 68041 | Vaults:5 | your +9 spectral quick blade {shortrare=g} hits the
                  | tentacled monstrosity!
 68042 | Vaults:5 | your +9 spectral quick blade {shortrare=g} hits the
                  | tentacled monstrosity.
 68056 | Vaults:5 | your +9 spectral quick blade {shortrare=g} hits the tengu
                  | reaver.
 68057 | Vaults:5 | your +9 spectral quick blade {shortrare=g} barely misses
                  | the tengu reaver.
 68057 | Vaults:5 | the troll bites your +9 spectral quick blade {shortrare=g}!
 68057 | Vaults:5 | the troll closely misses your +9 spectral quick blade
                  | {shortrare=g}.
 68057 | Vaults:5 | the troll claws your +9 spectral quick blade {shortrare=g}.
 68058 | Vaults:5 | your +9 spectral quick blade {shortrare=g} completely
                  | misses the tengu reaver.
 68059 | Vaults:5 | your +9 spectral quick blade {shortrare=g} hits the tengu
                  | reaver.
 68059 | Vaults:5 | the troll bites your +9 spectral quick blade {shortrare=g}!
 68059 | Vaults:5 | the troll completely misses your +9 spectral quick blade
                  | {shortrare=g}.
 68059 | Vaults:5 | the troll barely misses your +9 spectral quick blade
                  | {shortrare=g}.
 68062 | Vaults:5 | your +9 spectral quick blade {shortrare=g} hits the troll!
 68062 | Vaults:5 | the troll barely misses your +9 spectral quick blade
                  | {shortrare=g}.
 68062 | Vaults:5 | the troll claws your +9 spectral quick blade {shortrare=g}.
 68062 | Vaults:5 | the troll claws your +9 spectral quick blade {shortrare=g}!
 68063 | Vaults:5 | your +9 spectral quick blade {shortrare=g} hits the troll.
 68137 | Vaults:5 | your +9 spectral quick blade {shortrare=g} hits the
                  | necromancer!
 68172 | Vaults:5 | your +9 spectral quick blade {shortrare=g} hits the red
                  | very ugly thing!
 68173 | Vaults:5 | your +9 spectral quick blade {shortrare=g} hits the red
                  | very ugly thing!
 68214 | Vaults:5 | your +9 spectral quick blade {shortrare=g} closely misses
                  | the shadow dragon.
 68215 | Vaults:5 | your +9 spectral quick blade {shortrare=g} hits the shadow
                  | dragon but does no damage.
 68216 | Vaults:5 | your +9 spectral quick blade {shortrare=g} hits the shadow
                  | dragon but does no damage.
 68217 | Vaults:5 | your +9 spectral quick blade {shortrare=g} hits the shadow
                  | dragon.
 68218 | Vaults:5 | your +9 spectral quick blade {shortrare=g} hits the shadow
                  | dragon.
 68219 | Vaults:5 | your +9 spectral quick blade {shortrare=g} hits the shadow
                  | dragon.
 68219 | Vaults:5 | the shadow dragon bites your +9 spectral quick blade
                  | {shortrare=g}.
 68219 | Vaults:5 | the shadow dragon claws your +9 spectral quick blade
                  | {shortrare=g}.
 68219 | Vaults:5 | the shadow dragon barely misses your +9 spectral quick
                  | blade {shortrare=g}.
 68248 | Vaults:5 | Identified the +8 morningstar "Jehenk" {venom, rElec rPois
                  | rN++ Dex-3}
 68248 | Vaults:5 | Identified the +6 hunting sling "Wojoja" {vorpal, Will++}
 68248 | Vaults:5 | Identified the ring "Unwyadube" {rC+ Dex+7}
 68289 | Vaults:5 | the vault guard blocks your +9 spectral quick blade
                  | {shortrare=g}'s attack.
 68290 | Vaults:5 | your +9 spectral quick blade {shortrare=g} hits the vault
                  | guard.
 68291 | Vaults:5 | your +9 spectral quick blade {shortrare=g} hits the vault
                  | guard!
 68291 | Vaults:5 | the sphinx hits your +9 spectral quick blade {shortrare=g}!
 68291 | Vaults:5 | the sphinx hits your +9 spectral quick blade {shortrare=g}
                  | but does no damage.
 68291 | Vaults:5 | the sphinx hits your +9 spectral quick blade {shortrare=g}
                  | but does no damage.
 68293 | Vaults:5 | your +9 spectral quick blade {shortrare=g} hits the sphinx!
 68294 | Vaults:5 | your +9 spectral quick blade {shortrare=g} hits the sphinx.
 68295 | Vaults:5 | your +9 spectral quick blade {shortrare=g} hits the sphinx.
 68295 | Vaults:5 | the sphinx barely misses your +9 spectral quick blade
                  | {shortrare=g}.
 68295 | Vaults:5 | the sphinx closely misses your +9 spectral quick blade
                  | {shortrare=g}.
 68295 | Vaults:5 | the sphinx misses your +9 spectral quick blade
                  | {shortrare=g}.
 68296 | Vaults:5 | your +9 spectral quick blade {shortrare=g} hits the sphinx!
 68313 | Vaults:5 | your +9 spectral quick blade {shortrare=g} closely misses
                  | the deep elf high priest.
 68314 | Vaults:5 | Paralysed by a sphinx for 7 turns
 68318 | Vaults:5 | HP: 37/164 [sphinx/divine providence (12)]
 68320 | Vaults:5 | Paralysed by a sphinx for 2 turns
 68323 | Vaults:5 | HP: 45/213 [deep elf high priest/divine providence (14)]
 68324 | Vaults:5 | Paralysed by a sphinx for 3 turns
 68329 | Vaults:5 | your +9 spectral quick blade {shortrare=g} hits the yaktaur
                  | captain!
 68331 | Vaults:5 | your +9 spectral quick blade {shortrare=g} hits the sphinx!
 68332 | Vaults:5 | your +9 spectral quick blade {shortrare=g} barely misses
                  | the sphinx.
 68335 | Vaults:5 | your +9 spectral quick blade {shortrare=g} hits the deep
                  | elf high priest but does no damage.
 68365 | Vaults:5 | Identified the ring "Kiegelamn" {Fly Dex+6}
 68369 | Vaults:5 | your +9 spectral quick blade {shortrare=g} hits the vault
                  | guard but does no damage.
 68370 | Vaults:5 | your +9 spectral quick blade {shortrare=g} hits the vault
                  | guard.
 68371 | Vaults:5 | your +9 spectral quick blade {shortrare=g} hits the vault
                  | guard!
 68558 | Vaults:5 | your +9 spectral quick blade {shortrare=g} hits the ettin.
 68559 | Vaults:5 | your +9 spectral quick blade {shortrare=g} hits the ettin!
 68564 | Vaults:5 | your +9 spectral quick blade {shortrare=g} hits the frost
                  | giant!
 68564 | Vaults:5 | the frost giant hits your +9 spectral quick blade
                  | {shortrare=g} with a +1 battleaxe of freezing.
 68564 | Vaults:5 | the frost giant freezes your +9 spectral quick blade
                  | {shortrare=g}.
 68565 | Vaults:5 | your +9 spectral quick blade {shortrare=g} hits the frost
                  | giant!
 68566 | Vaults:5 | your +9 spectral quick blade {shortrare=g} hits the frost
                  | giant.
 68566 | Vaults:5 | the frost giant misses your +9 spectral quick blade
                  | {shortrare=g}.
 68567 | Vaults:5 | your +9 spectral quick blade {shortrare=g} hits the frost
                  | giant.
 68568 | Vaults:5 | your +9 spectral quick blade {shortrare=g} hits the frost
                  | giant!
 68568 | Vaults:5 | the frost giant barely misses your +9 spectral quick blade
                  | {shortrare=g}.
 68569 | Vaults:5 | your +9 spectral quick blade {shortrare=g} hits the frost
                  | giant.
 68606 | Vaults:5 | +0 storm dragon scales {rare}; a +0 rapier {short}
 68615 | Vaults:5 | your +9 spectral quick blade {shortrare=g} hits the +5
                  | vorpal battleaxe but does no damage.
 68618 | Vaults:5 | your +9 spectral quick blade {shortrare=g} hits the
                  | phantasmal warrior but does no damage.
 68619 | Vaults:5 | your +9 spectral quick blade {shortrare=g} hits the
                  | phantasmal warrior!
 68621 | Vaults:5 | your +9 spectral quick blade {shortrare=g} hits the vault
                  | guard.
 68621 | Vaults:5 | the vault guard hits your +9 spectral quick blade
                  | {shortrare=g} with a +0 dire flail!
 68622 | Vaults:5 | your +9 spectral quick blade {shortrare=g} hits the vault
                  | guard but does no damage.
 68623 | Vaults:5 | your +9 spectral quick blade {shortrare=g} hits the vault
                  | guard!
 68624 | Vaults:5 | your +9 spectral quick blade {shortrare=g} hits the stone
                  | giant but does no damage.
 68625 | Vaults:5 | your +9 spectral quick blade {shortrare=g} hits the stone
                  | giant!
 68626 | Vaults:5 | your +9 spectral quick blade {shortrare=g} hits the stone
                  | giant but does no damage.
 68628 | Vaults:5 | your +9 spectral quick blade {shortrare=g} hits the vault
                  | warden!
 68629 | Vaults:5 | your +9 spectral quick blade {shortrare=g} closely misses
                  | the vault warden.
 68629 | Vaults:5 | the vault warden hits your +9 spectral quick blade
                  | {shortrare=g} with a +2 dire flail of holy wrath!!!
 68630 | Vaults:5 | your +9 spectral quick blade {shortrare=g} hits the war
                  | gargoyle.
 68632 | Vaults:5 | your +9 spectral quick blade {shortrare=g} hits the war
                  | gargoyle but does no damage.
 68632 | Vaults:5 | the vault guard hits your +9 spectral quick blade
                  | {shortrare=g} with a +0 battleaxe!
 68634 | Vaults:5 | your +9 spectral quick blade {shortrare=g} hits the vault
                  | warden but does no damage.
 68634 | Vaults:5 | the vault guard hits your +9 spectral quick blade
                  | {shortrare=g} with a +0 battleaxe.
 68634 | Vaults:5 | the vault warden hits your +9 spectral quick blade
                  | {shortrare=g} with a +2 dire flail of holy wrath!!
 68636 | Vaults:5 | your +9 spectral quick blade {shortrare=g} hits the vault
                  | guard but does no damage.
 68636 | Vaults:5 | the vault guard hits your +9 spectral quick blade
                  | {shortrare=g} with a +0 battleaxe.
 68637 | Vaults:5 | your +9 spectral quick blade {shortrare=g} hits the vault
                  | guard!
 68637 | Vaults:5 | the vault guard barely misses your +9 spectral quick blade
                  | {shortrare=g}.
 68638 | Vaults:5 | your +9 spectral quick blade {shortrare=g} hits the vault
                  | guard!
 68654 | Vaults:5 | your +9 spectral quick blade {shortrare=g} hits the titan.
 68654 | Vaults:5 | the vault sentinel hits your +9 spectral quick blade
                  | {shortrare=g} with a +0 long sword!
 68655 | Vaults:5 | your +9 spectral quick blade {shortrare=g} hits the titan!
 68656 | Vaults:5 | your +9 spectral quick blade {shortrare=g} hits the titan.
 68657 | Vaults:5 | your +9 spectral quick blade {shortrare=g} hits the titan.
 68657 | Vaults:5 | the bolt completely misses your +9 spectral quick blade
                  | {shortrare=g}.
 68657 | Vaults:5 | the titan closely misses your +9 spectral quick blade
                  | {shortrare=g}.
 68674 | Vaults:5 | Killed a dread lich
 68865 | Vaults:5 | your +9 spectral quick blade {shortrare=g} hits the
                  | tentacled monstrosity.
 68865 | Vaults:5 | the tentacled monstrosity tentacle-slaps your +9 spectral
                  | quick blade {shortrare=g}!
 68865 | Vaults:5 | the tentacled monstrosity tentacle-slaps your +9 spectral
                  | quick blade {shortrare=g} but does no damage.
 68865 | Vaults:5 | the tentacled monstrosity closely misses your +9 spectral
                  | quick blade {shortrare=g}.
 68881 | Vaults:5 | Reached XP level 25. HP: 170/170 MP: 4/26
 68961 | Vaults:5 | You are cast into the Abyss!
 68961 | Vaults:5 | Cast into level 3 of the Abyss (a deep elf sorcerer)
 69086 | Abyss:3  | Found a corrupted altar of Lugonu.
 69136 | Abyss:3  | your +9 spectral quick blade {shortrare=g} hits the
                  | Executioner!
 69137 | Abyss:3  | your +9 spectral quick blade {shortrare=g} barely misses
                  | the Executioner.
 69138 | Abyss:3  | your +9 spectral quick blade {shortrare=g} hits the
                  | Executioner but does no damage.
 69138 | Abyss:3  | the Executioner hits your +9 spectral quick blade
                  | {shortrare=g}!
 69138 | Abyss:3  | the Executioner hits your +9 spectral quick blade
                  | {shortrare=g}.
 69138 | Abyss:3  | the Executioner hits your +9 spectral quick blade
                  | {shortrare=g}.
 69138 | Abyss:3  | the Executioner hits your +9 spectral quick blade
                  | {shortrare=g}.
 69140 | Abyss:3  | your +9 spectral quick blade {shortrare=g} hits the large
                  | abomination!
 69177 | Abyss:3  | your +9 spectral quick blade {shortrare=g} hits the naga.
 69178 | Abyss:3  | your +9 spectral quick blade {shortrare=g} hits the naga
                  | warrior!
 69179 | Abyss:3  | your +9 spectral quick blade {shortrare=g} hits the naga
                  | warrior but does no damage.
 69180 | Abyss:3  | your +9 spectral quick blade {shortrare=g} hits the naga
                  | warrior but does no damage.
 69181 | Abyss:3  | your +9 spectral quick blade {shortrare=g} closely misses
                  | the guardian serpent.
 69183 | Abyss:3  | your +9 spectral quick blade {shortrare=g} hits the naga
                  | warrior!
 69183 | Abyss:3  | the naga warrior misses your +9 spectral quick blade
                  | {shortrare=g}.
 69185 | Abyss:3  | your +9 spectral quick blade {shortrare=g} completely
                  | misses the naga warrior.
 69186 | Abyss:3  | your +9 spectral quick blade {shortrare=g} hits the naga
                  | warrior.
 69186 | Abyss:3  | the naga hits your +9 spectral quick blade {shortrare=g}
                  | with a +0 hand axe!!
 69188 | Abyss:3  | your +9 spectral quick blade {shortrare=g} hits the naga!
 69192 | Abyss:3  | your +9 spectral quick blade {shortrare=g} hits the small
                  | abomination.
 69193 | Abyss:3  | your +9 spectral quick blade {shortrare=g} hits the small
                  | abomination!
 69194 | Abyss:3  | your +9 spectral quick blade {shortrare=g} hits the small
                  | abomination!
 69226 | Abyss:3  | your +9 spectral quick blade {shortrare=g} hits the
                  | starspawn tentacle.
 69227 | Abyss:3  | your +9 spectral quick blade {shortrare=g} hits the
                  | tentacled starspawn!
 69247 | Abyss:3  | your +9 spectral quick blade {shortrare=g} hits the
                  | starcursed mass.
 69248 | Abyss:3  | your +9 spectral quick blade {shortrare=g} hits the
                  | starcursed mass!
 69253 | Abyss:3  | your +9 spectral quick blade {shortrare=g} hits the
                  | starcursed mass but does no damage.
 69254 | Abyss:3  | your +9 spectral quick blade {shortrare=g} hits the
                  | starcursed mass but does no damage.
 69255 | Abyss:3  | your +9 spectral quick blade {shortrare=g} hits the
                  | starcursed mass!
 69262 | Abyss:3  | your +9 spectral quick blade {shortrare=g} hits the caustic
                  | shrike simulacrum!
 69270 | Abyss:3  | Found a corrupted altar of Lugonu.
 69299 | Abyss:3  | your +9 spectral quick blade {shortrare=g} completely
                  | misses the chaos spawn.
 69300 | Abyss:3  | your +9 spectral quick blade {shortrare=g} hits the chaos
                  | spawn!
 69307 | Abyss:3  | your +9 spectral quick blade {shortrare=g} closely misses
                  | the wraith.
 69308 | Abyss:3  | your +9 spectral quick blade {shortrare=g} closely misses
                  | the wraith.
 69322 | Abyss:3  | Found a candlelit altar of Ignis.
 69335 | Abyss:3  | your +9 spectral quick blade {shortrare=g} hits the silent
                  | spectre.
 69336 | Abyss:3  | your +9 spectral quick blade {shortrare=g} hits the silent
                  | spectre!
 69338 | Abyss:3  | your +9 spectral quick blade {shortrare=g} hits the large
                  | abomination.
 69339 | Abyss:3  | your +9 spectral quick blade {shortrare=g} hits the large
                  | abomination.
 69340 | Abyss:3  | your +9 spectral quick blade {shortrare=g} hits the large
                  | abomination.
 69388 | Abyss:3  | your +9 spectral quick blade {shortrare=g} hits the lich.
 69389 | Abyss:3  | your +9 spectral quick blade {shortrare=g} hits the lich.
 69391 | Abyss:3  | your +9 spectral quick blade {shortrare=g} hits the
                  | wretched star!
 69392 | Abyss:3  | your +9 spectral quick blade {shortrare=g} hits the
                  | wretched star!
 69393 | Abyss:3  | your +9 spectral quick blade {shortrare=g} hits the
                  | starcursed mass but does no damage.
 69396 | Abyss:3  | your +9 spectral quick blade {shortrare=g} hits the
                  | starcursed mass but does no damage.
 69397 | Abyss:3  | your +9 spectral quick blade {shortrare=g} hits the
                  | starcursed mass!
 69397 | Abyss:3  | the starcursed mass touches your +9 spectral quick blade
                  | {shortrare=g}.
 69399 | Abyss:3  | your +9 spectral quick blade {shortrare=g} hits the
                  | starcursed mass.
 69400 | Abyss:3  | your +9 spectral quick blade {shortrare=g} hits the
                  | starcursed mass.
 69410 | Abyss:3  | your +9 spectral quick blade {shortrare=g} barely misses
                  | the wretched star.
 69411 | Abyss:3  | your +9 spectral quick blade {shortrare=g} hits the
                  | wretched star!
 69427 | Abyss:3  | your +9 spectral quick blade {shortrare=g} hits the
                  | apocalypse crab.
 69428 | Abyss:3  | your +9 spectral quick blade {shortrare=g} hits the
                  | apocalypse crab.
 69428 | Abyss:3  | the apocalypse crab bites your +9 spectral quick blade
                  | {shortrare=g} but does no damage.
 69428 | Abyss:3  | the apocalypse crab barely misses your +9 spectral quick
                  | blade {shortrare=g}.
 69434 | Vaults:5 | You pass through the gate.
 69434 | Vaults:5 | Escaped the Abyss
 69435 | Vaults:5 | your +9 spectral quick blade {shortrare=g} hits the large
                  | abomination!
 69435 | Vaults:5 | The bolt of acid hits your +9 spectral quick blade
                  | {shortrare=g}!
 69436 | Vaults:5 | your +9 spectral quick blade {shortrare=g} hits the large
                  | abomination but does no damage.
 69439 | Vaults:5 | your +9 spectral quick blade {shortrare=g} hits the deep
                  | elf sorcerer.
 69450 | Vaults:5 | your +9 spectral quick blade {shortrare=g} hits the orc
                  | warrior!
 69450 | Vaults:5 | the orc warrior hits your +9 spectral quick blade
                  | {shortrare=g} with a +1 war axe of electrocution!
 69590 | Vaults:5 | your +9 spectral quick blade {shortrare=g} barely misses
                  | the storm dragon.
 69591 | Vaults:5 | your +9 spectral quick blade {shortrare=g} closely misses
                  | the storm dragon.
 69592 | Vaults:5 | your +9 spectral quick blade {shortrare=g} hits the storm
                  | dragon.
 69593 | Vaults:5 | your +9 spectral quick blade {shortrare=g} barely misses
                  | the storm dragon.
 69594 | Vaults:5 | your +9 spectral quick blade {shortrare=g} barely misses
                  | the storm dragon.
 69595 | Vaults:5 | your +9 spectral quick blade {shortrare=g} hits the storm
                  | dragon but does no damage.
 69595 | Vaults:5 | the storm dragon closely misses your +9 spectral quick
                  | blade {shortrare=g}.
 69595 | Vaults:5 | the storm dragon claws your +9 spectral quick blade
                  | {shortrare=g} but does no damage.
 69595 | Vaults:5 | the storm dragon tramples your +9 spectral quick blade
                  | {shortrare=g}.
 69595 | Vaults:5 | your +9 spectral quick blade {shortrare=g} is shoved
                  | backwards!
 69602 | Vaults:5 | +0 storm dragon scales {rare}; a storm dragon corpse
 69604 | Vaults:5 | your +9 spectral quick blade {shortrare=g} completely
                  | misses the phantasmal warrior.
 69605 | Vaults:5 | your +9 spectral quick blade {shortrare=g} hits the
                  | phantasmal warrior!
 69606 | Vaults:5 | your +9 spectral quick blade {shortrare=g} hits the
                  | phantasmal warrior.
 69607 | Vaults:5 | your +9 spectral quick blade {shortrare=g} hits the
                  | phantasmal warrior.
 69608 | Vaults:5 | your +9 spectral quick blade {shortrare=g} hits the
                  | phantasmal warrior!
 69629 | Vaults:5 | your +9 spectral quick blade {shortrare=g} hits the yaktaur
                  | captain!
 69630 | Vaults:5 | your +9 spectral quick blade {shortrare=g} hits the yaktaur
                  | captain!
 69657 | Vaults:5 | Reached skill level 16 in Earth Magic
 69661 | Vaults:5 | your +9 spectral quick blade {shortrare=g} hits the stone
                  | giant!
 69662 | Vaults:5 | your +9 spectral quick blade {shortrare=g} hits the stone
                  | giant but does no damage.
 69709 | Vaults:5 | You pick up a book of Party Tricks and begin reading...
 69711 | Vaults:5 | You pick up a book of the Senses and begin reading...
 69714 | Vaults:5 | You pick up a book of Death and begin reading...
 69716 | Vaults:5 | You add the spells Borgnjor's Revivification, Necromutation
                  | and Death's Door to your library.
 69745 | Vaults:5 | your +9 spectral quick blade {shortrare=g} hits the sphinx.
 69746 | Vaults:5 | your +9 spectral quick blade {shortrare=g} hits the sphinx.
 69747 | Vaults:5 | your +9 spectral quick blade {shortrare=g} hits the sphinx!
 69747 | Vaults:5 | the sphinx completely misses your +9 spectral quick blade
                  | {shortrare=g}.
 69747 | Vaults:5 | the sphinx misses your +9 spectral quick blade
                  | {shortrare=g}.
 69747 | Vaults:5 | the sphinx closely misses your +9 spectral quick blade
                  | {shortrare=g}.
 69750 | Vaults:5 | your +9 spectral quick blade {shortrare=g} hits the shadow
                  | dragon!
 69751 | Vaults:5 | your +9 spectral quick blade {shortrare=g} hits the shadow
                  | dragon!
 69752 | Vaults:5 | your +9 spectral quick blade {shortrare=g} hits the shadow
                  | dragon but does no damage.
 69752 | Vaults:5 | the bolt hits your +9 spectral quick blade {shortrare=g}!!
 69753 | Vaults:5 | your +9 spectral quick blade {shortrare=g} barely misses
                  | the shadow dragon.
 69753 | Vaults:5 | the bolt hits your +9 spectral quick blade {shortrare=g}!!
 69755 | Vaults:5 | your +9 spectral quick blade {shortrare=g} hits the shadow
                  | dragon.
 69756 | Vaults:5 | your +9 spectral quick blade {shortrare=g} closely misses
                  | the shadow dragon.
 69757 | Vaults:5 | your +9 spectral quick blade {shortrare=g} hits the shadow
                  | dragon but does no damage.
 69758 | Vaults:5 | your +9 spectral quick blade {shortrare=g} hits the shadow
                  | dragon.
 69761 | Vaults:5 | your +9 spectral quick blade {shortrare=g} hits the ettin!
 69761 | Vaults:5 | the ettin hits your +9 spectral quick blade {shortrare=g}
                  | with a +0 dire flail!
 69761 | Vaults:5 | the ettin hits your +9 spectral quick blade {shortrare=g}
                  | with a +0 dire flail!
 69763 | Vaults:5 | your +9 spectral quick blade {shortrare=g} hits the yaktaur
                  | captain!
 69764 | Vaults:5 | your +9 spectral quick blade {shortrare=g} hits the ettin.
 69765 | Vaults:5 | your +9 spectral quick blade {shortrare=g} hits the
                  | basilisk!
 69766 | Vaults:5 | Reached skill level 16 in Transmutations
 69766 | Vaults:5 | your +9 spectral quick blade {shortrare=g} hits the yaktaur
                  | captain.
 69767 | Vaults:5 | your +9 spectral quick blade {shortrare=g} hits the ettin.
 69768 | Vaults:5 | your +9 spectral quick blade {shortrare=g} hits the ettin!
 69769 | Vaults:5 | your +9 spectral quick blade {shortrare=g} hits the ettin.
 69771 | Vaults:5 | your +9 spectral quick blade {shortrare=g} barely misses
                  | the shadow dragon.
 69773 | Vaults:5 | Identified the +5 long sword of Slow Death {venom, Stlth+}
 69778 | Vaults:5 | your +9 spectral quick blade {shortrare=g} hits the orc
                  | warrior!
 69784 | Vaults:5 | the vault warden blocks your +9 spectral quick blade
                  | {shortrare=g}'s attack.
 69784 | Vaults:5 | the vault warden hits your +9 spectral quick blade
                  | {shortrare=g} with a +0 war axe!
 69786 | Vaults:5 | your +9 spectral quick blade {shortrare=g} hits the titan
                  | but does no damage.
 69787 | Vaults:5 | your +9 spectral quick blade {shortrare=g} hits the titan.
 69788 | Vaults:5 | your +9 spectral quick blade {shortrare=g} hits the vault
                  | warden!
 69789 | Vaults:5 | your +9 spectral quick blade {shortrare=g} hits the titan!
 69790 | Vaults:5 | your +9 spectral quick blade {shortrare=g} hits the titan!
 69791 | Vaults:5 | your +9 spectral quick blade {shortrare=g} hits the titan!
 69791 | Vaults:5 | the vault warden hits your +9 spectral quick blade
                  | {shortrare=g} with a +0 war axe!!
 69792 | Vaults:5 | the vault warden blocks your +9 spectral quick blade
                  | {shortrare=g}'s attack.
 69807 | Vaults:5 | your +9 spectral quick blade {shortrare=g} hits the shadow
                  | dragon but does no damage.
 69808 | Vaults:5 | your +9 spectral quick blade {shortrare=g} hits the shadow
                  | dragon.
 69809 | Vaults:5 | your +9 spectral quick blade {shortrare=g} hits the shadow
                  | dragon.
 69809 | Vaults:5 | the shadow dragon completely misses your +9 spectral quick
                  | blade {shortrare=g}.
 69809 | Vaults:5 | the shadow dragon claws your +9 spectral quick blade
                  | {shortrare=g}!
 69809 | Vaults:5 | the shadow dragon closely misses your +9 spectral quick
                  | blade {shortrare=g}.
 69820 | Vaults:5 | your +9 spectral quick blade {shortrare=g} hits the vault
                  | guard.
 69821 | Vaults:5 | your +9 spectral quick blade {shortrare=g} hits the vault
                  | guard but does no damage.
 69822 | Vaults:5 | your +9 spectral quick blade {shortrare=g} hits the vault
                  | guard but does no damage.
 69823 | Vaults:5 | your +9 spectral quick blade {shortrare=g} hits the vault
                  | guard!
 69823 | Vaults:5 | the vault guard misses your +9 spectral quick blade
                  | {shortrare=g}.
 69825 | Vaults:5 | Reached skill level 10 in Necromancy
 69831 | Vaults:5 | your +9 spectral quick blade {shortrare=g} hits the vault
                  | guard.
 69842 | Vaults:5 | your +9 spectral quick blade {shortrare=g} completely
                  | misses the shadow dragon.
 69843 | Vaults:5 | your +9 spectral quick blade {shortrare=g} hits the shadow
                  | dragon!
 69844 | Vaults:5 | your +9 spectral quick blade {shortrare=g} misses the
                  | shadow dragon.
 69845 | Vaults:5 | your +9 spectral quick blade {shortrare=g} hits the shadow
                  | dragon.
 69845 | Vaults:5 | the shadow dragon bites your +9 spectral quick blade
                  | {shortrare=g}!
 69845 | Vaults:5 | the shadow dragon barely misses your +9 spectral quick
                  | blade {shortrare=g}.
 69845 | Vaults:5 | the shadow dragon claws your +9 spectral quick blade
                  | {shortrare=g}.
 69848 | Vaults:5 | your +9 spectral quick blade {shortrare=g} hits the shadow
                  | dragon.
 69849 | Vaults:5 | your +9 spectral quick blade {shortrare=g} hits the shadow
                  | dragon.
 69850 | Vaults:5 | your +9 spectral quick blade {shortrare=g} hits the shadow
                  | dragon.
 69851 | Vaults:5 | your +9 spectral quick blade {shortrare=g} barely misses
                  | the shadow dragon.
 69852 | Vaults:5 | your +9 spectral quick blade {shortrare=g} hits the shadow
                  | dragon.
 69853 | Vaults:5 | your +9 spectral quick blade {shortrare=g} misses the
                  | shadow dragon.
 69854 | Vaults:5 | your +9 spectral quick blade {shortrare=g} barely misses
                  | the shadow dragon.
 69855 | Vaults:5 | your +9 spectral quick blade {shortrare=g} completely
                  | misses the shadow dragon.
 69856 | Vaults:5 | your +9 spectral quick blade {shortrare=g} hits the shadow
                  | dragon!
 69856 | Vaults:5 | the shadow dragon bites your +9 spectral quick blade
                  | {shortrare=g}!
 69856 | Vaults:5 | the shadow dragon claws your +9 spectral quick blade
                  | {shortrare=g}!
 69856 | Vaults:5 | the shadow dragon misses your +9 spectral quick blade
                  | {shortrare=g}.
 69929 | Vaults:5 | your +9 spectral quick blade {shortrare=g} hits the vault
                  | warden.
 69930 | Vaults:5 | your +9 spectral quick blade {shortrare=g} hits the vault
                  | warden but does no damage.
 69930 | Vaults:5 | the vault warden hits your +9 spectral quick blade
                  | {shortrare=g} with a +2 battleaxe of flaming!
 69930 | Vaults:5 | the vault warden burns your +9 spectral quick blade
                  | {shortrare=g}.
 69931 | Vaults:5 | your +9 spectral quick blade {shortrare=g} completely
                  | misses the vault warden.
 69931 | Vaults:5 | the vault warden misses your +9 spectral quick blade
                  | {shortrare=g}.
 69932 | Vaults:5 | your +9 spectral quick blade {shortrare=g} hits the vault
                  | warden.
 69934 | Vaults:5 | your +9 spectral quick blade {shortrare=g} hits the
                  | yaktaur.
 69934 | Vaults:5 | the bolt misses your +9 spectral quick blade {shortrare=g}.
 69938 | Vaults:5 | your +9 spectral quick blade {shortrare=g} hits the
                  | ironbound preserver!
 69939 | Vaults:5 | your +9 spectral quick blade {shortrare=g} hits the
                  | ironbound preserver.
 69968 | Vaults:5 | your +9 spectral quick blade {shortrare=g} hits the stone
                  | giant.
 69969 | Vaults:5 | your +9 spectral quick blade {shortrare=g} hits the stone
                  | giant.
 69970 | Vaults:5 | your +9 spectral quick blade {shortrare=g} hits the stone
                  | giant.
 70010 | Vaults:5 | a necromancer comes into view. It is wielding a +2 long
                  | sword of holy wrath and wearing the amulet of Vitality
                  | {Regen+ HP+15}.
 70015 | Vaults:5 | your +9 spectral quick blade {shortrare=g} hits the
                  | necromancer.
 70015 | Vaults:5 | the necromancer hits your +9 spectral quick blade
                  | {shortrare=g} with a +2 long sword of holy wrath!
 70018 | Vaults:5 | Identified the +7 dagger of Lust {speed, *Noise Str+2
                  | Int+5}
 70022 | Vaults:5 | your +9 spectral quick blade {shortrare=g} hits the fire
                  | giant.
 70023 | Vaults:5 | your +9 spectral quick blade {shortrare=g} barely misses
                  | the vault guard.
 70024 | Vaults:5 | your +9 spectral quick blade {shortrare=g} hits the vault
                  | guard.
 70026 | Vaults:5 | your +9 spectral quick blade {shortrare=g} hits the vault
                  | guard.
 70028 | Vaults:5 | your +9 spectral quick blade {shortrare=g} hits the vault
                  | guard!
 70028 | Vaults:5 | the ironbound convoker hits your +9 spectral quick blade
                  | {shortrare=g} with the +7 dagger of Lust {speed, *Noise
                  | Str+2 Int+5}!
 70029 | Vaults:5 | your +9 spectral quick blade {shortrare=g} hits the vault
                  | guard.
 70030 | Vaults:5 | your +9 spectral quick blade {shortrare=g} hits the vault
                  | guard!
 70031 | Vaults:5 | your +9 spectral quick blade {shortrare=g} hits the
                  | ironbound convoker!
 70032 | Vaults:5 | your +9 spectral quick blade {shortrare=g} hits the titan
                  | but does no damage.
 70034 | Vaults:5 | your +9 spectral quick blade {shortrare=g} barely misses
                  | the titan.
 70035 | Vaults:5 | your +9 spectral quick blade {shortrare=g} hits the titan.
 70036 | Vaults:5 | your +9 spectral quick blade {shortrare=g} barely misses
                  | the titan.
 70039 | Vaults:5 | your +9 spectral quick blade {shortrare=g} hits the vault
                  | warden!
 70040 | Vaults:5 | your +9 spectral quick blade {shortrare=g} hits the vault
                  | warden!
 70126 | Vaults:5 | your +9 spectral quick blade {shortrare=g} hits the
                  | necromancer!
 70127 | Vaults:5 | Reached skill level 17 in Shields
 70260 | Vaults:5 | your +9 spectral quick blade {shortrare=g} hits the fire
                  | giant.
 70261 | Vaults:5 | your +9 spectral quick blade {shortrare=g} hits the fire
                  | giant!
 70262 | Vaults:5 | your +9 spectral quick blade {shortrare=g} hits the fire
                  | giant but does no damage.
 70263 | Vaults:5 | your +9 spectral quick blade {shortrare=g} hits the fire
                  | giant!
 70263 | Vaults:5 | the fire giant hits your +9 spectral quick blade
                  | {shortrare=g} with a +1 great sword of flaming!
 70263 | Vaults:5 | the fire giant burns your +9 spectral quick blade
                  | {shortrare=g}.
 70264 | Vaults:5 | your +9 spectral quick blade {shortrare=g} hits the fire
                  | giant.
 70265 | Vaults:5 | your +9 spectral quick blade {shortrare=g} hits the fire
                  | giant.
 70267 | Vaults:5 | Reached skill level 11 in Translocations
 70279 | Vaults:5 | your +9 spectral quick blade {shortrare=g} hits the vault
                  | guard!
 70279 | Vaults:5 | the vault guard hits your +9 spectral quick blade
                  | {shortrare=g} with a +0 war axe.
 70280 | Vaults:5 | your +9 spectral quick blade {shortrare=g} hits the vault
                  | guard!
 70281 | Vaults:5 | your +9 spectral quick blade {shortrare=g} hits the vault
                  | guard.
 70281 | Vaults:5 | the vault guard hits your +9 spectral quick blade
                  | {shortrare=g} with a +0 war axe.
 70282 | Vaults:5 | your +9 spectral quick blade {shortrare=g} barely misses
                  | the vault guard.
 70380 | Vaults:5 | your +9 spectral quick blade {shortrare=g} hits the titan.
 70429 | Vaults:5 | your +9 spectral quick blade {shortrare=g} hits the vault
                  | guard!
 70430 | Vaults:5 | your +9 spectral quick blade {shortrare=g} hits the vault
                  | guard but does no damage.
 70580 | Vaults:5 | Got a silver rune of Zot
 70643 | Vaults:5 | your +9 spectral quick blade {shortrare=g} hits the shadow
                  | dragon.
 70644 | Vaults:5 | your +9 spectral quick blade {shortrare=g} hits the shadow
                  | dragon!
 70645 | Vaults:5 | your +9 spectral quick blade {shortrare=g} hits the shadow
                  | dragon but does no damage.
 70662 | Vaults:5 | +0 shadow dragon scales {rare}; a shadow dragon corpse
 70701 | Vaults:5 | You pick up a book of the Wilderness and begin reading...
 70701 | Vaults:5 | You add the spells Summon Forest and Summon Cactus Giant to
                  | your library.
 70907 | Vaults:5 | You pick up a book of Ice and begin reading...
 70987 | Vaults:5 | Found Orem's Antique Armour Boutique.
 71100 | Vaults:5 | your +9 spectral quick blade {shortrare=g} hits the stone
                  | giant.
 71100 | Vaults:5 | the stone giant barely misses your +9 spectral quick blade
                  | {shortrare=g}.
 71101 | Vaults:5 | your +9 spectral quick blade {shortrare=g} hits the stone
                  | giant but does no damage.
 71101 | Vaults:5 | the fire giant hits your +9 spectral quick blade
                  | {shortrare=g} with a +2 great sword of flaming.
 71101 | Vaults:5 | the stone giant hits your +9 spectral quick blade
                  | {shortrare=g}.
 71104 | Vaults:5 | your +9 spectral quick blade {shortrare=g} hits the fire
                  | giant!
 71105 | Vaults:5 | your +9 spectral quick blade {shortrare=g} hits the fire
                  | giant.
 71106 | Vaults:5 | your +9 spectral quick blade {shortrare=g} hits the fire
                  | giant.
 71106 | Vaults:5 | the fire giant hits your +9 spectral quick blade
                  | {shortrare=g} with a +2 great sword of flaming!!
 71106 | Vaults:5 | the fire giant burns your +9 spectral quick blade
                  | {shortrare=g}.
 71107 | Vaults:5 | your +9 spectral quick blade {shortrare=g} hits the fire
                  | giant!
 71215 | Vaults:5 | Acquired 986 gold pieces
 71534 | D:9      | Bought the ring "Yrynum" {Will+ rCorr} for 601 gold pieces
 71717 | Slime:1  | Entered Level 1 of the Pits of Slime
 71781 | Slime:2  | Reached skill level 20 in Dodging
 72211 | Slime:5  | Entered Level 5 of the Pits of Slime
 72218 | Slime:5  | Lost mutation: Your muscles are strong. (Str +2) [a shining
                  | eye]
 72220 | Slime:5  | Gained mutation: You are clumsy. (Dex -2) [a shining eye]
 72220 | Slime:5  | Gained mutation: Your body sometimes deteriorates upon
                  | taking damage. [a shining eye]
 72225 | Slime:5  | Gained mutation: You are frail. (-10% HP) [a shining eye]
 72226 | Slime:5  | Gained mutation: You are dopey. (Int -2) [a shining eye]
 72231 | Slime:5  | Gained mutation: Your magical capacity is very low. (-20%
                  | MP) [a shining eye]
 72236 | Slime:5  | Gained mutation: Your body often deteriorates upon taking
                  | damage. [a shining eye]
 72253 | Slime:5  | Noticed the Royal Jelly
 72271 | Slime:5  | You feel a bond with your +9 spectral quick blade
                  | {shortrare=g}.
 72271 | Slime:5  | G - a +9 spectral quick blade (weapon) {shortrare=g}
 72272 | Slime:5  | your +9 spectral quick blade {shortrare=g} hits the Royal
                  | Jelly!
 72272 | Slime:5  | your +9 spectral quick blade {shortrare=g} is burned by
                  | acid!
 72273 | Slime:5  | your +9 spectral quick blade {shortrare=g} completely
                  | misses the quicksilver ooze.
 72273 | Slime:5  | The splash of acid hits your +9 spectral quick blade
                  | {shortrare=g}!!
 72274 | Slime:5  | your +9 spectral quick blade {shortrare=g} hits the
                  | quicksilver ooze.
 72275 | Slime:5  | your +9 spectral quick blade {shortrare=g} hits the
                  | rockslime but does no damage.
 72276 | Slime:5  | your +9 spectral quick blade {shortrare=g} hits the acid
                  | blob!
 72276 | Slime:5  | your +9 spectral quick blade {shortrare=g} is burned by
                  | acid!
 72278 | Slime:5  | your +9 spectral quick blade {shortrare=g} hits the acid
                  | blob!
 72278 | Slime:5  | your +9 spectral quick blade {shortrare=g} is burned by
                  | acid!
 72279 | Slime:5  | your +9 spectral quick blade {shortrare=g} hits the acid
                  | blob.
 72279 | Slime:5  | your +9 spectral quick blade {shortrare=g} is burned by
                  | acid!
 72280 | Slime:5  | your +9 spectral quick blade {shortrare=g} hits the acid
                  | blob.
 72280 | Slime:5  | your +9 spectral quick blade {shortrare=g} is burned by
                  | acid!
 72280 | Slime:5  | Found a viscous altar of Jiyva.
 72280 | Slime:5  | Found the +9 scales of the Dragon King {rPois rF+ rC+
                  | Will+}
 72293 | Slime:5  | your +9 spectral quick blade {shortrare=g} hits the slime
                  | creature!
 72293 | Slime:5  | the slime creature hits your +9 spectral quick blade
                  | {shortrare=g} but does no damage.
 72387 | Slime:5  | your +9 spectral quick blade {shortrare=g} hits the shining
                  | eye.
 72527 | Slime:5  | your +9 spectral quick blade {shortrare=g} hits the azure
                  | jelly.
 72528 | Slime:5  | your +9 spectral quick blade {shortrare=g} hits the azure
                  | jelly!
 72579 | Slime:5  | your +9 spectral quick blade {shortrare=g} hits the
                  | rockslime but does no damage.
 72580 | Slime:5  | your +9 spectral quick blade {shortrare=g} hits the
                  | rockslime but does no damage.
 72581 | Slime:5  | your +9 spectral quick blade {shortrare=g} hits the
                  | rockslime!
 72582 | Slime:5  | your +9 spectral quick blade {shortrare=g} hits the
                  | rockslime but does no damage.
 72583 | Slime:5  | your +9 spectral quick blade {shortrare=g} hits the
                  | rockslime but does no damage.
 72592 | Slime:5  | your +9 spectral quick blade {shortrare=g} hits the acid
                  | blob!
 72592 | Slime:5  | your +9 spectral quick blade {shortrare=g} is burned by
                  | acid!
 72592 | Slime:5  | the acid blob hits your +9 spectral quick blade
                  | {shortrare=g}!
 72592 | Slime:5  | your +9 spectral quick blade {shortrare=g} is splashed with
                  | acid!
 72594 | Slime:5  | your +9 spectral quick blade {shortrare=g} hits the acid
                  | blob!
 72594 | Slime:5  | your +9 spectral quick blade {shortrare=g} is burned by
                  | acid!
 72595 | Slime:5  | your +9 spectral quick blade {shortrare=g} hits the acid
                  | blob!
 72595 | Slime:5  | your +9 spectral quick blade {shortrare=g} is burned by
                  | acid!
 72595 | Slime:5  | the acid blob closely misses your +9 spectral quick blade
                  | {shortrare=g}.
 72597 | Slime:5  | your +9 spectral quick blade {shortrare=g} hits the
                  | rockslime but does no damage.
 72598 | Slime:5  | your +9 spectral quick blade {shortrare=g} hits the
                  | rockslime!
 72598 | Slime:5  | The splash of acid hits your +9 spectral quick blade
                  | {shortrare=g}!!
 72599 | Slime:5  | your +9 spectral quick blade {shortrare=g} hits the
                  | rockslime but does no damage.
 72599 | Slime:5  | The splash of acid hits your +9 spectral quick blade
                  | {shortrare=g}!
 72600 | Slime:5  | your +9 spectral quick blade {shortrare=g} hits the
                  | rockslime but does no damage.
 72600 | Slime:5  | the rockslime hits your +9 spectral quick blade
                  | {shortrare=g}!
 72600 | Slime:5  | your +9 spectral quick blade {shortrare=g} is shoved
                  | backwards!
 72601 | Slime:5  | your +9 spectral quick blade {shortrare=g} hits the
                  | rockslime but does no damage.
 72601 | Slime:5  | The splash of acid hits your +9 spectral quick blade
                  | {shortrare=g}!
 72601 | Slime:5  | the quicksilver ooze hits your +9 spectral quick blade
                  | {shortrare=g}.
 72601 | Slime:5  | the quicksilver ooze hits your +9 spectral quick blade
                  | {shortrare=g}!
 72603 | Slime:5  | your +9 spectral quick blade {shortrare=g} hits the
                  | rockslime but does no damage.
 72604 | Slime:5  | your +9 spectral quick blade {shortrare=g} hits the
                  | rockslime but does no damage.
 72605 | Slime:5  | your +9 spectral quick blade {shortrare=g} hits the
                  | rockslime but does no damage.
 72605 | Slime:5  | the rockslime hits your +9 spectral quick blade
                  | {shortrare=g}!!
 72605 | Slime:5  | your +9 spectral quick blade {shortrare=g} holds its
                  | ground!
 72607 | Slime:5  | your +9 spectral quick blade {shortrare=g} hits the
                  | rockslime but does no damage.
 72607 | Slime:5  | the acid blob hits your +9 spectral quick blade
                  | {shortrare=g}!
 72607 | Slime:5  | your +9 spectral quick blade {shortrare=g} is splashed with
                  | acid.
 72608 | Slime:5  | your +9 spectral quick blade {shortrare=g} hits the
                  | rockslime.
 72608 | Slime:5  | your +9 spectral quick blade {shortrare=g} is engulfed in
                  | blazing flames.
 72608 | Slime:5  | the acid blob hits your +9 spectral quick blade
                  | {shortrare=g}!!
 72609 | Slime:5  | your +9 spectral quick blade {shortrare=g} misses the
                  | quicksilver ooze.
 72610 | Slime:5  | your +9 spectral quick blade {shortrare=g} hits the Royal
                  | Jelly!
 72610 | Slime:5  | your +9 spectral quick blade {shortrare=g} is burned by
                  | acid!
 72613 | Slime:5  | your +9 spectral quick blade {shortrare=g} hits the acid
                  | blob!
 72613 | Slime:5  | your +9 spectral quick blade {shortrare=g} is burned by
                  | acid!
 72615 | Slime:5  | your +9 spectral quick blade {shortrare=g} hits the azure
                  | jelly!
 72616 | Slime:5  | your +9 spectral quick blade {shortrare=g} hits the slime
                  | creature!
 72620 | Slime:5  | your +9 spectral quick blade {shortrare=g} barely misses
                  | the Royal Jelly.
 72621 | Slime:5  | Killed the Royal Jelly
 72623 | Slime:5  | your +9 spectral quick blade {shortrare=g} hits the acid
                  | blob!
 72623 | Slime:5  | your +9 spectral quick blade {shortrare=g} is burned by
                  | acid!
 72624 | Slime:5  | your +9 spectral quick blade {shortrare=g} hits the acid
                  | blob.
 72624 | Slime:5  | your +9 spectral quick blade {shortrare=g} is burned by
                  | acid!
 72626 | Slime:5  | your +9 spectral quick blade {shortrare=g} hits the
                  | rockslime but does no damage.
 72628 | Slime:5  | your +9 spectral quick blade {shortrare=g} hits the
                  | rockslime but does no damage.
 72629 | Slime:5  | your +9 spectral quick blade {shortrare=g} hits the
                  | rockslime.
 72631 | Slime:5  | your +9 spectral quick blade {shortrare=g} hits the acid
                  | blob!
 72631 | Slime:5  | your +9 spectral quick blade {shortrare=g} is burned by
                  | acid!
 72631 | Slime:5  | HP: 41/198 [acid blob/splash of acid (10)]
 72632 | Slime:5  | your +9 spectral quick blade {shortrare=g} hits the acid
                  | blob!
 72632 | Slime:5  | your +9 spectral quick blade {shortrare=g} is burned by
                  | acid!
 72633 | Slime:5  | HP: 20/198 [azure jelly[the Royal Jelly] (4)]
 72637 | Slime:5  | your +9 spectral quick blade {shortrare=g} hits the azure
                  | jelly.
 72637 | Slime:5  | the azure jelly barely misses your +9 spectral quick blade
                  | {shortrare=g}.
 72637 | Slime:5  | the azure jelly hits your +9 spectral quick blade
                  | {shortrare=g}.
 72637 | Slime:5  | the azure jelly freezes your +9 spectral quick blade
                  | {shortrare=g}!!
 72637 | Slime:5  | your +9 spectral quick blade {shortrare=g} resists.
 72637 | Slime:5  | the azure jelly misses your +9 spectral quick blade
                  | {shortrare=g}.
 72637 | Slime:5  | the azure jelly hits your +9 spectral quick blade
                  | {shortrare=g} but does no damage.
 72639 | Slime:5  | your +9 spectral quick blade {shortrare=g} hits the
                  | rockslime but does no damage.
 72640 | Slime:5  | your +9 spectral quick blade {shortrare=g} hits the
                  | rockslime but does no damage.
 72640 | Slime:5  | the rockslime completely misses your +9 spectral quick
                  | blade {shortrare=g}.
 72648 | Slime:5  | HP: 38/153 [something (5)]
 72734 | Slime:5  | your +9 spectral quick blade {shortrare=g} hits the azure
                  | jelly!
 72735 | Slime:5  | your +9 spectral quick blade {shortrare=g} hits the azure
                  | jelly but does no damage.
 72736 | Slime:5  | your +9 spectral quick blade {shortrare=g} hits the azure
                  | jelly!
 72769 | Slime:5  | Gained mutation: You tend to lose your temper in combat. [a
                  | shining eye]
 72771 | Slime:5  | Gained mutation: You sometimes lose the ability to read
                  | scrolls when taking damage. [a shining eye]
 72773 | Slime:5  | your +9 spectral quick blade {shortrare=g} hits the acid
                  | blob!
 72773 | Slime:5  | your +9 spectral quick blade {shortrare=g} is burned by
                  | acid!
 72775 | Slime:5  | Gained mutation: A frigid envelope surrounds you and
                  | freezes all who hurt you. [a shining eye]
 72776 | Slime:5  | Gained mutation: You expend magic power (3 MP) to
                  | strengthen your wands. [a shining eye]
 72777 | Slime:5  | your +9 spectral quick blade {shortrare=g} hits the azure
                  | jelly!
 72781 | Slime:5  | your +9 spectral quick blade {shortrare=g} hits the shining
                  | eye.
 72782 | Slime:5  | your +9 spectral quick blade {shortrare=g} hits the shining
                  | eye!
 72809 | Slime:5  | your +9 spectral quick blade {shortrare=g} hits the acid
                  | blob!
 72809 | Slime:5  | your +9 spectral quick blade {shortrare=g} is burned by
                  | acid!
 72809 | Slime:5  | the acid blob spits acid at your +9 spectral quick blade
                  | {shortrare=g}.
 72809 | Slime:5  | The splash of acid hits your +9 spectral quick blade
                  | {shortrare=g}!
 73005 | Slime:5  | your +9 spectral quick blade {shortrare=g} hits the acid
                  | blob!
 73005 | Slime:5  | your +9 spectral quick blade {shortrare=g} is burned by
                  | acid!
 73006 | Slime:5  | your +9 spectral quick blade {shortrare=g} hits the acid
                  | blob!
 73006 | Slime:5  | your +9 spectral quick blade {shortrare=g} is burned by
                  | acid!
 73007 | Slime:5  | your +9 spectral quick blade {shortrare=g} hits the acid
                  | blob!
 73007 | Slime:5  | your +9 spectral quick blade {shortrare=g} is burned by
                  | acid!
 73056 | Slime:5  | your +9 spectral quick blade {shortrare=g} hits the acid
                  | blob.
 73056 | Slime:5  | your +9 spectral quick blade {shortrare=g} is burned by
                  | acid!
 73057 | Slime:5  | your +9 spectral quick blade {shortrare=g} hits the acid
                  | blob!
 73057 | Slime:5  | your +9 spectral quick blade {shortrare=g} is burned by
                  | acid!
 73058 | Slime:5  | your +9 spectral quick blade {shortrare=g} hits the acid
                  | blob!
 73058 | Slime:5  | your +9 spectral quick blade {shortrare=g} is burned by
                  | acid!
 73231 | Slime:5  | Identified the ring "Kil Vate" {Str+3 Int+2 SInv}
 73235 | Slime:5  | You pick up a book of Power and begin reading...
 73246 | Slime:5  | You pick up a book of Blasting and begin reading...
 73262 | Slime:5  | Got a slimy rune of Zot
 73265 | Slime:5  | Identified the ring of Jampuik {Wiz rCorr}
 73292 | Slime:5  | You pick up a book of Scorching and begin reading...
 73319 | Slime:5  | You pick up a book of Touch and begin reading...
 73319 | Slime:5  | You add the spells Static Discharge and Dispel Undead to
                  | your library.
 73332 | Slime:5  | Identified the +9 hunting sling of Zin {freeze, Str+2}
 73335 | Slime:5  | Identified the +0 scale mail "Doqicoc" {Dex+3 SInv}
 73370 | Slime:5  | your +9 spectral quick blade {shortrare=g} hits the azure
                  | jelly.
 73514 | Slime:5  | your +9 spectral quick blade {shortrare=g} hits the slime
                  | creature!
 73514 | Slime:5  | the slime creature hits your +9 spectral quick blade
                  | {shortrare=g}!
 73516 | Slime:5  | your +9 spectral quick blade {shortrare=g} hits the slime
                  | creature!
 73517 | Slime:5  | your +9 spectral quick blade {shortrare=g} hits the slime
                  | creature!
 73518 | Slime:5  | your +9 spectral quick blade {shortrare=g} hits the slime
                  | creature!
 73533 | Slime:5  | your +9 spectral quick blade {shortrare=g} hits the slime
                  | creature.
 73534 | Slime:5  | your +9 spectral quick blade {shortrare=g} hits the slime
                  | creature!
 73535 | Slime:5  | your +9 spectral quick blade {shortrare=g} hits the slime
                  | creature!
 73537 | Slime:5  | your +9 spectral quick blade {shortrare=g} hits the slime
                  | creature!
 73538 | Slime:5  | your +9 spectral quick blade {shortrare=g} hits the slime
                  | creature!
 73539 | Slime:5  | your +9 spectral quick blade {shortrare=g} hits the slime
                  | creature!
 73540 | Slime:5  | your +9 spectral quick blade {shortrare=g} hits the slime
                  | creature!
 73540 | Slime:5  | the slime creature hits your +9 spectral quick blade
                  | {shortrare=g} but does no damage.
 73543 | Slime:5  | your +9 spectral quick blade {shortrare=g} hits the
                  | quicksilver ooze.
 73579 | Slime:5  | your +9 spectral quick blade {shortrare=g} hits the acid
                  | blob!
 73579 | Slime:5  | your +9 spectral quick blade {shortrare=g} is burned by
                  | acid!
 73865 | Slime:1  | your +9 spectral quick blade {shortrare=g} hits the slime
                  | creature.
 73866 | Slime:1  | your +9 spectral quick blade {shortrare=g} hits the slime
                  | creature but does no damage.
 73867 | Slime:1  | Paralysed by a great orb of eyes for 3 turns
 73871 | Slime:1  | your +9 spectral quick blade {shortrare=g} hits the shining
                  | eye!
 73872 | Slime:1  | your +9 spectral quick blade {shortrare=g} hits the shining
                  | eye!
 73876 | Slime:1  | your +9 spectral quick blade {shortrare=g} hits the great
                  | orb of eyes!
 73877 | Slime:1  | your +9 spectral quick blade {shortrare=g} hits the great
                  | orb of eyes.
 73878 | Slime:1  | your +9 spectral quick blade {shortrare=g} hits the great
                  | orb of eyes.
 73879 | Slime:1  | your +9 spectral quick blade {shortrare=g} hits the great
                  | orb of eyes but does no damage.
 73880 | Slime:1  | your +9 spectral quick blade {shortrare=g} hits the great
                  | orb of eyes but does no damage.
 74089 | D:7      | your +9 spectral quick blade {shortrare=g} hits
                  | brightshaft's ghost.
 74090 | D:7      | your +9 spectral quick blade {shortrare=g} completely
                  | misses brightshaft's ghost.
 74091 | D:7      | your +9 spectral quick blade {shortrare=g} hits
                  | brightshaft's ghost!
 74092 | D:7      | Killed brightshaft's ghost
 74093 | D:7      | your +9 spectral quick blade {shortrare=g} hits the orc!
 74259 | Orc:2    | Bought a +4 ring of slaying for 936 gold pieces
 74267 | Orc:2    | Lost mutation: You tend to lose your temper in combat.
                  | [potion of mutation]
 74267 | Orc:2    | Lost mutation: You are dopey. (Int -2) [potion of mutation]
 74267 | Orc:2    | Lost mutation: A frigid envelope surrounds you and freezes
                  | all who hurt you. [potion of mutation]
 74267 | Orc:2    | Gained mutation: Your muscles are strong. (Str +2) [potion
                  | of mutation]
 74268 | Orc:2    | Lost mutation: You expend magic power (3 MP) to strengthen
                  | your wands. [potion of mutation]
 74268 | Orc:2    | Lost mutation: Your body often deteriorates upon taking
                  | damage. [potion of mutation]
 74268 | Orc:2    | Lost mutation: Your magical capacity is very low. (-20% MP)
                  | [potion of mutation]
 74268 | Orc:2    | Gained mutation: You are dopey. (Int -2) [potion of
                  | mutation]
 74269 | Orc:2    | Lost mutation: Your magical capacity is low. (-10% MP)
                  | [potion of mutation]
 74269 | Orc:2    | Lost mutation: Your muscles are strong. (Str +2) [potion of
                  | mutation]
 74269 | Orc:2    | Lost mutation: You are frail. (-10% HP) [potion of
                  | mutation]
 74528 | Zot:1    | Entered Level 1 of the Realm of Zot
 74556 | Zot:1    | your +9 spectral quick blade {shortrare=g} hits the moth of
                  | wrath!
 74561 | Zot:1    | your +9 spectral quick blade {shortrare=g} hits the red
                  | draconian!
 74562 | Zot:1    | your +9 spectral quick blade {shortrare=g} barely misses
                  | the red draconian.
 74562 | Zot:1    | the red draconian hits your +9 spectral quick blade
                  | {shortrare=g} with a +4 battleaxe of venom.
 74563 | Zot:1    | your +9 spectral quick blade {shortrare=g} hits the red
                  | draconian!
 74793 | Zot:1    | your +9 spectral quick blade {shortrare=g} hits the purple
                  | draconian!
 74794 | Zot:1    | your +9 spectral quick blade {shortrare=g} hits the purple
                  | draconian!
 74796 | Zot:1    | your +9 spectral quick blade {shortrare=g} hits the black
                  | draconian.
 74798 | Zot:1    | your +9 spectral quick blade {shortrare=g} hits the black
                  | draconian!
 74799 | Zot:1    | your +9 spectral quick blade {shortrare=g} hits the black
                  | draconian!
 74800 | Zot:1    | your +9 spectral quick blade {shortrare=g} hits the black
                  | draconian.
 74801 | Zot:1    | your +9 spectral quick blade {shortrare=g} hits the white
                  | draconian!
 74802 | Zot:1    | your +9 spectral quick blade {shortrare=g} hits the white
                  | draconian.
 74803 | Zot:1    | your +9 spectral quick blade {shortrare=g} hits the moth of
                  | wrath!
 74805 | Zot:1    | your +9 spectral quick blade {shortrare=g} hits the white
                  | draconian but does no damage.
 74805 | Zot:1    | The bolt of lightning hits your +9 spectral quick blade
                  | {shortrare=g}.
 74805 | Zot:1    | your +9 spectral quick blade {shortrare=g} resists.
 74808 | Zot:1    | your +9 spectral quick blade {shortrare=g} hits the storm
                  | dragon.
 74809 | Zot:1    | your +9 spectral quick blade {shortrare=g} hits the storm
                  | dragon!
 74812 | Zot:1    | your +9 spectral quick blade {shortrare=g} hits the storm
                  | dragon.
 74819 | Zot:1    | your +9 spectral quick blade {shortrare=g} hits the yellow
                  | draconian but does no damage.
 74819 | Zot:1    | The searing blast hits your +9 spectral quick blade
                  | {shortrare=g}!
 74819 | Zot:1    | your +9 spectral quick blade {shortrare=g} resists.
 74820 | Zot:1    | your +9 spectral quick blade {shortrare=g} hits the yellow
                  | draconian but does no damage.
 74822 | Zot:1    | your +9 spectral quick blade {shortrare=g} hits the red
                  | draconian!
 74822 | Zot:1    | the red draconian breathes fire at your +9 spectral quick
                  | blade {shortrare=g}.
 74822 | Zot:1    | The searing blast hits your +9 spectral quick blade
                  | {shortrare=g}!!
 74822 | Zot:1    | your +9 spectral quick blade {shortrare=g} resists.
 74823 | Zot:1    | your +9 spectral quick blade {shortrare=g} hits the red
                  | draconian but does no damage.
 74824 | Zot:1    | your +9 spectral quick blade {shortrare=g} hits the red
                  | draconian.
 74901 | Zot:1    | your +9 spectral quick blade {shortrare=g} hits the white
                  | draconian stormcaller.
 74902 | Zot:1    | your +9 spectral quick blade {shortrare=g} hits the white
                  | draconian stormcaller.
 74903 | Zot:1    | your +9 spectral quick blade {shortrare=g} hits the white
                  | draconian stormcaller!
 74905 | Zot:1    | your +9 spectral quick blade {shortrare=g} hits the black
                  | draconian but does no damage.
 74906 | Zot:1    | your +9 spectral quick blade {shortrare=g} hits the black
                  | draconian!
 74906 | Zot:1    | the green draconian monk hits your +9 spectral quick blade
                  | {shortrare=g}!
 74906 | Zot:1    | the green draconian monk kicks your +9 spectral quick blade
                  | {shortrare=g}!
 74907 | Zot:1    | your +9 spectral quick blade {shortrare=g} hits the black
                  | draconian.
 74908 | Zot:1    | your +9 spectral quick blade {shortrare=g} hits the green
                  | draconian monk.
 74909 | Zot:1    | your +9 spectral quick blade {shortrare=g} hits the green
                  | draconian monk.
 74909 | Zot:1    | the white draconian hits your +9 spectral quick blade
                  | {shortrare=g} with a +0 mace!
 74910 | Zot:1    | your +9 spectral quick blade {shortrare=g} hits the green
                  | draconian monk!
 74913 | Zot:1    | your +9 spectral quick blade {shortrare=g} hits the white
                  | draconian.
 74914 | Zot:1    | your +9 spectral quick blade {shortrare=g} hits the white
                  | draconian but does no damage.
 74915 | Zot:1    | your +9 spectral quick blade {shortrare=g} hits the white
                  | draconian.
 74916 | Zot:1    | your +9 spectral quick blade {shortrare=g} hits the white
                  | draconian.
 74917 | Zot:1    | Reached skill level 21 in Dodging
 74917 | Zot:1    | Reached skill level 11 in Necromancy
 74917 | Zot:1    | your +9 spectral quick blade {shortrare=g} hits the yellow
                  | draconian!
 74918 | Zot:1    | your +9 spectral quick blade {shortrare=g} hits the yellow
                  | draconian.
 74919 | Zot:1    | your +9 spectral quick blade {shortrare=g} hits the yellow
                  | draconian but does no damage.
 74920 | Zot:1    | your +9 spectral quick blade {shortrare=g} hits the yellow
                  | draconian!
 74926 | Zot:1    | your +9 spectral quick blade {shortrare=g} hits the purple
                  | draconian!
 74927 | Zot:1    | your +9 spectral quick blade {shortrare=g} hits the purple
                  | draconian!
 74928 | Zot:1    | your +9 spectral quick blade {shortrare=g} hits the purple
                  | draconian but does no damage.
 74929 | Zot:1    | your +9 spectral quick blade {shortrare=g} hits the purple
                  | draconian but does no damage.
 74929 | Zot:1    | the purple draconian breathes dispelling energy at your +9
                  | spectral quick blade {shortrare=g}.
 74929 | Zot:1    | The bolt of dispelling energy hits your +9 spectral quick
                  | blade {shortrare=g}!!!
 75002 | Zot:1    | Identified the amulet "Jajieklo" {Faith rPois Str-3 Int+3}
 75005 | Zot:1    | your +9 spectral quick blade {shortrare=g} barely misses
                  | the white draconian.
 75007 | Zot:1    | your +9 spectral quick blade {shortrare=g} hits the white
                  | draconian.
 75011 | Zot:1    | your +9 spectral quick blade {shortrare=g} hits the yellow
                  | draconian!
 75012 | Zot:1    | your +9 spectral quick blade {shortrare=g} hits the black
                  | draconian knight!
 75012 | Zot:1    | the black draconian knight hits your +9 spectral quick
                  | blade {shortrare=g} with a +1 broad axe of flaming!
 75012 | Zot:1    | the black draconian knight burns your +9 spectral quick
                  | blade {shortrare=g}.
 75013 | Zot:1    | your +9 spectral quick blade {shortrare=g} hits the yellow
                  | draconian.
 75014 | Zot:1    | the black draconian knight barely misses your +9 spectral
                  | quick blade {shortrare=g}.
 75014 | Zot:1    | The acid splashes onto your +9 spectral quick blade
                  | {shortrare=g}!
 75014 | Zot:1    | your +9 spectral quick blade {shortrare=g} is splashed with
                  | acid.
 75014 | Zot:1    | The bolt of cold hits your +9 spectral quick blade
                  | {shortrare=g}.
 75014 | Zot:1    | your +9 spectral quick blade {shortrare=g} resists.
 75015 | Zot:1    | your +9 spectral quick blade {shortrare=g} hits the black
                  | draconian knight.
 75016 | Zot:1    | the black draconian knight misses your +9 spectral quick
                  | blade {shortrare=g}.
 75016 | Zot:1    | The bolt of lightning misses your +9 spectral quick blade
                  | {shortrare=g}.
 75016 | Zot:1    | The acid splashes onto your +9 spectral quick blade
                  | {shortrare=g}!
 75016 | Zot:1    | your +9 spectral quick blade {shortrare=g} is splashed with
                  | acid!
 75017 | Zot:1    | your +9 spectral quick blade {shortrare=g} hits the yellow
                  | draconian.
 75017 | Zot:1    | the yellow draconian barely misses your +9 spectral quick
                  | blade {shortrare=g}.
 75020 | Zot:1    | the black draconian knight blocks your +9 spectral quick
                  | blade {shortrare=g}'s attack.
 75021 | Zot:1    | your +9 spectral quick blade {shortrare=g} hits the black
                  | draconian knight!
 75022 | Zot:1    | your +9 spectral quick blade {shortrare=g} hits the white
                  | draconian!
 75023 | Zot:1    | your +9 spectral quick blade {shortrare=g} hits the white
                  | draconian but does no damage.
 75024 | Zot:1    | your +9 spectral quick blade {shortrare=g} hits the purple
                  | draconian!
 75024 | Zot:1    | the purple draconian hits your +9 spectral quick blade
                  | {shortrare=g} with a +3 hand axe.
 75025 | Zot:1    | your +9 spectral quick blade {shortrare=g} hits the purple
                  | draconian!
 75025 | Zot:1    | the purple draconian hits your +9 spectral quick blade
                  | {shortrare=g} with a +3 hand axe.
 75026 | Zot:1    | your +9 spectral quick blade {shortrare=g} barely misses
                  | the storm dragon.
 75027 | Zot:1    | your +9 spectral quick blade {shortrare=g} hits the storm
                  | dragon!
 75028 | Zot:1    | your +9 spectral quick blade {shortrare=g} completely
                  | misses the storm dragon.
 75028 | Zot:1    | The cutting wind hits your +9 spectral quick blade
                  | {shortrare=g}!!
 75031 | Zot:1    | your +9 spectral quick blade {shortrare=g} completely
                  | misses the white draconian.
 75032 | Zot:1    | your +9 spectral quick blade {shortrare=g} hits the white
                  | draconian!
 75039 | Zot:1    | Reached XP level 26. HP: 120/176 MP: 10/29
 75041 | Zot:1    | your +9 spectral quick blade {shortrare=g} hits something
                  | but does no damage.
 75042 | Zot:1    | your +9 spectral quick blade {shortrare=g} hits something
                  | but does no damage.
 75043 | Zot:1    | your +9 spectral quick blade {shortrare=g} hits something
                  | but does no damage.
 75043 | Zot:1    | The bolt of lightning hits your +9 spectral quick blade
                  | {shortrare=g}!
 75043 | Zot:1    | your +9 spectral quick blade {shortrare=g} resists.
 75044 | Zot:1    | your +9 spectral quick blade {shortrare=g} hits something
                  | but does no damage.
 75045 | Zot:1    | your +9 spectral quick blade {shortrare=g} hits something
                  | but does no damage.
 75045 | Zot:1    | The bolt of cold misses your +9 spectral quick blade
                  | {shortrare=g}.
 75258 | Zot:1    | You add the spells Foxfire and Beastly Appendage to your
                  | library.
 75258 | Zot:1    | Got Hawne's Theurgy, Part One
 75319 | Zot:1    | Got Lonehaani's Volume of Cloudy Dislocation
 75443 | Zot:1    | your +9 spectral quick blade {shortrare=g} hits the yellow
                  | draconian annihilator!
 75443 | Zot:1    | the green draconian hits your +9 spectral quick blade
                  | {shortrare=g} with a +0 flail!!
 75443 | Zot:1    | the green draconian tail-slaps your +9 spectral quick blade
                  | {shortrare=g}!
 75445 | Zot:1    | your +9 spectral quick blade {shortrare=g} hits the green
                  | draconian!
 75448 | Zot:1    | your +9 spectral quick blade {shortrare=g} hits the red
                  | draconian.
 75448 | Zot:1    | the red draconian misses your +9 spectral quick blade
                  | {shortrare=g}.
 75450 | Zot:1    | your +9 spectral quick blade {shortrare=g} hits the green
                  | draconian.
 75452 | Zot:1    | your +9 spectral quick blade {shortrare=g} hits the red
                  | draconian!
 75452 | Zot:1    | the red draconian breathes fire at your +9 spectral quick
                  | blade {shortrare=g}.
 75452 | Zot:1    | The searing blast misses your +9 spectral quick blade
                  | {shortrare=g}.
 75454 | Zot:1    | your +9 spectral quick blade {shortrare=g} hits the white
                  | draconian stormcaller!
 75456 | Zot:1    | your +9 spectral quick blade {shortrare=g} hits the yellow
                  | draconian.
 75457 | Zot:1    | your +9 spectral quick blade {shortrare=g} hits the yellow
                  | draconian.
 75458 | Zot:1    | your +9 spectral quick blade {shortrare=g} hits the yellow
                  | draconian!
 75974 | Zot:1    | Reached skill level 23 in Stealth
 76700 | Zot:2    | your +9 spectral quick blade {shortrare=g} hits the
                  | tentacled monstrosity!
 76701 | Zot:2    | your +9 spectral quick blade {shortrare=g} hits the
                  | tentacled monstrosity!
 76702 | Zot:2    | your +9 spectral quick blade {shortrare=g} hits the
                  | tentacled monstrosity.
 76704 | Zot:2    | your +9 spectral quick blade {shortrare=g} hits the
                  | tentacled monstrosity.
 76705 | Zot:2    | your +9 spectral quick blade {shortrare=g} hits the
                  | tentacled monstrosity!
 76706 | Zot:2    | your +9 spectral quick blade {shortrare=g} hits the
                  | tentacled monstrosity.
 76706 | Zot:2    | Noticed a Killer Klown
 76707 | Zot:2    | your +9 spectral quick blade {shortrare=g} hits the
                  | tentacled monstrosity.
 76711 | Zot:2    | your +9 spectral quick blade {shortrare=g} hits the Killer
                  | Klown.
 76712 | Zot:2    | your +9 spectral quick blade {shortrare=g} hits the Killer
                  | Klown!
 76713 | Zot:2    | your +9 spectral quick blade {shortrare=g} hits the Killer
                  | Klown.
 76714 | Zot:2    | Killed a Killer Klown
 76727 | Zot:2    | your +9 spectral quick blade {shortrare=g} hits the
                  | quicksilver dragon!
 76728 | Zot:2    | your +9 spectral quick blade {shortrare=g} hits the
                  | quicksilver dragon!
 76729 | Zot:2    | your +9 spectral quick blade {shortrare=g} hits the
                  | quicksilver dragon!
 76730 | Zot:2    | your +9 spectral quick blade {shortrare=g} hits the
                  | quicksilver dragon!
 76730 | Zot:2    | the quicksilver dragon completely misses your +9 spectral
                  | quick blade {shortrare=g}.
 76730 | Zot:2    | the quicksilver dragon misses your +9 spectral quick blade
                  | {shortrare=g}.
 76745 | Zot:2    | your +9 spectral quick blade {shortrare=g} hits the red
                  | draconian but does no damage.
 76746 | Zot:2    | your +9 spectral quick blade {shortrare=g} hits the red
                  | draconian!
 76746 | Zot:2    | the red draconian hits your +9 spectral quick blade
                  | {shortrare=g} with a +0 war axe!
 76749 | Zot:2    | the red draconian hits your +9 spectral quick blade
                  | {shortrare=g} with a +0 war axe.
 76749 | Zot:2    | the red draconian hits your +9 spectral quick blade
                  | {shortrare=g} with a +0 war axe.
 76750 | Zot:2    | your +9 spectral quick blade {shortrare=g} hits the red
                  | draconian.
 76945 | Zot:2    | your +9 spectral quick blade {shortrare=g} hits the death
                  | cob.
 76946 | Zot:2    | your +9 spectral quick blade {shortrare=g} completely
                  | misses the death cob.
 76947 | Zot:2    | your +9 spectral quick blade {shortrare=g} hits the death
                  | cob!
 77027 | Zot:2    | Noticed a Killer Klown
 77029 | Zot:2    | Noticed a Killer Klown
 77031 | Zot:2    | your +9 spectral quick blade {shortrare=g} hits the Killer
                  | Klown.
 77032 | Zot:2    | your +9 spectral quick blade {shortrare=g} hits the Killer
                  | Klown.
 77032 | Zot:2    | Noticed a Killer Klown
 77033 | Zot:2    | Killed a Killer Klown
 77034 | Zot:2    | Reached skill level 22 in Dodging
 77034 | Zot:2    | Noticed a shard shrike
 77034 | Zot:2    | a Killer Klown changed into a shard shrike
 77035 | Zot:2    | Noticed a Killer Klown
 77036 | Zot:2    | your +9 spectral quick blade {shortrare=g} hits the moth of
                  | wrath.
 77036 | Zot:2    | the moth of wrath bites your +9 spectral quick blade
                  | {shortrare=g}!!
 77038 | Zot:2    | your +9 spectral quick blade {shortrare=g} hits the shard
                  | shrike!
 77040 | Zot:2    | your +9 spectral quick blade {shortrare=g} hits the shard
                  | shrike but does no damage.
 77040 | Zot:2    | the shard shrike claws your +9 spectral quick blade
                  | {shortrare=g}!
 77040 | Zot:2    | the shard shrike freezes your +9 spectral quick blade
                  | {shortrare=g}!
 77040 | Zot:2    | your +9 spectral quick blade {shortrare=g} resists.
 77040 | Zot:2    | Noticed an orb of fire
 77041 | Zot:2    | your +9 spectral quick blade {shortrare=g} hits the yellow
                  | draconian annihilator!
 77043 | Zot:2    | Reached skill level 24 in Stealth
 77043 | Zot:2    | Killed a shard shrike
 77048 | Zot:2    | Noticed a Killer Klown
 77049 | Zot:2    | your +9 spectral quick blade {shortrare=g} hits the Killer
                  | Klown.
 77050 | Zot:2    | your +9 spectral quick blade {shortrare=g} hits the Killer
                  | Klown!
 77051 | Zot:2    | your +9 spectral quick blade {shortrare=g} completely
                  | misses the Killer Klown.
 77051 | Zot:2    | Killed a Killer Klown
 77052 | Zot:2    | your +9 spectral quick blade {shortrare=g} hits the Killer
                  | Klown!
 77053 | Zot:2    | your +9 spectral quick blade {shortrare=g} hits the Killer
                  | Klown!!
 77053 | Zot:2    | your +9 spectral quick blade {shortrare=g} is engulfed in
                  | blazing flames.
 77053 | Zot:2    | your +9 spectral quick blade {shortrare=g} is engulfed in
                  | blazing flames.
 77054 | Zot:2    | your +9 spectral quick blade {shortrare=g} hits the Killer
                  | Klown!
 77055 | Zot:2    | your +9 spectral quick blade {shortrare=g} hits the Killer
                  | Klown!
 77055 | Zot:2    | Killed a Killer Klown
 77056 | Zot:2    | your +9 spectral quick blade {shortrare=g} is engulfed in
                  | blazing flames.
 77056 | Zot:2    | a Killer Klown changed into a titan
 77057 | Zot:2    | your +9 spectral quick blade {shortrare=g} is engulfed in
                  | blazing flames.
 77057 | Zot:2    | your +9 spectral quick blade {shortrare=g} is engulfed in
                  | blazing flames.
 77058 | Zot:2    | your +9 spectral quick blade {shortrare=g} is engulfed in
                  | blazing flames.
 77058 | Zot:2    | your +9 spectral quick blade {shortrare=g} is engulfed in
                  | blazing flames.
 77058 | Zot:2    | your +9 spectral quick blade {shortrare=g} is engulfed in
                  | blazing flames.
 77065 | Zot:2    | your +9 spectral quick blade {shortrare=g} closely misses
                  | the orb of fire.
 77066 | Zot:2    | Killed an orb of fire
 77067 | Zot:2    | your +9 spectral quick blade {shortrare=g} hits the
                  | tentacled monstrosity.
 77068 | Zot:2    | your +9 spectral quick blade {shortrare=g} hits the
                  | tentacled monstrosity.
 77068 | Zot:2    | something hits your +9 spectral quick blade {shortrare=g}!
 77071 | Zot:2    | your +9 spectral quick blade {shortrare=g} hits the red
                  | draconian!
 77072 | Zot:2    | your +9 spectral quick blade {shortrare=g} hits the red
                  | draconian!
 77073 | Zot:2    | your +9 spectral quick blade {shortrare=g} hits the green
                  | draconian.
 77074 | Zot:2    | your +9 spectral quick blade {shortrare=g} hits the green
                  | draconian!
 77074 | Zot:2    | the moth of wrath bites your +9 spectral quick blade
                  | {shortrare=g}!!
 77075 | Zot:2    | your +9 spectral quick blade {shortrare=g} hits the green
                  | draconian.
 77076 | Zot:2    | the moth of wrath misses your +9 spectral quick blade
                  | {shortrare=g}.
 77086 | Zot:2    | your +9 spectral quick blade {shortrare=g} hits the purple
                  | draconian.
 77086 | Zot:2    | the purple draconian hits your +9 spectral quick blade
                  | {shortrare=g} with a +0 hand axe.
 77087 | Zot:2    | your +9 spectral quick blade {shortrare=g} hits the purple
                  | draconian.
 77087 | Zot:2    | the purple draconian closely misses your +9 spectral quick
                  | blade {shortrare=g}.
 77092 | Zot:2    | Reached skill level 25 in Stealth
 77300 | Zot:2    | your +9 spectral quick blade {shortrare=g} hits the storm
                  | dragon but does no damage.
 77302 | Zot:2    | your +9 spectral quick blade {shortrare=g} hits the storm
                  | dragon.
 77303 | Zot:2    | your +9 spectral quick blade {shortrare=g} closely misses
                  | the storm dragon.
 77304 | Zot:2    | your +9 spectral quick blade {shortrare=g} hits the storm
                  | dragon but does no damage.
 77305 | Zot:2    | your +9 spectral quick blade {shortrare=g} hits the storm
                  | dragon!
 77305 | Zot:2    | the storm dragon bites your +9 spectral quick blade
                  | {shortrare=g}.
 77305 | Zot:2    | the storm dragon claws your +9 spectral quick blade
                  | {shortrare=g}!
 77305 | Zot:2    | the storm dragon closely misses your +9 spectral quick
                  | blade {shortrare=g}.
 77321 | Zot:2    | +0 storm dragon scales {rare}; a storm dragon corpse
 77321 | Zot:2    | your +9 spectral quick blade {shortrare=g} hits the black
                  | draconian knight.
 77321 | Zot:2    | the black draconian knight hits your +9 spectral quick
                  | blade {shortrare=g} with a +3 great mace of draining!
 77322 | Zot:2    | your +9 spectral quick blade {shortrare=g} completely
                  | misses the black draconian knight.
 77323 | Zot:2    | your +9 spectral quick blade {shortrare=g} hits the black
                  | draconian knight but does no damage.
 77324 | Zot:2    | your +9 spectral quick blade {shortrare=g} hits the black
                  | draconian knight.
 77346 | Zot:2    | your +9 spectral quick blade {shortrare=g} hits something
                  | but does no damage.
 77347 | Zot:2    | your +9 spectral quick blade {shortrare=g} hits something
                  | but does no damage.
 77348 | Zot:2    | your +9 spectral quick blade {shortrare=g} hits something
                  | but does no damage.
 77348 | Zot:2    | The bolt of lightning misses your +9 spectral quick blade
                  | {shortrare=g}.
 77349 | Zot:2    | your +9 spectral quick blade {shortrare=g} hits something
                  | but does no damage.
 77437 | Zot:2    | +0 storm dragon scales {rare}; a storm dragon skeleton
 77465 | Zot:3    | your +9 spectral quick blade {shortrare=g} hits the moth of
                  | wrath!
 77466 | Zot:3    | your +9 spectral quick blade {shortrare=g} hits the moth of
                  | wrath!
 77536 | Zot:3    | your +9 spectral quick blade {shortrare=g} hits the yellow
                  | draconian!
 77542 | Zot:3    | your +9 spectral quick blade {shortrare=g} hits the yellow
                  | draconian!
 77543 | Zot:3    | your +9 spectral quick blade {shortrare=g} hits the moth of
                  | wrath!
 77561 | Zot:3    | your +9 spectral quick blade {shortrare=g} hits the green
                  | draconian monk.
 77562 | Zot:3    | your +9 spectral quick blade {shortrare=g} hits the green
                  | draconian monk but does no damage.
 77563 | Zot:3    | your +9 spectral quick blade {shortrare=g} barely misses
                  | the green draconian monk.
 77564 | Zot:3    | your +9 spectral quick blade {shortrare=g} barely misses
                  | the green draconian monk.
 77565 | Zot:3    | your +9 spectral quick blade {shortrare=g} hits the green
                  | draconian monk!
 77697 | Zot:3    | your +9 spectral quick blade {shortrare=g} hits the red
                  | draconian!
 77698 | Zot:3    | your +9 spectral quick blade {shortrare=g} hits the red
                  | draconian!
 77698 | Zot:3    | the red draconian hits your +9 spectral quick blade
                  | {shortrare=g} with a +0 mace!!
 77844 | Zot:3    | Identified the +10 quarterstaff "Neatoden" {vorpal, rN+
                  | Will+ Int+10}
 77850 | Zot:3    | your +9 spectral quick blade {shortrare=g} hits the white
                  | draconian.
 77850 | Zot:3    | the white draconian hits your +9 spectral quick blade
                  | {shortrare=g} with a +0 broad axe!!
 77850 | Zot:3    | The glob of acid hits your +9 spectral quick blade
                  | {shortrare=g}!
 77851 | Zot:3    | your +9 spectral quick blade {shortrare=g} hits the yellow
                  | draconian annihilator!
 77852 | Zot:3    | your +9 spectral quick blade {shortrare=g} hits the yellow
                  | draconian!
 77853 | Zot:3    | your +9 spectral quick blade {shortrare=g} hits the white
                  | draconian.
 77853 | Zot:3    | the white draconian hits your +9 spectral quick blade
                  | {shortrare=g} with a +0 broad axe!
 77853 | Zot:3    | the yellow draconian barely misses your +9 spectral quick
                  | blade {shortrare=g}.
 77855 | Zot:3    | Reached skill level 26 in Stealth
 77886 | Zot:3    | your +9 spectral quick blade {shortrare=g} hits the moth of
                  | wrath!
 77886 | Zot:3    | the moth of wrath bites your +9 spectral quick blade
                  | {shortrare=g}!
 78166 | Zot:3    | your +9 spectral quick blade {shortrare=g} hits the moth of
                  | wrath!
 78166 | Zot:3    | the moth of wrath bites your +9 spectral quick blade
                  | {shortrare=g}.
 78461 | Zot:3    | Noticed an electric golem
 78465 | Zot:3    | You are sucked into a shaft and drop 1 floor!
 78560 | Zot:3    | Killed an electric golem
 78626 | Zot:3    | your +9 spectral quick blade {shortrare=g} barely misses
                  | the moth of wrath.
 78691 | Zot:3    | Noticed an orb of fire
 78694 | Zot:3    | your +9 spectral quick blade {shortrare=g} hits the orb of
                  | fire.
 78695 | Zot:3    | your +9 spectral quick blade {shortrare=g} hits the orb of
                  | fire!
 78695 | Zot:3    | The fireball engulfs your +9 spectral quick blade
                  | {shortrare=g}!
 78695 | Zot:3    | your +9 spectral quick blade {shortrare=g} resists.
 78696 | Zot:3    | your +9 spectral quick blade {shortrare=g} hits the orb of
                  | fire.
 78697 | Zot:3    | your +9 spectral quick blade {shortrare=g} completely
                  | misses the orb of fire.
 78698 | Zot:3    | your +9 spectral quick blade {shortrare=g} closely misses
                  | the orb of fire.
 78699 | Zot:3    | your +9 spectral quick blade {shortrare=g} hits the orb of
                  | fire but does no damage.
 78700 | Zot:3    | your +9 spectral quick blade {shortrare=g} hits the orb of
                  | fire!
 78700 | Zot:3    | Gained mutation: You tend to lose your temper in combat.
                  | [an orb of fire]
 78701 | Zot:3    | your +9 spectral quick blade {shortrare=g} hits the orb of
                  | fire but does no damage.
 78701 | Zot:3    | The fireball engulfs your +9 spectral quick blade
                  | {shortrare=g}!!!
 78701 | Zot:3    | your +9 spectral quick blade {shortrare=g} resists.
 78702 | Zot:3    | your +9 spectral quick blade {shortrare=g} hits the orb of
                  | fire but does no damage.
 78702 | Zot:3    | The bolt of fire hits your +9 spectral quick blade
                  | {shortrare=g}!!
 78702 | Zot:3    | your +9 spectral quick blade {shortrare=g} resists.
 78703 | Zot:3    | Killed an orb of fire
 78704 | Zot:3    | Reached skill level 27 in Stealth
 78931 | Zot:4    | your +9 spectral quick blade {shortrare=g} hits the green
                  | draconian.
 79106 | Zot:4    | Noticed an orb of fire
 79114 | Zot:4    | Gained mutation: You are very clumsy. (Dex -4) [an orb of
                  | fire]
 79120 | Zot:4    | Gained mutation: You do not regenerate when monsters are
                  | visible. [an orb of fire]
 79128 | Zot:4    | Killed an orb of fire
 79129 | Zot:4    | Reached skill level 23 in Dodging
 79139 | Zot:4    | your +9 spectral quick blade {shortrare=g} hits the white
                  | draconian but does no damage.
 79140 | Zot:4    | your +9 spectral quick blade {shortrare=g} hits the white
                  | draconian.
 79141 | Zot:4    | your +9 spectral quick blade {shortrare=g} hits the white
                  | draconian!
 79141 | Zot:4    | the quicksilver dragon bites your +9 spectral quick blade
                  | {shortrare=g}.
 79141 | Zot:4    | the quicksilver dragon claws your +9 spectral quick blade
                  | {shortrare=g}!
 79397 | Zot:4    | your +9 spectral quick blade {shortrare=g} hits something
                  | but does no damage.
 79397 | Zot:4    | The glob of acid hits your +9 spectral quick blade
                  | {shortrare=g}!!
 79398 | Zot:4    | your +9 spectral quick blade {shortrare=g} barely misses
                  | something.
 79399 | Zot:4    | your +9 spectral quick blade {shortrare=g} hits something.
 79400 | Zot:4    | your +9 spectral quick blade {shortrare=g} hits something.
 79400 | Zot:4    | something hits your +9 spectral quick blade {shortrare=g}!!
 79402 | Zot:4    | your +9 spectral quick blade {shortrare=g} hits something!
 79406 | Zot:4    | your +9 spectral quick blade {shortrare=g} hits the green
                  | draconian!
 79407 | Zot:4    | your +9 spectral quick blade {shortrare=g} hits the green
                  | draconian!
 79408 | Zot:4    | your +9 spectral quick blade {shortrare=g} hits the green
                  | draconian!
 79417 | Zot:4    | your +9 spectral quick blade {shortrare=g} hits the green
                  | draconian!
 79418 | Zot:4    | the wind drake completely misses your +9 spectral quick
                  | blade {shortrare=g}.
 79419 | Zot:4    | your +9 spectral quick blade {shortrare=g} hits the white
                  | draconian stormcaller.
 79533 | Zot:4    | +0 storm dragon scales {rare}; a storm dragon corpse
 79559 | Zot:4    | your +9 spectral quick blade {shortrare=g} hits the purple
                  | draconian!
 79560 | Zot:4    | your +9 spectral quick blade {shortrare=g} hits the purple
                  | draconian!
 79580 | Zot:4    | your +9 spectral quick blade {shortrare=g} barely misses
                  | the shadow dragon.
 79581 | Zot:4    | your +9 spectral quick blade {shortrare=g} hits the shadow
                  | dragon!
 79582 | Zot:4    | your +9 spectral quick blade {shortrare=g} closely misses
                  | the shadow dragon.
 79583 | Zot:4    | your +9 spectral quick blade {shortrare=g} barely misses
                  | the shadow dragon.
 79584 | Zot:4    | your +9 spectral quick blade {shortrare=g} barely misses
                  | the shadow dragon.
 79585 | Zot:4    | your +9 spectral quick blade {shortrare=g} hits the shadow
                  | dragon.
 79591 | Zot:4    | your +9 spectral quick blade {shortrare=g} hits the red
                  | draconian scorcher.
 79591 | Zot:4    | The glob of acid hits your +9 spectral quick blade
                  | {shortrare=g}!
 79591 | Zot:4    | The blast of cold hits your +9 spectral quick blade
                  | {shortrare=g}!
 79591 | Zot:4    | your +9 spectral quick blade {shortrare=g} resists.
 79592 | Zot:4    | your +9 spectral quick blade {shortrare=g} closely misses
                  | the yellow draconian annihilator.
 79593 | Zot:4    | your +9 spectral quick blade {shortrare=g} barely misses
                  | the white draconian.
 79593 | Zot:4    | The bolt of lightning hits your +9 spectral quick blade
                  | {shortrare=g}!
 79593 | Zot:4    | your +9 spectral quick blade {shortrare=g} resists.
 79594 | Zot:4    | your +9 spectral quick blade {shortrare=g} hits the red
                  | draconian scorcher!
 79594 | Zot:4    | The bolt of dispelling energy misses your +9 spectral quick
                  | blade {shortrare=g}.
 79594 | Zot:4    | the yellow draconian annihilator barely misses your +9
                  | spectral quick blade {shortrare=g}.
 79595 | Zot:4    | your +9 spectral quick blade {shortrare=g} hits the red
                  | draconian.
 79596 | Zot:4    | your +9 spectral quick blade {shortrare=g} hits the red
                  | draconian!
 79598 | Zot:4    | your +9 spectral quick blade {shortrare=g} hits the purple
                  | draconian!
 79601 | Zot:4    | your +9 spectral quick blade {shortrare=g} hits the white
                  | draconian.
 79601 | Zot:4    | the white draconian hits your +9 spectral quick blade
                  | {shortrare=g} with a +0 glaive!!
 79605 | Zot:4    | your +9 spectral quick blade {shortrare=g} hits the purple
                  | draconian shifter.
 79606 | Zot:4    | your +9 spectral quick blade {shortrare=g} hits the purple
                  | draconian shifter.
 79607 | Zot:4    | your +9 spectral quick blade {shortrare=g} hits the purple
                  | draconian shifter!
 79608 | Zot:4    | Reached skill level 14 in Fighting
 79800 | Zot:4    | your +9 spectral quick blade {shortrare=g} hits the
                  | quicksilver dragon!
 79801 | Zot:4    | your +9 spectral quick blade {shortrare=g} misses the
                  | quicksilver dragon.
 79802 | Zot:4    | your +9 spectral quick blade {shortrare=g} closely misses
                  | the quicksilver dragon.
 79822 | Zot:4    | quicksilver dragon scales {rare}; a quicksilver dragon
                  | corpse
 79890 | Zot:4    | your +9 spectral quick blade {shortrare=g} hits the golden
                  | dragon but does no damage.
 79892 | Zot:4    | your +9 spectral quick blade {shortrare=g} hits the golden
                  | dragon!
 79893 | Zot:4    | your +9 spectral quick blade {shortrare=g} hits the golden
                  | dragon.
 79893 | Zot:4    | the golden dragon bites your +9 spectral quick blade
                  | {shortrare=g}!!
 79894 | Zot:4    | Identified +0 gold dragon scales
 79896 | Zot:4    | +0 gold dragon scales {rare}; a golden dragon corpse
 79896 | Zot:4    | your +9 spectral quick blade {shortrare=g} hits the golden
                  | dragon.
 79897 | Zot:4    | your +9 spectral quick blade {shortrare=g} hits the golden
                  | dragon.
 79898 | Zot:4    | your +9 spectral quick blade {shortrare=g} completely
                  | misses the golden dragon.
 79899 | Zot:4    | your +9 spectral quick blade {shortrare=g} hits the golden
                  | dragon but does no damage.
 79971 | Zot:4    | Noticed an orb of fire
 79981 | Zot:4    | Gained mutation: You are very dopey. (Int -4) [an orb of
                  | fire]
 79986 | Zot:4    | Killed an orb of fire
 79988 | Zot:4    | Identified the +9 short sword of Slow Death {flame, *Slow
                  | Will+ Dex+5}
 80075 | Zot:4    | your +9 spectral quick blade {shortrare=g} hits the green
                  | draconian monk.
 80076 | Zot:4    | your +9 spectral quick blade {shortrare=g} hits the green
                  | draconian monk!
 80120 | Zot:4    | your +9 spectral quick blade {shortrare=g} hits the
                  | demonspawn black sun.
 80121 | Zot:4    | the demonspawn black sun blocks your +9 spectral quick
                  | blade {shortrare=g}'s attack.
 80122 | Zot:4    | the demonspawn black sun blocks your +9 spectral quick
                  | blade {shortrare=g}'s attack.
 80123 | Zot:4    | your +9 spectral quick blade {shortrare=g} hits the
                  | demonspawn black sun but does no damage.
 80124 | Zot:4    | your +9 spectral quick blade {shortrare=g} hits the
                  | demonspawn black sun.
 80134 | Zot:4    | your +9 spectral quick blade {shortrare=g} hits the green
                  | draconian monk.
 80135 | Zot:4    | your +9 spectral quick blade {shortrare=g} hits the green
                  | draconian monk!
 80135 | Zot:4    | the green draconian monk barely misses your +9 spectral
                  | quick blade {shortrare=g}.
 80135 | Zot:4    | the green draconian monk completely misses your +9 spectral
                  | quick blade {shortrare=g}.
 80135 | Zot:4    | the green draconian monk tail-slaps your +9 spectral quick
                  | blade {shortrare=g}.
 80135 | Zot:4    | the green draconian monk closely misses your +9 spectral
                  | quick blade {shortrare=g}.
 80136 | Zot:4    | your +9 spectral quick blade {shortrare=g} hits the green
                  | draconian monk.
 80136 | Zot:4    | the green draconian monk barely misses your +9 spectral
                  | quick blade {shortrare=g}.
 80136 | Zot:4    | the green draconian monk barely misses your +9 spectral
                  | quick blade {shortrare=g}.
 80136 | Zot:4    | the green draconian monk tail-slaps your +9 spectral quick
                  | blade {shortrare=g}!
 80136 | Zot:4    | the green draconian monk tail-slaps your +9 spectral quick
                  | blade {shortrare=g}!
 80137 | Zot:4    | your +9 spectral quick blade {shortrare=g} hits the green
                  | draconian monk!
 80323 | Zot:4    | You pick up a book of the Dragon and begin reading...
 80323 | Zot:4    | You add the spells Cause Fear, Dragon Form and Dragon's
                  | Call to your library.
 80485 | Zot:4    | Got the Tome of The Black Sun
 80635 | Zot:4    | your +9 spectral quick blade {shortrare=g} hits the green
                  | draconian!
 80635 | Zot:4    | the green draconian hits your +9 spectral quick blade
                  | {shortrare=g} but does no damage.
 80635 | Zot:4    | the green draconian closely misses your +9 spectral quick
                  | blade {shortrare=g}.
 80636 | Zot:4    | your +9 spectral quick blade {shortrare=g} completely
                  | misses the green draconian.
 80637 | Zot:4    | your +9 spectral quick blade {shortrare=g} hits the green
                  | draconian!
 80639 | Zot:4    | Reached skill level 15 in Fighting
 80969 | Zot:2    | your +9 spectral quick blade {shortrare=g} hits the dire
                  | elephant.
 80970 | Zot:2    | your +9 spectral quick blade {shortrare=g} hits the dire
                  | elephant.
 80971 | Zot:2    | your +9 spectral quick blade {shortrare=g} hits the dire
                  | elephant but does no damage.
 80972 | Zot:2    | your +9 spectral quick blade {shortrare=g} hits the dire
                  | elephant but does no damage.
 80973 | Zot:2    | your +9 spectral quick blade {shortrare=g} hits the dire
                  | elephant but does no damage.
 80974 | Zot:2    | your +9 spectral quick blade {shortrare=g} hits the dire
                  | elephant.
 80974 | Zot:2    | the dire elephant tramples your +9 spectral quick blade
                  | {shortrare=g} but does no damage.
 80974 | Zot:2    | the dire elephant barely misses your +9 spectral quick
                  | blade {shortrare=g}.
 81301 | Depths:3 | your +9 spectral quick blade {shortrare=g} hits the orange
                  | demon!
 81302 | Depths:3 | your +9 spectral quick blade {shortrare=g} hits the orange
                  | demon.
 81597 | Crypt:1  | Entered Level 1 of the Crypt
 81643 | Crypt:1  | Noticed a curse skull
 81646 | Crypt:1  | your +9 spectral quick blade {shortrare=g} hits the curse
                  | skull.
 81647 | Crypt:1  | your +9 spectral quick blade {shortrare=g} barely misses
                  | the flayed ghost.
 81649 | Crypt:1  | your +9 spectral quick blade {shortrare=g} hits the curse
                  | skull.
 81650 | Crypt:1  | your +9 spectral quick blade {shortrare=g} barely misses
                  | the jiangshi.
 81652 | Crypt:1  | your +9 spectral quick blade {shortrare=g} hits the curse
                  | skull but does no damage.
 81652 | Crypt:1  | the necrophage completely misses your +9 spectral quick
                  | blade {shortrare=g}.
 81653 | Crypt:1  | your +9 spectral quick blade {shortrare=g} barely misses
                  | the curse skull.
 81653 | Crypt:1  | the necrophage barely misses your +9 spectral quick blade
                  | {shortrare=g}.
 81654 | Crypt:1  | your +9 spectral quick blade {shortrare=g} hits the curse
                  | skull but does no damage.
 81655 | Crypt:1  | your +9 spectral quick blade {shortrare=g} hits the curse
                  | skull but does no damage.
 81655 | Crypt:1  | Killed a curse skull
 81656 | Crypt:1  | your +9 spectral quick blade {shortrare=g} hits the
                  | jiangshi.
 81657 | Crypt:1  | Reached XP level 27. HP: 115/186 MP: 19/29
 81658 | Crypt:1  | your +9 spectral quick blade {shortrare=g} barely misses
                  | something.
 81659 | Crypt:1  | your +9 spectral quick blade {shortrare=g} hits the
                  | necrophage!
 81660 | Crypt:1  | your +9 spectral quick blade {shortrare=g} hits something
                  | but does no damage.
 81660 | Crypt:1  | the skeletal warrior completely misses your +9 spectral
                  | quick blade {shortrare=g}.
 81661 | Crypt:1  | your +9 spectral quick blade {shortrare=g} closely misses
                  | something.
 81662 | Crypt:1  | your +9 spectral quick blade {shortrare=g} hits the
                  | skeletal warrior but does no damage.
 81662 | Crypt:1  | the skeletal warrior barely misses your +9 spectral quick
                  | blade {shortrare=g}.
 81663 | Crypt:1  | your +9 spectral quick blade {shortrare=g} hits the
                  | skeletal warrior but does no damage.
 81663 | Crypt:1  | the skeletal warrior hits your +9 spectral quick blade
                  | {shortrare=g} with a +0 battleaxe!
 81669 | Crypt:1  | your +9 spectral quick blade {shortrare=g} hits the
                  | skeletal warrior but does no damage.
 81669 | Crypt:1  | the skeletal warrior hits your +9 spectral quick blade
                  | {shortrare=g} with a +0 trident!
 81675 | Crypt:1  | Reached skill level 12 in Necromancy
 81948 | Crypt:1  | your +9 spectral quick blade {shortrare=g} hits the ogre
                  | zombie!
 81949 | Crypt:1  | your +9 spectral quick blade {shortrare=g} hits the ogre
                  | zombie!
 81988 | Crypt:1  | your +9 spectral quick blade {shortrare=g} hits the yak
                  | zombie!
 81988 | Crypt:1  | the yak zombie gores your +9 spectral quick blade
                  | {shortrare=g}.
 82014 | Crypt:1  | your +9 spectral quick blade {shortrare=g} misses the
                  | eidolon.
 82053 | Crypt:1  | your +9 spectral quick blade {shortrare=g} barely misses
                  | the jiangshi.
 82054 | Crypt:1  | your +9 spectral quick blade {shortrare=g} hits the
                  | jiangshi.
 82073 | Crypt:1  | your +9 spectral quick blade {shortrare=g} hits the
                  | jiangshi!
 82074 | Crypt:1  | your +9 spectral quick blade {shortrare=g} barely misses
                  | the jiangshi.
 82192 | Crypt:1  | Reached skill level 13 in Necromancy
 82205 | Crypt:1  | your +9 spectral quick blade {shortrare=g} hits the death
                  | yak skeleton!
 82206 | Crypt:1  | your +9 spectral quick blade {shortrare=g} hits the death
                  | yak skeleton!
 82206 | Crypt:1  | the death yak skeleton barely misses your +9 spectral quick
                  | blade {shortrare=g}.
 82252 | Crypt:1  | Identified the +0 plate armour of Good Intentions {rC+ MP+9
                  | Stlth+}
 82268 | Crypt:1  | your +9 spectral quick blade {shortrare=g} hits the
                  | eidolon.
 82269 | Crypt:1  | your +9 spectral quick blade {shortrare=g} hits the
                  | eidolon.
 82271 | Crypt:1  | your +9 spectral quick blade {shortrare=g} hits the ancient
                  | champion but does no damage.
 82272 | Crypt:1  | your +9 spectral quick blade {shortrare=g} hits the ancient
                  | champion but does no damage.
 82273 | Crypt:1  | your +9 spectral quick blade {shortrare=g} hits the ancient
                  | champion.
 82275 | Crypt:1  | your +9 spectral quick blade {shortrare=g} hits the flying
                  | skull but does no damage.
 82300 | Crypt:1  | Reached skill level 14 in Necromancy
 82340 | Crypt:1  | You pick up a book of Misfortune and begin reading...
 82340 | Crypt:1  | You add the spells Confusing Touch and Yara's Violent
                  | Unravelling to your library.
 82349 | Crypt:1  | your +9 spectral quick blade {shortrare=g} hits the
                  | phantasmal warrior.
 82350 | Crypt:1  | your +9 spectral quick blade {shortrare=g} completely
                  | misses the phantasmal warrior.
 82351 | Crypt:1  | your +9 spectral quick blade {shortrare=g} hits the
                  | phantasmal warrior!
 82360 | Crypt:1  | your +9 spectral quick blade {shortrare=g} hits the flying
                  | skull!
 82479 | Crypt:1  | Identified the +10 long sword of Emutemod {vamp, Str+3
                  | Dex+8 Stlth-}
 82499 | Crypt:1  | your +9 spectral quick blade {shortrare=g} hits the bunyip
                  | simulacrum!
 82503 | Crypt:1  | your +9 spectral quick blade {shortrare=g} completely
                  | misses the black mamba skeleton.
 82506 | Crypt:1  | your +9 spectral quick blade {shortrare=g} hits the
                  | necromancer.
 82506 | Crypt:1  | the rat zombie bites your +9 spectral quick blade
                  | {shortrare=g} but does no damage.
 82507 | Crypt:1  | your +9 spectral quick blade {shortrare=g} hits the
                  | necromancer!
 82507 | Crypt:1  | the emperor scorpion zombie hits your +9 spectral quick
                  | blade {shortrare=g}!
 82507 | Crypt:1  | the emperor scorpion zombie misses your +9 spectral quick
                  | blade {shortrare=g}.
 82507 | Crypt:1  | the emperor scorpion zombie closely misses your +9 spectral
                  | quick blade {shortrare=g}.
 82507 | Crypt:1  | the naga warrior skeleton hits your +9 spectral quick blade
                  | {shortrare=g}!!
 82510 | Crypt:1  | your +9 spectral quick blade {shortrare=g} hits the emperor
                  | scorpion zombie!
 82511 | Crypt:1  | your +9 spectral quick blade {shortrare=g} hits the emperor
                  | scorpion zombie.
 82512 | Crypt:1  | your +9 spectral quick blade {shortrare=g} hits the emperor
                  | scorpion zombie but does no damage.
 82513 | Crypt:1  | your +9 spectral quick blade {shortrare=g} hits the emperor
                  | scorpion zombie.
 82514 | Crypt:1  | your +9 spectral quick blade {shortrare=g} hits the emperor
                  | scorpion zombie.
 82515 | Crypt:1  | your +9 spectral quick blade {shortrare=g} barely misses
                  | the emperor scorpion zombie.
 82517 | Crypt:1  | your +9 spectral quick blade {shortrare=g} hits the naga
                  | warrior skeleton!
 82517 | Crypt:1  | the fire dragon skeleton bites your +9 spectral quick blade
                  | {shortrare=g}!
 82517 | Crypt:1  | the fire dragon skeleton claws your +9 spectral quick blade
                  | {shortrare=g} but does no damage.
 82517 | Crypt:1  | the fire dragon skeleton tramples your +9 spectral quick
                  | blade {shortrare=g}.
 82517 | Crypt:1  | your +9 spectral quick blade {shortrare=g} holds its
                  | ground!
 82520 | Crypt:1  | your +9 spectral quick blade {shortrare=g} hits the fire
                  | dragon skeleton!
 82525 | Crypt:1  | You pick up a book of the Spheres and begin reading...
 82587 | Crypt:1  | Noticed a curse skull
 82592 | Crypt:1  | Killed a curse skull
 82761 | Crypt:1  | your +9 spectral quick blade {shortrare=g} hits the purple
                  | draconian zombie.
 82762 | Crypt:1  | your +9 spectral quick blade {shortrare=g} hits the purple
                  | draconian zombie!
 82763 | Crypt:1  | your +9 spectral quick blade {shortrare=g} hits the purple
                  | draconian zombie!
 82923 | Crypt:2  | your +9 spectral quick blade {shortrare=g} hits the
                  | jiangshi.
 82923 | Crypt:2  | the jiangshi closely misses your +9 spectral quick blade
                  | {shortrare=g}.
 82923 | Crypt:2  | the jiangshi claws your +9 spectral quick blade
                  | {shortrare=g}!
 82923 | Crypt:2  | something misses your +9 spectral quick blade
                  | {shortrare=g}.
 82923 | Crypt:2  | something misses your +9 spectral quick blade
                  | {shortrare=g}.
 82924 | Crypt:2  | your +9 spectral quick blade {shortrare=g} hits the
                  | jiangshi!
 82924 | Crypt:2  | the jiangshi claws your +9 spectral quick blade
                  | {shortrare=g}!!
 82925 | Crypt:2  | your +9 spectral quick blade {shortrare=g} hits the
                  | jiangshi!
 82926 | Crypt:2  | your +9 spectral quick blade {shortrare=g} hits the
                  | jiangshi!
 82927 | Crypt:2  | Reached skill level 15 in Necromancy
 82928 | Crypt:2  | your +9 spectral quick blade {shortrare=g} barely misses
                  | something.
 82929 | Crypt:2  | your +9 spectral quick blade {shortrare=g} hits something.
 82970 | Crypt:2  | your +9 spectral quick blade {shortrare=g} hits the ancient
                  | champion but does no damage.
 82971 | Crypt:2  | your +9 spectral quick blade {shortrare=g} hits the ancient
                  | champion.
 82972 | Crypt:2  | your +9 spectral quick blade {shortrare=g} hits the ancient
                  | champion but does no damage.
 82973 | Crypt:2  | your +9 spectral quick blade {shortrare=g} hits the ancient
                  | champion but does no damage.
 83020 | Crypt:2  | your +9 spectral quick blade {shortrare=g} hits the flayed
                  | ghost!
 83021 | Crypt:2  | your +9 spectral quick blade {shortrare=g} hits the flayed
                  | ghost!
 83023 | Crypt:2  | your +9 spectral quick blade {shortrare=g} hits the
                  | freezing wraith but does no damage.
 83024 | Crypt:2  | your +9 spectral quick blade {shortrare=g} closely misses
                  | the freezing wraith.
 83025 | Crypt:2  | your +9 spectral quick blade {shortrare=g} closely misses
                  | the freezing wraith.
 83027 | Crypt:2  | your +9 spectral quick blade {shortrare=g} hits the boulder
                  | beetle zombie but does no damage.
 83028 | Crypt:2  | your +9 spectral quick blade {shortrare=g} hits the boulder
                  | beetle zombie.
 83029 | Crypt:2  | your +9 spectral quick blade {shortrare=g} hits the boulder
                  | beetle zombie but does no damage.
 83030 | Crypt:2  | your +9 spectral quick blade {shortrare=g} completely
                  | misses the boulder beetle zombie.
 83081 | Crypt:2  | your +9 spectral quick blade {shortrare=g} hits the flayed
                  | ghost!
 83103 | Crypt:2  | Noticed Donald
 83110 | Crypt:2  | Killed Donald
 83139 | Crypt:2  | your +9 spectral quick blade {shortrare=g} hits the bog
                  | body.
 83142 | Crypt:2  | your +9 spectral quick blade {shortrare=g} barely misses
                  | the ghoul.
 83143 | Crypt:2  | your +9 spectral quick blade {shortrare=g} hits the ghoul!
 83145 | Crypt:2  | your +9 spectral quick blade {shortrare=g} hits the ghoul!
 83146 | Crypt:2  | your +9 spectral quick blade {shortrare=g} hits the ghoul!
 83176 | Crypt:2  | You pick up a book of Debilitation and begin reading...
 83285 | Crypt:2  | your +9 spectral quick blade {shortrare=g} hits the
                  | two-headed ogre zombie!
 83286 | Crypt:2  | your +9 spectral quick blade {shortrare=g} hits the
                  | two-headed ogre zombie!
 83287 | Crypt:2  | your +9 spectral quick blade {shortrare=g} hits the
                  | two-headed ogre zombie.
 83289 | Crypt:2  | your +9 spectral quick blade {shortrare=g} hits something.
 83313 | Crypt:2  | your +9 spectral quick blade {shortrare=g} hits the
                  | skeletal warrior but does no damage.
 83314 | Crypt:2  | your +9 spectral quick blade {shortrare=g} hits the
                  | skeletal warrior but does no damage.
 83318 | Crypt:2  | your +9 spectral quick blade {shortrare=g} hits the black
                  | draconian skeleton!
 83319 | Crypt:2  | your +9 spectral quick blade {shortrare=g} hits the black
                  | draconian skeleton!
 83320 | Crypt:2  | your +9 spectral quick blade {shortrare=g} hits the black
                  | draconian skeleton!
 83321 | Crypt:2  | Reached skill level 16 in Necromancy
 83323 | Crypt:2  | your +9 spectral quick blade {shortrare=g} hits the
                  | skeletal warrior!
 83324 | Crypt:2  | your +9 spectral quick blade {shortrare=g} hits the
                  | skeletal warrior but does no damage.
 83324 | Crypt:2  | the skeletal warrior closely misses your +9 spectral quick
                  | blade {shortrare=g}.
 83325 | Crypt:2  | your +9 spectral quick blade {shortrare=g} hits the
                  | skeletal warrior!
 83348 | Crypt:2  | your +9 spectral quick blade {shortrare=g} hits the ghoul!
 83349 | Crypt:2  | your +9 spectral quick blade {shortrare=g} hits the ghoul.
 83350 | Crypt:2  | your +9 spectral quick blade {shortrare=g} hits the ghoul!
 83350 | Crypt:2  | the ghoul misses your +9 spectral quick blade
                  | {shortrare=g}.
 83350 | Crypt:2  | the ghoul misses your +9 spectral quick blade
                  | {shortrare=g}.
 83353 | Crypt:2  | your +9 spectral quick blade {shortrare=g} hits the ghoul!
 83354 | Crypt:2  | your +9 spectral quick blade {shortrare=g} hits the ghoul.
 83354 | Crypt:2  | the ghoul claws your +9 spectral quick blade {shortrare=g}!
 83354 | Crypt:2  | the ghoul misses your +9 spectral quick blade
                  | {shortrare=g}.
 83472 | Crypt:2  | your +9 spectral quick blade {shortrare=g} hits the ogre
                  | skeleton!
 83614 | Crypt:2  | your +9 spectral quick blade {shortrare=g} hits the goliath
                  | frog zombie!
 83615 | Crypt:2  | your +9 spectral quick blade {shortrare=g} hits the goliath
                  | frog zombie!
 83651 | Crypt:2  | your +9 spectral quick blade {shortrare=g} hits the iron
                  | dragon zombie but does no damage.
 83652 | Crypt:2  | your +9 spectral quick blade {shortrare=g} hits the iron
                  | dragon zombie.
 83653 | Crypt:2  | your +9 spectral quick blade {shortrare=g} hits the iron
                  | dragon zombie.
 83654 | Crypt:2  | your +9 spectral quick blade {shortrare=g} hits the iron
                  | dragon zombie.
 83702 | Crypt:2  | your +9 spectral quick blade {shortrare=g} hits the shadow
                  | dragon zombie!
 83703 | Crypt:2  | your +9 spectral quick blade {shortrare=g} hits the shadow
                  | dragon zombie.
 83704 | Crypt:2  | your +9 spectral quick blade {shortrare=g} hits the shadow
                  | dragon zombie but does no damage.
 83705 | Crypt:2  | your +9 spectral quick blade {shortrare=g} hits the shadow
                  | dragon zombie.
 83706 | Crypt:2  | your +9 spectral quick blade {shortrare=g} hits the shadow
                  | dragon zombie!
 83752 | Crypt:2  | your +9 spectral quick blade {shortrare=g} hits the deep
                  | elf death mage!
 83819 | Crypt:3  | Entered Level 3 of the Crypt
 83822 | Crypt:3  | your +9 spectral quick blade {shortrare=g} hits the ghoul!
 83823 | Crypt:3  | your +9 spectral quick blade {shortrare=g} hits the ghoul!
 83824 | Crypt:3  | your +9 spectral quick blade {shortrare=g} hits the ghoul!
 83826 | Crypt:3  | your +9 spectral quick blade {shortrare=g} hits the
                  | necrophage!
 83828 | Crypt:3  | your +9 spectral quick blade {shortrare=g} hits the
                  | two-headed ogre zombie!
 83828 | Crypt:3  | the two-headed ogre zombie misses your +9 spectral quick
                  | blade {shortrare=g}.
 83828 | Crypt:3  | the two-headed ogre zombie misses your +9 spectral quick
                  | blade {shortrare=g}.
 83831 | Crypt:3  | your +9 spectral quick blade {shortrare=g} hits the ghoul.
 83831 | Crypt:3  | the ghoul closely misses your +9 spectral quick blade
                  | {shortrare=g}.
 83831 | Crypt:3  | the ghoul claws your +9 spectral quick blade {shortrare=g}!
 83832 | Crypt:3  | your +9 spectral quick blade {shortrare=g} hits the ghoul!
 83832 | Crypt:3  | the ghoul claws your +9 spectral quick blade {shortrare=g}.
 83832 | Crypt:3  | the ghoul claws your +9 spectral quick blade {shortrare=g}!
 83833 | Crypt:3  | your +9 spectral quick blade {shortrare=g} hits the ghoul!
 83836 | Crypt:3  | your +9 spectral quick blade {shortrare=g} hits the ghoul.
 83837 | Crypt:3  | your +9 spectral quick blade {shortrare=g} hits the ghoul.
 83840 | Crypt:3  | your +9 spectral quick blade {shortrare=g} hits the white
                  | draconian zombie!
 83841 | Crypt:3  | your +9 spectral quick blade {shortrare=g} hits the white
                  | draconian zombie!
 83845 | Crypt:3  | your +9 spectral quick blade {shortrare=g} barely misses
                  | the ghoul.
 83845 | Crypt:3  | The bolt of cold hits your +9 spectral quick blade
                  | {shortrare=g}!
 83845 | Crypt:3  | your +9 spectral quick blade {shortrare=g} resists.
 83846 | Crypt:3  | your +9 spectral quick blade {shortrare=g} hits the bog
                  | body.
 83847 | Crypt:3  | your +9 spectral quick blade {shortrare=g} hits the bog
                  | body!
 83848 | Crypt:3  | your +9 spectral quick blade {shortrare=g} hits the ghoul.
 83848 | Crypt:3  | the ghoul claws your +9 spectral quick blade {shortrare=g}!
 83848 | Crypt:3  | the ghoul barely misses your +9 spectral quick blade
                  | {shortrare=g}.
 83849 | Crypt:3  | your +9 spectral quick blade {shortrare=g} hits the bog
                  | body.
 83849 | Crypt:3  | the ghoul claws your +9 spectral quick blade {shortrare=g}
                  | but does no damage.
 83849 | Crypt:3  | the ghoul claws your +9 spectral quick blade {shortrare=g}!
 83850 | Crypt:3  | your +9 spectral quick blade {shortrare=g} hits the ghoul!
 83916 | Crypt:3  | your +9 spectral quick blade {shortrare=g} hits the
                  | spectral fire dragon but does no damage.
 83917 | Crypt:3  | your +9 spectral quick blade {shortrare=g} hits the
                  | spectral fire dragon.
 83917 | Crypt:3  | the spectral fire dragon bites your +9 spectral quick blade
                  | {shortrare=g}.
 83917 | Crypt:3  | the spectral fire dragon claws your +9 spectral quick blade
                  | {shortrare=g} but does no damage.
 83917 | Crypt:3  | the spectral fire dragon tramples your +9 spectral quick
                  | blade {shortrare=g} but does no damage.
 83925 | Crypt:3  | your +9 spectral quick blade {shortrare=g} hits the
                  | freezing wraith.
 83928 | Crypt:3  | your +9 spectral quick blade {shortrare=g} hits the
                  | spectral shadow dragon!
 83929 | Crypt:3  | your +9 spectral quick blade {shortrare=g} hits the
                  | spectral shadow dragon!
 83929 | Crypt:3  | the spectral shadow dragon bites your +9 spectral quick
                  | blade {shortrare=g}!
 83929 | Crypt:3  | the spectral shadow dragon closely misses your +9 spectral
                  | quick blade {shortrare=g}.
 83929 | Crypt:3  | the spectral shadow dragon claws your +9 spectral quick
                  | blade {shortrare=g}.
 83949 | Crypt:3  | your +9 spectral quick blade {shortrare=g} hits the
                  | jiangshi!
 83950 | Crypt:3  | your +9 spectral quick blade {shortrare=g} completely
                  | misses the jiangshi.
 83953 | Crypt:3  | your +9 spectral quick blade {shortrare=g} hits the
                  | jiangshi!
 83954 | Crypt:3  | your +9 spectral quick blade {shortrare=g} hits the
                  | jiangshi!
 83955 | Crypt:3  | your +9 spectral quick blade {shortrare=g} hits the
                  | jiangshi.
 83957 | Crypt:3  | Reached skill level 18 in Shields
 83987 | Crypt:3  | your +9 spectral quick blade {shortrare=g} hits the cane
                  | toad skeleton!
 84028 | Crypt:3  | You pick up a book of Fire and begin reading...
 84038 | Crypt:3  | your +9 spectral quick blade {shortrare=g} hits the flayed
                  | ghost!
 84041 | Crypt:3  | your +9 spectral quick blade {shortrare=g} hits the orb
                  | spider zombie!
 84044 | Crypt:3  | your +9 spectral quick blade {shortrare=g} barely misses
                  | the wraith.
 84049 | Crypt:3  | your +9 spectral quick blade {shortrare=g} hits something!
 84049 | Crypt:3  | something hits your +9 spectral quick blade {shortrare=g}.
 84049 | Crypt:3  | something closely misses your +9 spectral quick blade
                  | {shortrare=g}.
 84170 | Crypt:3  | your +9 spectral quick blade {shortrare=g} hits the moth of
                  | wrath zombie!
 84171 | Crypt:3  | your +9 spectral quick blade {shortrare=g} hits the moth of
                  | wrath zombie!
 84208 | Crypt:3  | your +9 spectral quick blade {shortrare=g} hits the vampire
                  | knight but does no damage.
 84209 | Crypt:3  | your +9 spectral quick blade {shortrare=g} hits the vampire
                  | knight but does no damage.
 84210 | Crypt:3  | your +9 spectral quick blade {shortrare=g} hits the vampire
                  | knight.
 84210 | Crypt:3  | the vampire knight misses your +9 spectral quick blade
                  | {shortrare=g}.
 84211 | Crypt:3  | your +9 spectral quick blade {shortrare=g} hits the vampire
                  | knight!
 84211 | Crypt:3  | the vampire knight barely misses your +9 spectral quick
                  | blade {shortrare=g}.
 84315 | Crypt:3  | your +9 spectral quick blade {shortrare=g} hits the
                  | freezing wraith but does no damage.
 84316 | Crypt:3  | your +9 spectral quick blade {shortrare=g} closely misses
                  | the freezing wraith.
 84317 | Crypt:3  | your +9 spectral quick blade {shortrare=g} hits the
                  | freezing wraith.
 84318 | Crypt:3  | your +9 spectral quick blade {shortrare=g} hits the
                  | freezing wraith!
 84319 | Crypt:3  | your +9 spectral quick blade {shortrare=g} hits the
                  | freezing wraith.
 84320 | Crypt:3  | your +9 spectral quick blade {shortrare=g} barely misses
                  | the freezing wraith.
 84321 | Crypt:3  | your +9 spectral quick blade {shortrare=g} hits the
                  | freezing wraith.
 84321 | Crypt:3  | the freezing wraith closely misses your +9 spectral quick
                  | blade {shortrare=g}.
 84321 | Crypt:3  | the freezing wraith closely misses your +9 spectral quick
                  | blade {shortrare=g}.
 84323 | Crypt:3  | your +9 spectral quick blade {shortrare=g} hits the
                  | freezing wraith.
 84324 | Crypt:3  | your +9 spectral quick blade {shortrare=g} hits the
                  | freezing wraith but does no damage.
 84326 | Crypt:3  | your +9 spectral quick blade {shortrare=g} hits the
                  | spectral harpy.
 84327 | Crypt:3  | your +9 spectral quick blade {shortrare=g} hits the
                  | spectral harpy!
 84355 | Crypt:3  | your +9 spectral quick blade {shortrare=g} hits the
                  | freezing wraith!
 84355 | Crypt:3  | the freezing wraith closely misses your +9 spectral quick
                  | blade {shortrare=g}.
 84355 | Crypt:3  | the freezing wraith misses your +9 spectral quick blade
                  | {shortrare=g}.
 84358 | Crypt:3  | your +9 spectral quick blade {shortrare=g} closely misses
                  | the spectral caustic shrike.
 84358 | Crypt:3  | something hits your +9 spectral quick blade {shortrare=g}!
 84358 | Crypt:3  | something drains your +9 spectral quick blade
                  | {shortrare=g}'s vigour!
 84358 | Crypt:3  | your +9 spectral quick blade {shortrare=g} seems to slow
                  | down.
 84359 | Crypt:3  | your +9 spectral quick blade {shortrare=g} hits the
                  | spectral caustic shrike.
 84360 | Crypt:3  | your +9 spectral quick blade {shortrare=g} hits the
                  | spectral caustic shrike but does no damage.
 84361 | Crypt:3  | your +9 spectral quick blade {shortrare=g} hits the
                  | spectral caustic shrike.
 84361 | Crypt:3  | the spectral caustic shrike claws your +9 spectral quick
                  | blade {shortrare=g} but does no damage.
 84361 | Crypt:3  | something hits your +9 spectral quick blade {shortrare=g}!
 84363 | Crypt:3  | your +9 spectral quick blade {shortrare=g} hits the
                  | spectral quicksilver dragon!
 84364 | Crypt:3  | your +9 spectral quick blade {shortrare=g} closely misses
                  | the spectral quicksilver dragon.
 84364 | Crypt:3  | the freezing wraith misses your +9 spectral quick blade
                  | {shortrare=g}.
 84364 | Crypt:3  | the freezing wraith hits your +9 spectral quick blade
                  | {shortrare=g}!
 84369 | Crypt:3  | your +9 spectral quick blade {shortrare=g} hits the
                  | spectral quicksilver dragon!
 84369 | Crypt:3  | the spectral quicksilver dragon bites your +9 spectral
                  | quick blade {shortrare=g}.
 84369 | Crypt:3  | the spectral quicksilver dragon claws your +9 spectral
                  | quick blade {shortrare=g} but does no damage.
 84369 | Crypt:3  | the shadow strikes at your +9 spectral quick blade
                  | {shortrare=g} from the darkness!
 84373 | Crypt:3  | your +9 spectral quick blade {shortrare=g} hits the shadow!
 84374 | Crypt:3  | your +9 spectral quick blade {shortrare=g} hits the
                  | freezing wraith!
 84375 | Crypt:3  | your +9 spectral quick blade {shortrare=g} hits something!
 84380 | Crypt:3  | your +9 spectral quick blade {shortrare=g} hits the
                  | freezing wraith!
 84381 | Crypt:3  | your +9 spectral quick blade {shortrare=g} hits the
                  | freezing wraith.
 84435 | Crypt:3  | your +9 spectral quick blade {shortrare=g} barely misses
                  | the flayed ghost.
 84436 | Crypt:3  | your +9 spectral quick blade {shortrare=g} hits the
                  | phantasmal warrior but does no damage.
 84438 | Crypt:3  | your +9 spectral quick blade {shortrare=g} barely misses
                  | the flayed ghost.
 84439 | Crypt:3  | your +9 spectral quick blade {shortrare=g} hits the flayed
                  | ghost!!
 84479 | Crypt:3  | your +9 spectral quick blade {shortrare=g} hits the eidolon
                  | but does no damage.
 84480 | Crypt:3  | your +9 spectral quick blade {shortrare=g} closely misses
                  | the eidolon.
 84570 | Crypt:3  | your +9 spectral quick blade {shortrare=g} hits the
                  | spectral storm dragon but does no damage.
 84571 | Crypt:3  | your +9 spectral quick blade {shortrare=g} hits the
                  | spectral storm dragon but does no damage.
 84572 | Crypt:3  | your +9 spectral quick blade {shortrare=g} hits the
                  | spectral storm dragon but does no damage.
 84573 | Crypt:3  | your +9 spectral quick blade {shortrare=g} hits the
                  | spectral storm dragon!
 84573 | Crypt:3  | the spectral storm dragon bites your +9 spectral quick
                  | blade {shortrare=g}!
 84573 | Crypt:3  | the spectral storm dragon misses your +9 spectral quick
                  | blade {shortrare=g}.
 84573 | Crypt:3  | the spectral storm dragon tramples your +9 spectral quick
                  | blade {shortrare=g} but does no damage.
 84576 | Crypt:3  | your +9 spectral quick blade {shortrare=g} barely misses
                  | something.
 84635 | Crypt:3  | your +9 spectral quick blade {shortrare=g} hits the
                  | spectral naga warrior!
 84636 | Crypt:3  | your +9 spectral quick blade {shortrare=g} hits the
                  | spectral naga warrior!
 84636 | Crypt:3  | the spectral naga warrior hits your +9 spectral quick blade
                  | {shortrare=g}.
 84645 | Crypt:3  | your +9 spectral quick blade {shortrare=g} hits the flayed
                  | ghost!
 84647 | Crypt:3  | your +9 spectral quick blade {shortrare=g} hits the flayed
                  | ghost!
 84648 | Crypt:3  | your +9 spectral quick blade {shortrare=g} misses the
                  | flayed ghost.
 84649 | Crypt:3  | your +9 spectral quick blade {shortrare=g} hits the flayed
                  | ghost!
 84649 | Crypt:3  | the flayed ghost hits your +9 spectral quick blade
                  | {shortrare=g}!
 84684 | Crypt:3  | your +9 spectral quick blade {shortrare=g} hits something!
 84685 | Crypt:3  | your +9 spectral quick blade {shortrare=g} hits something
                  | but does no damage.
 84837 | Crypt:3  | your +9 spectral quick blade {shortrare=g} hits something!
 84841 | Crypt:3  | your +9 spectral quick blade {shortrare=g} hits something!
 84921 | Crypt:3  | your +9 spectral quick blade {shortrare=g} hits the
                  | spectral harpy!
 84930 | Crypt:3  | your +9 spectral quick blade {shortrare=g} hits the
                  | spectral anaconda.
 84931 | Crypt:3  | your +9 spectral quick blade {shortrare=g} hits the
                  | spectral anaconda!
 84954 | Crypt:3  | You pick up a book of Pain and begin reading...
 84988 | Crypt:3  | your +9 spectral quick blade {shortrare=g} hits the
                  | spectral ettin!
 84989 | Crypt:3  | your +9 spectral quick blade {shortrare=g} hits the
                  | spectral ettin!
 84990 | Crypt:3  | your +9 spectral quick blade {shortrare=g} hits the
                  | spectral ettin.
 84993 | Crypt:3  | your +9 spectral quick blade {shortrare=g} hits the
                  | freezing wraith.
 84994 | Crypt:3  | your +9 spectral quick blade {shortrare=g} barely misses
                  | the freezing wraith.
 84995 | Crypt:3  | your +9 spectral quick blade {shortrare=g} hits the
                  | freezing wraith.
 84997 | Crypt:3  | your +9 spectral quick blade {shortrare=g} hits the
                  | freezing wraith.
 84999 | Crypt:3  | your +9 spectral quick blade {shortrare=g} hits the
                  | spectral bunyip!
 85000 | Crypt:3  | your +9 spectral quick blade {shortrare=g} hits the
                  | spectral bunyip!
 85002 | Crypt:3  | your +9 spectral quick blade {shortrare=g} hits the
                  | freezing wraith but does no damage.
 85017 | Crypt:3  | your +9 spectral quick blade {shortrare=g} hits the naga
                  | skeleton!
 85045 | Crypt:3  | your +9 spectral quick blade {shortrare=g} hits something
                  | but does no damage.
 85048 | Crypt:3  | your +9 spectral quick blade {shortrare=g} hits the soul
                  | eater but does no damage.
 85049 | Crypt:3  | your +9 spectral quick blade {shortrare=g} hits the soul
                  | eater!
 85049 | Crypt:3  | the soul eater hits your +9 spectral quick blade
                  | {shortrare=g} but does no damage.
 85051 | Crypt:3  | your +9 spectral quick blade {shortrare=g} hits the
                  | phantasmal warrior!
 85052 | Crypt:3  | your +9 spectral quick blade {shortrare=g} barely misses
                  | the phantasmal warrior.
 85054 | Crypt:3  | Reached skill level 19 in Shields
 85054 | Crypt:3  | your +9 spectral quick blade {shortrare=g} hits the stone
                  | giant zombie but does no damage.
 85055 | Crypt:3  | your +9 spectral quick blade {shortrare=g} hits the stone
                  | giant zombie.
 85056 | Crypt:3  | your +9 spectral quick blade {shortrare=g} hits the stone
                  | giant zombie!
 85056 | Crypt:3  | The bolt of negative energy hits your +9 spectral quick
                  | blade {shortrare=g}.
 85056 | Crypt:3  | your +9 spectral quick blade {shortrare=g} completely
                  | resists.
 85059 | Crypt:3  | your +9 spectral quick blade {shortrare=g} hits the vampire
                  | knight but does no damage.
 85060 | Crypt:3  | the ghoul claws your +9 spectral quick blade
                  | {shortrare=g}!!
 85064 | Crypt:3  | your +9 spectral quick blade {shortrare=g} hits the
                  | phantasmal warrior!
 85065 | Crypt:3  | your +9 spectral quick blade {shortrare=g} barely misses
                  | the phantasmal warrior.
 85066 | Crypt:3  | your +9 spectral quick blade {shortrare=g} hits the
                  | phantasmal warrior but does no damage.
 85068 | Crypt:3  | your +9 spectral quick blade {shortrare=g} hits the ghoul!
 85069 | Crypt:3  | your +9 spectral quick blade {shortrare=g} barely misses
                  | the ghoul.
 85070 | Crypt:3  | your +9 spectral quick blade {shortrare=g} hits the ghoul.
 85071 | Crypt:3  | your +9 spectral quick blade {shortrare=g} hits the ghoul
                  | but does no damage.
 85071 | Crypt:3  | the phantasmal warrior misses your +9 spectral quick blade
                  | {shortrare=g}.
 85073 | Crypt:3  | your +9 spectral quick blade {shortrare=g} completely
                  | misses the flayed ghost.
 85074 | Crypt:3  | your +9 spectral quick blade {shortrare=g} misses the
                  | flayed ghost.
 85074 | Crypt:3  | the phantasmal warrior barely misses your +9 spectral quick
                  | blade {shortrare=g}.
 85074 | Crypt:3  | the bog body completely misses your +9 spectral quick blade
                  | {shortrare=g}.
 85075 | Crypt:3  | your +9 spectral quick blade {shortrare=g} hits the flayed
                  | ghost!
 85076 | Crypt:3  | your +9 spectral quick blade {shortrare=g} hits the
                  | phantasmal warrior but does no damage.
 85076 | Crypt:3  | the bog body touches your +9 spectral quick blade
                  | {shortrare=g}.
 85076 | Crypt:3  | the bog body freezes your +9 spectral quick blade
                  | {shortrare=g}!
 85076 | Crypt:3  | your +9 spectral quick blade {shortrare=g} resists.
 85077 | Crypt:3  | your +9 spectral quick blade {shortrare=g} hits the
                  | eidolon.
 85077 | Crypt:3  | the bog body casts a spell at your +9 spectral quick blade
                  | {shortrare=g}.
 85077 | Crypt:3  | The bolt of cold hits your +9 spectral quick blade
                  | {shortrare=g}!
 85077 | Crypt:3  | your +9 spectral quick blade {shortrare=g} resists.
 85079 | Crypt:3  | your +9 spectral quick blade {shortrare=g} hits the
                  | phantasmal warrior but does no damage.
 85079 | Crypt:3  | the bog body touches your +9 spectral quick blade
                  | {shortrare=g}.
 85079 | Crypt:3  | the bog body freezes your +9 spectral quick blade
                  | {shortrare=g}!
 85079 | Crypt:3  | your +9 spectral quick blade {shortrare=g} resists.
 85081 | Crypt:3  | your +9 spectral quick blade {shortrare=g} misses the
                  | phantasmal warrior.
 85082 | Crypt:3  | your +9 spectral quick blade {shortrare=g} hits the
                  | phantasmal warrior!
 85084 | Crypt:3  | your +9 spectral quick blade {shortrare=g} hits the flayed
                  | ghost!
 85085 | Crypt:3  | your +9 spectral quick blade {shortrare=g} hits the flayed
                  | ghost!
 85086 | Crypt:3  | your +9 spectral quick blade {shortrare=g} hits the flayed
                  | ghost!
 85086 | Crypt:3  | the eidolon hits your +9 spectral quick blade {shortrare=g}
                  | but does no damage.
 85086 | Crypt:3  | the eidolon hits your +9 spectral quick blade
                  | {shortrare=g}!
 85088 | Crypt:3  | your +9 spectral quick blade {shortrare=g} closely misses
                  | the eidolon.
 85088 | Crypt:3  | the phantasmal warrior hits your +9 spectral quick blade
                  | {shortrare=g}!!
 85090 | Crypt:3  | your +9 spectral quick blade {shortrare=g} misses the
                  | phantasmal warrior.
 85091 | Crypt:3  | your +9 spectral quick blade {shortrare=g} hits the
                  | phantasmal warrior!
 85092 | Crypt:3  | your +9 spectral quick blade {shortrare=g} hits the
                  | phantasmal warrior.
 85092 | Crypt:3  | The bolt of negative energy hits your +9 spectral quick
                  | blade {shortrare=g}.
 85092 | Crypt:3  | your +9 spectral quick blade {shortrare=g} completely
                  | resists.
 85093 | Crypt:3  | your +9 spectral quick blade {shortrare=g} hits the
                  | phantasmal warrior.
 85093 | Crypt:3  | the stone giant zombie hits your +9 spectral quick blade
                  | {shortrare=g}!!
 85095 | Crypt:3  | your +9 spectral quick blade {shortrare=g} hits the ghoul.
 85095 | Crypt:3  | the stone giant zombie hits your +9 spectral quick blade
                  | {shortrare=g}!!
 85096 | Crypt:3  | your +9 spectral quick blade {shortrare=g} hits the ghoul!
 85096 | Crypt:3  | the stone giant zombie barely misses your +9 spectral quick
                  | blade {shortrare=g}.
 85097 | Crypt:3  | your +9 spectral quick blade {shortrare=g} hits the ghoul.
 85097 | Crypt:3  | the stone giant zombie hits your +9 spectral quick blade
                  | {shortrare=g}!!
 85098 | Crypt:3  | your +9 spectral quick blade {shortrare=g} hits the ghoul.
 85098 | Crypt:3  | Paralysed by something for 4 turns
 85102 | Crypt:3  | HP: 59/241 [ghoul (17)]
 85104 | Crypt:3  | HP: 18/186 [something (29)]
 85109 | Crypt:3  | your +9 spectral quick blade {shortrare=g} hits the stone
                  | giant zombie.
 85111 | Crypt:3  | your +9 spectral quick blade {shortrare=g} hits the
                  | eidolon!
 85112 | Crypt:3  | Paralysed by something for 3 turns
 85113 | Crypt:3  | HP: 57/241 [ghoul (2)]
 85116 | Crypt:3  | your +9 spectral quick blade {shortrare=g} hits something
                  | but does no damage.
 85116 | Crypt:3  | something hits your +9 spectral quick blade {shortrare=g}!!
 85117 | Crypt:3  | your +9 spectral quick blade {shortrare=g} hits something
                  | but does no damage.
 85118 | Crypt:3  | your +9 spectral quick blade {shortrare=g} hits something!
 85120 | Crypt:3  | your +9 spectral quick blade {shortrare=g} hits the ghoul!
 85121 | Crypt:3  | your +9 spectral quick blade {shortrare=g} hits the ghoul!
 85122 | Crypt:3  | your +9 spectral quick blade {shortrare=g} hits the ghoul!
 85122 | Crypt:3  | the ghoul completely misses your +9 spectral quick blade
                  | {shortrare=g}.
 85122 | Crypt:3  | the ghoul claws your +9 spectral quick blade {shortrare=g}!
 85122 | Crypt:3  | HP: 32/241 [ghoul (5)]
 85581 | Crypt:3  | Identified the +6 mace of Salt {speed, Int+5}
 85731 | Crypt:3  | Identified the +1 ring mail of the Gloaming {Harm rElec}
 85857 | Crypt:3  | your +9 spectral quick blade {shortrare=g} hits the
                  | phantasmal warrior!
 85882 | Crypt:3  | your +9 spectral quick blade {shortrare=g} hits the eidolon
                  | but does no damage.
 85942 | Crypt:3  | your +9 spectral quick blade {shortrare=g} hits the
                  | freezing wraith but does no damage.
 85996 | Crypt:3  | your +9 spectral quick blade {shortrare=g} hits the
                  | guardian mummy!
 85996 | Crypt:3  | the guardian mummy hits your +9 spectral quick blade
                  | {shortrare=g}.
 86090 | Crypt:3  | your +9 spectral quick blade {shortrare=g} hits the
                  | guardian mummy.
 86091 | Crypt:3  | your +9 spectral quick blade {shortrare=g} hits the
                  | guardian mummy!
 86091 | Crypt:3  | the guardian mummy misses your +9 spectral quick blade
                  | {shortrare=g}.
 86545 | Crypt:3  | your +9 spectral quick blade {shortrare=g} hits the mummy.
 86545 | Crypt:3  | the mummy hits your +9 spectral quick blade {shortrare=g}!
 86599 | Crypt:3  | Found a staircase to the Tomb.
 86677 | Crypt:3  | your +9 spectral quick blade {shortrare=g} hits the
                  | eidolon!
 86678 | Crypt:3  | your +9 spectral quick blade {shortrare=g} closely misses
                  | the eidolon.
 87275 | Zot:4    | Acquired the Reference Book on Earthen Conjuration
 87276 | Zot:4    | You add the spells Lehudib's Crystal Spear and Shatter to
                  | your library.
 87280 | Zot:4    | Learned a level 2 spell: Sublimation of Blood
 87281 | Zot:4    | magus.rc [v1.9.6]
 87281 | Zot:4    | magus.rc [v1.9.6]
 87281 | Zot:4    | magus.rc [v1.9.6]
 87281 | Zot:4    | magus.rc [v1.9.6]
 87874 | Vaults:5 | a +0 rapier {short}; +0 storm dragon scales {rare}
 87888 | Vaults:5 | Lost mutation: You tend to lose your temper in combat.
                  | [potion of mutation]
 87888 | Vaults:5 | Lost mutation: Your system is resistant to poisons. (rPois)
                  | [potion of mutation]
 87888 | Vaults:5 | Lost mutation: You do not regenerate when monsters are
                  | visible. [potion of mutation]
 87888 | Vaults:5 | Gained mutation: You tend to lose your temper in combat.
                  | [potion of mutation]
 87888 | Vaults:5 | Gained mutation: You are robust. (+10% HP) [potion of
                  | mutation]
 87889 | Vaults:5 | Lost mutation: Your body sometimes deteriorates upon taking
                  | damage. [potion of mutation]
 87889 | Vaults:5 | Lost mutation: Your flesh is cold resistant. (rC+) [potion
                  | of mutation]
 87889 | Vaults:5 | Gained mutation: You occasionally shout uncontrollably at
                  | your foes. [potion of mutation]
 87889 | Vaults:5 | Gained mutation: You are partially covered in iridescent
                  | scales. (AC +2) [potion of mutation]
 87889 | Vaults:5 | Gained mutation: Your muscles are strong. (Str +2) [potion
                  | of mutation]
 87890 | Vaults:5 | Lost mutation: You are very clumsy. (Dex -4) [potion of
                  | mutation]
 87890 | Vaults:5 | Lost mutation: Your muscles are strong. (Str +2) [potion of
                  | mutation]
 87890 | Vaults:5 | Lost mutation: You are clumsy. (Dex -2) [potion of
                  | mutation]
 87892 | Vaults:5 | magus.rc [v1.9.6]
 87927 | Vaults:5 | a +0 rapier {short}; +0 storm dragon scales {rare}
 88997 | D:14     | This trove needs the horn of Geryon to function. Give it
                  | the item?
 90056 | Temple   | Entered the Ecumenical Temple
 91058 | Tomb:1   | Entered Level 1 of the Tomb of the Ancients
 92213 | Tomb:1   | Reached skill level 20 in Shields
 92647 | Tomb:1   | You pick up a book of the Earth and begin reading...
 92887 | Tomb:1   | Noticed a royal mummy
 92897 | Tomb:1   | Killed a royal mummy
 93972 | Tomb:1   | Noticed a royal mummy
 93976 | Tomb:1   | Killed a royal mummy
 94222 | Tomb:2   | Noticed a royal mummy
 94223 | Tomb:2   | Noticed a royal mummy
 94224 | Tomb:2   | Noticed a royal mummy
 94224 | Tomb:2   | Noticed a royal mummy
 94229 | Tomb:2   | Killed a royal mummy
 94239 | Tomb:2   | HP: 54/265 [??? (14)]
 94242 | Tomb:2   | HP: 25/204 [emperor scorpion[a royal mummy] (13)]
 94243 | Tomb:2   | HP: 10/204 [death scarab (15)]
 94245 | Tomb:2   | Slain by a death scarab

Vanquished Creatures
  the Royal Jelly (Slime:5)
  An ancient lich (Vaults:5)
  4 orbs of fire
  Mara (Shoals:3)
  3 royal mummies
  Sojobo (Depths:2)
  4 Killer Klowns (Zot:2)
  A shard shrike (Zot:2)
  Margery (Depths:3)
  5 caustic shrikes (Depths:4)
  3 golden dragons
  4 bone dragons
  Arachne (Spider:3)
  An electric golem (Zot:3)
  Zenata (Elf:1)
  9 tentacled monstrosities
  Mlioglotl (Shoals:3)
  5 liches
  6 titans
  2 quicksilver dragons
  3 deep elf master archers (Elf:3)
  19 acid blobs
  4 deep elf blademasters (Elf:3)
  A walking divine tome (Depths:4)
  An Executioner (Abyss:3)
  A death cob (Zot:2)
  2 krakens
  2 tentacled starspawn
  Frances (Elf:1)
  Agnes (Spider:3)
  3 ancient champions
  Kirke (Lair:6)
  9 sphinxes
  9 shadow dragons
  A revenant (Tomb:2)
  6 tengu reavers
  Donald (Crypt:2)
  11 storm dragons
  7 draconian monks
  12 rockslimes
  5 fire giants
  Ilsuiw (Shoals:3)
  7 frost giants
  13 azure jellies
  8 emperor scorpions
  10 deep elf sorcerers
  3 draconian scorchers (Zot:4)
  A balrug (Depths:1)
  A spectral caustic shrike (Crypt:3)
  20 vault wardens
  Aizul (Elf:1)
  6 draconian knights
  A deep elf elementalist (Elf:3)
  5 orc warlords
  2 draconian shifters
  2 cacodemons
  2 curse skulls (Crypt:1)
  8 quicksilver oozes (Slime:5)
  13 ghouls
  3 ghost moths
  4 draconian stormcallers
  20 very ugly things
  A caustic shrike skeleton (Crypt:3)
  A war gargoyle (Vaults:5)
  6 draconian annihilators
  A juggernaut skeleton (Crypt:1)
  13 ironbound preservers
  7 ironbound thunderhulks
  17 stone giants
  5 vampire knights
  3 black draconians
  8 broodmothers
  9 red draconians
  2 deep elf demonologists
  11 green draconians
  2 demonspawn black suns (Zot:4)
  4 entropy weavers
  Azrael (Orc:2)
  5 spark wasps
  A minotaur (shapeshifter) (D:15)
  9 deep elf annihilators
  6 purple draconians
  14 white draconians
  14 yellow draconians
  9 ettins
  7 dire elephants
  12 eidola
  2 crystal guardians (Vaults:3)
  12 mummy priests
  11 jiangshi
  8 merfolk javelineers
  Josephine (Shoals:1)
  2 fire dragons
  A blizzard demon (Abyss:3)
  7 deep elf death magi
  6 merfolk impalers
  2 spectral quicksilver dragons (Crypt:3)
  5 deep elf high priests
  11 yaktaur captains
  7 great orbs of eyes
  A spriggan zombie (Crypt:1)
  33 vault guards
  A caustic shrike simulacrum (Abyss:3)
  6 rakshasas
  5 boulder beetles
  13 hydras
  3 merfolk avatars
  A peacekeeper (Vaults:3)
  A spectral shadow dragon (Crypt:3)
  3 ice dragons
  9 centaur warriors
  2 jorogumos (Spider:4)
  2 naga warriors (Abyss:3)
  10 merfolk aquamancers
  3 radroaches
  6 ironbound frosthearts
  2 two-headed ogres
  3 spriggan air magi
  A spriggan skeleton (Tomb:1)
  A catoblepas (Lair:6)
  32 dancing weapons
  An ogre mage (Vaults:5)
  6 death scarabs
  A satyr (Shoals:4)
  The ghost of brightshaft the Fighter, a novice DjFE of Ashenzari (D:7)
  A death knight (D:13)
  8 tengu warriors
  2 deep troll earth magi (Depths:3)
  7 death yaks (Lair:5)
  3 deep troll shamans
  2 orc high priests
  4 spriggan berserkers
  6 vampire magi
  A shock serpent (shapeshifter) (Depths:4)
  A sun demon (Depths:2)
  An emperor scorpion zombie (Crypt:1)
  A spectral storm dragon (Crypt:3)
  2 hell knights (Depths:3)
  15 deep elf knights
  2 soul eaters (Crypt:3)
  A spectral bunyip (Crypt:3)
  6 pharaoh ants
  3 iron trolls
  8 wretched stars
  A shadow demon (Abyss:2)
  8 steelbarb worms
  10 shadow wraiths
  2 sun moths
  A sea snake (shapeshifter) (Vaults:4)
  13 skeletal warriors
  15 orb spiders
  A sixfirhy (Abyss:2)
  2 spectral anacondas (Crypt:3)
  14 sea snakes
  38 deep trolls
  13 wizards
  14 flayed ghosts
  A shadow dragon zombie (Crypt:2)
  12 deep elf archers
  8 bog bodies
  A swamp dragon (Lair:6)
  3 glowing orange brains
  13 ironbound convokers
  6 lindwurms
  32 deep elf zephyrmancers
  An anaconda skeleton (Tomb:1)
  12 harpies
  20 deep elf pyromancers
  An iron dragon zombie (Crypt:2)
  30 orc knights
  A goliath frog zombie (Crypt:2)
  19 phantasmal warriors
  A sphinx skeleton (Vaults:2)
  2 spectral ettins (Crypt:3)
  5 orc sorcerers
  9 necromancers
  14 manticores
  A spectral fire dragon (Crypt:3)
  6 cyclopes
  22 wolf spiders
  7 fauns
  2 stone giant zombies
  25 ugly things
  6 shining eyes
  11 black mambas
  An apocalypse crab (Abyss:3)
  10 elephants
  2 guardian serpents
  2 worldbinders (Abyss:2)
  A rust devil (Depths:2)
  Maurice (D:8)
  16 moths of wrath
  A black mamba (shapeshifter) (Abyss:2)
  3 water nymphs (Shoals:4)
  8 merfolk sirens
  An eye of devastation (Slime:5)
  6 orange demons
  A torpor snail (shapeshifter) (Depths:2)
  6 smoke demons
  16 vault sentinels
  19 cane toads
  2 unseen horrors
  2 white draconian zombies
  A gargoyle (D:11)
  A purple draconian zombie (Crypt:1)
  A hellion (Abyss:2)
  An alligator snapping turtle skeleton (Crypt:2)
  3 torpor snails
  A yaktaur (shapeshifter) (Elf:2)
  2 rime drakes (Lair:5)
  A centaur skeleton (Tomb:2)
  A bunyip simulacrum (Crypt:1)
  Psyche (D:8)
  An orb spider zombie (Crypt:3)
  3 kobold demonologists (D:9)
  31 yaktaurs
  6 ancient zymes
  23 freezing wraiths
  A death yak skeleton (Crypt:1)
  10 demonic crawlers
  A yaktaur skeleton (Vaults:2)
  11 komodo dragons
  6 tengu conjurers
  A spectral naga (Crypt:3)
  A black draconian skeleton (Crypt:2)
  11 trolls
  An elf skeleton (Vaults:2)
  3 ice devils
  4 spectral harpies (Crypt:3)
  24 guardian mummies
  A silent spectre (Abyss:3)
  A red devil (Depths:2)
  25 merfolk
  7 meliai
  2 polar bears (shapeshifter)
  A moth of wrath zombie (Crypt:3)
  11 polar bears
  A hornet (shapeshifter) (Elf:1)
  A queen bee (Spider:3)
  23 tarantellas
  11 wind drakes
  19 raiju
  A wind drake (shapeshifter) (Abyss:3)
  18 hornets
  32 blink frogs
  46 slime creatures
  A guardian serpent zombie (Crypt:1)
  2 harpy skeletons (Crypt:1)
  13 dream sheep
  A boulder beetle zombie (Crypt:2)
  16 large abominations
  A raiju (shapeshifter) (Vaults:5)
  7 snapping turtles
  21 culicivoras
  3 spriggans
  A fire dragon skeleton (Crypt:1)
  19 flying skulls
  39 jumping spiders
  5 shadows
  A dire elephant simulacrum (Crypt:1)
  11 wraiths
  29 yaks
  4 ynoxinuls
  A black mamba skeleton (Crypt:1)
  A human (shapeshifter) (Elf:2)
  4 humans (Zot:2)
  5 ushabtiu
  4 hogs (Lair:6)
  5 fire bats
  A naga simulacrum (Crypt:3)
  12 wyverns
  2 neqoxecs
  23 water elementals
  A basilisk (shapeshifter) (Vaults:5)
  6 basilisks
  A fire elemental (Elf:1)
  8 golden eyes
  A chaos spawn (Abyss:3)
  A steam dragon (D:10)
  6 vampire mosquitoes
  46 redbacks
  A naga (shapeshifter) (Vaults:5)
  2 two-headed ogre zombies
  10 wargs
  A human zombie (Vaults:2)
  3 nagas (Abyss:3)
  A water moccasin (shapeshifter) (Elf:2)
  An acid dragon (D:13)
  27 water moccasins
  2 naga skeletons
  18 hell hounds
  3 ice beasts
  2 swamp drakes (Lair:6)
  56 orc warriors
  2 sky beasts
  12 black bears
  9 ogres
  A cane toad skeleton (Crypt:3)
  A lindwurm skeleton (Crypt:1)
  14 small abominations
  A swamp dragon skeleton (Crypt:1)
  24 wolves
  34 centaurs
  2 phantoms (D:5)
  16 bullfrogs
  A gnoll sergeant (D:9)
  5 kobold brigands
  4 scorpions
  3 necrophages
  2 earth elementals
  A draconian skeleton (Crypt:2)
  10 wights
  A yak zombie (Crypt:1)
  29 killer bees
  4 howler monkeys
  A howler monkey (shapeshifter) (Elf:2)
  4 electric eels
  A quasit (Abyss:3)
  6 hounds
  37 starcursed masses
  4 jellies
  17 orc priests
  A gnoll shaman (D:7)
  3 iron imps
  Jessica (D:2)
  Terence (D:2)
  3 iguanas
  16 orc wizards
  An ogre zombie (Crypt:1)
  An ogre skeleton (Crypt:2)
  A hound skeleton (Crypt:2)
  21 mummies
  8 gnolls
  7 adders
  A steam dragon skeleton (Crypt:1)
  A shadow imp (D:6)
  2 white imps
  6 ufetubi
  A lava snake skeleton (Crypt:3)
  A worm (shapeshifter) (Elf:2)
  3 dart slugs
  59 orcs
  8 endoplasms
  2 giant cockroaches
  9 goblins
  8 hobgoblins
  A quokka (D:1)
  5 ball pythons
  A ball python skeleton (Crypt:3)
  8 bats
  2 frilled lizards
  24 kobolds
  5 rats
  A rat zombie (Crypt:1)
  3 pillars of salt (Vaults:4)
  3 starspawn tentacles (Abyss:3)
  A tentacle (Shoals:4)
2496 creatures vanquished.

Vanquished Creatures (collateral kills)
  A dread lich (Vaults:5)
  Saint Roka (Vaults:5)
  The ghost of Oleutuy the Sorcerer, a veteran SpVM of Ashenzari (Depths:4)
  Jorgrun (D:15)
  A quicksilver dragon (Zot:4)
  2 acid blobs
  A death cob (Zot:2)
  A shadow dragon (Vaults:5)
  A storm dragon (Zot:4)
  A draconian knight (Zot:1)
  An azure jelly (Lair:6)
  2 vault wardens (Vaults:5)
  2 fire giants
  A deep elf sorcerer (Vaults:5)
  A draconian stormcaller (Zot:1)
  A ghost moth (Zot:2)
  A draconian annihilator (Zot:4)
  A vampire knight (Depths:4)
  A green draconian (Zot:1)
  2 white draconians (Zot:1)
  A purple draconian (Zot:2)
  2 yellow draconians
  2 black draconians
  A red draconian (Zot:1)
  A great orb of eyes (Slime:5)
  3 vault guards (Vaults:5)
  A deep troll earth mage (Depths:4)
  An ironbound convoker (Vaults:5)
  2 shining eyes (Slime:5)
  3 moths of wrath
  A cyclops (D:15)
  2 vault sentinels (Vaults:5)
  8 yaktaurs (Vaults:5)
  A meliai (Spider:3)
  5 slime creatures
  A culicivora (shapeshifter) (Vaults:5)
  3 boggarts (Depths:4)
  A killer bee (Spider:3)
  2 orcs (Vaults:5)
65 creatures vanquished.

Vanquished Creatures (others)
  A draconian scorcher (Zot:2)
  A vault warden (Vaults:5)
  A black draconian (Zot:3)
  A deep elf annihilator (Vaults:5)
  A merfolk javelineer (Shoals:4)
  An ice dragon (Depths:4)
  A rakshasa (Depths:4)
  A vampire mage (Depths:4)
  A merfolk aquamancer (Shoals:4)
  4 deep elf knights
  2 deep elf archers (Elf:1)
  A raiju (Elf:3)
  A slime creature (Slime:2)
  A spriggan (Depths:1)
  A golden eye (Abyss:2)
  An orc wizard (Elf:2)
  2 small abominations (Abyss:2)
  2 orcs
  11 ball lightnings (Depths:4)
  2 bushes
  81 fungi
  2 lurking horrors (Abyss:2)
  2 pillars of salt (Vaults:4)
  120 plants
  3 starspawn tentacles
  10 tentacles
255 creatures vanquished.

Grand Total: 2816 creatures vanquished

Table legend:
 A = Non-vault XP
 B = Vault XP
 C = Vault XP percentage of total XP
 D = Non-vault monster count
 E = Vault monster count
 F = Vault count percentage of total count
                 A         B        C        D         E       F
            +---------+---------+-------+---------+---------+-------
      Total |  773771 |  557684 |  41.9 |    1691 |     847 |  33.4
            +---------+---------+-------+---------+---------+-------
        D:1 |      37 |       0 |   0.0 |      21 |       0 |   0.0
        D:2 |      62 |      73 |  54.1 |      17 |       2 |  10.5
        D:3 |     161 |       0 |   0.0 |       6 |       0 |   0.0
        D:4 |     143 |      39 |  21.4 |      20 |       1 |   4.8
        D:5 |     902 |       0 |   0.0 |      11 |       0 |   0.0
        D:6 |    1191 |       0 |   0.0 |      18 |       0 |   0.0
        D:7 |    1444 |     992 |  40.7 |      21 |       7 |  25.0
        D:8 |    1037 |     827 |  44.4 |      19 |       2 |   9.5
        D:9 |    2613 |       0 |   0.0 |      40 |       0 |   0.0
       D:10 |    2345 |     621 |  20.9 |      11 |       9 |  45.0
       D:11 |    4265 |    1796 |  29.6 |      20 |       3 |  13.0
       D:12 |    4200 |      91 |   2.1 |      13 |       1 |   7.1
       D:13 |    9860 |       0 |   0.0 |      32 |       0 |   0.0
       D:14 |   16394 |    1654 |   9.2 |      38 |       2 |   5.0
       D:15 |   11450 |    7370 |  39.2 |      23 |       8 |  25.8
     Lair:1 |    6042 |    1760 |  22.6 |      19 |       5 |  20.8
     Lair:2 |    4560 |     588 |  11.4 |      18 |       3 |  14.3
     Lair:3 |    7108 |       0 |   0.0 |      24 |       0 |   0.0
     Lair:4 |    7740 |     574 |   6.9 |      32 |       3 |   8.6
     Lair:5 |   15582 |       0 |   0.0 |      46 |       0 |   0.0
     Lair:6 |    8995 |   29313 |  76.5 |      26 |     106 |  80.3
   Shoals:1 |   15488 |    1524 |   9.0 |      35 |       4 |  10.3
   Shoals:2 |   10214 |       0 |   0.0 |      23 |       0 |   0.0
   Shoals:3 |    5118 |    9089 |  64.0 |       7 |       6 |  46.2
   Shoals:4 |   16105 |   19425 |  54.7 |      26 |      38 |  59.4
   Spider:1 |   20528 |       0 |   0.0 |      61 |       0 |   0.0
   Spider:2 |   11503 |    9027 |  44.0 |      32 |      21 |  39.6
   Spider:3 |   21868 |    6178 |  22.0 |      49 |      27 |  35.5
   Spider:4 |    7666 |   26394 |  77.5 |      23 |      46 |  66.7
    Slime:1 |    4968 |       0 |   0.0 |       9 |       0 |   0.0
    Slime:2 |    7312 |       0 |   0.0 |      11 |       0 |   0.0
    Slime:3 |    5827 |       0 |   0.0 |       4 |       0 |   0.0
    Slime:5 |   18911 |   21103 |  52.7 |      22 |      16 |  42.1
      Orc:1 |    2115 |       0 |   0.0 |      43 |       0 |   0.0
      Orc:2 |    4063 |    9830 |  70.8 |      33 |      37 |  52.9
      Elf:1 |   20862 |   17096 |  45.0 |      36 |      26 |  41.9
      Elf:2 |   11637 |   33727 |  74.3 |      24 |      66 |  73.3
      Elf:3 |   20513 |   35904 |  63.6 |      36 |      31 |  46.3
   Vaults:1 |   28213 |    4015 |  12.5 |      38 |       5 |  11.6
   Vaults:2 |   33194 |   16451 |  33.1 |      43 |      22 |  33.8
   Vaults:3 |   23973 |   16997 |  41.5 |      31 |      22 |  41.5
   Vaults:4 |   17023 |   17378 |  50.5 |      26 |      24 |  48.0
   Vaults:5 |   23116 |   98477 |  81.0 |      37 |      95 |  72.0
    Crypt:1 |   34095 |       0 |   0.0 |      55 |       0 |   0.0
    Crypt:2 |   21494 |    1364 |   6.0 |      32 |       1 |   3.0
    Crypt:3 |   27144 |   36653 |  57.5 |      40 |      69 |  63.3
     Tomb:1 |    9908 |   33223 |  77.0 |      37 |      35 |  48.6
     Tomb:2 |    1517 |    6668 |  81.5 |       3 |       7 |  70.0
   Depths:1 |   14740 |    3343 |  18.5 |      20 |      11 |  35.5
   Depths:2 |   21965 |   15370 |  41.2 |      33 |      17 |  34.0
   Depths:3 |   19994 |   16095 |  44.6 |      24 |      20 |  45.5
   Depths:4 |   32610 |   26899 |  45.2 |      29 |      30 |  50.8
      Zot:1 |   44439 |       0 |   0.0 |      44 |       0 |   0.0
      Zot:2 |   43024 |   15437 |  26.4 |      34 |      10 |  22.7
      Zot:3 |   22320 |       0 |   0.0 |      18 |       0 |   0.0
      Zot:4 |   44173 |   14319 |  24.5 |      33 |       9 |  21.4
    Abyss:2 |       0 |       0 |   N/A |      92 |       0 |   0.0
    Abyss:3 |       0 |       0 |   N/A |      73 |       0 |   0.0
            +---------+---------+-------+---------+---------+-------

Illustrated notes

Table legend:
 A = Kills in this place as a percentage of kills in entire the game.
 B = Kills by you in this place as a percentage of kills by you in the entire game.
 C = Kills by friends in this place as a percentage of kills by friends in the entire game.
 D = Other kills in this place as a percentage of other kills in the entire game.
 E = Experience gained in this place as a percentage of experience gained in the entire game.
 F = Experience gained in this place divided by the number of levels of this place that you have seen.
                   A       B       C       D       E      F
               +-------+-------+-------+-------+-------+----------------------
         Total | 100.0 | 100.0 | 100.0 | 100.0 | 100.0 | 20483.9
       Dungeon |  13.6 |  13.9 |   3.1 |   0.0 |   5.2 | 4637.8
          Lair |  11.1 |  11.4 |   1.5 |   0.0 |   6.2 | 13710.3
        Shoals |   5.5 |   5.6 |   0.0 |   7.7 |   5.8 | 19240.8
   Spider Nest |  10.2 |  10.4 |   3.1 |   0.0 |   7.7 | 25791.0
    Slime Pits |   2.4 |   2.1 |  15.4 |   0.0 |   4.4 | 11624.2
  Orcish Mines |   4.5 |   4.6 |   0.0 |   0.0 |   1.2 | 8004.0
   Elven Halls |   8.6 |   8.6 |   0.0 |  53.8 |  10.5 | 46579.7
        Vaults |  13.5 |  12.9 |  36.9 |  15.4 |  20.9 | 55767.4
         Crypt |   7.8 |   8.0 |   0.0 |   0.0 |   9.1 | 40250.0
          Tomb |   3.2 |   3.3 |   0.0 |   0.0 |   3.9 | 25658.0
        Depths |   7.2 |   7.1 |  10.8 |  15.4 |  11.3 | 37754.0
           Zot |   5.8 |   5.2 |  29.2 |   7.7 |  13.8 | 45928.0
         Abyss |   6.5 |   6.7 |   0.0 |   0.0 |   0.0 |   0.0
               +-------+-------+-------+-------+-------+----------------------

Table legend: (Time is in decaauts)
 A = Elapsed time spent in this place.
 B = Non-inter-level travel time spent in this place.
 C = Inter-level travel time spent in this place.
 D = Time resting spent in this place.
 E = Time spent auto-exploring this place.
 F = Levels seen in this place.
 G = Mean time per level.
                   A        B        C        D        E       F      G
               +--------+--------+--------+--------+--------+-----+--------+
         Total | 150326 | 131773 |  18553 |  23767 |  85780 |  65 | 2312.7 |
       Dungeon |  33042 |  25689 |   7353 |   4683 |  17772 |  15 | 2202.8 |
        Temple |      1 |      0 |      1 |      0 |      0 |   1 |    1.0 |
          Lair |  17007 |  15704 |   1303 |   2963 |  10361 |   6 | 2834.5 |
        Shoals |   8053 |   7742 |    311 |    604 |   5427 |   4 | 2013.2 |
   Spider Nest |  13106 |  12808 |    298 |   4584 |   6419 |   4 | 3276.5 |
    Slime Pits |   3212 |   3001 |    211 |   1026 |   1214 |   5 |  642.4 |
  Orcish Mines |   3928 |   3660 |    268 |    585 |   2267 |   2 | 1964.0 |
   Elven Halls |  10711 |   9781 |    930 |   2301 |   5319 |   3 | 3570.3 |
        Vaults |  19413 |  15599 |   3814 |   2150 |  10717 |   5 | 3882.6 |
         Crypt |   9757 |   8729 |   1028 |   1193 |   6191 |   3 | 3252.3 |
          Tomb |   5135 |   4043 |   1092 |    787 |   2793 |   2 | 2567.5 |
        Depths |  11245 |  10150 |   1095 |    714 |   7562 |   4 | 2811.2 |
           Zot |  11590 |  10745 |    845 |   1113 |   8340 |   4 | 2897.5 |
         Abyss |   4119 |   4119 |      0 |   1060 |   1393 |   7 |  588.4 |
               +--------+--------+--------+--------+--------+-----+--------+

Top non-repeatable levels by time:
  Tomb:1: 5092 daAuts
 Crypt:3: 5031 daAuts
Spider:1: 5003 daAuts
Vaults:5: 4940 daAuts
    D:14: 4702 daAuts
Vaults:2: 4528 daAuts
  Lair:5: 4089 daAuts
   Elf:2: 3963 daAuts
  Lair:6: 3937 daAuts
   Elf:3: 3846 daAuts
   Zot:1: 3725 daAuts
Shoals:4: 3390 daAuts
Vaults:4: 3374 daAuts
Depths:2: 3360 daAuts
Vaults:3: 3341 daAuts
